 Dungeon Crawl Stone Soup version 0.31-a0-18-gea43df2a32 (webtiles) character file.

Game seed: 1797353796052453516

1617384 hwolsky the Axe Maniac (level 27, 78/80 (273) HPs) *EXPLORE*
             Began as a Hill Orc Berserker on May 3, 2023.
             Quit the game on level 20 of a ziggurat on May 10, 2023.
             The game lasted 11:16:53 (154509 turns).

hwolsky the Axe Maniac (Hill Orc Berserker)       Turns: 154509, Time: 11:16:54

HP:   78/80 (273)   AC: -62   Str: -47 (43)XL:     27
MP:   0/82          EV:  2    Int: -54 (17)God:
Gold: 9534          SH:  0    Dex: -77 (6) Spells: 30/80 levels left

rFire   + + +        m - +3 Elemental Staff {rElec rF+ rC+ AC+3}
rCold   + . .        i - sphere of Battle
rNeg    . . .        Q - +8 orange crystal plate armour {Archmagi, Int+3 Clar}
rPois   .            b - +3 hat of Pondering {ponderous, Will+ MP+10 Int+5}
rElec   +            h - +2 cloak "Xuis" {Will+ Int+2 Dex-5}
rCorr   .            A - +1 pair of gloves "Bileog" {Drain rF+++ Str+3 Dex+3}
SInv    .            e - +3 pair of seven-league boots {Rampage+∞}
Will    ++++.        S - amulet "Riuhesm" {Spirit MP+9 Dex+2} Stlth
                     R - ring of the Mage {Wiz Archmagi}
HPRegen 0.00/turn    d - ring of Irchuubi {Fly MP+9 EV+5 Dex-2 Stlth+}
MPRegen 0.48/turn

%: clarity, guardian spirit, rampage+∞, wizardry (x1), archmagi
@: mighty, lethally poisoned (78 -> -278), corroded, on berserk cooldown,
attractive, flying, inhibited regen, slowed, lost strength, lost intelligence,
lost dexterity, studying 7 skills, extremely drained, unable to read, very slow
A: iridescent scales 2, clarity, strong 2, no potion heal 1
}: 12/15 runes: serpentine, barnacled, slimy, silver, golden, iron, obsidian,
icy, bone, abyssal, demonic, magical
a: no special abilities


You were on level 20 of a ziggurat.
You visited 17 branches of the dungeon, and saw 83 of its levels.
You visited Pandemonium 1 time, and saw 15 of its levels.
You visited the Abyss 6 times.
You visited 1 bazaar.
You visited 4 ziggurats (completing 3), and saw 101 of their levels.
You also visited: Ice Cave.

You collected 20890 gold pieces.
You spent 11356 gold pieces at shops.

Inventory:

Hand Weapons
 m - the +3 Elemental Staff (weapon) {rElec rF+ rC+ AC+3}
   (You bought it in a shop on level 2 of the Snake Pit)

   It enhances your fire, ice, earth and air magic.
   AC:        It affects your AC (+3).
   rF:        It protects you from fire.
   rC:        It protects you from cold.
   rElec:     It insulates you from electricity.
 P - the +11 plutonium sword {Contam Stlth-}
   (You found it on level 15 of a ziggurat)

   Contam:    It causes magical contamination when unequipped.
   Stlth:     It makes you less stealthy.
Missiles
 G - 9 throwing nets
Armour
 b - the +3 hat of Pondering (worn) {ponderous, Will+ MP+10 Int+5}
   (You took it off Gastronok on level 1 of the Lair of Beasts)

   Int:       It affects your intelligence (+5).
   MP:        It affects your magic capacity (+10).
   Will:      It increases your willpower.
 e - the +3 pair of seven-league boots (worn) {Rampage+∞}
   (You found it on level 12 of a ziggurat)

   Rampage+∞: When moving toward enemies, its wearer moves as far as possible.
 h - the +2 cloak "Xuis" (worn) {Will+ Int+2 Dex-5}
   (You found it on level 7 of Cocytus)

   Int:       It affects your intelligence (+2).
   Dex:       It affects your dexterity (-5).
   Will:      It increases your willpower.
 i - the sphere of Battle (worn)
   (You found it on level 2 of a ziggurat)

   It enhances your destructive magic.
   It weakens your non-destructive magic.
   It summons a battlesphere in combat, with strength depending on Conjurations
   skill.
 y - the -2 hat of the Alchemist {rElec rPois rF+ rC+ rN+ Will+ rMut rCorr}
   (You found it on level 11 of a ziggurat)

   rF:        It protects you from fire.
   rC:        It protects you from cold.
   rElec:     It insulates you from electricity.
   rPois:     It protects you from poison.
   rN:        It protects you from negative energy.
   rCorr:     It protects you from acid and corrosion.
   rMut:      It protects you from mutation.
   Will:      It increases your willpower.
 A - the +1 pair of gloves "Bileog" (worn) {Drain rF+++ Str+3 Dex+3}
   (You found it on level 13 of a ziggurat)

   Str:       It affects your strength (+3).
   Dex:       It affects your dexterity (+3).
   rF:        It renders you almost immune to fire.
   Drain:     It drains your maximum health when unequipped.
 D - the orb of Hulam {*channel, Int+8}
   (You found it on level 17 of a ziggurat)

   Int:       It affects your intelligence (+8).
 Q - the +8 orange crystal plate armour (worn) {Archmagi, Int+3 Clar}
   (You took it off a deep elf blademaster on level 3 of the Elven Halls)

   Int:       It affects your intelligence (+3).
   Clar:      It protects you from confusion, rage, mesmerisation and fear.
 W - the +4 robe of Folly {Brill Will-∞ Int+8}
   (You found it on level 25 of a ziggurat)

   Brill:     It increases the power of your magical spells and halves their MP
   cost (rounding up).
   Will-∞: It reduces your willpower to zero.
   Int:       It affects your intelligence (+8).
Jewellery
 d - the ring of Irchuubi (right hand) {Fly MP+9 EV+5 Dex-2 Stlth+}
   (You found it on level 23 of a ziggurat)

   [ring of evasion]

   EV:        It affects your evasion (+5).
   Dex:       It affects your dexterity (-2).
   MP:        It affects your magic capacity (+9).
   Fly:       It grants you flight.
   Stlth:     It makes you more stealthy.
 w - the amulet of the Four Winds {rN+ Will+++ Clar}
   (You found it on level 12 of a ziggurat)

   [amulet of nothing]

   rN:        It protects you from negative energy.
   Clar:      It protects you from confusion, rage, mesmerisation and fear.
   Will:      It greatly increases your willpower.
 x - the ring of Royalty {rPois Will- rCorr MP+9}
   (You found it on level 18 of a ziggurat)

   [ring of magical power]

   rPois:     It protects you from poison.
   MP:        It affects your magic capacity (+9).
   rCorr:     It protects you from acid and corrosion.
   Will:      It decreases your willpower.
 B - the ring "Cusyst" {+Blink rF+ rN+ EV+5 Int+3 Slay-5}
   (You found it on level 13 of a ziggurat)

   [ring of evasion]

   EV:        It affects your evasion (+5).
   Int:       It affects your intelligence (+3).
   Slay:      It affects your accuracy & damage with ranged weapons and melee
   (-5).
   rF:        It protects you from fire.
   rN:        It protects you from negative energy.
   +Blink:    It lets you blink.
 E - a ring of the Octopus King {Wiz HP+2 AC+2 EV+2 SH+2}
   (You found it on level 13 of a ziggurat)

   [ring of wizardry]

   It improves your spell success rate.
   AC:        It affects your AC (+2).
   EV:        It affects your evasion (+2).
   HP:        It affects your health (+2).
   SH:        It affects your SH (+2).
 H - the amulet "Upti" {Reflect rN+ SH+5}
   (You found it on level 13 of a ziggurat)

   [amulet of reflection]

   It reflects blocked missile attacks.
   rN:        It protects you from negative energy.
   SH:        It affects your SH (+5).
 L - the amulet "Rudgh" {Faith -Tele rC++ rCorr Str+2}
   (You found it on level 19 of a ziggurat)

   [amulet of faith]

   It allows you to gain divine favour quickly.
   Str:       It affects your strength (+2).
   rC:        It greatly protects you from cold.
   -Tele:     It prevents most forms of teleportation.
   rCorr:     It protects you from acid and corrosion.
 O - the amulet "Yritux" {Harm rPois Regen+ rCorr}
   (You found it on level 19 of a ziggurat)

   [amulet of regeneration]

   rPois:     It protects you from poison.
   Regen:     It increases your rate of health regeneration.
   rCorr:     It protects you from acid and corrosion.
   Harm:      It increases damage dealt and taken.
 R - the ring of the Mage (left hand) {Wiz Archmagi}
   (You found it on level 19 of a ziggurat)

   [ring of wizardry]

   It improves your spell success rate.
   Archmagi:  It increases the power of your magical spells.
 S - the amulet "Riuhesm" (around neck) {Spirit MP+9 Dex+2}
   (You found it on level 17 of a ziggurat)

   [amulet of guardian spirit]

   It causes incoming damage to be divided between your reserves of health and
   magic.
   Dex:       It affects your dexterity (+2).
   MP:        It affects your magic capacity (+9).
Wands
 t - a wand of digging (165)
Scrolls
 f - 57 scrolls of fog
 j - 8 scrolls of enchant weapon
 p - 6 scrolls of enchant armour
 s - 5 scrolls of magic mapping
 u - 2 scrolls of silence
 z - 8 scrolls of teleportation
 J - 11 scrolls of fear
 M - a scroll of summoning
 N - 28 scrolls of blinking
 T - 25 scrolls of amnesia
Potions
 a - 3 potions of ambrosia
 c - 8 potions of resistance
 k - 19 potions of cancellation
 l - 27 potions of mutation
 n - 18 potions of might
 o - 15 potions of attraction
 q - 45 potions of curing
 r - 38 potions of heal wounds
 v - 12 potions of brilliance
 F - 6 potions of berserk rage
 K - a potion of haste
Miscellaneous
 g - the horn of Geryon (inert)
 C - a +3 figurine of a ziggurat


   Skills:
 O Level 27 Fighting
 O Level 27 Short Blades
 O Level 27 Axes
 O Level 27 Maces & Flails
 - Level 22.1(27) Polearms
 O Level 27 Staves
 - Level 16.2 Ranged Weapons
 O Level 27 Armour
 - Level 2.0 Dodging
 O Level 27 Spellcasting
 O Level 27 Conjurations
 O Level 27 Hexes
 - Level 5.9 Summonings
 * Level 23.9 Necromancy
 O Level 27 Air Magic
 O Level 27 Earth Magic
 O Level 27 Poison Magic
 - Level 11.7 Invocations


You had 30 spell levels left.
You knew the following spells:

 Your Spells              Type           Power      Damage    Failure   Level
a - Summon Lightning Spi  Summ/Air       0%         N/A       100%        4
b - Airstrike             Air            0%         2d(0-16)  100%        4
c - Yara's Violent Unrav  Hex/Tmut       0%         3d3       100%        5
d - Chain Lightning       Conj/Air       0%         N/A       100%        9
e - Arcjolt               Conj/Air       0%         1d10      100%        5
f - Maxwell's Capacitive  Air            0%         ∞         100%        8
g - Conjure Ball Lightni  Conj/Air       0%         3x3d6     100%        6
h - Shatter               Erth           0%         3d5*      100%        9

Your spell library contained the following spells:

 Spells                   Type           Power      Damage    Failure   Level
 Apportation              Tloc           0%         N/A       100%        1
 Beastly Appendage        Tmut           0%         N/A       100%        1
 Foxfire                  Conj/Fire      0%         2x1d4     100%        1
 Freeze                   Ice            0%         1d3       100%        1
 Kiss of Death            Conj/Necr      0%         2d5       100%        1
 Magic Dart               Conj           0%         1d3       100%        1
 Necrotise                Necr           0%         1d4       100%        1
 Sandblast                Erth           0%         2d4       100%        1
 Shock                    Conj/Air       0%         1d3       100%        1
 Slow                     Hex            0%         N/A       100%        1
 Sting                    Tmut/Pois      0%         1d3       100%        1
 Summon Small Mammal      Summ           0%         N/A       100%        1
 Blink                    Tloc           0%         N/A       100%        2
 Call Imp                 Summ           0%         N/A       100%        2
 Cigotuvi's Dreadful Rot  Necr/Pois/Air  0%         N/A       100%        2
 Ensorcelled Hibernation  Hex/Ice        0%         N/A       100%        2
 Lesser Beckoning         Tloc           0%         N/A       100%        2
 Momentum Strike          Conj/Tloc      0%         3d8       100%        2
 Passwall                 Tmut/Erth      0%         N/A       100%        2
 Poisonous Vapours        Pois/Air       0%         N/A       100%        2
 Scorch                   Fire           0%         2d5       100%        2
 Searing Ray              Conj           0%         2d4       100%        2
 Static Discharge         Conj/Air       0%         2-2/arc   100%        2
 Sublimation of Blood     Necr           0%         N/A       100%        2
 Wereblood                Tmut           0%         N/A       100%        2
 Call Canine Familiar     Summ           0%         N/A       100%        3
 Confusing Touch          Hex            0%         N/A       100%        3
 Dazzling Flash           Conj/Hex       0%         N/A       100%        3
 Frozen Ramparts          Ice            0%         1d1       100%        3
 Gell's Gravitas          Tloc           0%         N/A       100%        3
 Hailstorm                Conj/Ice       0%         3d3       100%        3
 Ignite Poison            Fire/Tmut/Pois 0%         N/A       100%        3
 Inner Flame              Hex/Fire       0%         N/A       100%        3
 Mephitic Cloud           Conj/Pois/Air  0%         N/A       100%        3
 Ozocubu's Armour         Ice            0%         N/A       100%        3
 Portal Projectile        Hex/Tloc       0%         N/A       100%        3
 Spider Form              Tmut/Pois      0%         N/A       100%        3
 Stone Arrow              Conj/Erth      0%         3d7       100%        3
 Summon Guardian Golem    Hex/Summ       0%         N/A       100%        3
 Swiftness                Air            0%         N/A       100%        3
 Teleport Other           Tloc           0%         N/A       100%        3
 Tukima's Dance           Hex            0%         N/A       100%        3
 Vampiric Draining        Necr           0%         2d6       100%        3
 Vhi's Electric Charge    Tloc/Air       0%         N/A       100%        3
 Volatile Blastmotes      Fire/Tloc      0%         2d10      100%        3
 Anguish                  Hex/Necr       0%         N/A       100%        4
 Animate Armour           Summ/Erth      0%         N/A       100%        4
 Animate Dead             Necr           0%         N/A       100%        4
 Cause Fear               Hex            0%         N/A       100%        4
 Dispel Undead            Necr           0%         3d6       100%        4
 Flame Wave               Conj/Fire      0%         2d4       100%        4
 Fulminant Prism          Conj/Hex       0%         3d5       100%        4
 Ice Form                 Ice/Tmut       0%         N/A       100%        4
 Iskenderun's Mystic Bla  Conj/Tloc      0%         2d3       100%        4
 Leda's Liquefaction      Hex/Erth       0%         N/A       100%        4
 Manifold Assault         Tloc           0%         N/A       100%        4
 Olgreb's Toxic Radiance  Pois           0%         N/A       100%        4
 Passage of Golubria      Tloc           0%         N/A       100%        4
 Petrify                  Tmut/Erth      0%         N/A       100%        4
 Sticky Flame             Conj/Fire      0%         2d3       100%        4
 Summon Ice Beast         Ice/Summ       0%         N/A       100%        4
 Agony                    Necr           0%         N/A       100%        5
 Alistair's Intoxication  Tmut/Pois      0%         N/A       100%        5
 Blade Hands              Tmut           0%         N/A       100%        5
 Borgnjor's Vile Clutch   Necr/Erth      0%         N/A       100%        5
 Fireball                 Conj/Fire      0%         3d3       100%        5
 Freezing Cloud           Conj/Ice/Air   0%         6-21      100%        5
 Irradiate                Conj/Tmut      0%         3d11      100%        5
 Iskenderun's Battlesphe  Conj           0%         2d6       100%        5
 Lee's Rapid Deconstruct  Erth           0%         3d4*      100%        5
 Metabolic Englaciation   Hex/Ice        0%         N/A       100%        5
 Silence                  Hex/Air        0%         N/A       100%        5
 Summon Forest            Summ/Tloc      0%         N/A       100%        5
 Summon Mana Viper        Hex/Summ       0%         N/A       100%        5
 Death Channel            Necr           0%         N/A       100%        6
 Dispersal                Tloc           0%         N/A       100%        6
 Eringya's Noxious Bog    Tmut/Pois      0%         N/A       100%        6
 Iron Shot                Conj/Erth      0%         9d1       100%        6
 Plasma Beam              Fire/Air       0%         2x1d11    100%        6
 Simulacrum               Ice/Necr       0%         N/A       100%        6
 Starburst                Conj/Fire      0%         6d3       100%        6
 Statue Form              Tmut/Erth      0%         N/A       100%        6
 Summon Cactus Giant      Summ           0%         N/A       100%        6
 Dragon Form              Tmut           0%         N/A       100%        7
 Enfeeble                 Hex            0%         N/A       100%        7
 Haunt                    Necr/Summ      0%         N/A       100%        7
 Malign Gateway           Summ/Tloc      0%         N/A       100%        7
 Monstrous Menagerie      Summ           0%         N/A       100%        7
 Orb of Destruction       Conj           0%         9d5       100%        7
 Ozocubu's Refrigeration  Ice            0%         4d7       100%        7
 Spellforged Servitor     Conj/Summ      0%         N/A       100%        7
 Storm Form               Tmut/Air       0%         N/A       100%        7
 Summon Hydra             Summ           0%         N/A       100%        7
 Borgnjor's Revivificati  Necr           0%         N/A       100%        8
 Discord                  Hex            0%         N/A       100%        8
 Disjunction              Tloc           0%         N/A       100%        8
 Ignition                 Fire           0%         3d3       100%        8
 Infestation              Necr           0%         N/A       100%        8
 Lehudib's Crystal Spear  Conj/Erth      0%         10d2      100%        8
 Necromutation            Tmut/Necr      0%         N/A       100%        8
 Summon Horrible Things   Summ           0%         N/A       100%        8
 Death's Door             Necr           0%         N/A       100%        9
 Dragon's Call            Summ           0%         N/A       100%        9
 Fire Storm               Conj/Fire      0%         5d1       100%        9
 Polar Vortex             Ice            0%         N/A       100%        9


Dungeon Overview and Level Annotations

Branches:
Dungeon (15/15)            Temple (1/1) D:7            Lair (5/5) D:8
 Shoals (4/4) Lair:3        Snake (4/4) Lair:2        Slime (5/5) Lair:4
    Orc (2/2) D:10            Elf (3/3) Orc:2        Vaults (5/5) D:13
  Crypt (3/3) Vaults:3       Tomb (3/3) Crypt:3      Depths (4/4) D:15
   Hell (visited)             Dis (7/7) Hell            Geh (7/7) Hell
    Coc (7/7) Hell            Tar (7/7) Hell            Zot (0/5) Depths:4
  IceCv (visited)

Altars:
Ashenzari
Cheibriados
Dithmenos
Elyvilon
Fedhas
Gozag
Hepliaklqana
Kikubaaqudgha
Makhleb
Nemelex Xobeh
Okawaru
Qazlal
Ru
Sif Muna
Trog
Uskayaw
Vehumet
Wu Jian
Xom
Yredelemnul
Zin
The Shining One
Beogh
Jiyva

Shops:
D:8 (   D:9 [   D:13 [   Orc:2 =(*![   Shoals:2 !   Snake:1 ?   Snake:2 ((!!
Vaults:3 ==([:   Vaults:4 ::?!   Depths:3 (

Portals:
Hell: Depths:1 Depths:2 Depths:3 Depths:4
Abyss: Depths:2 Depths:3 Depths:4
Pandemonium: Depths:2


Innate Abilities, Weirdness & Mutations

You are mostly covered in iridescent scales. (AC +4)
You possess an exceptional clarity of mind.
Your muscles are very strong. (Str +8, Int/Dex -2)
Potions are less effective at restoring your health.


Message History

Thought so.
The wolf spider bites you.
You feel you are being watched by something.
The jumping spider leaps!
You feel you are being watched by something.
The broodmother bites you!!!
You feel you are being watched by something.
Something hits you! Something hits you. Something stings you!
* * * LOW HITPOINT WARNING * * *
You feel dopey. Something hits you!
* * * LOW HITPOINT WARNING * * *
Something hits you.
Die?
Thought so.
You feel clumsy. Something stings you.
You feel you are being watched by something.
The jumping spider is attracted toward you. x2
Unknown command.
Unknown command.
Unknown command.
Unknown command.
Unknown command.
Unknown command.
Unknown command.
Unknown command.
Unknown command.
Unknown command.
Unknown command.
Unknown command.
Unknown command.
Unknown command.
Unknown command.
Unknown command.
Unknown command.
Unknown command.
Unknown command.
Okay, then.
Unknown command.
Are you sure you want to abandon this character and quit the game? (Confirm with "yes".) ... §.. ..sB .sBys .BB{w▓▓▓▓▓▓▓▓▓▓▓ °swBsB{{sss..§.▓ w{syw{{sssss...▓ wwsy{ss@{ssB○..▓ {sBs{{{{sssBs..▓ sss{{s{sw{wB...▓ wssyss{ss{{s...▓ wssssHyy{{Bs..∩▓ sBy.{sysBB°.§..▓ yBsBsBsBss.....▓ .sywwB.s.......▓ ....s.°°.....▓

You could see a broodmother, 10 emperor scorpions, a jorogumo, a sun moth, a radroach, a boulder beetle, a ghost moth (invisible), 13 entropy weavers, 2 steelbarb worms, a spark wasp, 10 torpor snails, 3 demonic crawlers, 7 wolf spiders, 6 moths of wrath, 12 orb spiders, 4 culicivoras, 4 pharaoh ants, 7 jumping spiders, 4 tarantellas, 4 redbacks and a meliai.

Vanquished Creatures
  Antaeus (Coc:7)
  the Royal Jelly (Slime:5)
  Asmodeus (Geh:7)
  The ghost of Vuopse the Conqueror, a legendary GnIE of Ashenzari (Zig:24)
  The ghost of Nirchog the Archmage, a legendary DsIE of Vehumet (Zig:24)
  Ereshkigal (Tar:7)
  The ghost of Motirgh the Ruinous, a legendary DgHW (Zig:24)
  the Serpent of Hell (Geh:7)
  Lom Lobon (Pan)
  Dispater (Dis:7)
  The ghost of tigertrap the Metallomancer, a legendary DgHW (Zig:24)
  36 dread liches
  The ghost of Manman the Conqueror, a legendary HOGl of Makhleb (Zig:24)
  The ghost of ragingrage the Ruinous, a legendary OpFE of Vehumet (Zig:24)
  The ghost of reasonance the Bringer of Law, a legendary HOMo of Zin (Zig:24)
  The ghost of corvin the Slayer, a legendary OgWn of Dithmenos (Zig:24)
  The ghost of Zonian the Slayer, a legendary HOFi of Beogh (Zig:24)
  33 ancient liches
  Mennas (Pan)
  The ghost of Likado the Gnoll Barricade, a legendary GnSk of the Shining One (Zig:24)
  Mara (Depths:1)
  The ghost of Qeilemp the Conqueror, a legendary HOFi of Beogh (Zig:24)
  The ghost of Totuz the Messiah, a legendary HOFi of Beogh (Zig:24)
  16 juggernauts
  The ghost of Kalug the Executioner, a legendary DrFi of Cheibriados (Zig:24)
  The ghost of Talannal the Sharpshooter, a legendary GnHW of Cheibriados (Zig:24)
  Josephina (Depths:2)
  The ghost of Ciweycke the Warrior, a legendary VSBr of Ashenzari (Zig:24)
  The ghost of Ciweycke the Warrior, a legendary VSBr of Ashenzari (Zig:24)
  51 royal mummies
  37 pandemonium lords
  32 shard shrikes
  15 Killer Klowns
  Xtahua (Crypt:3)
  2 curse toes
  69 caustic shrikes
  Geryon (Hell)
  18 profane servitors
  68 golden dragons
  7 pearl dragons (Zig:19)
  69 bone dragons
  43 Brimstone Fiends
  Jory (Vaults:5)
  37 Tzitzimimeh
  The ghost of Micliseo the Warrior, an adept GrFi of Cheibriados (Crypt:1)
  41 doom hounds
  Jorgrun (D:12)
  17 iron giants
  39 hellephants
  35 Hell Sentinels
  14 liches
  49 tentacled monstrosities
  83 Ice Fiends
  35 tainted leviathans
  23 deep elf blademasters
  Mlioglotl (Snake:1)
  A walking earthen tome (Zig:17)
  6 krakens
  20 deep elf master archers
  47 titans
  A walking divine tome (Zig:17)
  49 ancient champions
  47 searing wretches
  4 quicksilver dragons
  18 tentacled starspawn
  80 acid blobs
  Gastronok (Lair:1)
  2 sphinxes (shapeshifter)
  Frances (Elf:1)
  Polyphemus (Shoals:4)
  39 Executioners
  An eldritch tentacle (Zig:15)
  32 sphinxes
  2 thorn hunters
  9 shadow dragons
  15 tengu reavers
  A shadow dragon (shapeshifter) (Zig:22)
  29 azure jellies
  4 storm dragons
  27 rockslimes
  2 azure jellies (shapeshifter) (Zig:22)
  32 draconian monks
  7 iron dragons
  34 draconian knights
  70 nagarajas
  3 fenstrider witches
  23 emperor scorpions
  32 fire giants
  7 daevas
  10 demonspawn warmongers
  26 revenants
  54 narguns
  2 fenstrider witches (shapeshifter) (Zig:22)
  37 draconian scorchers
  31 vault wardens
  16 quicksilver elementals
  2 frost giants (shapeshifter)
  20 frost giants
  14 deep elf sorcerers
  5 spectral caustic shrikes
  2 caustic shrike zombies
  2 juggernaut zombies
  An emperor scorpion (shapeshifter) (Zig:26)
  76 balrugs
  31 ghost moths
  4 spectral juggernauts
  28 curse skulls
  9 angels
  37 draconian shifters
  A spriggan defender (Depths:2)
  5 deep elf elementalists
  35 orc warlords
  A caustic shrike skeleton (Tomb:1)
  10 shard shrike simulacra
  30 cacodemons
  A juggernaut skeleton (Zig:4)
  50 very ugly things
  51 stone giants
  3 stone giants (shapeshifter)
  4 ghouls
  22 demonspawn corrupters
  28 quicksilver oozes
  21 ironbound preservers
  39 draconian annihilators
  34 reapers
  41 war gargoyles
  2 broodmothers
  38 draconian stormcallers
  22 demonspawn blood saints
  8 ophanim
  15 green draconians
  16 black draconians
  24 elemental wellsprings
  2 spectral titans
  18 vampire knights
  12 ironbound thunderhulks
  Nessos (D:12)
  21 deep elf demonologists
  26 bennus
  5 apis (Zig:19)
  Azrael (D:12)
  23 dire elephants
  16 demonspawn black suns
  25 deep elf annihilators
  30 lorocyprocas
  38 putrid mouths
  3 eleionomae (shapeshifter)
  24 purple draconians
  17 eleionomae
  9 yellow draconians
  15 white draconians
  11 spark wasps
  A minotaur (shapeshifter) (Zig:22)
  20 red draconians
  A dire elephant (shapeshifter) (Zig:22)
  57 wendigos
  19 bunyips
  17 deep elf death magi
  7 crystal guardians
  26 iron golems
  24 ettins
  44 merfolk javelineers
  37 eidola
  85 green deaths
  58 blizzard demons
  A quicksilver dragon zombie (Zig:18)
  A great orb of eyes (shapeshifter) (Zig:11)
  A spectral golden dragon (Zig:19)
  14 entropy weavers
  48 mummy priests
  31 shambling mangroves
  10 jiangshi
  33 vault guards
  12 fire dragons
  19 yaktaur captains
  40 merfolk impalers
  10 rakshasas
  33 deep elf high priests
  21 ice dragons
  Erolcha (Orc:2)
  2 spectral spriggans
  2 spriggan zombies
  A catoblepas (shapeshifter) (Zig:14)
  21 great orbs of eyes
  2 spectral tengu (Zig:24)
  19 catoblepae
  10 ghost crabs
  57 salamander tyrants
  21 ironbound frosthearts
  5 ogre magi
  88 hydras
  10 juggernaut simulacra
  A peacekeeper (Vaults:3)
  11 spriggan air magi
  10 boulder beetles
  10 hell beasts
  4 radroaches
  18 alligator snapping turtles
  5 centaur warriors
  14 anacondas
  18 merfolk avatars
  12 caustic shrike simulacra
  3 jorogumos
  A two-headed ogre (shapeshifter) (Zig:11)
  2 alligator snapping turtles (shapeshifter)
  2 jorogumos (shapeshifter) (Zig:11)
  42 merfolk aquamancers
  26 two-headed ogres
  9 satyrs
  7 spriggan skeletons
  16 alligators
  15 stokers
  23 death scarabs
  A spectral stone giant (Tar:1)
  17 death yaks
  14 naga warriors
  6 tengu warriors
  A quicksilver ooze zombie (Crypt:3)
  A spectral dire elephant (Tar:3)
  29 vampire magi
  A bennu skeleton (Crypt:2)
  49 orc high priests
  A spectral emperor scorpion (Tar:1)
  The ghost of retardedninja the Magician, a novice GnFE (D:8)
  A satyr (shapeshifter) (Zig:11)
  28 thrashing horrors
  50 dancing weapons
  A death yak (shapeshifter) (Zig:11)
  8 deep troll earth magi
  9 deep troll shamans
  26 naga sharpshooters
  8 hell knights
  A shock serpent (shapeshifter) (Elf:2)
  7 spriggan berserkers
  89 soul eaters
  61 sun demons
  46 hell hogs
  Sonja (Orc:1)
  A storm dragon zombie (Depths:3)
  31 deep elf knights
  12 shock serpents
  2 titan skeletons
  13 spriggans
  30 sixfirhies
  13 skysharks
  The ghost of Lobster4 the Covert, a novice DECj of Vehumet (D:10)
  18 wretched stars
  A fire crab (Abyss:4)
  45 skeletal warriors
  23 crystal echidnas
  An iron giant zombie (Crypt:3)
  5 pharaoh ants
  25 iron trolls
  A sun moth (Zig:18)
  22 shadow wraiths
  An anaconda zombie (Crypt:3)
  5 cherubim (Zig:19)
  17 orb spiders
  8 salamander mystics
  2 deep trolls (shapeshifter)
  15 goliath frogs
  2 spectral anacondas
  44 deep trolls
  2 golden dragon zombies
  39 sea snakes
  19 shadow demons
  13 bog bodies
  16 flayed ghosts
  31 spriggan druids
  Lodul (D:11)
  64 death drakes
  4 quicksilver dragon simulacra
  2 orb spiders (shapeshifter)
  A storm dragon skeleton (Zig:10)
  10 naga ritualists
  3 spriggan simulacra
  11 glowing orange brains
  A spectral iron dragon (Zig:24)
  2 steelbarb worms (shapeshifter)
  Pikel (D:7)
  A swamp dragon (shapeshifter) (Zig:11)
  6 obsidian statues
  13 wizards
  55 swamp dragons
  A harpy (shapeshifter) (Zig:6)
  A glowing orange brain (shapeshifter) (Zig:14)
  7 spatial maelstroms
  12 orange crystal statues
  10 deep elf archers
  45 deep elf pyromancers
  3 mana vipers (shapeshifter)
  A tengu zombie (Zig:18)
  2 fenstrider witch simulacra (Coc:1)
  3 golden dragon skeletons
  8 necromancers
  10 lindwurms
  5 steelbarb worms
  46 deep elf zephyrmancers
  23 ironbound convokers
  18 mana vipers
  23 phantasmal warriors
  65 harpies
  3 iron dragon zombies
  2 shadow dragon skeletons (Zig:18)
  21 will-o-the-wisps
  32 orc knights
  A wolf spider (shapeshifter) (Zig:11)
  6 wolf spiders
  3 fire giant zombies
  22 shining eyes
  A worldbinder (Abyss:2)
  45 manticores
  24 fauns
  37 orc sorcerers
  2 iron dragon skeletons
  30 cyclopes
  A sphinx skeleton (Zig:18)
  A spectral alligator snapping turtle (Tar:3)
  A shining eye (shapeshifter) (Zig:6)
  2 moths of wrath (shapeshifter)
  32 moths of wrath
  23 salamanders
  24 merfolk sirens
  15 apocalypse crabs
  A dire elephant zombie (Crypt:3)
  50 ugly things
  75 black mambas
  A shock serpent zombie (Crypt:2)
  26 naga magi
  5 rust devils
  17 elephants
  An elephant (shapeshifter) (Vaults:5)
  8 molten gargoyles (Geh:7)
  32 vault sentinels
  A black mamba (shapeshifter) (D:13)
  A water nymph (shapeshifter) (Zig:14)
  35 orange demons
  A frost giant skeleton (Zig:2)
  24 torpor snails
  60 water nymphs
  8 titan simulacra
  2 spectral centaurs (Tar:2)
  27 guardian serpents
  4 storm dragon simulacra
  An orc zombie (Crypt:3)
  108 smoke demons
  12 ice statues
  26 cane toads
  35 demonic crawlers
  A catoblepas zombie (Crypt:1)
  An unseen horror (D:11)
  17 eyes of devastation
  3 gargoyles
  An unseen horror (shapeshifter) (Zig:26)
  A centaur skeleton (Abyss:3)
  68 hellions
  2 torpor snails (shapeshifter)
  28 komodo dragons
  6 efreet
  5 kobold demonologists
  3 bunyip simulacra
  21 rime drakes
  20 freezing wraiths
  2 yaktaurs (shapeshifter)
  7 tengu conjurers
  74 tormentors
  An alligator snapping turtle skeleton (Crypt:1)
  8 anaconda simulacra
  26 yaktaurs
  14 ancient zymes
  83 guardian mummies
  4 ice devils
  6 red devils
  5 golden dragon simulacra
  4 iron giant simulacra
  A polar bear (shapeshifter) (Zig:14)
  7 tyrant leeches
  2 silent spectres
  An unseen horror skeleton (Crypt:1)
  181 merfolk
  2 shadow dragon simulacra
  29 wind drakes
  28 polar bears
  A spectral harpy (Tar:2)
  3 meliai
  38 trolls
  A sphinx simulacrum (Zig:20)
  54 hornets
  A tengu simulacrum (Zig:20)
  3 wind drakes (shapeshifter)
  5 tarantellas
  5 bloated husks
  42 hellwings
  A tyrant leech (shapeshifter) (Zig:26)
  24 dream sheep
  4 harpy skeletons
  41 snapping turtles
  A hydra skeleton (Crypt:2)
  A tarantella (shapeshifter) (Zig:11)
  A blink frog (shapeshifter) (Zig:9)
  41 blink frogs
  A dream sheep (shapeshifter) (Zig:14)
  A hornet (shapeshifter) (Zig:26)
  2 stone giant simulacra
  2 culicivoras (shapeshifter)
  3 iron dragon simulacra
  16 raiju
  A fire giant simulacrum (Zig:5)
  A frost giant simulacrum (Depths:2)
  A guardian serpent zombie (Crypt:3)
  A fire dragon zombie (Crypt:3)
  4 culicivoras
  A jumping spider (shapeshifter) (Zig:14)
  147 slime creatures
  34 flying skulls
  5 air elementals
  A spriggan (shapeshifter) (D:13)
  An ettin skeleton (Crypt:2)
  58 water elementals
  5 dire elephant simulacra
  A naga simulacrum (Coc:6)
  97 ynoxinuls
  5 shadows
  12 wyverns
  39 ushabtiu
  2 hogs (shapeshifter)
  76 yaks
  An alligator snapping turtle simulacrum (Coc:3)
  4 wraiths
  6 fire bats
  61 chaos spawn
  Eustachio (D:5)
  A golden eye (shapeshifter) (Vaults:5)
  14 golden eyes
  10 basilisks
  8 fire elementals
  9 redbacks
  6 steam dragons
  31 neqoxecs
  A redback (shapeshifter) (Zig:9)
  15 harpy simulacra
  10 vampire mosquitoes
  57 nagas
  A naga (shapeshifter) (Zig:22)
  2 glowing shapeshifter zombies (Zig:10)
  32 wargs
  105 large abominations
  A naga zombie (Crypt:1)
  7 acid dragons
  A swamp worm (shapeshifter) (Zig:11)
  5 hell hounds
  Duvessa (D:5)
  A nameless horror (Elf:3)
  44 water moccasins
  6 floating eyes
  5 hydra simulacra
  162 orc warriors
  A water nymph skeleton (Crypt:1)
  2 floating eyes (shapeshifter)
  A sky beast (D:6)
  5 swamp drakes
  An ettin simulacrum (Coc:7)
  A glowing shapeshifter skeleton (Zig:16)
  4 ice beasts
  107 ogres
  26 wolves
  A hornet zombie (Crypt:3)
  20 black bears
  A black mamba simulacrum (Coc:1)
  5 boggarts (Vaults:1)
  A snapping turtle skeleton (Crypt:1)
  12 centaurs
  A phantom (D:5)
  5 bullfrogs
  A kobold brigand (D:9)
  2 gnoll sergeants
  5 earth elementals
  A salamander skeleton (Crypt:2)
  2 glowing shapeshifter simulacra
  3 scorpions
  6 wights
  Dowan (D:5)
  18 small abominations
  6 killer bees
  6 howler monkeys
  A crimson imp (Abyss:2)
  4 hounds
  2 quasits
  A human zombie (Crypt:1)
  32 orc priests
  An iron imp (Abyss:2)
  4 jellies
  108 starcursed masses
  A gnoll bouda (D:8)
  3 sleepcaps
  A basilisk skeleton (Crypt:3)
  A black bear skeleton (Crypt:2)
  4 iguanas
  28 orc wizards
  2 hell rats (Zig:25)
  4 human skeletons (Crypt:1)
  3 tengu skeletons
  114 mummies
  9 gnolls
  9 adders
  3 shadow imps
  5 white imps
  2 ufetubi
  A jelly zombie (Crypt:1)
  3 worms
  A dart slug (D:4)
  89 orcs
  4 bats
  A bat skeleton (Crypt:3)
  7 endoplasms
  3 giant cockroaches
  10 goblins
  12 hobgoblins
  3 jackals (D:3)
  15 kobolds
  3 quokkas
  A quokka (shapeshifter) (D:10)
  11 ball pythons
  3 frilled lizards
  A gnoll skeleton (Crypt:1)
  A goblin zombie (Crypt:3)
  An orc skeleton (Crypt:3)
  6 rats
  A rat zombie (Crypt:2)
  A ball lightning (Pan)
  7 creeping infernos
  30 fire vortices
  12 starspawn tentacles
  20 tentacles
9061 creatures vanquished.

Vanquished Creatures (collateral kills)
  Vashnia (Snake:4)
  The ghost of Pohawk the Severer, an adept MiGl of the Shining One (Zig:24)
  An Ice Fiend (Coc:7)
  A nagaraja (Snake:4)
  2 revenants (Zig:19)
  A demonspawn black sun (Pan)
  2 eidola (Zig:19)
  A salamander tyrant (Zig:26)
  A naga warrior (Snake:4)
  A death drake (Zig:25)
  A glowing orange brain (shapeshifter) (D:10)
  A naga ritualist (Snake:4)
  A spriggan druid (Zig:25)
  An ugly thing (D:10)
  2 salamanders (Snake:4)
  A naga mage (Snake:4)
  A cane toad (Lair:5)
  2 slime creatures (Zig:23)
  2 neqoxecs (D:10)
  A yak (D:8)
  A chaos spawn (Pan)
  3 nagas (Snake:4)
  An orc warrior (D:8)
  A howler monkey (D:8)
  A sleepcap (D:8)
  2 ball lightnings (Pan)
34 creatures vanquished.

Vanquished Creatures (others)
  A pandemonium lord (Zig:22)
  The ghost of Manman the Conqueror, a legendary HOGl of Makhleb (Zig:24)
  2 dread liches
  The ghost of Xorhowon the Invulnerable, a legendary MiBe of Trog (Zig:24)
  An ancient lich (Zig:26)
  The ghost of heteroy the Invulnerable, a legendary DsHu of Uskayaw (Zig:24)
  A shard shrike (Zig:21)
  A Killer Klown (Zig:22)
  The ghost of Joizeul the Slayer, a veteran MiBe of Trog (Zig:24)
  A profane servitor (Zig:19)
  A bone dragon (Tar:7)
  2 tentacled monstrosities
  An Ice Fiend (Coc:7)
  An Executioner (Pan)
  2 shadow dragons (Zig:24)
  The ghost of Amikeex the Brawler, an adept TrMo of Nemelex Xobeh (Zig:24)
  A shadow dragon (shapeshifter) (Zig:22)
  A nagaraja (Zig:18)
  6 revenants (Zig:24)
  2 fire giants
  A fenstrider witch (Zig:12)
  A nargun (Zig:21)
  3 draconian knights
  6 ghost moths
  2 draconian annihilators
  A broodmother (Zig:19)
  An elemental wellspring (Coc:7)
  A vampire knight (Zig:19)
  An eleionoma (Zig:12)
  A demonspawn blood saint (Pan)
  2 demonspawn black suns (Zig:24)
  A lorocyproca (Pan)
  2 bunyips
  2 deep elf death magi
  3 merfolk javelineers (Zig:19)
  A blizzard demon (Pan)
  5 eidola (Zig:24)
  7 green deaths
  A shambling mangrove (Zig:12)
  A juggernaut simulacrum (Coc:7)
  A ghost crab (Zig:24)
  10 hydras
  An alligator (Zig:23)
  2 thrashing horrors
  A deep elf knight (Zig:9)
  A soul eater (Zig:24)
  A sea snake (shapeshifter) (Zig:26)
  A shadow wraith (Tar:7)
  A sixfirhy (Pan)
  2 death drakes
  A wizard (Pan)
  An orb spider (shapeshifter) (Zig:9)
  3 phantasmal warriors
  3 swamp dragons
  2 deep elf zephyrmancers (Elf:1)
  A fenstrider witch simulacrum (Coc:1)
  A deep elf pyromancer (Zig:27)
  A merfolk siren (Zig:19)
  A moth of wrath (Zig:19)
  2 guardian serpents (Zig:19)
  A black mamba (Zig:19)
  A naga mage (Zig:19)
  5 smoke demons (Pan)
  A titan simulacrum (Coc:1)
  2 hellions
  An anaconda simulacrum (Coc:7)
  2 merfolk (Zig:25)
  2 large abominations
  A meliai (Zig:20)
  3 hornets
  A tarantella (Zig:18)
  A raiju (Abyss:4)
  3 tyrant leeches
  A slime creature (Vaults:2)
  A water elemental (Zig:25)
  A culicivora (Zig:20)
  4 dire elephant simulacra (Coc:1)
  3 naga simulacra (Coc:1)
  A fire elemental (Zig:13)
  4 yaks (D:8)
  A ynoxinul (Pan)
  A vampire mosquito (Zig:19)
  A chaos spawn (Pan)
  2 harpy simulacra
  A naga skeleton (Crypt:3)
  A hydra simulacrum (Coc:7)
  An orc warrior (D:8)
  A black bear (shapeshifter) (Zig:26)
  A small abomination (Abyss:4)
  2 ettin simulacra (Coc:1)
  A fire dragon simulacrum (Coc:1)
  A swamp drake (Zig:19)
  A wight (D:8)
  A quasit (Abyss:4)
  A gnoll bouda (D:8)
  A starcursed mass (Abyss:2)
  5 orc wizards
  A shadow imp (D:8)
  A white imp (Abyss:4)
  3 orcs
  31 ball lightnings
  8 fire vortices
  50 foxfires
  A lurking horror (Abyss:3)
  30 starspawn tentacles
  33 tentacles
329 creatures vanquished.

Grand Total: 9424 creatures vanquished

Notes
Turn   | Place    | Note
-------+----------+-------------------------------------------
     0 | D:1      | hwolsky the Hill Orc Berserker began the quest for the Orb.
     0 | D:1      | Reached XP level 1. HP: 19/19 MP: 1/1
     0 | D:1      | Entered explore mode.
    91 | D:1      | Found a faded altar of an unknown god.
   138 | D:1      | Reached XP level 2. HP: 27/27 MP: 2/2
   819 | D:2      | Reached XP level 3. HP: 23/33 MP: 3/3
  1102 | D:2      | Reached skill level 5 in Axes
  1102 | D:2      | Reached XP level 4. HP: 17/40 MP: 4/4
  1578 | D:2      | Reached ** piety under Trog
  2254 | D:3      | Reached XP level 5. HP: 27/47 MP: 5/5
  3175 | D:4      | Noticed an ogre
  3185 | D:4      | Killed an ogre
  3186 | D:4      | Reached skill level 5 in Fighting
  3186 | D:4      | Reached XP level 6. HP: 56/56 MP: 6/6
  3406 | D:4      | Reached *** piety under Trog
  3658 | D:4      | Reached XP level 7. HP: 46/61 MP: 7/7
  3739 | D:4      | Reached XP level 8. HP: 69/69 MP: 8/8
  4117 | D:5      | Entered Level 5 of the Dungeon
  4197 | D:5      | Noticed Eustachio
  4214 | D:5      | Killed Eustachio
  4723 | D:5      | Noticed Dowan
  4726 | D:5      | Reached XP level 9. HP: 42/75 MP: 9/9
  4726 | D:5      | Reached **** piety under Trog
  4728 | D:5      | Noticed Duvessa
  4741 | D:5      | Killed Dowan
  4742 | D:5      | Reached skill level 5 in Armour
  4751 | D:5      | Killed Duvessa
  6897 | D:7      | Found a staircase to the Ecumenical Temple.
  6916 | Temple   | Entered the Ecumenical Temple
  7078 | D:7      | Reached XP level 10. HP: 77/88 MP: 10/10
  7212 | D:7      | Noticed Pikel
  7228 | D:7      | Killed Pikel
  7438 | D:8      | Found an opulent altar of Gozag.
  7578 | D:8      | Found a staircase to the Lair.
  7635 | D:8      | Found Waerghot's Antique Weapon Shoppe.
  7677 | D:8      | Found a glowing silver altar of Zin.
  7820 | D:8      | Found a runed translucent gate.
  7821 | D:8      | Found a runed translucent gate.
  7821 | D:8      | Noticed a cyclops
  7822 | D:8      | Found a runed translucent gate.
  7832 | D:8      | Identified the +3 battleaxe "Tuyhetto" {freeze, *Corrode
                  | Will+ Int+3 Dex+3}
  7833 | D:8      | Noticed retardedninja's ghost (novice GnFE)
  7957 | D:8      | Found a basalt altar of Yredelemnul.
  7958 | D:8      | Found a glowing golden altar of the Shining One.
  7979 | D:8      | Found a shimmering altar of Xom.
  8265 | D:8      | Killed retardedninja's ghost
  8266 | D:8      | Reached skill level 10 in Fighting
  8266 | D:8      | Reached XP level 11. HP: 99/99 MP: 11/11
  8269 | D:8      | Killed a cyclops
  8326 | D:9      | Found Mawecop's Armour Boutique.
  8665 | D:9      | Reached ***** piety under Trog
  9105 | D:9      | Noticed a skeletal warrior
  9114 | D:9      | Reached skill level 10 in Armour
  9123 | D:9      | HP: 2/153 [orc warrior/+0 glaive (6)]
  9127 | D:9      | Killed a skeletal warrior
  9129 | D:9      | Mangled by an orc warrior
                  | ... wielding a +0 glaive
                  | (11 damage)
  9135 | D:9      | Noticed a cyclops
  9142 | D:9      | Killed a cyclops
  9393 | D:10     | Entered Level 10 of the Dungeon
  9420 | D:10     | Found a staircase to the Orcish Mines.
 10078 | D:10     | Found a runed translucent gate.
 10078 | D:10     | Found a runed translucent gate.
 10078 | D:10     | Found a runed translucent gate.
 10079 | D:10     | Noticed a faun
 10079 | D:10     | Noticed a red ugly thing
 10488 | D:10     | Noticed a red ugly thing
 10488 | D:10     | Noticed a red ugly thing
 10501 | D:10     | Killed a white ugly thing
 10506 | D:10     | Killed a brown ugly thing
 10507 | D:10     | Reached XP level 12. HP: 113/113 MP: 12/12
 10511 | D:10     | Found a runed translucent gate.
 10511 | D:10     | Found a runed translucent gate.
 10515 | D:10     | Noticed Lobster4's ghost (novice DECj)
 10516 | D:10     | Found a runed translucent gate.
 10531 | D:10     | Gained mutation: Your magical capacity is low. (-10% MP) [a
                  | neqoxec]
 10536 | D:10     | Killed Lobster4's ghost
 10556 | D:10     | Gained mutation: You occasionally lose the ability to read
                  | scrolls when taking damage. [mutagenic glow]
 10568 | D:10     | Lost mutation: Your magical capacity is low. (-10% MP)
                  | [potion of mutation]
 10568 | D:10     | Lost mutation: You occasionally lose the ability to read
                  | scrolls when taking damage. [potion of mutation]
 10568 | D:10     | Gained mutation: A frigid envelope surrounds you and
                  | freezes all who hurt you. [potion of mutation]
 10568 | D:10     | Gained mutation: You are frail. (-10% HP) [potion of
                  | mutation]
 10568 | D:10     | Gained mutation: Your mind is acute. (Int +4, Str/Dex -1)
                  | [potion of mutation]
 10569 | D:10     | Lost mutation: You are frail. (-10% HP) [potion of
                  | mutation]
 10569 | D:10     | Lost mutation: Your mind is acute. (Int +4, Str/Dex -1)
                  | [potion of mutation]
 10569 | D:10     | Lost mutation: A frigid envelope surrounds you and freezes
                  | all who hurt you. [potion of mutation]
 10569 | D:10     | Gained mutation: You occasionally lose the ability to drink
                  | potions when taking damage. [potion of mutation]
 10569 | D:10     | Gained mutation: You are clumsy. (Dex -2) [mutagenic glow]
 10577 | D:10     | Gained mutation: You sometimes lose the ability to drink
                  | potions when taking damage. [mutagenic glow]
 10590 | D:10     | Gained mutation: Your body sometimes deteriorates upon
                  | taking damage. [mutagenic glow]
 10773 | D:10     | Lost mutation: You are clumsy. (Dex -2) [potion of
                  | mutation]
 10773 | D:10     | Lost mutation: You sometimes lose the ability to drink
                  | potions when taking damage. [potion of mutation]
 10773 | D:10     | Gained mutation: Your movements are slightly less
                  | encumbered by armour. (ER -2) [potion of mutation]
 10773 | D:10     | Gained mutation: You are resistant to electric shocks.
                  | (rElec) [potion of mutation]
 10773 | D:10     | Gained mutation: You passively map a small area around you.
                  | [potion of mutation]
 10773 | D:10     | Gained mutation: You are somewhat resistant to further
                  | mutation. [potion of mutation]
 10960 | D:11     | Noticed a two-headed ogre
 11061 | Lair:1   | Entered Level 1 of the Lair of Beasts
 11612 | Lair:1   | Noticed Gastronok
 11628 | Lair:1   | Killed Gastronok
 12418 | Lair:2   | Found a staircase to the Snake Pit.
 12572 | Lair:2   | Reached XP level 13. HP: 109/125 MP: 13/13
 12673 | Lair:2   | Reached skill level 15 in Fighting
 13864 | Lair:3   | Found a staircase to the Shoals.
 14156 | Lair:3   | You fall into a shaft and drop 2 floors!
 14156 | Lair:5   | Entered Level 5 of the Lair of Beasts
 14252 | Lair:4   | HP: 6/129 [yak (5)]
 14254 | Lair:4   | HP: 2/129 [yak (5)]
 14256 | Lair:4   | Mangled by a death yak (12 damage)
 14275 | Lair:4   | Reached skill level 15 in Armour
 14639 | Lair:4   | Identified the +0 leather armour "Muocw" {rPois Dex+5}
 14663 | Lair:4   | Reached XP level 14. HP: 97/138 MP: 14/14
 14974 | Lair:4   | Found a viscous altar of Jiyva.
 14974 | Lair:4   | Found a staircase to the Slime Pits.
 15938 | Lair:5   | Received a gift from Trog
 16544 | Lair:5   | HP: 7/211 [poisoned by a black mamba]
 16545 | Lair:5   | HP: 3/211 [poisoned by a black mamba]
 16546 | Lair:5   | Succumbed to a black mamba's poison
 17206 | Lair:5   | Found the +2 hat of the Bear Spirit {Spirit, Bear, *Rage
                  | Will++}
 18849 | Orc:1    | Entered Level 1 of the Orcish Mines
 18884 | Orc:1    | Reached XP level 15. HP: 151/151 MP: 12/15
 18899 | Orc:1    | HP: 6/151 [poisoned by an orc warrior]
 18900 | Orc:1    | HP: 2/151 [poisoned by an orc warrior]
 18901 | Orc:1    | Succumbed to an orc warrior's poison
 19110 | Orc:1    | Noticed Sonja
 19116 | Orc:1    | Killed Sonja
 19277 | Orc:1    | Found a roughly hewn altar of Beogh.
 19358 | Orc:2    | Entered Level 2 of the Orcish Mines
 19360 | Orc:2    | Found Edogh's Antique Weapon Shop.
 19596 | Orc:2    | Found a staircase to the Elven Halls.
 19661 | Orc:2    | Found Gathruuf's General Store.
 19857 | Orc:2    | Found Epnurgh's Antique Armour Shop.
 19857 | Orc:2    | Noticed an orc warlord
 19877 | Orc:2    | Killed an orc warlord
 20120 | Orc:2    | Found Kelaell's Distillery.
 20125 | Orc:2    | Bought a potion of degeneration for 11 gold pieces
 20210 | Orc:2    | Noticed Erolcha
 20217 | Orc:2    | Found Simaffym's Jewellery Boutique.
 20238 | Orc:2    | Killed Erolcha
 20688 | Snake:1  | Entered Level 1 of the Snake Pit
 20928 | Snake:1  | HP: 4/155 [poisoned by a naga ritualist (toxic radiance)]
 20928 | Snake:1  | HP: 1/155 [constriction (3)]
 20928 | Snake:1  | Slain by a naga ritualist
                  | ... wielding a +0 hand axe
                  | (4 damage)
 20929 | Snake:1  | Received a gift from Trog
 21126 | Snake:1  | Noticed Mlioglotl
 21140 | Snake:1  | Killed Mlioglotl
 21957 | Snake:1  | Found Fecrun's Magic Scroll Shop.
 22063 | Snake:2  | Found Tocvethry's Antique Weapon Shop.
 22068 | Snake:2  | Found Marphaeh's Distillery.
 22068 | Snake:2  | Found Nircheraf's Antique Weapon Shop.
 22068 | Snake:2  | HP: 4/156 [poisoned by a naga mage (bolt of poison)]
 22069 | Snake:2  | Succumbed to a naga mage's bolt of poison
 22074 | Snake:2  | Found Sow Zeaj's Distillery.
 22170 | Snake:2  | Found a frozen archway.
 22183 | IceCv    | Entered an ice cave
 22220 | IceCv    | Reached XP level 16. HP: 84/165 MP: 8/16
 22593 | IceCv    | Reached ****** piety under Trog
 22847 | IceCv    | HP: 7/167 [ironbound frostheart (14)]
 22847 | IceCv    | Slain by an ironbound frostheart (11 damage)
 22885 | IceCv    | Received a gift from Trog
 23141 | IceCv    | HP: 8/167 [ironbound frostheart/creeping frost (7)]
 23142 | IceCv    | Annihilated by a frost giant
                  | ... wielding a +1 battleaxe of freezing
                  | (30 damage)
 23324 | IceCv    | Identified the +0 hat of Terror {Rampage rElec rC+}
 24002 | Snake:2  | Noticed a nagaraja
 24010 | Snake:2  | Killed a nagaraja
 24641 | Snake:3  | Received a gift from Trog
 24727 | Snake:3  | Noticed a nagaraja
 24738 | Snake:3  | Killed a nagaraja
 25132 | Snake:3  | Identified the +1 helmet of Kiekk {Int+3}
 25650 | Snake:3  | Slain by a salamander
                  | ... wielding a +0 glaive
                  | (12 damage)
 25658 | Snake:3  | Slain by a salamander
                  | ... wielding a +0 glaive
                  | (11 damage)
 25772 | Snake:3  | Identified the +2 robe "Zemainor" {rF+ rC+ Str-2 Dex+2}
 26074 | Snake:4  | Entered Level 4 of the Snake Pit
 26283 | Snake:4  | Reached XP level 17. HP: 176/176 MP: 12/17
 26296 | Snake:4  | HP: 11/352 [salamander/+0 glaive (10)]
 26296 | Snake:4  | HP: 3/352 [salamander mystic/+2 quarterstaff of holy wrath
                  | (8)]
 26296 | Snake:4  | Demolished by a salamander mystic
                  | ... wielding a +2 quarterstaff of holy wrath
                  | (17 damage)
 26308 | Snake:4  | HP: 7/176 [poisoned by a naga mage (splash of poison)]
 26308 | Snake:4  | HP: 3/176 [naga sharpshooter/arrow (4)]
 26308 | Snake:4  | Slain by a salamander
                  | ... wielding a +0 trident
                  | (4 damage)
 26314 | Snake:4  | Shot with an arrow by a naga sharpshooter (13 damage)
 26318 | Snake:4  | Received a gift from Trog
 26781 | Snake:4  | Noticed Vashnia
 26785 | Snake:4  | Shot with an arrow by Vashnia (14 damage)
 26788 | Snake:4  | HP: 8/176 [anaconda[a naga ritualist] (12)]
 26788 | Snake:4  | HP: 1/176 [asphyx]
 26788 | Snake:4  | Killed from afar by Vashnia (4 damage)
                  | ... with a splash of poison
 26791 | Snake:4  | Slain by an anaconda (9 damage)
                  | ... led by a naga ritualist
 26795 | Snake:4  | Succumbed to a naga ritualist's toxic radiance
 26799 | Snake:4  | Slain by a salamander
                  | ... wielding a +0 trident
                  | (19 damage)
 26803 | Snake:4  | Shot with an arrow by Vashnia (14 damage)
 26806 | Snake:4  | HP: 5/176 [salamander/+0 trident (8)]
 26807 | Snake:4  | Succumbed to a black mamba's poison
 26807 | Snake:4  | Killed Vashnia
 27439 | Snake:4  | Lost mutation: You are somewhat resistant to further
                  | mutation. [potion of mutation]
 27439 | Snake:4  | Lost mutation: Your movements are slightly less encumbered
                  | by armour. (ER -2) [potion of mutation]
 27439 | Snake:4  | Lost mutation: You are resistant to electric shocks.
                  | (rElec) [potion of mutation]
 27439 | Snake:4  | Gained mutation: You sometimes lose the ability to drink
                  | potions when taking damage. [potion of mutation]
 27439 | Snake:4  | Gained mutation: Your system is resistant to poisons.
                  | (rPois) [potion of mutation]
 27439 | Snake:4  | Gained mutation: You are agile. (Dex +4, Str/Int -1)
                  | [potion of mutation]
 27440 | Snake:4  | Lost mutation: Your system is resistant to poisons. (rPois)
                  | [potion of mutation]
 27440 | Snake:4  | Lost mutation: You are agile. (Dex +4, Str/Int -1) [potion
                  | of mutation]
 27440 | Snake:4  | Gained mutation: You are somewhat resistant to further
                  | mutation. [potion of mutation]
 27441 | Snake:4  | Lost mutation: You sometimes lose the ability to drink
                  | potions when taking damage. [potion of mutation]
 27441 | Snake:4  | Lost mutation: You are somewhat resistant to further
                  | mutation. [potion of mutation]
 27441 | Snake:4  | Lost mutation: You occasionally lose the ability to drink
                  | potions when taking damage. [potion of mutation]
 27441 | Snake:4  | Gained mutation: Your flesh is heat resistant. (rF+)
                  | [potion of mutation]
 27441 | Snake:4  | Gained mutation: You possess an exceptional clarity of
                  | mind. [potion of mutation]
 27441 | Snake:4  | Gained mutation: Your flesh is cold resistant. (rC+)
                  | [potion of mutation]
 27441 | Snake:4  | Gained mutation: You are partially covered in iridescent
                  | scales. (AC +2) [potion of mutation]
 27675 | Snake:4  | Got a serpentine rune of Zot
 28655 | D:11     | Received a gift from Trog
 29120 | D:11     | Noticed Lodul
 29131 | D:11     | Killed Lodul
 29870 | D:12     | Found a blossoming altar of Fedhas.
 29870 | D:12     | Noticed Nessos
 29878 | D:12     | Killed Nessos
 30217 | D:12     | Noticed Azrael
 30225 | D:12     | Reached XP level 18. HP: 173/187 MP: 6/18
 30234 | D:12     | Killed Azrael
 30532 | D:12     | Noticed Jorgrun
 30543 | D:12     | Killed Jorgrun
 31331 | D:13     | Found Yjim Muy's Armour Shoppe.
 31592 | D:13     | Found a gate to the Vaults.
 31608 | Vaults:1 | Entered Level 1 of the Vaults
 31791 | Vaults:1 | Received a gift from Trog
 32119 | Vaults:1 | HP: 7/188 [ironbound frostheart (6)]
 32119 | Vaults:1 | Slain by an ironbound frostheart (7 damage)
 33191 | Temple   | Fell from the grace of Trog
 33191 | Temple   | Became a worshipper of Cheibriados the Contemplative
 33841 | Vaults:2 | Reached * piety under Cheibriados
 35514 | Vaults:2 | Reached XP level 19. HP: 141/195 MP: 19/19
 35828 | Vaults:2 | Reached ** piety under Cheibriados
 36231 | Vaults:3 | Slain by a two-headed ogre
                  | ... wielding a +0 giant club
                  | ... created by the rage of Trog
                  | (16 damage)
 36352 | Vaults:3 | Identified the +1 leather armour "Yrphier" {rF+ rC+ Regen+}
 36736 | Vaults:3 | Reached *** piety under Cheibriados
 36738 | Vaults:3 | HP: 9/198 [vault warden/+2 broad axe of venom (23)]
 36740 | Vaults:3 | HP: 3/198 [poisoned by a vault warden]
 36741 | Vaults:3 | Succumbed to a vault warden's poison
 36921 | Vaults:3 | Demolished by a deep troll (29 damage)
                  | ... led by an ironbound preserver
 37120 | Vaults:3 | Found Wiv Soes's Antique Armour Shoppe.
 37307 | Vaults:3 | Found Ykiejis's Book Emporium.
 37510 | Vaults:3 | Found a staircase to the Crypt.
 37510 | Vaults:3 | Found an ancient bone altar of Kikubaaqudgha.
 37510 | Vaults:3 | Found a basalt altar of Yredelemnul.
 37522 | Vaults:3 | Found Rasch's Jewellery Shop.
 37526 | Vaults:3 | Reached **** piety under Cheibriados
 37816 | Vaults:3 | Found Fossoc's Jewellery Shoppe.
 37822 | Vaults:3 | Bought the ring "Rupinump" {MP+9 Int+3} for 699 gold pieces
 38031 | Vaults:3 | Found Otirchuur's Weapon Emporium.
 38701 | Vaults:4 | HP: 7/198 [orc knight/+0 war axe (20)]
 38701 | Vaults:4 | Mangled by an orc warlord
                  | ... wielding a +2 broad axe of electrocution
                  | (15 damage)
 38704 | Vaults:4 | Reached XP level 20. HP: 165/206 MP: 20/20
 38876 | Vaults:4 | Noticed an ancient lich
 38877 | Vaults:4 | Identified the amulet of Cumev {Acrobat Str+2 Dex+2}
 39127 | Vaults:4 | Found Felurure's Distillery.
 39356 | Vaults:4 | Found Fajec Zas's Book Shoppe.
 39360 | Vaults:4 | Found Peori's Magic Scroll Shop.
 39558 | Vaults:4 | Found Ralusos's Book Shop.
 39583 | Vaults:4 | Reached ***** piety under Cheibriados
 39841 | Vaults:4 | Identified the +4 chain mail of Gozag's Indignation {rCorr
                  | Str+6 Stlth-}
 39866 | Vaults:4 | Killed an ancient lich
 40237 | Vaults:5 | Entered Level 5 of the Vaults
 40473 | Vaults:4 | HP: 5/209 [two-headed ogre/+0 giant club[the rage of Trog]
                  | (12)]
 40473 | Vaults:4 | Mangled by an iron troll (16 damage)
                  | ... created by the rage of Trog
 41018 | Vaults:5 | Gained mutation: Armour fits poorly on your strangely
                  | shaped body. [a shining eye]
 41032 | Vaults:5 | Slain by a yaktaur captain (19 damage)
 41263 | Vaults:5 | Slain by a vault warden
                  | ... wielding a +0 bardiche
                  | (26 damage)
 41273 | Vaults:5 | Reached skill level 27 in Axes
 41274 | Vaults:5 | HP: 6/209 [deep elf high priest/divine providence (14)]
 41274 | Vaults:5 | Identified the ring of Bunotoas {rF++ rC+}
 41275 | Vaults:5 | Killed by the air
                  | ... invoked by a titan
                  | (29 damage)
 41275 | Vaults:5 | Paralysed by a sphinx for 5 turns
 41284 | Vaults:5 | Slain by an ettin
                  | ... wielding a +0 dire flail
                  | (26 damage)
 41294 | Vaults:5 | Demolished by a titan (35 damage)
 41298 | Vaults:5 | Slain by a titan (22 damage)
 41312 | Vaults:5 | HP: 9/210 [phantasmal warrior (7)]
 41313 | Vaults:5 | Slain by an iron dragon (8 damage)
 41321 | Vaults:5 | Killed from afar by a tengu reaver (13 damage)
                  | ... with a bolt of fire
 41328 | Vaults:5 | Slain by a Hell Sentinel (21 damage)
                  | ... summoned by a deep elf demonologist
 41332 | Vaults:5 | Reached XP level 21. HP: 204/207 MP: 21/21
 41357 | Vaults:5 | Reached ****** piety under Cheibriados
 41365 | Vaults:5 | HP: 10/216 [ettin/+0 dire flail (2)]
 41365 | Vaults:5 | HP: 3/216 [freezing wraith (8)]
 41365 | Vaults:5 | Slain by a freezing wraith (7 damage)
 41832 | Vaults:5 | HP: 2/218 [stone giant[the rage of Trog] (13)]
 41835 | Vaults:5 | Annihilated by a two-headed ogre
                  | ... wielding a +0 giant club
                  | ... created by the rage of Trog
                  | (26 damage)
 42107 | Vaults:5 | HP: 3/218 [iron troll[the rage of Trog] (33)]
 42107 | Vaults:5 | Demolished by an iron troll (24 damage)
                  | ... created by the rage of Trog
 42534 | Vaults:5 | Identified the +4 morningstar of a wizard's laboratory
                  | {flame, rElec rF+}
 42702 | Vaults:5 | Noticed an ancient lich
 42706 | Vaults:5 | Killed an ancient lich
 42710 | Vaults:5 | Identified the +5 short sword "Ihiqonk" {freeze, rN+ Int+3}
 42716 | Vaults:5 | Noticed Jory
 42721 | Vaults:5 | Identified the +5 hand axe of Peace {heavy, Str+2}
 42724 | Vaults:5 | Killed by a malign offering
                  | ... invoked by a deep elf high priest
                  | (15 damage)
 42728 | Vaults:5 | Killed Jory
 42748 | Abyss:2  | Cast into level 2 of the Abyss (a deep elf sorcerer)
 42783 | Abyss:2  | HP: 6/221 [large abomination (6)]
 42784 | Abyss:2  | Killed from afar by a starcursed mass (7 damage)
                  | ... with an accursed screaming
 42803 | Abyss:2  | HP: 2/221 [efreet/bolt of fire (17)]
 42806 | Abyss:2  | Slain by a tentacled starspawn (7 damage)
 42926 | Abyss:2  | Was forgiven by Trog
 43054 | Abyss:2  | Noticed an ancient lich
 43062 | Abyss:2  | Killed an ancient lich
 43124 | Abyss:2  | Learned a level 4 spell: Summon Lightning Spire
 43213 | Abyss:2  | HP: 7/221 [hellion (6)]
 43410 | Abyss:2  | Reached skill level 1 in Air Magic
 43699 | Abyss:3  | Found a corrupted altar of Lugonu.
 43699 | Abyss:3  | Noticed a bone dragon
 43709 | Abyss:3  | Killed a bone dragon
 43905 | Abyss:3  | Noticed a bone dragon
 43923 | Abyss:3  | Killed a bone dragon
 43955 | Abyss:4  | HP: 9/222 [constriction (8)]
 43956 | Abyss:4  | Constricted to death by a shambling mangrove (9 damage)
 44042 | Abyss:4  | Got an abyssal rune of Zot
 44060 | Vaults:5 | Escaped the Abyss
 44076 | Vaults:5 | Found the +8 storm bow {elec, penet}
 44085 | Vaults:5 | Got a silver rune of Zot
 44249 | Vaults:5 | Got the Volume of Fulgurant Corruption
 44283 | Vaults:5 | Reached XP level 22. HP: 231/231 MP: 22/22
 44417 | Vaults:5 | Got the Vellum of Grey Embers
 44420 | Vaults:5 | Identified the +3 arbalest "Vamez" {heavy, rPois Str+2}
 44423 | Vaults:5 | Identified the +6 flail of Keschiaw {pain, rElec rPois rC-
                  | SInv}
 45043 | Elf:1    | Entered Level 1 of the Elven Halls
 45270 | Elf:1    | Noticed Frances
 45277 | Elf:1    | Killed Frances
 45298 | Elf:1    | Reached skill level 27 in Fighting
 45315 | Elf:1    | HP: 10/233 [+0 trident of venom (16)]
 45316 | Elf:1    | Succumbed to a +0 trident of venom's poison
 45453 | Elf:1    | Reached skill level 1 in Ranged Weapons
 45471 | Elf:1    | HP: 2/233 [deep elf knight/lance of force (13)]
 45472 | Elf:1    | Slain by a deep elf knight
                  | ... wielding a +0 short sword
                  | (7 damage)
 45510 | Elf:1    | Reached skill level 5 in Air Magic
 45934 | Elf:1    | Identified the +1 leather armour of Hadjma {rC++ Str-4}
 46155 | Elf:1    | Identified the +0 ring mail "Suidoit" {rC+ Str+2}
 46398 | Elf:2    | Found a flickering gateway to a bazaar.
 46422 | Bazaar   | Entered a bazaar
 46467 | Bazaar   | Found Megeitit's Jewellery Emporium.
 46509 | Bazaar   | Found Zaodoasia's Assorted Antiques.
 46563 | Bazaar   | Found Jineuw's Assorted Antiques.
 46620 | Bazaar   | Found Yptirumn's Jewellery Emporium.
 46859 | Bazaar   | Bought the ring of Vior {Contam rElec Will+++ Int+6 Dex+6}
                  | for 1360 gold pieces
 46859 | Bazaar   | Bought a ring of flight for 280 gold pieces
 47396 | Elf:2    | Found a runed translucent gate.
 47396 | Elf:2    | Found a runed translucent gate.
 47396 | Elf:2    | Found a runed translucent gate.
 47443 | Elf:2    | Reached skill level 5 in Ranged Weapons
 48318 | Elf:2    | Learned a level 4 spell: Airstrike
 48638 | Elf:2    | Slain by a +1 bardiche of distortion (25 damage)
 48770 | Elf:3    | Entered Level 3 of the Elven Halls
 48939 | Abyss:4  | Cast into level 4 of the Abyss (a deep elf sorcerer)
 48942 | Elf:3    | Escaped the Abyss
 48963 | Elf:3    | HP: 4/233 [deep elf annihilator/bolt of lightning (38)]
 48965 | Elf:3    | Killed by a malign offering
                  | ... invoked by a deep elf high priest
                  | (12 damage)
 49111 | Elf:3    | Identified the ring "Zetiahen" {Fly rF+ rCorr Stlth+}
 49262 | Elf:3    | Got the Precepts of Gaseous Convocation
 49267 | Elf:3    | Identified the staff of earth "Enunu" {Fly rPois}
 49270 | Elf:3    | Identified the staff of cold "Ruxzex Boyda" {rF+ rC+
                  | Stlth+}
 49274 | Elf:3    | Got Perak's Tome of the Iceberg
 49278 | Elf:3    | Got the Vellum of Company
 49279 | Elf:3    | Identified the staff of death "Ruhiorix" {rPois rN+ Str-3
                  | Int+4}
 49308 | Elf:3    | Paralysed by an air elemental for 1 turns
 49320 | Elf:3    | Reached XP level 23. HP: 143/238 MP: 23/23
 49391 | Elf:3    | HP: 11/240 [deep elf blademaster/+0 rapier (15)]
 49810 | Elf:3    | Identified the staff of cold "Ywiduahi" {rC+ Stlth+}
 49827 | Elf:3    | Identified the staff of poison "Xudghas" {Drain rPois rF+++
                  | MP+9 Dex+2}
 50514 | Elf:3    | Identified the +5 short sword "Feef" {vamp, *Slow rF+ rCorr
                  | Str+3}
 50514 | Elf:3    | Identified the ring of Tulos {Ice Str+4 Stlth-}
 51268 | Crypt:1  | Entered Level 1 of the Crypt
 51607 | Crypt:1  | Found a runed translucent door.
 51624 | Crypt:1  | Noticed Micliseo's ghost (adept GrFi)
 51689 | Crypt:1  | Killed Micliseo's ghost
 52865 | Crypt:2  | Reached skill level 10 in Air Magic
 53771 | Crypt:3  | Entered Level 3 of the Crypt
 53771 | Crypt:3  | Noticed Xtahua
 53785 | Crypt:3  | Killed Xtahua
 54055 | Crypt:3  | Found a staircase to the Tomb.
 54068 | Crypt:3  | Upgraded the game from 0.31-a0-4-gefa6de2278 to
                  | 0.31-a0-7-g51783674b7
 54238 | Crypt:3  | HP: 6/208 [ancient champion/iron shot (15)]
 54241 | Crypt:3  | HP: 2/213 [something (5)]
 54243 | Crypt:3  | Mangled by a skeletal warrior
                  | ... wielding a +0 bardiche
                  | (12 damage)
 54264 | Crypt:3  | HP: 5/223 [ancient champion/+0 great mace (18)]
 54269 | Crypt:3  | Slain by a jiangshi (7 damage)
 54334 | Crypt:3  | Noticed a curse toe
 54340 | Crypt:3  | Killed a curse toe
 54731 | Crypt:3  | Found an ancient bone altar of Kikubaaqudgha.
 54734 | Crypt:3  | Found a basalt altar of Yredelemnul.
 54818 | Crypt:3  | Identified the +7 plate armour "Deocimell" {rElec}
 54825 | Crypt:3  | Identified the ring "Ebasaus" {rPois rN+ rCorr Int-2 SInv}
 54827 | Crypt:3  | Identified the +5 plate armour of Impressiveness {rElec}
 54862 | Crypt:3  | Got the Directory of Iniquitous Secrets
 54863 | Crypt:3  | Identified the staff of poison "Kizol" {rPois rF+ rN+ rCorr
                  | Dex+3}
 55506 | Tomb:1   | Entered Level 1 of the Tomb of the Ancients
 55649 | Tomb:1   | Reached XP level 24. HP: 148/241 MP: 23/23
 55673 | Tomb:1   | HP: 10/242 [??? (7)]
 55675 | Tomb:1   | HP: 2/242 [mummy priest/divine providence (10)]
 55678 | Tomb:1   | Mangled by a mummy priest (15 damage)
 55733 | Tomb:1   | Reached skill level 27 in Armour
 56172 | Tomb:1   | Noticed a royal mummy
 56174 | Tomb:1   | Noticed a royal mummy
 56175 | Tomb:1   | Noticed a royal mummy
 56181 | Tomb:1   | HP: 2/215 [death scarab[a royal mummy] (13)]
 56181 | Tomb:1   | Mangled by an emperor scorpion (12 damage)
                  | ... summoned by a royal mummy
 56188 | Tomb:1   | Killed a royal mummy
 56190 | Tomb:1   | HP: 10/222 [death scarab[a royal mummy] (12)]
 56190 | Tomb:1   | HP: 3/222 [death scarab[a royal mummy] (7)]
 56190 | Tomb:1   | Killed by divine providence
                  | ... invoked by a royal mummy
                  | (12 damage)
 56192 | Tomb:1   | Killed a royal mummy
 56192 | Tomb:1   | Killed a royal mummy
 56616 | Vaults:4 | Bought a book of Misfortune for 720 gold pieces
 56623 | Vaults:4 | Learned a level 5 spell: Yara's Violent Unravelling
 57064 | Tomb:1   | Reached skill level 1 in Hexes
 57403 | Tomb:1   | Identified the staff of air "Riseti" {rElec rC+ Str+3}
 57857 | Tomb:2   | Noticed a royal mummy
 57859 | Tomb:2   | Noticed a royal mummy
 57859 | Tomb:2   | Noticed a royal mummy
 57860 | Tomb:2   | Killed by divine providence
                  | ... invoked by a royal mummy
                  | (13 damage)
 57860 | Tomb:2   | Noticed a royal mummy
 57862 | Tomb:2   | Reached skill level 1 in Spellcasting
 57864 | Tomb:2   | Mangled by a caustic shrike simulacrum (22 damage)
 57865 | Tomb:2   | HP: 8/234 [royal mummy (13)]
 57865 | Tomb:2   | Slain by an emperor scorpion (13 damage)
                  | ... summoned by a royal mummy
 57868 | Tomb:2   | Killed by divine providence
                  | ... invoked by a royal mummy
                  | (10 damage)
 57869 | Tomb:2   | Killed a royal mummy
 57871 | Tomb:2   | HP: 8/238 [royal mummy/divine providence (13)]
 57872 | Tomb:2   | Slain by a death scarab (9 damage)
                  | ... summoned by a royal mummy
 57874 | Tomb:2   | Killed a royal mummy
 57876 | Tomb:2   | HP: 11/243 [??? (9)]
 57877 | Tomb:2   | Succumbed to an ushabti's dark miasma
 57878 | Tomb:2   | Killed a royal mummy
 57880 | Tomb:2   | Succumbed to poison (dark miasma)
 57881 | Tomb:2   | Killed a royal mummy
 57883 | Tomb:2   | Reached skill level 5 in Hexes
 57886 | Tomb:2   | HP: 8/249 [poisoned by a red devil]
 57887 | Tomb:2   | Succumbed to a red devil's poison
 58468 | Tomb:1   | Noticed a royal mummy
 58468 | Tomb:1   | Noticed a royal mummy
 58468 | Tomb:1   | Noticed a royal mummy
 58472 | Tomb:1   | Killed a royal mummy
 58476 | Tomb:1   | Killed a royal mummy
 58476 | Tomb:1   | HP: 8/243 [torment (5)]
 58476 | Tomb:1   | Killed by divine providence
                  | ... invoked by a royal mummy
                  | (12 damage)
 58482 | Tomb:1   | Killed a royal mummy
 58483 | Tomb:1   | Noticed a royal mummy
 58484 | Tomb:1   | Noticed a royal mummy
 58487 | Tomb:1   | HP: 11/249 [freezing wraith[a mummy priest] (4)]
 58487 | Tomb:1   | HP: 1/249 [freezing wraith[a mummy priest] (10)]
 58488 | Tomb:1   | Slain by a death scarab (3 damage)
                  | ... summoned by a royal mummy
 58496 | Tomb:1   | Killed a royal mummy
 58499 | Tomb:1   | Killed a royal mummy
 58502 | Tomb:1   | Noticed a royal mummy
 58503 | Tomb:1   | Noticed a royal mummy
 58504 | Tomb:1   | Noticed a royal mummy
 58504 | Tomb:1   | HP: 3/249 [royal mummy/divine providence (15)]
 58505 | Tomb:1   | Noticed a royal mummy
 58505 | Tomb:1   | Slain by a royal mummy (8 damage)
 58516 | Tomb:1   | HP: 5/249 [death scarab[a royal mummy] (14)]
 58516 | Tomb:1   | HP: 2/249 [death scarab[a royal mummy] (3)]
 58516 | Tomb:1   | Killed by divine providence
                  | ... invoked by a royal mummy
                  | (15 damage)
 58517 | Tomb:1   | Killed a royal mummy
 58519 | Tomb:1   | Killed a royal mummy
 58520 | Tomb:1   | Killed a royal mummy
 58520 | Tomb:1   | Noticed a royal mummy
 58524 | Tomb:1   | HP: 11/249 [royal mummy (19)]
 58525 | Tomb:1   | Noticed a royal mummy
 58526 | Tomb:1   | HP: 2/249 [death scarab[a royal mummy] (6)]
 58526 | Tomb:1   | Killed by divine providence
                  | ... invoked by a royal mummy
                  | (9 damage)
 58527 | Tomb:1   | Killed a royal mummy
 58528 | Tomb:1   | Killed a royal mummy
 58532 | Tomb:1   | Killed a royal mummy
 58532 | Tomb:1   | Noticed a royal mummy
 58533 | Tomb:1   | Noticed a royal mummy
 58535 | Tomb:1   | Noticed a royal mummy
 58537 | Tomb:1   | Noticed a royal mummy
 58540 | Tomb:1   | HP: 6/241 [royal mummy/divine providence (16)]
 58540 | Tomb:1   | Slain by a royal mummy (11 damage)
 58542 | Tomb:1   | Killed a royal mummy
 58544 | Tomb:1   | Killed a royal mummy
 58550 | Tomb:1   | HP: 6/234 [death scarab[a royal mummy] (9)]
 58550 | Tomb:1   | Slain by a death scarab (9 damage)
                  | ... summoned by a royal mummy
 58553 | Tomb:1   | Killed a royal mummy
 58555 | Tomb:1   | HP: 11/240 [royal mummy (3)]
 58555 | Tomb:1   | HP: 4/240 [royal mummy (7)]
 58557 | Tomb:1   | Mangled by an emperor scorpion (14 damage)
                  | ... summoned by a royal mummy
 58561 | Tomb:1   | Killed a royal mummy
 58562 | Tomb:1   | Noticed a royal mummy
 58567 | Tomb:1   | Killed a royal mummy
 58568 | Tomb:1   | Reached skill level 5 in Spellcasting
 58570 | Tomb:1   | Noticed a royal mummy
 58576 | Tomb:1   | HP: 5/248 [emperor scorpion[a royal mummy] (15)]
 58576 | Tomb:1   | Slain by an emperor scorpion (5 damage)
                  | ... summoned by a royal mummy
 58579 | Tomb:1   | Killed a royal mummy
 58609 | Tomb:1   | Noticed a royal mummy
 58617 | Tomb:1   | Killed a royal mummy
 58618 | Tomb:1   | Reached skill level 10 in Hexes
 58618 | Tomb:1   | Reached XP level 25. HP: 28/257 MP: 30/30
 59060 | Tomb:2   | HP: 7/257 [poison (dark miasma)]
 59061 | Tomb:2   | Engulfed by an ushabti's foul pestilence (18 damage)
 59064 | Tomb:2   | HP: 2/257 [something (5)]
 59065 | Tomb:2   | Succumbed to an ushabti's dark miasma
 59370 | Tomb:3   | Entered Level 3 of the Tomb of the Ancients
 59382 | Tomb:3   | HP: 6/247 [bennu (9)]
 59383 | Tomb:3   | Killed by an exploding bennu (18 damage)
                  | ... ignited by themself
 59396 | Tomb:3   | HP: 5/220 [smoke demon/divine providence[a mummy priest]
                  | (11)]
 59397 | Tomb:3   | Killed by an exploding bennu (36 damage)
                  | ... ignited by themself
 59399 | Tomb:3   | Noticed a royal mummy
 59399 | Tomb:3   | Noticed a royal mummy
 59403 | Tomb:3   | HP: 6/202 [bennu (9)]
 59403 | Tomb:3   | Slain by a bennu (10 damage)
 59408 | Tomb:3   | HP: 8/168 [ancient champion/+0 great sword of draining (1)]
 59408 | Tomb:3   | HP: 2/165 [something (2)]
 59409 | Tomb:3   | Killed by divine providence
                  | ... invoked by a royal mummy
                  | (8 damage)
 59413 | Tomb:3   | Noticed a royal mummy
 59415 | Tomb:3   | Slain by a bennu (14 damage)
 59419 | Tomb:3   | Noticed a royal mummy
 59420 | Tomb:3   | HP: 6/181 [bennu (14)]
 59420 | Tomb:3   | Slain by a bennu (9 damage)
 59422 | Tomb:3   | Killed by divine providence
                  | ... invoked by a royal mummy
                  | (12 damage)
 59423 | Tomb:3   | Noticed a royal mummy
 59424 | Tomb:3   | Mangled by an ancient champion
                  | ... wielding a +1 battleaxe of draining
                  | (18 damage)
 59426 | Tomb:3   | Slain by a death scarab (13 damage)
                  | ... summoned by a royal mummy
 59429 | Tomb:3   | HP: 1/148 [ancient champion/iron shot (40)]
 59429 | Tomb:3   | Slain by an ancient champion
                  | ... wielding a +1 battleaxe of draining
                  | (1 damage)
 59432 | Tomb:3   | Killed from afar by an ancient champion (14 damage)
                  | ... with an iron shot
 59436 | Tomb:3   | HP: 5/152 [??? (3)]
 59436 | Tomb:3   | HP: 1/152 [emperor scorpion[a royal mummy] (4)]
 59436 | Tomb:3   | Mangled by a skeletal warrior
                  | ... wielding a +0 glaive
                  | (7 damage)
 59438 | Tomb:3   | Killed by divine providence
                  | ... invoked by a mummy priest
                  | (12 damage)
 59441 | Tomb:3   | HP: 8/167 [ancient champion/+1 battleaxe of flaming (17)]
 59441 | Tomb:3   | Killed by divine providence
                  | ... invoked by a royal mummy
                  | (9 damage)
 59443 | Tomb:3   | Noticed a royal mummy
 59444 | Tomb:3   | HP: 1/176 [ancient champion/+1 battleaxe of flaming (6)]
 59445 | Tomb:3   | Engulfed by an ushabti's foul pestilence (11 damage)
 59448 | Tomb:3   | Succumbed to an ushabti's dark miasma
 59450 | Tomb:3   | HP: 8/187 [death scarab[a royal mummy] (11)]
 59450 | Tomb:3   | Noticed a royal mummy
 59450 | Tomb:3   | Killed by divine providence
                  | ... invoked by a royal mummy
                  | (15 damage)
 59455 | Tomb:3   | HP: 9/187 [skeletal warrior/+0 glaive (21)]
 59455 | Tomb:3   | HP: 4/187 [spriggan defender skeleton (5)]
 59455 | Tomb:3   | Killed by divine providence
                  | ... invoked by a mummy priest
                  | (15 damage)
 59457 | Tomb:3   | Killed a royal mummy
 59460 | Tomb:3   | HP: 4/198 [something (1)]
 59460 | Tomb:3   | Succumbed to poison (dark miasma)
 59464 | Tomb:3   | Mangled by a death scarab (16 damage)
                  | ... summoned by a royal mummy
 59467 | Tomb:3   | HP: 4/204 [royal mummy/divine providence (11)]
 59468 | Tomb:3   | Succumbed to poison (dark miasma)
 59469 | Tomb:3   | Mangled by a skeletal warrior
                  | ... wielding a +0 glaive
                  | (17 damage)
 59473 | Tomb:3   | Succumbed to an emperor scorpion's poison
 59474 | Tomb:3   | HP: 5/207 [royal mummy/divine providence (16)]
 59475 | Tomb:3   | Succumbed to an emperor scorpion's poison
 59475 | Tomb:3   | Noticed a royal mummy
 59476 | Tomb:3   | Succumbed to an emperor scorpion's poison
 59479 | Tomb:3   | Succumbed to an emperor scorpion's poison
 59482 | Tomb:3   | HP: 1/212 [royal mummy/divine providence (12)]
 59482 | Tomb:3   | Mangled by a skeletal warrior
                  | ... wielding a +0 glaive
                  | (10 damage)
 59483 | Tomb:3   | Killed a royal mummy
 59484 | Tomb:3   | Killed a royal mummy
 59487 | Tomb:3   | Killed a royal mummy
 59487 | Tomb:3   | HP: 8/232 [poisoned by an emperor scorpion]
 59487 | Tomb:3   | HP: 3/232 [emperor scorpion[a royal mummy] (2)]
 59487 | Tomb:3   | Slain by an emperor scorpion (5 damage)
                  | ... summoned by a royal mummy
 59492 | Tomb:3   | Slain by a death scarab (17 damage)
                  | ... summoned by a royal mummy
 59492 | Tomb:3   | Noticed a royal mummy
 59494 | Tomb:3   | HP: 3/238 [skeletal warrior/+0 war axe (10)]
 59494 | Tomb:3   | Killed by divine providence
                  | ... invoked by a mummy priest
                  | (13 damage)
 59497 | Tomb:3   | Succumbed to an ushabti's dark miasma
 59499 | Tomb:3   | Succumbed to an ushabti's dark miasma
 59502 | Tomb:3   | Killed a royal mummy
 59504 | Tomb:3   | Killed a royal mummy
 59508 | Tomb:3   | HP: 7/250 [mummy priest/divine providence (15)]
 59509 | Tomb:3   | Killed by a mummy priest's death curse (15 damage)
 59510 | Tomb:3   | Killed a royal mummy
 59513 | Tomb:3   | Engulfed by a cloud of foul pestilence (5 damage)
 59518 | Tomb:3   | HP: 8/255 [poison (dark miasma)]
 59518 | Tomb:3   | HP: 3/255 [death scarab[a royal mummy] (5)]
 59518 | Tomb:3   | Killed by divine providence
                  | ... invoked by a smoke demon
                  | ... summoned by a mummy priest
                  | (10 damage)
 59522 | Tomb:3   | Succumbed to an emperor scorpion's poison
 59526 | Tomb:3   | Killed a royal mummy
 59526 | Tomb:3   | HP: 3/248 [something (26)]
 59526 | Tomb:3   | Succumbed to an emperor scorpion's poison
 59532 | Tomb:3   | Killed a royal mummy
 59532 | Tomb:3   | HP: 3/255 [skeletal warrior/+0 glaive (11)]
 59532 | Tomb:3   | Killed by divine providence
                  | ... invoked by a mummy priest
                  | (10 damage)
 59642 | Tomb:3   | Identified the +11 lajatang of Plunder {venom, rF+ Int-5
                  | Dex+4 Stlth+}
 59888 | Tomb:3   | Got a golden rune of Zot
 59976 | Tomb:3   | Got the Handbook of Breezy Anathema
 59980 | Tomb:3   | Identified the ring of the Demon Prince {MP+9 SInv}
 59989 | Tomb:3   | Identified the +7 glaive of Hatred {protect, Drain rC++
                  | Will+}
 60000 | Tomb:3   | Identified the staff of conjuration "Vuqyoxa" {rF++ Str-2}
 60007 | Tomb:3   | Identified the staff of poison "Jexad" {rPois Dex+2}
 60087 | Tomb:3   | Identified the +5 lajatang of the Traitor {flame, rN+ rCorr
                  | Int-5}
 60139 | Tomb:3   | Learned a level 9 spell: Chain Lightning
 60845 | Shoals:1 | Entered Level 1 of the Shoals
 62196 | Shoals:2 | Identified the +8 sling of Disarray {flame, rF+ Str-5
                  | Int+6}
 62939 | Shoals:2 | Found Godid Vauff's Distillery.
 63681 | Shoals:3 | HP: 12/257 [merfolk/+0 spear[a merfolk impaler] (1)]
 63681 | Shoals:3 | HP: 2/257 [merfolk impaler/+2 trident of protection (8)]
 63681 | Shoals:3 | Slain by a merfolk
                  | ... wielding a +0 spear
                  | ... led by a merfolk impaler
                  | (5 damage)
 63707 | Shoals:3 | Reached XP level 26. HP: 178/266 MP: 35/35
 63983 | Shoals:3 | Reached skill level 15 in Hexes
 64914 | Shoals:4 | Entered Level 4 of the Shoals
 65356 | Shoals:4 | Got a barnacled rune of Zot
 65970 | Shoals:4 | Noticed Polyphemus
 65976 | Abyss:4  | Cast into level 4 of the Abyss (merfolk javelineer)
 66086 | Shoals:4 | Escaped the Abyss
 66092 | Shoals:4 | Killed Polyphemus
 66966 | Slime:1  | Entered Level 1 of the Pits of Slime
 67175 | Slime:1  | Gained mutation: Your body often deteriorates upon taking
                  | damage. [a shining eye]
 67176 | Slime:1  | Gained mutation: Your magical capacity is low. (-10% MP) [a
                  | shining eye]
 67533 | Slime:2  | Gained mutation: You are dopey. (Int -2) [a shining eye]
 67535 | Slime:2  | Gained mutation: You are clumsy. (Dex -2) [a shining eye]
 67539 | Slime:2  | Gained mutation: You occasionally lose the ability to read
                  | scrolls when taking damage. [a shining eye]
 67541 | Slime:2  | Gained mutation: Your spells are a little easier to cast,
                  | but a little less powerful. [a shining eye]
 69198 | Slime:5  | Entered Level 5 of the Pits of Slime
 69253 | Slime:5  | Noticed the Royal Jelly
 69261 | Slime:5  | HP: 12/266 [rockslime[the Royal Jelly] (12)]
 69262 | Slime:5  | HP: 4/266 [rockslime[the Royal Jelly] (7)]
 69262 | Slime:5  | Mangled by a rockslime (12 damage)
                  | ... created by the Royal Jelly
 69270 | Slime:5  | Lost mutation: You possess an exceptional clarity of mind.
                  | [a shining eye]
 69271 | Slime:5  | Reached skill level 10 in Spellcasting
 69273 | Slime:5  | Mangled by a rockslime (25 damage)
                  | ... created by the Royal Jelly
 69278 | Slime:5  | Killed the Royal Jelly
 69278 | Slime:5  | HP: 6/266 [acid blob (31)]
 69278 | Slime:5  | HP: 2/266 [acid (4)]
 69278 | Slime:5  | Demolished by an acid blob (20 damage)
                  | ... created by the Royal Jelly
 69280 | Slime:5  | Slain by an azure jelly (7 damage)
 69282 | Slime:5  | Annihilated by an acid blob (36 damage)
                  | ... created by the Royal Jelly
 69284 | Slime:5  | HP: 3/266 [rockslime[the Royal Jelly] (36)]
 69285 | Slime:5  | Killed from afar by an acid blob (8 damage)
                  | ... with a splash of acid
                  | ... created by the Royal Jelly
 69297 | Slime:5  | HP: 8/266 [azure jelly (7)]
 69298 | Slime:5  | Mangled by an azure jelly (12 damage)
                  | ... created by the Royal Jelly
 69999 | Slime:5  | Identified a scroll of acquirement
 70067 | Slime:5  | Got a slimy rune of Zot
 70097 | Slime:5  | Identified the +6 mace of Guilt {elec, rCorr}
 70165 | Slime:5  | Identified the +1 glaive "Nugackaph" {flame, Fly Will+}
 70709 | D:14     | Found a snail-covered altar of Cheibriados.
 70730 | D:14     | Found a glowing silver altar of Zin.
 70817 | D:14     | Reached XP level 27. HP: 268/273 MP: 33/33
 70984 | D:13     | Acquired the +1 helmet of Pandemonium {rF+ rN++}
 71005 | D:13     | Lost mutation: You are clumsy. (Dex -2) [potion of
                  | mutation]
 71005 | D:13     | Lost mutation: Your body often deteriorates upon taking
                  | damage. [potion of mutation]
 71005 | D:13     | Lost mutation: You passively map a small area around you.
                  | [potion of mutation]
 71005 | D:13     | Gained mutation: You possess an exceptional clarity of
                  | mind. [potion of mutation]
 71006 | D:13     | Lost mutation: You occasionally lose the ability to read
                  | scrolls when taking damage. [potion of mutation]
 71006 | D:13     | Lost mutation: You are partially covered in iridescent
                  | scales. (AC +2) [potion of mutation]
 71006 | D:13     | Lost mutation: Your magical capacity is low. (-10% MP)
                  | [potion of mutation]
 71006 | D:13     | Gained mutation: You are somewhat resistant to further
                  | mutation. [potion of mutation]
 71007 | D:13     | Lost mutation: You possess an exceptional clarity of mind.
                  | [potion of mutation]
 71007 | D:13     | Lost mutation: You are somewhat resistant to further
                  | mutation. [potion of mutation]
 71007 | D:13     | Lost mutation: Your body sometimes deteriorates upon taking
                  | damage. [potion of mutation]
 71007 | D:13     | Gained mutation: You have a pair of small horns on your
                  | head. [potion of mutation]
 71007 | D:13     | Gained mutation: You possess an exceptional clarity of
                  | mind. [potion of mutation]
 71008 | D:13     | Lost mutation: Your flesh is cold resistant. (rC+) [potion
                  | of mutation]
 71008 | D:13     | Lost mutation: Your spells are a little easier to cast, but
                  | a little less powerful. [potion of mutation]
 71008 | D:13     | Gained mutation: You are frail. (-10% HP) [potion of
                  | mutation]
 71008 | D:13     | Gained mutation: You are agile. (Dex +4, Str/Int -1)
                  | [potion of mutation]
 71008 | D:13     | Gained mutation: You expend magic power (3 MP) to
                  | strengthen your wands. [potion of mutation]
 71009 | D:13     | Lost mutation: You are dopey. (Int -2) [potion of mutation]
 71009 | D:13     | Lost mutation: Your flesh is heat resistant. (rF+) [potion
                  | of mutation]
 71009 | D:13     | Lost mutation: You expend magic power (3 MP) to strengthen
                  | your wands. [potion of mutation]
 71009 | D:13     | Gained mutation: Your flesh is heat resistant. (rF+)
                  | [potion of mutation]
 71009 | D:13     | Gained mutation: You expend magic power (3 MP) to
                  | strengthen your wands. [potion of mutation]
 71010 | D:13     | Lost mutation: You are agile. (Dex +4, Str/Int -1) [potion
                  | of mutation]
 71010 | D:13     | Lost mutation: You possess an exceptional clarity of mind.
                  | [potion of mutation]
 71010 | D:13     | Lost mutation: You have a pair of small horns on your head.
                  | [potion of mutation]
 71010 | D:13     | Gained mutation: Your muscles are strong. (Str +4, Int/Dex
                  | -1) [potion of mutation]
 71334 | D:15     | Entered Level 15 of the Dungeon
 71827 | D:15     | Found a staircase to the Depths.
 72025 | D:15     | Gained mutation: You are very frail. (-20% HP) [a neqoxec]
 72216 | Depths:1 | Entered Level 1 of the Depths
 72919 | Depths:1 | Identified the ring of Ixtud {rElec rPois Str+3 Int+6
                  | Slay+5}
 73006 | Depths:1 | Got Adaidauh's Precepts of Filthy Ouranomancy
 73078 | Depths:1 | Identified the +5 leather armour of the Planets {Rampage
                  | rPois Str+7 Int-3}
 73183 | Depths:1 | Noticed Mara
 73190 | Depths:1 | Noticed hwolsky's illusion
 73199 | Depths:1 | Killed Mara
 73211 | Depths:1 | Found a gateway to Hell.
 73528 | Depths:1 | Found the +3 robe of Clouds {*Thunder rCloud rElec}
 73546 | Depths:1 | Identified the staff of fire "Ycameth" {rElec rF+ rC- rN+
                  | Will++}
 73607 | Depths:1 | Identified the +1 spear of the Dead {antimagic, rElec rF++
                  | Str+2}
 73608 | Depths:1 | Identified the ring "Qeerueg" {rF+ rCorr}
 74404 | Hell     | Entered the Vestibule of Hell
 74404 | Hell     | Noticed Geryon
 74419 | Hell     | Demolished by a reaper
                  | ... wielding a +2 heavy scythe
                  | (30 damage)
 74425 | Hell     | HP: 1/215 [searing wretch (13)]
 74425 | Hell     | Mangled by a searing wretch (8 damage)
 74427 | Hell     | Reached skill level 1 in Conjurations
 74432 | Hell     | HP: 10/218 [reaper/+3 heavy scythe (26)]
 74432 | Hell     | HP: 2/217 [doom hound (6)]
 74433 | Hell     | Slain by a searing wretch (2 damage)
 74443 | Hell     | Slain by a reaper
                  | ... wielding a +0 vampiric scythe
                  | (17 damage)
 74462 | Hell     | HP: 10/218 [Geryon (7)]
 74462 | Hell     | Slain by a hell beast (10 damage)
                  | ... summoned by Geryon
 74476 | Hell     | Killed Geryon
 74609 | Hell     | Found a gateway to the ashen valley of Gehenna.
 74700 | Hell     | Found a gateway to the decaying netherworld of Tartarus.
 74762 | Hell     | Found a gateway to the Iron City of Dis.
 74810 | Hell     | Found a gateway to the freezing wastes of Cocytus.
 74984 | Tar:1    | Entered Level 1 of Tartarus
 75011 | Tar:1    | HP: 10/201 [bone dragon[a doom hound] (6)]
 75012 | Tar:1    | Slain by a bone dragon (11 damage)
                  | ... called by a doom hound
 75751 | Tar:2    | Reached skill level 5 in Conjurations
 75751 | Tar:2    | HP: 3/218 [bone dragon[a doom hound] (8)]
 75751 | Tar:2    | HP: 1/218 [bone dragon[a doom hound] (2)]
 75756 | Tar:2    | HP: 1/218 [poisoned by a reaper]
 76384 | Tar:3    | HP: 4/218 [bone dragon[a doom hound] (11)]
 77409 | Tar:4    | HP: 2/218 [profane servitor/+3 whip (16)]
 77409 | Tar:4    | Slain by a profane servitor
                  | ... wielding a +3 whip
                  | (6 damage)
 77416 | Tar:4    | Reached skill level 15 in Air Magic
 77419 | Tar:4    | HP: 4/218 [Tzitzimitl (10)]
 77420 | Tar:4    | Engulfed by a cloud of foul pestilence (9 damage)
 77429 | Tar:4    | Succumbed to a reaper's poison
 78501 | Tar:5    | Noticed a royal mummy
 78514 | Tar:5    | Killed a royal mummy
 78515 | Tar:5    | HP: 10/217 [??? (5)]
 78517 | Tar:5    | Slain by a caustic shrike simulacrum (14 damage)
                  | ... summoned by a mummy priest
 79840 | Tar:7    | Entered Level 7 of Tartarus
 79898 | Tar:7    | HP: 8/218 [tainted leviathan (8)]
 79899 | Tar:7    | Succumbed to a tainted leviathan's dark miasma
 79939 | Tar:7    | HP: 9/218 [??? (4)]
 79941 | Tar:7    | HP: 3/218 [something (2)]
 79941 | Tar:7    | Succumbed to poison (dark miasma)
 79948 | Tar:7    | Noticed a dread lich
 79948 | Tar:7    | Noticed a dread lich
 79956 | Tar:7    | Killed a dread lich
 79972 | Tar:7    | Killed a dread lich
 79985 | Tar:7    | HP: 10/218 [doom hound (4)]
 80328 | Tar:7    | Noticed Ereshkigal
 80331 | Tar:7    | Paralysed by Ereshkigal for 3 turns
 80344 | Tar:7    | HP: 4/215 [Ereshkigal/bolt of cold (23)]
 80345 | Tar:7    | Mangled by Ereshkigal (9 damage)
 80353 | Tar:7    | HP: 7/216 [tainted leviathan] (6)]
 80353 | Tar:7    | Slain by a reaper
                  | ... wielding a +2 heavy scythe
                  | ... called by a doom hound
                  | (8 damage)
 80355 | Tar:7    | Killed Ereshkigal
 80360 | Tar:7    | HP: 4/218 [bone dragon (15)]
 80360 | Tar:7    | HP: 1/218 [reaper/+2 heavy scythe[a doom hound] (3)]
 80360 | Tar:7    | Slain by a bone dragon (5 damage)
                  | ... called by a doom hound
 80378 | Tar:7    | HP: 7/218 [doom hound (5)]
 80379 | Tar:7    | Mangled by a doom hound (13 damage)
 80394 | Tar:7    | HP: 7/218 [bone dragon (15)]
 80394 | Tar:7    | Slain by a bone dragon (11 damage)
 80395 | Tar:7    | Noticed an ancient lich
 80398 | Tar:7    | Noticed a dread lich
 80399 | Tar:7    | Reached skill level 10 in Conjurations
 80402 | Tar:7    | HP: 3/214 [ancient lich/crystal spear (52)]
 80402 | Tar:7    | Demolished by a tainted leviathan (21 damage)
 80407 | Tar:7    | Killed an ancient lich
 80411 | Tar:7    | Slain by a doom hound (23 damage)
 80416 | Tar:7    | Paralysed by something for 3 turns
 80416 | Tar:7    | HP: 1/218 [reaper/+2 scythe of venom[a doom hound] (12)]
 80416 | Tar:7    | Slain by a tainted leviathan (5 damage)
                  | ... while paralysed by a dread lich
 80421 | Tar:7    | HP: 10/218 [poison (dark miasma)]
 80422 | Tar:7    | Killed a dread lich
 80422 | Tar:7    | HP: 3/218 [poison (dark miasma)]
 80423 | Tar:7    | Succumbed to poison (dark miasma)
 80763 | Tar:7    | Got a bone rune of Zot
 80849 | Tar:7    | Identified the +3 great sword of the Little People {venom,
                  | rCorr Dex+7}
 81420 | Tar:7    | Got Laafuomi's Grimoire of the Grave
 81471 | Tar:7    | Identified the amulet "Liqipt" {Faith Harm *Corrode Regen+}
 81481 | Tar:7    | Identified the staff of earth "Vuujio" {Will+ Str+8 Dex-2}
 81823 | Tar:7    | Learned a level 5 spell: Arcjolt
 81832 | Tar:7    | Learned a level 8 spell: Maxwell's Capacitive Coupling
 82019 | Dis:1    | Entered Level 1 of the Iron City of Dis
 82062 | Dis:1    | HP: 8/218 [quicksilver elemental/bolt of dispelling energy
                  | (26)]
 82064 | Dis:1    | Mangled by a quicksilver elemental (15 damage)
 82371 | Dis:2    | Killed from afar by an ancient champion (23 damage)
                  | ... with an iron shot
 82392 | Dis:2    | Slain by a crystal guardian (17 damage)
 82841 | Dis:3    | Noticed a dread lich
 82844 | Dis:3    | HP: 3/185 [caustic shrike (8)]
 82844 | Dis:3    | Splashed by a caustic shrike's acid (10 damage)
 82851 | Dis:3    | HP: 7/192 [caustic shrike (8)]
 82851 | Dis:3    | HP: 1/192 [acid (6)]
 82851 | Dis:3    | Mangled by a Hell Sentinel (14 damage)
 82852 | Dis:3    | Killed a dread lich
 83230 | Dis:4    | Slain by an iron golem (18 damage)
 83323 | Dis:4    | Mangled by a caustic shrike (22 damage)
 83331 | Dis:4    | HP: 6/218 [acid (10)]
 83332 | Dis:4    | Mangled by a caustic shrike (12 damage)
 84979 | Dis:6    | HP: 7/218 [iron golem[an iron giant] (19)]
 84979 | Dis:6    | Demolished by an iron golem (23 damage)
                  | ... led by an iron giant
 85906 | Dis:7    | Entered Level 7 of the Iron City of Dis
 86179 | Dis:7    | Killed from afar by a quicksilver elemental (41 damage)
                  | ... with a bolt of dispelling energy
 86394 | Dis:7    | HP: 7/217 [war gargoyle/+1 flail of draining (8)]
 86413 | Dis:7    | Killed from afar by a Hell Sentinel (34 damage)
                  | ... with damnation
 86423 | Dis:7    | Reached skill level 15 in Spellcasting
 86461 | Dis:7    | HP: 4/218 [Hell Sentinel/damnation (40)]
 86461 | Dis:7    | HP: 1/218 [Hell Sentinel (3)]
 86462 | Dis:7    | Killed from afar by a Hell Sentinel (53 damage)
                  | ... with an iron shot
 87193 | Dis:7    | HP: 10/218 [Hell Sentinel (8)]
 87195 | Dis:7    | Killed from afar by a Hell Sentinel (19 damage)
                  | ... with damnation
 87721 | Dis:7    | Noticed Dispater
 87725 | Dis:7    | Killed Dispater
 87792 | Dis:7    | Got an iron rune of Zot
 87826 | Dis:7    | Found the +6 Majin-Bo {spellvamp, MP+6 Int+6}
 87893 | Dis:7    | Got Xutuseab's Discursus on the Rank Figure
 88048 | Dis:7    | HP: 8/218 [acid (9)]
 88050 | Dis:7    | Killed from afar by a crystal echidna (13 damage)
                  | ... with a crystal bolt
 88221 | Dis:7    | Identified the staff of conjuration "Ygrei" {rF+ rC++
                  | Str+3}
 88937 | Dis:7    | Identified the ring "Tyotor" {Ice Will++ Dex-3}
 90830 | Coc:1    | Entered Level 1 of Cocytus
 90850 | Coc:1    | HP: 9/218 [wendigo/seracfall (4)]
 90851 | Coc:1    | Annihilated by a shard shrike simulacrum (39 damage)
 90855 | Coc:1    | Paralysed by a wendigo for 1 turns
 90868 | Coc:1    | Killed from afar by a wendigo (53 damage)
                  | ... with a seracfall
 90875 | Coc:1    | Paralysed by a wendigo for 1 turns
 90878 | Coc:1    | Paralysed by a wendigo for 1 turns
 91385 | Coc:2    | HP: 7/218 [nargun (38)]
 91391 | Coc:2    | HP: 7/218 [shard shrike simulacrum (3)]
 91391 | Coc:2    | Annihilated by a shard shrike simulacrum (59 damage)
 91675 | Coc:3    | Paralysed by a wendigo for 1 turns
 91685 | Coc:3    | Killed from afar by an elemental wellspring (38 damage)
                  | ... with a torrent of water
 91698 | Coc:3    | HP: 5/218 [elemental wellspring/torrent of water (24)]
 91699 | Coc:3    | Drowned by a water elemental (5 damage)
                  | ... summoned by an elemental wellspring
 91714 | Coc:3    | HP: 3/218 [frost giant/bolt of cold (37)]
 91714 | Coc:3    | HP: 1/218 [rock wall collision (2)]
 91715 | Coc:3    | Engulfed by a cloud of freezing vapour (6 damage)
 92333 | Coc:4    | HP: 7/218 [hellion/damnation (22)]
 92340 | Coc:4    | HP: 10/218 [??? (4)]
 92342 | Coc:4    | Killed from afar by a shard shrike (32 damage)
                  | ... with a shard of ice
 92352 | Coc:4    | HP: 4/218 [Ice Fiend/bolt of cold (16)]
 92374 | Coc:4    | Mangled by an anaconda simulacrum (20 damage)
 92445 | Coc:4    | Paralysed by a wendigo for 1 turns
 92560 | Coc:5    | Engulfed by an Ice Fiend's freezing vapour (32 damage)
 92564 | Coc:5    | HP: 4/218 [nargun (15)]
 92564 | Coc:5    | Annihilated by a nargun (34 damage)
 93158 | Coc:6    | Annihilated by an Ice Fiend (40 damage)
 93167 | Coc:6    | Reached skill level 15 in Conjurations
 93701 | Coc:7    | Entered Level 7 of Cocytus
 93711 | Coc:7    | Mangled by a wendigo (27 damage)
 93725 | Coc:7    | HP: 4/218 [Ice Fiend (16)]
 93725 | Coc:7    | Demolished by an Ice Fiend (21 damage)
                  | ... while petrified by a nargun
 93794 | Coc:7    | HP: 10/218 [??? (5)]
 93795 | Coc:7    | Killed from afar by a shard shrike (38 damage)
                  | ... with a shard of ice
 93905 | Coc:7    | HP: 8/218 [shard shrike (60)]
 93906 | Coc:7    | Slain by a shard shrike (9 damage)
 94806 | Coc:7    | Paralysed by a wendigo for 1 turns
 94809 | Coc:7    | Paralysed by a wendigo for 1 turns
 94809 | Coc:7    | Killed by the air
                  | ... invoked by a titan
                  | (35 damage)
                  | ... while paralysed by a wendigo
 94814 | Coc:7    | Paralysed by a wendigo for 1 turns
 94818 | Coc:7    | Paralysed by a wendigo for 1 turns
 94876 | Coc:7    | Killed from afar by an elemental wellspring (35 damage)
                  | ... with a torrent of water
 95236 | Coc:7    | HP: 7/218 [Ice Fiend (25)]
 95236 | Coc:7    | HP: 1/218 [Ice Fiend (6)]
 95236 | Coc:7    | Annihilated by an Ice Fiend (51 damage)
 95688 | Coc:7    | Gained mutation: You are dopey. (Int -2) [mutagenic glow]
 95934 | Coc:7    | HP: 2/218 [Ice Fiend/bolt of cold (44)]
 96437 | Coc:7    | HP: 10/218 [nargun (2)]
 96437 | Coc:7    | Annihilated by a nargun (43 damage)
 96687 | Coc:7    | Paralysed by a wendigo for 1 turns
 96702 | Coc:7    | Paralysed by a wendigo for 1 turns
 96930 | Coc:7    | Mangled by a wendigo (39 damage)
 97130 | Coc:7    | Noticed Antaeus
 97138 | Coc:7    | Killed Antaeus
 97529 | Coc:7    | Identified the +3 hand axe "Abbozif" {freeze, rC+ rCorr
                  | Str+2}
 97616 | Coc:7    | Got an icy rune of Zot
 97657 | Coc:7    | Identified the +2 cloak "Xuis" {Will+ Int+2 Dex-5}
 98295 | D:1      | Lost mutation: You expend magic power (3 MP) to strengthen
                  | your wands. [potion of mutation]
 98295 | D:1      | Lost mutation: Your flesh is heat resistant. (rF+) [potion
                  | of mutation]
 98295 | D:1      | Lost mutation: Your muscles are strong. (Str +4, Int/Dex
                  | -1) [potion of mutation]
 98295 | D:1      | Gained mutation: You have sharp toenails. [potion of
                  | mutation]
 98296 | D:1      | Lost mutation: You have sharp toenails. [potion of
                  | mutation]
 98296 | D:1      | Lost mutation: You are very frail. (-20% HP) [potion of
                  | mutation]
 98296 | D:1      | Gained mutation: You occasionally lose the ability to read
                  | scrolls when taking damage. [potion of mutation]
 98530 | Snake:2  | Bought a potion of mutation for 120 gold pieces
 98531 | Snake:2  | Lost mutation: You are dopey. (Int -2) [potion of mutation]
 98531 | Snake:2  | Lost mutation: Armour fits poorly on your strangely shaped
                  | body. [potion of mutation]
 98905 | Vaults:3 | Bought a book of Weapons for 504 gold pieces
 98962 | Vaults:4 | Bought the Omnibus of the Sun and Distance for 432 gold
                  | pieces
 98962 | Vaults:4 | Bought a book of Spectacle for 480 gold pieces
 98962 | Vaults:4 | Bought a book of Hexes for 432 gold pieces
 98962 | Vaults:4 | Bought the Unrestrained Analects for 552 gold pieces
 98962 | Vaults:4 | Bought a book of the Spheres for 648 gold pieces
 99560 | Vaults:4 | Bought a book of Minor Magic for 360 gold pieces
 99560 | Vaults:4 | Bought a book of the Warp for 840 gold pieces
 99568 | Vaults:4 | Learned a level 6 spell: Conjure Ball Lightning
 99914 | Geh:1    | Entered Level 1 of Gehenna
 99960 | Geh:1    | HP: 3/245 [balrug/+0 demon whip (13)]
 99960 | Geh:1    | Slain by a balrug
                  | ... wielding a +0 demon whip
                  | (7 damage)
101160 | Geh:3    | Noticed an ancient lich
101165 | Geh:3    | Killed an ancient lich
101165 | Geh:3    | Noticed a dread lich
101172 | Geh:3    | Noticed a dread lich
101178 | Geh:3    | Noticed an ancient lich
101180 | Geh:3    | Killed a dread lich
101182 | Geh:3    | Killed a dread lich
101183 | Geh:3    | Noticed an ancient lich
101192 | Geh:3    | Killed an ancient lich
101202 | Geh:3    | Killed an ancient lich
101845 | Geh:4    | HP: 5/226 [balrug/fireball (10)]
101846 | Geh:4    | Killed from afar by a balrug (4 damage)
                  | ... with a sticky flame
102900 | Geh:6    | Killed from afar by a fire giant (19 damage)
                  | ... with a fireball
102923 | Geh:6    | HP: 5/234 [hellephant (14)]
102925 | Geh:6    | Killed from afar by a hellephant (25 damage)
                  | ... with a blast of flame
103327 | Geh:7    | Entered Level 7 of Gehenna
103565 | Geh:7    | Noticed the Serpent of Hell
103576 | Geh:7    | HP: 11/232 [the Serpent of Hell (11)]
103577 | Geh:7    | Killed from afar by a quicksilver dragon (30 damage)
                  | ... with a bolt of dispelling energy
                  | ... summoned by the Serpent of Hell
103583 | Geh:7    | HP: 5/239 [the Serpent of Hell (15)]
103583 | Geh:7    | Slain by the Serpent of Hell (9 damage)
103588 | Geh:7    | HP: 11/239 [balrug/divine providence (10)]
103588 | Geh:7    | Killed by divine providence
                  | ... invoked by a balrug
                  | (11 damage)
103592 | Geh:7    | Killed the Serpent of Hell
103595 | Geh:7    | HP: 11/245 [something (28)]
103596 | Geh:7    | HP: 5/245 [arc of chain lightning (6)]
103601 | Geh:7    | Killed from afar by a hellion (15 damage)
                  | ... with damnation
103690 | Geh:7    | HP: 3/245 [Brimstone Fiend/damnation (45)]
103691 | Geh:7    | Killed from afar by a Brimstone Fiend (33 damage)
                  | ... with damnation
104877 | Geh:7    | Found the +13 sceptre of Asmodeus
104877 | Geh:7    | Noticed Asmodeus
104894 | Geh:7    | Killed Asmodeus
105157 | Geh:7    | Got an obsidian rune of Zot
105159 | Geh:7    | Got the Vellum of Last Rites
105161 | Geh:7    | Identified the +11 falchion of the Shifting Gods {flame,
                  | Int+5}
106391 | Depths:2 | Gained mutation: You have hidden genetic potential.
                  | [mutagenic glow]
106408 | Depths:2 | Gained mutation: You are clumsy. (Dex -2) [mutagenic glow]
106438 | Depths:2 | Gained mutation: You are very frail. (-20% HP) [mutagenic
                  | glow]
106449 | Depths:2 | Identified the +9 halberd "Giroc" {heavy, Dex+2}
106449 | Depths:2 | Identified the ring "Judoh" {rN+ Str+3 Dex+6}
106456 | Depths:2 | Noticed a juggernaut
106465 | Depths:2 | Killed a juggernaut
106472 | Depths:2 | HP: 8/204 [deep troll shaman (13)]
106472 | Depths:2 | Slain by a deep troll shaman (8 damage)
106475 | Depths:2 | Identified the amulet "Ikhaicwipe" {Acrobat rC+ Dex+3}
106494 | Depths:2 | Identified the +0 ring mail of Giamaerr {rPois rN+ Will+
                  | Dex-2}
106546 | Depths:2 | Found a one-way gate leading to the halls of Pandemonium.
106604 | Depths:2 | Identified the staff of cold "Nicvaypo" {Fragile rC+ Will+
                  | rCorr Dex+5}
106773 | Depths:2 | Identified the ring of False Pretenses {Ice Fly rElec
                  | Dex+3}
106773 | Depths:2 | Noticed Josephina
106778 | Depths:2 | Killed Josephina
107074 | Depths:2 | Found a one-way gate to the infinite horrors of the Abyss.
108078 | Depths:3 | Slain by a fire giant
                  | ... wielding a +2 great sword of flaming
                  | (18 damage)
108090 | Depths:3 | Got the Compendium of the Several Ultimatums
108213 | Depths:3 | You are sucked into a shaft and drop 1 floor!
108213 | Depths:4 | Entered Level 4 of the Depths
108322 | Depths:4 | Found a white marble altar of Elyvilon.
108495 | Depths:4 | Found a gate to the Realm of Zot.
108499 | Depths:4 | Killed from afar by a red draconian scorcher (22 damage)
                  | ... with damnation
108840 | Depths:3 | Found Lulesu's Weapon Shoppe.
108995 | Depths:3 | Found a shadowy altar of Dithmenos.
109106 | Depths:3 | Found a one-way gateway to a ziggurat.
110766 | D:1      | Acquired the +8 executioner's axe "Xualoiry" {heavy, *Rage
                  | rC+ Str+4}
110821 | D:1      | Gained mutation: You occasionally shout uncontrollably at
                  | your foes. [mutagenic glow]
111200 | Zig:1    | Entered Level 1 of a ziggurat
111201 | Zig:1    | Gained mutation: You frequently scream uncontrollably at
                  | your foes. [a shining eye]
111224 | Zig:2    | Entered Level 2 of a ziggurat
111226 | Zig:2    | Found the sphere of Battle
111288 | Zig:3    | Entered Level 3 of a ziggurat
111302 | Zig:3    | Identified the ring of Foakhiu {rPois rC+ Int+6 Dex+2}
111328 | Zig:4    | Entered Level 4 of a ziggurat
111361 | Zig:4    | HP: 10/218 [Killer Klown/+8 antimagic club[an orange
                  | crystal statue] (13)]
111361 | Zig:4    | Mangled by a purple very ugly thing (16 damage)
111383 | Zig:4    | HP: 10/218 [Killer Klown/klown pie (32)]
111386 | Zig:4    | Mangled by a Killer Klown
                  | ... wielding a +8 antimagic club
                  | ... summoned by an orange crystal statue
                  | (15 damage)
111430 | Zig:4    | Gained mutation: You sometimes lose the ability to read
                  | scrolls when taking damage. [mutagenic glow]
111449 | Zig:4    | Slain by a Killer Klown
                  | ... wielding a +9 club of flaming
                  | (23 damage)
111510 | Zig:4    | Identified the staff of fire "Riceg" {rElec rF+ Str+3}
111654 | Zig:5    | Entered Level 5 of a ziggurat
111690 | Zig:5    | HP: 6/218 [satyr/arrow (7)]
111691 | Zig:5    | Shot with a bolt by a naga sharpshooter (16 damage)
111788 | Zig:6    | Entered Level 6 of a ziggurat
112003 | Zig:7    | Entered Level 7 of a ziggurat
112007 | Zig:7    | Noticed a juggernaut
112013 | Zig:7    | Killed a juggernaut
112037 | Zig:7    | Identified the amulet of Iryntudd {RegenMP Contam Int+4}
112047 | Zig:7    | Identified the staff of fire "Bemayvo" {+Blink rF+ rCorr
                  | MP+9 Stlth+}
112127 | Zig:8    | Entered Level 8 of a ziggurat
112145 | Zig:8    | Gained mutation: You have large cloven feet. [hidden
                  | potential]
112157 | Zig:8    | Got the Codex of the Monkey
112204 | Zig:9    | Entered Level 9 of a ziggurat
112222 | Zig:9    | HP: 6/218 [drowned by a water elemental (5)]
112223 | Zig:9    | HP: 1/218 [drowned by a water elemental (6)]
112223 | Zig:9    | Killed by a malign offering
                  | ... invoked by a deep elf high priest
                  | (6 damage)
112264 | Zig:9    | Identified the +1 leather armour of the Realm of Zot
                  | {rCorr}
112283 | Zig:10   | Entered Level 10 of a ziggurat
112295 | Zig:10   | HP: 8/218 [ushabti] (3)]
112295 | Zig:10   | HP: 3/218 [poisoned by an ushabti (dark miasma)]
112295 | Zig:10   | Killed by divine providence
                  | ... invoked by a mummy priest
                  | (14 damage)
112305 | Zig:10   | Found the ring of the Octopus King
112305 | Zig:10   | Found the +5 robe of Night {Dark Will+ SInv}
112566 | Zig:10   | Identified the +6 battleaxe "Newtbane" {flame, rC+ Str-2
                  | Stlth+}
112576 | Zig:10   | Identified a ring of the Octopus King {rC+ HP+2 AC+2 EV+2
                  | SH+2}
112588 | Zig:10   | Identified the +5 dagger of Light {spect, rN+}
112622 | Zig:10   | Lost mutation: You have large cloven feet. [potion of
                  | mutation]
112622 | Zig:10   | Lost mutation: You are very frail. (-20% HP) [potion of
                  | mutation]
112628 | Zig:11   | Entered Level 11 of a ziggurat
112804 | Zig:11   | Identified the +1 quarterstaff "Haiti" {freeze, rC+ Str-2
                  | Dex+6}
112826 | Zig:12   | Entered Level 12 of a ziggurat
112838 | Zig:12   | Paralysed by accursed screaming for 2 turns
112850 | Zig:12   | Found the +3 pair of seven-league boots {Rampage+∞}
113399 | Zig:12   | Identified the +9 broad axe of Karma {flame, +Blink rC-
                  | Dex+3}
113416 | Zig:13   | Entered Level 13 of a ziggurat
113602 | Zig:13   | Identified the staff of fire "Aseju" {Drain rF+ rC+++
                  | Dex+5}
113605 | Zig:13   | Identified the staff of fire "Ytod" {rF+ Str+4}
113613 | Zig:13   | Got Wir Wew's Monograph on Hail and the Jaunt
113655 | Zig:14   | Entered Level 14 of a ziggurat
113657 | Zig:14   | Upgraded the game from 0.31-a0-7-g51783674b7 to
                  | 0.31-a0-8-gd14b0f4ee2
113666 | Zig:14   | Noticed Odghael the pandemonium lord
113670 | Zig:14   | Reached skill level 27 in Air Magic
113671 | Zig:14   | Killed Odghael the pandemonium lord
114096 | Zig:14   | Lost mutation: You frequently scream uncontrollably at your
                  | foes. [potion of mutation]
114096 | Zig:14   | Lost mutation: You sometimes lose the ability to read
                  | scrolls when taking damage. [potion of mutation]
114096 | Zig:14   | Lost mutation: You are clumsy. (Dex -2) [potion of
                  | mutation]
114096 | Zig:14   | Gained mutation: Armour fits poorly on your strangely
                  | shaped body. [potion of mutation]
114100 | Zig:15   | Entered Level 15 of a ziggurat
114165 | Zig:15   | Identified the ring of Joy {rPois rCorr}
114172 | Zig:15   | Identified the +1 helmet "Qiczat" {Int+3 Dex+3}
114198 | Zig:15   | Identified the +8 hand axe of Causality {flame, Fragile
                  | rN++ rCorr}
114207 | Zig:15   | Got Sif Muna's Catalogue of the Sixfirhy
114210 | Zig:15   | Got Sif Muna's Notes on Underground Ceraunoscopy
114230 | Zig:16   | Entered Level 16 of a ziggurat
114264 | Zig:16   | Got the Incunable of Familiar Obstruction
114266 | Zig:16   | Identified the staff of poison "Bollonn" {rPois Str+3
                  | Int+5}
114314 | Zig:16   | Got the Tome of Fallacy
114323 | Zig:16   | Got Vaeppoq's Spellbook of Numb Power
114355 | Zig:17   | Entered Level 17 of a ziggurat
114372 | Zig:17   | Identified the +6 tower shield of Spite {rN+ SInv}
114375 | Zig:17   | Gained mutation: You are strong-willed. (Will+) [hidden
                  | potential]
114375 | Zig:17   | Lost mutation: You have hidden genetic potential. [hidden
                  | potential expressed]
114413 | Zig:17   | Got the Spellbook of the Inferno and Accomplices
114451 | Zig:17   | Identified the orb of Hulam {*channel, Int+8}
114455 | Zig:17   | Identified the +0 robe of Quantum Leap {Int+3}
114485 | Zig:18   | Entered Level 18 of a ziggurat
114494 | Zig:18   | Noticed a royal mummy
114494 | Zig:18   | Noticed a royal mummy
114495 | Zig:18   | Noticed a royal mummy
114495 | Zig:18   | Noticed a royal mummy
114495 | Zig:18   | Noticed a royal mummy
114498 | Zig:18   | HP: 3/245 [royal mummy/divine providence (11)]
114498 | Zig:18   | Noticed a royal mummy
114498 | Zig:18   | Killed by divine providence
                  | ... invoked by a royal mummy
                  | (12 damage)
114499 | Zig:18   | Noticed a royal mummy
114500 | Zig:18   | Killed a royal mummy
114500 | Zig:18   | Killed a royal mummy
114501 | Zig:18   | Killed a royal mummy
114501 | Zig:18   | Killed a royal mummy
114501 | Zig:18   | Killed a royal mummy
114501 | Zig:18   | Killed by a royal mummy's death curse (23 damage)
114502 | Zig:18   | Killed a royal mummy
114503 | Zig:18   | Killed a royal mummy
114503 | Zig:18   | HP: 10/245 [poison (dark miasma)]
114510 | Zig:18   | Found the +12 pair of quick blades "Gyre" and "Gimble"
                  | {protect}
114872 | Zig:18   | Identified the staff of poison "Xucuox" {rPois Int+2 Dex-2
                  | SInv}
114889 | Zig:18   | Identified the ring "Bimac" {Ice Int+3}
114932 | Zig:19   | Entered Level 19 of a ziggurat
114941 | Zig:19   | Reached skill level 1 in Short Blades
114952 | Zig:19   | Reached skill level 5 in Short Blades
114954 | Zig:19   | Mangled by an angel
                  | ... wielding a +1 sacred scourge of holy wrath
                  | (36 damage)
114975 | Zig:19   | HP: 7/245 [angel/+1 sacred scourge of holy wrath (13)]
114977 | Zig:19   | Slain by an angel
                  | ... wielding a +1 sacred scourge of holy wrath
                  | (6 damage)
115067 | Zig:19   | Identified the +9 flail of Arrival {drain, Dex+3}
115075 | Zig:19   | Identified the +7 bardiche of Sin {pain, Dex+2}
115228 | Zig:19   | Identified the +1 robe "Visynoaw" {Str+2 Int-4 Slay+2 SInv}
115247 | Zig:20   | Entered Level 20 of a ziggurat
115254 | Zig:20   | Paralysed by a wendigo for 1 turns
115256 | Zig:20   | HP: 9/245 [??? (6)]
115258 | Zig:20   | HP: 3/245 [arc of chain lightning (7)]
115260 | Zig:20   | Killed by arc of chain lightning (6 damage)
115300 | Zig:20   | Identified the staff of conjuration "Peebb" {*Slow rF+ rC+
                  | Will+}
115330 | Zig:20   | Identified the +2 sling of Tartarus {freeze, SInv}
115343 | Zig:20   | Identified the +6 long sword of Fuclo {vamp, rCorr Int+3
                  | SInv}
115346 | Zig:20   | Identified the +3 falchion of Paehaheh {holy, Drain rN+
                  | Int+2}
115393 | Zig:21   | Entered Level 21 of a ziggurat
115432 | Zig:21   | HP: 1/245 [golden dragon (12)]
115432 | Zig:21   | Slain by an eleionoma (4 damage)
115444 | Zig:21   | HP: 9/245 [golden dragon (9)]
115445 | Zig:21   | Killed by arc of chain lightning (11 damage)
115741 | Zig:21   | Identified the ring "Zyogget" {Fire Fly Will- Dex+5}
115743 | Zig:21   | Identified the +1 longbow of the Supporting Gods {flame,
                  | Str+3}
115809 | Zig:22   | Entered Level 22 of a ziggurat
115829 | Zig:22   | Gained mutation: You are clumsy. (Dex -2) [a shining eye]
115839 | Zig:22   | Killed from afar by an acid blob (31 damage)
                  | ... with a splash of acid
115847 | Zig:22   | Reached skill level 10 in Short Blades
115847 | Zig:22   | Demolished by an enormous slime creature (58 damage)
115851 | Zig:22   | HP: 10/245 [acid blob (24)]
115851 | Zig:22   | Splashed by an acid blob's acid (11 damage)
115859 | Zig:22   | HP: 12/245 [acid (6)]
115860 | Zig:22   | Mangled by a very large slime creature (20 damage)
115866 | Zig:22   | Annihilated by an enormous slime creature (76 damage)
115919 | Zig:22   | Identified the +7 whip of Egomania {freeze, rCorr SInv
                  | Stlth-}
115932 | Zig:22   | Identified the staff of conjuration "Muisuan" {Will+ Str+2
                  | Int+4}
115941 | Zig:22   | Identified the +3 halberd of Might {flame, rElec}
115944 | Zig:22   | Identified the +3 flail of Extermination {holy, Will+}
115949 | Zig:22   | Identified the staff of earth "Towest" {rN+ Str+4}
116003 | Zig:23   | Entered Level 23 of a ziggurat
116023 | Zig:23   | Noticed an ancient lich
116025 | Zig:23   | HP: 1/215 [profane servitor/+1 whip (14)]
116030 | Zig:23   | Mangled by an eidolon (13 damage)
116033 | Zig:23   | Noticed a dread lich
116043 | Zig:23   | Killed from afar by an ancient lich (72 damage)
                  | ... with a crystal spear
116047 | Zig:23   | Killed from afar by an ancient lich (46 damage)
                  | ... with a crystal spear
116051 | Zig:23   | HP: 5/211 [profane servitor/+1 whip (13)]
116051 | Zig:23   | Slain by a reaper
                  | ... wielding a +0 scythe of venom
                  | (10 damage)
116056 | Zig:23   | Killed from afar by an ancient champion (34 damage)
                  | ... with an iron shot
116058 | Zig:23   | Killed an ancient lich
116062 | Zig:23   | Slain by a lorocyproca (18 damage)
                  | ... summoned by a dread lich
116066 | Zig:23   | Slain by an ancient champion
                  | ... wielding a +0 great sword of flaming
                  | (16 damage)
116075 | Zig:23   | HP: 2/243 [ancient champion/+0 great sword of flaming (16)]
116075 | Zig:23   | Slain by an ancient champion
                  | ... wielding a +0 great sword of flaming
                  | (4 damage)
116087 | Zig:23   | HP: 10/243 [bone dragon (5)]
116087 | Zig:23   | HP: 4/243 [Brimstone Fiend[a dread lich] (6)]
116089 | Zig:23   | HP: 1/243 [ancient champion/+0 great sword of flaming (3)]
116089 | Zig:23   | Slain by an ancient champion
                  | ... wielding a +0 great sword of flaming
                  | (2 damage)
116090 | Zig:23   | Killed a dread lich
116148 | Zig:23   | Identified the +1 flail "Exinuem" {chaos, rF+ rC- Str+4}
116154 | Zig:23   | Identified the staff of poison "Zozaj" {rPois rC++}
116158 | Zig:23   | Identified the +3 sling of Trauma {drain, Fragile rF-
                  | Will+++ Int+4}
116159 | Zig:23   | Identified the +1 robe of the Tanner {rF++ rC- Slay+2}
116166 | Zig:23   | Got the Guide on Rank Conflagration
116167 | Zig:23   | Identified the ring "Wedwinenn" {Contam rC+ Will++ rCorr
                  | Slay+2}
116191 | Zig:23   | Got the Papyrus of Necrotic Jinxing
116259 | Zig:23   | Acquired a book of Debilitation
116263 | Zig:23   | Acquired the ring "Pyapp" {rF- MP+9 Slay+4 SInv Stlth+}
116278 | Zig:24   | Entered Level 24 of a ziggurat
116284 | Zig:24   | Noticed a juggernaut
116285 | Zig:24   | Noticed a juggernaut
116286 | Zig:24   | Noticed a juggernaut
116286 | Zig:24   | Noticed a juggernaut
116287 | Zig:24   | Noticed a juggernaut
116288 | Zig:24   | Noticed a juggernaut
116288 | Zig:24   | Killed a juggernaut
116288 | Zig:24   | Noticed a juggernaut
116289 | Zig:24   | Reached skill level 15 in Short Blades
116289 | Zig:24   | Killed a juggernaut
116290 | Zig:24   | Killed a juggernaut
116290 | Zig:24   | Killed a juggernaut
116291 | Zig:24   | Killed a juggernaut
116291 | Zig:24   | Killed a juggernaut
116291 | Zig:24   | Killed a juggernaut
116293 | Zig:24   | Noticed a juggernaut
116296 | Zig:24   | Killed a juggernaut
116297 | Zig:24   | Noticed a juggernaut
116301 | Zig:24   | HP: 11/245 [juggernaut (20)]
116301 | Zig:24   | Slain by a stone giant (11 damage)
116303 | Zig:24   | Killed a juggernaut
116335 | Zig:24   | Identified the +5 sling of Tenacity {flame, Will+}
116336 | Zig:24   | Identified the ring of Zuabef {rPois MP+9 Slay+3}
116338 | Zig:24   | Identified the +1 hand axe of Diet Blood {chaos, *Noise
                  | rElec Str+2}
116364 | Zig:24   | Identified the staff of fire "Namuleom" {rF+ rC++ rCorr
                  | MP+9 Str-3}
116547 | Zig:25   | Entered Level 25 of a ziggurat
116575 | Zig:25   | HP: 8/245 [alligator snapping turtle (23)]
116575 | Zig:25   | Mangled by a merfolk
                  | ... wielding a +3 trident
                  | ... led by a merfolk impaler
                  | (16 damage)
116584 | Zig:25   | HP: 9/245 [merfolk javelineer/silver javelin (5)]
116585 | Zig:25   | Hit by a boomerang of dispersal thrown by a merfolk (9
                  | damage)
                  | ... led by a merfolk javelineer
116656 | Zig:25   | Identified the staff of earth "Iretyir" {Dex+2 Stlth+}
116663 | Zig:25   | Identified the +8 falchion "Grum" {heavy, rPois rF+ Str-2
                  | Int+3}
116664 | Zig:25   | Identified the +8 great sword "Metihentys" {speed, Fragile
                  | +Blink Will+++ Stlth+}
116669 | Zig:25   | Identified the +4 hand axe of the Modern Queens {elec,
                  | Str+5}
116671 | Zig:25   | Identified the +3 robe of Tempters {rF+ MP+9 Int+2}
116692 | Zig:25   | Identified the +8 chain mail of Gehenna {+Inv}
116694 | Zig:25   | Identified the staff of fire "Waigre" {rF+ rC+ rN+ Int+2}
116994 | Zig:26   | Entered Level 26 of a ziggurat
117027 | Zig:26   | HP: 11/245 [golden dragon (7)]
117030 | Zig:26   | HP: 5/245 [green death (5)]
117033 | Zig:26   | Killed by arc of chain lightning (8 damage)
117079 | Zig:26   | Found the ring of the Hare {EV+10}
117081 | Zig:26   | Found the +8 longbow "Zephyr" {speed, Dex+3 SInv}
117358 | Zig:26   | Identified the ring "Tuimanes" {Fire rPois Str-5 Int+3
                  | Stlth+}
117371 | Zig:26   | Identified the staff of earth "Reunea Rote" {rF++ rN+ Will-
                  | MP+9}
117393 | Zig:26   | Identified the +1 pair of boots of Ohuc {+Inv}
117396 | Zig:26   | Identified the +6 morningstar "Rudghyq" {pain, Contam rElec
                  | rF+}
117478 | Zig:27   | Entered Level 27 of a ziggurat
117516 | Zig:27   | HP: 11/245 [alligator snapping turtle (49)]
117517 | Zig:27   | HP: 5/245 [emperor scorpion (3)]
117517 | Zig:27   | Killed by the air
                  | ... invoked by a wind drake
                  | (8 damage)
117522 | Zig:27   | HP: 8/245 [alligator snapping turtle (26)]
117523 | Zig:27   | Slain by an 11-headed hydra (9 damage)
117888 | Zig:27   | Found the +6 arbalest "Damnation" {damnation}
117894 | Zig:27   | Identified the +10 dagger of Tenacity {drain, rPois}
117902 | Zig:27   | Identified the +10 hand axe of Muxoogh {freeze, Int+2}
117905 | Zig:27   | Identified the +6 battleaxe "Anyr" {freeze, Dex+4}
117911 | Zig:27   | Identified the staff of cold "Iruwn" {rC+ Str+3}
117926 | Zig:27   | Identified the +4 mace of Distraction {flame, *Noise rElec
                  | rPois Str-5}
117927 | Zig:27   | Identified the +0 robe of Patterns {rF+ Dex+2 Slay-2}
117935 | Zig:27   | Identified the +2 hand axe of Insomnia {protect, Drain rC+
                  | Dex+4}
117936 | Zig:27   | Identified the +4 scimitar "Ateicicu" {heavy, Drain Will+
                  | SInv}
117944 | Zig:27   | Identified the +1 chain mail "Tettus" {Str+2}
117946 | Zig:27   | Identified the +4 mace "Qiegg" {heavy, *Rage Dex+3 SInv}
118068 | Zig:27   | Acquired 934 gold pieces
118082 | Zig:27   | Got the Grimoire of Bruises
118911 | Pan      | Entered Pandemonium
118918 | Pan      | HP: 2/245 [Ice Fiend/bolt of cold (33)]
118919 | Pan      | Killed from afar by an Ice Fiend (57 damage)
                  | ... with a bolt of cold
119094 | Pan      | Noticed Luzap Fexe the pandemonium lord
119117 | Pan      | Killed Luzap Fexe the pandemonium lord
119165 | Pan      | HP: 10/245 [??? (7)]
119168 | Pan      | HP: 4/245 [??? (2)]
119169 | Pan      | Killed by miscasting Chain Lightning (12 damage)
119223 | Pan      | HP: 11/243 [demonspawn warmonger/+2 dire flail (12)]
119224 | Pan      | Killed by divine providence
                  | ... invoked by a smoke demon
                  | (13 damage)
120453 | Pan      | Noticed Fouvus the pandemonium lord
120494 | Pan      | Killed from afar by Fouvus the pandemonium lord (63 damage)
                  | ... with an iron shot
120495 | Pan      | Killed Fouvus the pandemonium lord
120618 | Pan      | Killed from afar by a demonspawn blood saint (51 damage)
                  | ... with a fireball
120661 | Pan      | Found an exit through the horrors of the Abyss.
121633 | Pan      | Noticed Mennas
121660 | Pan      | Killed Mennas
121792 | Pan      | Noticed Vizawneing the pandemonium lord
121808 | Pan      | Killed Vizawneing the pandemonium lord
122020 | Pan      | Learned a level 9 spell: Shatter
122202 | Pan      | HP: 6/245 [hellion/damnation (17)]
122222 | Pan      | HP: 12/245 [orange demon (3)]
122229 | Pan      | HP: 12/245 [burnt (2)]
122231 | Pan      | HP: 3/245 [burnt (5)]
122232 | Pan      | Incinerated by a smoke demon (4 damage)
                  | ... with a sticky flame
122274 | Pan      | Upgraded the game from 0.31-a0-8-gd14b0f4ee2 to
                  | 0.31-a0-16-g6d2539766c
122853 | Pan      | Found an exit through the horrors of the Abyss.
123238 | Pan      | Killed from afar by a Tzitzimitl (42 damage)
                  | ... with a bolt of negative energy
123948 | Pan      | HP: 11/243 [??? (9)]
123986 | Pan      | Killed from afar by a hellion (25 damage)
                  | ... with damnation
124789 | Pan      | HP: 1/245 [hellion/damnation (24)]
124790 | Pan      | Killed from afar by a hellion (24 damage)
                  | ... with damnation
124851 | Pan      | HP: 10/226 [reaper/+1 scythe of venom (10)]
124851 | Pan      | Killed by divine providence
                  | ... invoked by a smoke demon
                  | (13 damage)
124855 | Pan      | Noticed Bauzy the pandemonium lord
124870 | Pan      | Mangled by Bauzy the pandemonium lord (27 damage)
124879 | Pan      | Killed Bauzy the pandemonium lord
124897 | Pan      | HP: 9/230 [Brimstone Fiend (5)]
124905 | Pan      | HP: 8/234 [??? (5)]
124909 | Pan      | Slain by a Brimstone Fiend (6 damage)
125283 | Pan      | Annihilated by a balrug
                  | ... wielding a +2 demon whip of freezing
                  | (40 damage)
126157 | Pan      | Gained mutation: You have hidden genetic defects. [a
                  | neqoxec]
126649 | Pan      | Mangled by a very large slime creature (46 damage)
                  | ... summoned by a demonspawn corrupter
126737 | Pan      | Gained mutation: You are dopey. (Int -2) [a cacodemon]
126780 | Pan      | HP: 9/241 [Tzitzimitl (14)]
126783 | Pan      | Slain by a Tzitzimitl (14 damage)
126820 | Pan      | Found a runed translucent door.
126825 | Pan      | Noticed Vykh the pandemonium lord
126827 | Pan      | Found a runed translucent door.
126828 | Pan      | Found a runed translucent door.
126835 | Pan      | Killed Vykh the pandemonium lord
126836 | Pan      | Found a runed translucent door.
127216 | Pan      | Identified the +3 trident "Emadd" {protect, Contam +Blink
                  | Fly rPois}
127455 | Pan      | HP: 7/245 [Brimstone Fiend (9)]
127456 | Pan      | Slain by a Brimstone Fiend (9 damage)
127459 | Pan      | Killed from afar by a Brimstone Fiend (34 damage)
                  | ... with damnation
127477 | Pan      | Gained mutation: You are weak. (Str -2) [hidden defects]
127548 | Pan      | Gained mutation: You are very weak. (Str -4) [a neqoxec]
127953 | Pan      | Gained mutation: You sometimes lose the ability to read
                  | scrolls when taking damage. [a neqoxec]
128925 | Pan      | HP: 12/244 [soul eater (13)]
128928 | Pan      | Slain by a hellephant (14 damage)
129336 | Pan      | Gained mutation: Your magical capacity is low. (-10% MP)
                  | [hidden defects]
129336 | Pan      | Lost mutation: You have hidden genetic defects. [hidden
                  | defects expressed]
129496 | Pan      | Mangled by an Ice Fiend (45 damage)
129500 | Pan      | Noticed Jinanur the pandemonium lord
129509 | Pan      | Annihilated by an Ice Fiend (43 damage)
129513 | Pan      | HP: 2/245 [Ice Fiend/bolt of cold (40)]
129514 | Pan      | Annihilated by Jinanur the pandemonium lord (24 damage)
129515 | Pan      | Killed Jinanur the pandemonium lord
129518 | Pan      | HP: 6/245 [Ice Fiend/bolt of cold (15)]
129518 | Pan      | Killed from afar by an Ice Fiend (37 damage)
                  | ... with a bolt of cold
129556 | Pan      | Killed from afar by a ynoxinul (22 damage)
                  | ... with an iron shot
130175 | Pan      | Entered the realm of Lom Lobon.
130191 | Pan      | Killed from afar by a smoke demon (25 damage)
                  | ... with a ball of steam
130424 | Pan      | Noticed Lom Lobon
130427 | Pan      | HP: 1/245 [Lom Lobon/vortex (14)]
130427 | Pan      | Killed by an exploding ball lightning (12 damage)
                  | ... set off by themself
130435 | Pan      | Killed Lom Lobon
130445 | Pan      | Killed from afar by a deep elf annihilator (22 damage)
                  | ... with an iron shot
130638 | Pan      | Got a magical rune of Zot
131456 | Pan      | Noticed Roqug the pandemonium lord
131458 | Pan      | HP: 11/245 [??? (9)]
131459 | Pan      | Killed from afar by a hellion (30 damage)
                  | ... with damnation
131467 | Pan      | Slain by a sun demon (16 damage)
                  | ... summoned by Roqug
131468 | Pan      | Killed Roqug the pandemonium lord
131493 | Pan      | HP: 12/245 [??? (9)]
131494 | Pan      | HP: 4/245 [tormentor (7)]
131584 | Pan      | HP: 8/245 [smoke demon/divine providence (13)]
131586 | Pan      | Killed from afar by a smoke demon (24 damage)
                  | ... with a ball of steam
131888 | Pan      | Gained mutation: You are very clumsy. (Dex -4) [a neqoxec]
131932 | Pan      | HP: 10/219 [green death/bolt of poison (10)]
131937 | Pan      | HP: 2/219 [poisoned by a green death (bolt of poison)]
131938 | Pan      | Succumbed to a green death's bolt of poison
132082 | Pan      | Gained mutation: You have hidden genetic defects. [a
                  | cacodemon]
132182 | Pan      | Noticed Ysyitzath the pandemonium lord
132194 | Pan      | Reached skill level 27 in Conjurations
132203 | Pan      | Mangled by Ysyitzath the pandemonium lord (32 damage)
132215 | Pan      | Killed Ysyitzath the pandemonium lord
132521 | Pan      | Noticed Plog the pandemonium lord
132526 | Pan      | Mangled by a reaper
                  | ... wielding a +2 scythe of protection
                  | (22 damage)
132537 | Pan      | Killed Plog the pandemonium lord
132545 | Pan      | Gained mutation: Your body sometimes deteriorates upon
                  | taking damage. [a cacodemon]
132551 | Pan      | Gained mutation: Your body often deteriorates upon taking
                  | damage. [hidden defects]
132565 | Pan      | Slain by a sun demon (19 damage)
                  | ... led by a balrug
132817 | Pan      | Lost mutation: You sometimes lose the ability to read
                  | scrolls when taking damage. [potion of mutation]
132817 | Pan      | Lost mutation: You are strong-willed. (Will+) [potion of
                  | mutation]
132817 | Pan      | Gained mutation: You have sharp toenails. [potion of
                  | mutation]
132818 | Pan      | Lost mutation: You are dopey. (Int -2) [potion of mutation]
132818 | Pan      | Lost mutation: You are very weak. (Str -4) [potion of
                  | mutation]
132818 | Pan      | Lost mutation: Armour fits poorly on your strangely shaped
                  | body. [potion of mutation]
132818 | Pan      | Gained mutation: You are strong-willed. (Will+) [potion of
                  | mutation]
132819 | Pan      | Lost mutation: You occasionally lose the ability to read
                  | scrolls when taking damage. [potion of mutation]
132819 | Pan      | Lost mutation: Your body often deteriorates upon taking
                  | damage. [potion of mutation]
132819 | Pan      | Gained mutation: Your mind is acute. (Int +4, Str/Dex -1)
                  | [potion of mutation]
132819 | Pan      | Gained mutation: Your mind is very acute. (Int +8, Str/Dex
                  | -2) [potion of mutation]
132820 | Pan      | Lost mutation: You are frail. (-10% HP) [potion of
                  | mutation]
132820 | Pan      | Lost mutation: Your body sometimes deteriorates upon taking
                  | damage. [potion of mutation]
132822 | Pan      | Lost mutation: You occasionally shout uncontrollably at
                  | your foes. [potion of mutation]
132822 | Pan      | Lost mutation: You are very clumsy. (Dex -4) [potion of
                  | mutation]
132822 | Pan      | Gained mutation: You expend magic power (3 MP) to
                  | strengthen your wands. [potion of mutation]
132822 | Pan      | Lost mutation: You have hidden genetic defects. [potion of
                  | mutation]
132823 | Pan      | Lost mutation: Your magical capacity is low. (-10% MP)
                  | [potion of mutation]
132823 | Pan      | Lost mutation: Your mind is very acute. (Int +8, Str/Dex
                  | -2) [potion of mutation]
132823 | Pan      | Gained mutation: You have razor-sharp toenails. [potion of
                  | mutation]
132823 | Pan      | Gained mutation: You are very weak. (Str -4) [potion of
                  | mutation]
132823 | Pan      | Gained mutation: You are highly strong-willed. (Will++)
                  | [potion of mutation]
132992 | Pan      | Noticed Atyetiym the pandemonium lord
133002 | Pan      | HP: 1/273 [red devil/+0 demon trident of pain (14)]
133003 | Pan      | Slain by Atyetiym the pandemonium lord (5 damage)
133012 | Pan      | Reached skill level 27 in Short Blades
133015 | Pan      | Killed Atyetiym the pandemonium lord
133027 | Pan      | Gained mutation: You occasionally lose the ability to drink
                  | potions when taking damage. [a cacodemon]
133031 | Pan      | Gained mutation: Your spells are a little easier to cast,
                  | but a little less powerful. [a cacodemon]
133040 | Pan      | Gained mutation: You sometimes lose the ability to drink
                  | potions when taking damage. [a cacodemon]
133042 | Pan      | HP: 6/265 [cacodemon (13)]
133042 | Pan      | Gained mutation: Your body sometimes deteriorates upon
                  | taking damage. [a cacodemon]
133045 | Pan      | Lost mutation: Your mind is acute. (Int +4, Str/Dex -1) [a
                  | cacodemon]
133047 | Pan      | HP: 4/266 [??? (2)]
133052 | Pan      | HP: 9/268 [orange demon[a cacodemon] (2)]
133103 | Pan      | Got a demonic rune of Zot
133131 | Pan      | Found an exit through the horrors of the Abyss.
133295 | Pan      | Gained mutation: You occasionally lose the ability to read
                  | scrolls when taking damage. [a neqoxec]
133471 | Pan      | Killed from afar by a demonspawn blood saint (33 damage)
                  | ... with an iceblast
133482 | Pan      | HP: 8/271 [burnt (7)]
133489 | Pan      | Gained mutation: You are frail. (-10% HP) [a neqoxec]
133536 | Pan      | Gained mutation: Your body often deteriorates upon taking
                  | damage. [a neqoxec]
133550 | Pan      | HP: 12/245 [demonspawn blood saint/+0 dagger (39)]
133644 | Pan      | HP: 9/245 [reaper/+0 scythe of flaming (15)]
133645 | Pan      | Noticed Mauliar the pandemonium lord
133645 | Pan      | HP: 2/245 [reaper/+0 scythe of flaming (5)]
133645 | Pan      | Slain by a reaper
                  | ... wielding a +0 scythe of flaming
                  | (4 damage)
133668 | Pan      | HP: 6/245 [Mauliar the pandemonium lord (54)]
133670 | Pan      | Demolished by Mauliar the pandemonium lord (27 damage)
133674 | Pan      | Killed Mauliar the pandemonium lord
133749 | Pan      | Lost mutation: You have razor-sharp toenails. [potion of
                  | mutation]
133749 | Pan      | Lost mutation: You are very weak. (Str -4) [potion of
                  | mutation]
133749 | Pan      | Lost mutation: You occasionally lose the ability to read
                  | scrolls when taking damage. [potion of mutation]
133749 | Pan      | Lost mutation: Your body often deteriorates upon taking
                  | damage. [potion of mutation]
133749 | Pan      | Lost mutation: You sometimes lose the ability to drink
                  | potions when taking damage. [potion of mutation]
133749 | Pan      | Gained mutation: You are resistant to electric shocks.
                  | (rElec) [potion of mutation]
133764 | Pan      | Mangled by an Ice Fiend (48 damage)
133773 | Pan      | Found an exit through the horrors of the Abyss.
133923 | Pan      | Gained mutation: Your spells are easier to cast, but less
                  | powerful. [a cacodemon]
133929 | Pan      | Gained mutation: You occasionally lose the ability to read
                  | scrolls when taking damage. [a cacodemon]
133964 | Pan      | Reached skill level 1 in Earth Magic
134207 | Pan      | Found an exit through the horrors of the Abyss.
134243 | Pan      | Reached skill level 5 in Earth Magic
134252 | Pan      | Noticed Ywearo the pandemonium lord
134286 | Pan      | Killed Ywearo the pandemonium lord
134294 | Pan      | Slain by a soul eater (15 damage)
134321 | Pan      | HP: 8/218 [lorocyproca (11)]
134323 | Pan      | Mangled by a lorocyproca (22 damage)
134326 | Pan      | Found a runed translucent door.
135425 | Pan      | Reached skill level 10 in Earth Magic
135617 | Pan      | Took an exit into the Abyss.
135617 | Abyss:4  | Escaped into the Abyss
135632 | Depths:2 | Escaped the Abyss
135947 | Depths:2 | Lost mutation: You are frail. (-10% HP) [potion of
                  | mutation]
135947 | Depths:2 | Lost mutation: You occasionally lose the ability to drink
                  | potions when taking damage. [potion of mutation]
135947 | Depths:2 | Lost mutation: You expend magic power (3 MP) to strengthen
                  | your wands. [potion of mutation]
135947 | Depths:2 | Lost mutation: You are highly strong-willed. (Will++)
                  | [potion of mutation]
135947 | Depths:2 | Lost mutation: You are weak. (Str -2) [potion of mutation]
135947 | Depths:2 | Gained mutation: Your mind is acute. (Int +4, Str/Dex -1)
                  | [potion of mutation]
135948 | Depths:2 | Lost mutation: Your mind is acute. (Int +4, Str/Dex -1)
                  | [potion of mutation]
135948 | Depths:2 | Lost mutation: You are clumsy. (Dex -2) [potion of
                  | mutation]
135948 | Depths:2 | Gained mutation: You are vulnerable to cold. (rC-) [potion
                  | of mutation]
135948 | Depths:2 | Gained mutation: You are highly strong-willed. (Will++)
                  | [potion of mutation]
135948 | Depths:2 | Gained mutation: You passively map a small area around you.
                  | [potion of mutation]
135949 | Depths:2 | Lost mutation: Your body sometimes deteriorates upon taking
                  | damage. [potion of mutation]
135949 | Depths:2 | Lost mutation: You have sharp toenails. [potion of
                  | mutation]
135949 | Depths:2 | Gained mutation: You occasionally shout uncontrollably at
                  | your foes. [potion of mutation]
135949 | Depths:2 | Gained mutation: You have supernaturally acute eyesight.
                  | (SInv) [potion of mutation]
135949 | Depths:2 | Gained mutation: You sometimes lose your temper in combat.
                  | [potion of mutation]
135949 | Depths:2 | Gained mutation: You have a pair of small horns on your
                  | head. [potion of mutation]
135950 | Depths:2 | Lost mutation: You are resistant to electric shocks.
                  | (rElec) [potion of mutation]
135950 | Depths:2 | Lost mutation: You occasionally lose the ability to read
                  | scrolls when taking damage. [potion of mutation]
135950 | Depths:2 | Lost mutation: You sometimes lose your temper in combat.
                  | [potion of mutation]
135951 | Depths:2 | Lost mutation: You are vulnerable to cold. (rC-) [potion of
                  | mutation]
135951 | Depths:2 | Lost mutation: You have a pair of small horns on your head.
                  | [potion of mutation]
135951 | Depths:2 | Lost mutation: You occasionally shout uncontrollably at
                  | your foes. [potion of mutation]
135951 | Depths:2 | Gained mutation: You have an increased reservoir of magic.
                  | (+10% MP) [potion of mutation]
135951 | Depths:2 | Gained mutation: You have sharp toenails. [potion of
                  | mutation]
135951 | Depths:2 | Gained mutation: You are extremely strong-willed. (Will+++)
                  | [potion of mutation]
135952 | Depths:2 | Lost mutation: You have an increased reservoir of magic.
                  | (+10% MP) [potion of mutation]
135952 | Depths:2 | Lost mutation: You have sharp toenails. [potion of
                  | mutation]
135952 | Depths:2 | Gained mutation: You occasionally shout uncontrollably at
                  | your foes. [potion of mutation]
135952 | Depths:2 | Gained mutation: Your natural rate of healing is unusually
                  | fast. [potion of mutation]
135952 | Depths:2 | Gained mutation: Your muscles are strong. (Str +4, Int/Dex
                  | -1) [potion of mutation]
135952 | Depths:2 | Gained mutation: You have large cloven feet. [potion of
                  | mutation]
135957 | Zig:1    | Entered Level 1 of a ziggurat
135988 | Zig:2    | Entered Level 2 of a ziggurat
136011 | Zig:2    | Identified the +1 robe of Liberalism {Fly Dex-4 Stlth+}
136025 | Zig:3    | Entered Level 3 of a ziggurat
136062 | Zig:4    | Entered Level 4 of a ziggurat
136065 | Zig:4    | Noticed Teax the pandemonium lord
136067 | Zig:4    | Killed Teax the pandemonium lord
136078 | Zig:4    | Identified the +7 falchion "Orissat" {heavy, rN+ Will++
                  | Str-2 Stlth-}
136096 | Zig:5    | Entered Level 5 of a ziggurat
136100 | Zig:5    | Noticed an ancient lich
136100 | Zig:5    | Noticed a dread lich
136103 | Zig:5    | Killed a dread lich
136103 | Zig:5    | Killed an ancient lich
136115 | Zig:5    | Identified the +1 scale mail of Beastly Wonder {rC- Int+4
                  | Dex+5}
136117 | Zig:5    | Identified the amulet "Itaqih" {RegenMP rElec}
136133 | Zig:6    | Entered Level 6 of a ziggurat
136185 | Zig:6    | HP: 9/181 [ancient champion/+1 great mace of draining (2)]
136187 | Zig:6    | HP: 4/179 [spectral fire giant[a revenant] (6)]
136193 | Zig:6    | HP: 6/176 [ancient champion/+1 great mace of draining (1)]
136193 | Zig:6    | Slain by a revenant (9 damage)
136293 | Zig:7    | Entered Level 7 of a ziggurat
136311 | Zig:7    | Identified the +1 plate armour of Cocytus {rPois}
136315 | Zig:7    | Identified the staff of earth "Huatun" {rElec rC+ rN+}
136318 | Zig:7    | Identified the +1 leather armour "Iropiuk" {+Blink rC-
                  | Slay+2}
136320 | Zig:7    | Identified the +3 scimitar "Goblin's Undoing" {speed, rN+
                  | rCorr Str+3 SInv}
136334 | Zig:8    | Entered Level 8 of a ziggurat
136354 | Zig:8    | Identified the amulet "Pisisket" {Reflect rN+ Will+ SH+5}
136363 | Zig:8    | Identified the ring of Disaster {rElec rF- Will+ SInv}
136365 | Zig:8    | Identified the +9 plate armour of Makhleb's Delight {Fly
                  | rF+}
136379 | Zig:9    | Entered Level 9 of a ziggurat
136387 | Zig:9    | Noticed Jeadues the pandemonium lord
136398 | Zig:9    | Killed Jeadues the pandemonium lord
136408 | Zig:9    | Identified the amulet "Xomoat" {Reflect Will+ rCorr Int+2
                  | SH+5}
136533 | Zig:10   | Entered Level 10 of a ziggurat
136547 | Zig:10   | Found the +27 heavy crossbow "Sniper" {heavy, Acc+∞ SInv}
136557 | Zig:10   | Identified the staff of earth "Koippa Acoa" {rElec rC-
                  | Int+4}
136592 | Zig:11   | Entered Level 11 of a ziggurat
136602 | Zig:11   | Noticed an ancient lich
136607 | Zig:11   | Killed an ancient lich
136609 | Zig:11   | Noticed a dread lich
136609 | Zig:11   | Noticed an ancient lich
136621 | Zig:11   | HP: 2/268 [fire giant/+0 great sword of flaming (22)]
136621 | Zig:11   | Slain by a fire giant
                  | ... wielding a +0 great sword of flaming
                  | (4 damage)
136622 | Zig:11   | Killed an ancient lich
136623 | Zig:11   | Killed a dread lich
136631 | Zig:11   | Paralysed by a floating eye for 3 turns
136702 | Zig:11   | Paralysed by a floating eye for 4 turns
136783 | Zig:11   | Paralysed by a floating eye for 4 turns
136787 | Zig:11   | Paralysed by a floating eye for 3 turns
136790 | Zig:11   | Paralysed by a floating eye for 2 turns
136805 | Zig:11   | Paralysed by a floating eye for 3 turns
136809 | Zig:11   | Paralysed by a floating eye for 3 turns
136836 | Zig:11   | Identified the staff of air "Wuowkizon" {rElec rF++ rC+
                  | Will+}
136858 | Zig:12   | Entered Level 12 of a ziggurat
136871 | Zig:12   | Found the amulet of the Four Winds {rN+ Will+++ Clar}
136901 | Zig:12   | Killed from afar by a hellephant (54 damage)
                  | ... with a blast of flame
136933 | Zig:12   | Identified the +0 falchion "Mepaem" {antimagic, Fly Str-3
                  | Int+3}
136993 | Zig:13   | Entered Level 13 of a ziggurat
137035 | Zig:13   | Identified the +1 pair of gloves "Bileog" {Drain rF+++
                  | Str+3 Dex+3}
137123 | Zig:14   | Entered Level 14 of a ziggurat
137146 | Zig:14   | Reached skill level 15 in Earth Magic
137323 | Zig:14   | Identified the +2 flail of Darkness {holy, rC- rN+++ Int-4
                  | Dex+5 SInv}
137326 | Zig:14   | Identified the +2 battleaxe "Xuhif" {pain, *Corrode Drain
                  | rF+++ rC++}
137342 | Zig:14   | Identified the +6 arbalest of Famine {drain, Str+3 Dex+4
                  | SInv}
137347 | Zig:14   | Identified the +5 longbow of Extinguishment {flame, rCorr
                  | Str-4 Dex+5}
137351 | Zig:14   | Identified the ring of the Pariah {rC+ rN+ Will- MP+9
                  | Slay+5 Stlth+}
137391 | Zig:14   | Got the Opusculum on Transmuted Dark Deeds
137394 | Zig:15   | Entered Level 15 of a ziggurat
137404 | Zig:15   | Reached skill level 27 in Spellcasting
137466 | Zig:15   | Identified the staff of poison "Iffuet" {rPois rN+ Will+
                  | Dex+3 SInv}
137469 | Zig:15   | Identified the staff of cold "Dekegatz" {rPois rC+ rN+
                  | rCorr}
137487 | Zig:16   | Entered Level 16 of a ziggurat
137499 | Zig:16   | Noticed a royal mummy
137505 | Zig:16   | Noticed a royal mummy
137505 | Zig:16   | Noticed a royal mummy
137506 | Zig:16   | HP: 10/266 [??? (6)]
137507 | Zig:16   | HP: 1/272 [royal mummy/divine providence (8)]
137508 | Zig:16   | Killed by arc of chain lightning (4 damage)
137508 | Zig:16   | Killed a royal mummy
137510 | Zig:16   | Noticed a royal mummy
137511 | Zig:16   | Noticed a royal mummy
137512 | Zig:16   | Killed a royal mummy
137512 | Zig:16   | Killed by arc of chain lightning (13 damage)
137512 | Zig:16   | Noticed a royal mummy
137518 | Zig:16   | Killed a royal mummy
137518 | Zig:16   | Killed by a royal mummy's death curse (32 damage)
137522 | Zig:16   | HP: 13/273 [death scarab[a royal mummy] (11)]
137523 | Zig:16   | Upgraded the game from 0.31-a0-16-g6d2539766c to
                  | 0.31-a0-18-gea43df2a32
137523 | Zig:16   | Slain by a death scarab (11 damage)
                  | ... summoned by a royal mummy
137531 | Zig:16   | Killed a royal mummy
137531 | Zig:16   | Killed a royal mummy
137532 | Zig:16   | HP: 12/273 [death scarab[a royal mummy] (15)]
137534 | Zig:16   | HP: 1/273 [death scarab[a royal mummy] (9)]
137534 | Zig:16   | Slain by a tengu reaver skeleton (4 damage)
137538 | Zig:16   | Killed a royal mummy
137543 | Zig:16   | HP: 12/273 [golden dragon skeleton[a curse skull] (5)]
137544 | Zig:16   | HP: 4/273 [golden dragon skeleton[a curse skull] (9)]
137551 | Zig:16   | HP: 8/273 [??? (4)]
137554 | Zig:16   | HP: 3/273 [spectral shadow dragon[a curse skull] (3)]
137555 | Zig:16   | Mangled by a golden dragon zombie (9 damage)
137563 | Zig:16   | Noticed a dread lich
137566 | Zig:16   | HP: 13/272 [jiangshi[a curse skull] (3)]
137567 | Zig:16   | Slain by a jiangshi (15 damage)
                  | ... summoned by a curse skull
137576 | Zig:16   | Killed a dread lich
137593 | Zig:16   | HP: 5/273 [spectral juggernaut[a curse skull] (12)]
137602 | Zig:16   | Found the +10 dark maul {heavy}
137650 | Zig:16   | Identified the staff of cold "Lyunn" {rC+ Will+ Stlth+}
137686 | Zig:17   | Entered Level 17 of a ziggurat
137707 | Zig:17   | Reached skill level 10 in Ranged Weapons
137729 | Zig:17   | Found the +4 moon troll leather armour {Spirit, Regen++
                  | MP+5}
137768 | Zig:17   | Identified the staff of cold "Ekhleolu" {rC+ Dex+6}
137770 | Zig:17   | Identified the +1 tower shield of Yvic Hir {Int+7 Slay-2}
137773 | Zig:17   | Identified the +5 war axe of Duty {freeze, *Slow rElec rC++
                  | rCorr}
137780 | Zig:17   | Identified the staff of cold "Koffoede" {rF+ rC+}
137783 | Zig:17   | Identified the ring of Hesu {Fire *Corrode Str+5 Slay+2
                  | Stlth+}
137811 | Zig:18   | Entered Level 18 of a ziggurat
137827 | Zig:18   | HP: 13/273 [ghost moth (4)]
137828 | Zig:18   | Killed by divine providence
                  | ... invoked by a meliai
                  | (13 damage)
137833 | Zig:18   | HP: 10/273 [wolf spider (17)]
137833 | Zig:18   | HP: 2/273 [entropy weaver (8)]
137833 | Zig:18   | Slain by an entropy weaver (4 damage)
137836 | Zig:18   | Slain by a torpor snail (33 damage)
137839 | Zig:18   | HP: 11/273 [poisoned by a wolf spider]
137839 | Zig:18   | Annihilated by a wolf spider (36 damage)
137839 | Zig:18   | Demolished by a torpor snail (37 damage)
137841 | Zig:18   | Slain by a wolf spider (9 damage)
137841 | Zig:18   | Paralysed by a jorogumo for 1 turns
137842 | Zig:18   | Slain by a torpor snail (28 damage)
                  | ... while paralysed by a jorogumo
137844 | Zig:18   | HP: 5/273 [torpor snail (21)]
137844 | Zig:18   | Demolished by a ghost moth (23 damage)
137846 | Zig:18   | Mangled by a broodmother (52 damage)
137847 | Zig:18   | Mangled by a culicivora (19 damage)
                  | ... summoned by a broodmother
137848 | Zig:18   | Mangled by an entropy weaver (17 damage)
137849 | Zig:18   | HP: 5/273 [wolf spider (22)]
137849 | Zig:18   | Mangled by a wolf spider (12 damage)
137849 | Zig:18   | Slain by a boulder beetle (9 damage)
137850 | Zig:18   | Slain by a wolf spider (18 damage)
                  | ... summoned by a broodmother
137851 | Zig:18   | Mangled by a wolf spider (24 damage)
                  | ... summoned by a broodmother
137851 | Zig:18   | Mangled by a jorogumo (14 damage)
137855 | Zig:18   | HP: 1/273 [jumping spider[a broodmother] (30)]
137856 | Zig:18   | Killed by arc of chain lightning (8 damage)
137861 | Zig:18   | HP: 9/273 [steelbarb worm (25)]
137861 | Zig:18   | Demolished by a boulder beetle (27 damage)
137864 | Zig:18   | Slain by a boulder beetle (28 damage)
137866 | Zig:18   | Slain by an emperor scorpion simulacrum (17 damage)
137870 | Zig:18   | Slain by an emperor scorpion simulacrum (22 damage)
138053 | Zig:18   | Identified the staff of death "Veubafor" {rN+ Dex+4 Stlth+}
138065 | Zig:18   | Identified the amulet "Qugrier" {Acrobat rElec rPois Int+9
                  | Dex-2}
138068 | Zig:18   | Identified the ring "Ugeschira" {Drain rElec Will++ rCorr
                  | EV+5 Str-4}
138092 | Zig:18   | Identified the ring of Kumoo {rPois Int+6}
138124 | Zig:19   | Entered Level 19 of a ziggurat
138135 | Zig:19   | Noticed an ancient lich
138140 | Zig:19   | HP: 13/273 [profane servitor/+2 demon whip of flaming (2)]
138141 | Zig:19   | HP: 4/271 [doom hound (7)]
138144 | Zig:19   | Succumbed to a tainted leviathan's dark miasma
138155 | Zig:19   | Killed an ancient lich
138155 | Zig:19   | HP: 12/263 [poison (dark miasma)]
138156 | Zig:19   | HP: 1/270 [putrid mouth] (5)]
138156 | Zig:19   | Succumbed to poison (dark miasma)
138162 | Zig:19   | HP: 6/273 [reaper/+0 scythe of venom (12)]
138162 | Zig:19   | Killed from afar by a putrid mouth (10 damage)
                  | ... with a foul vapour
138169 | Zig:19   | HP: 12/272 [profane servitor/+2 demon whip (6)]
138169 | Zig:19   | Mangled by a reaper
                  | ... wielding a +0 scythe of venom
                  | (18 damage)
138174 | Zig:19   | HP: 4/273 [poisoned by a putrid mouth (dark miasma)]
138174 | Zig:19   | Slain by a reaper
                  | ... wielding a +0 scythe of venom
                  | (9 damage)
138180 | Zig:19   | HP: 12/273 [tainted leviathan] (2)]
138180 | Zig:19   | HP: 2/273 [poisoned by a tainted leviathan (dark miasma)]
138181 | Zig:19   | Engulfed by a tainted leviathan's foul pestilence (1
                  | damage)
138184 | Zig:19   | Succumbed to a tainted leviathan's dark miasma
138188 | Zig:19   | HP: 17/403 [??? (11)]
138188 | Zig:19   | HP: 6/403 [putrid mouth (4)]
138188 | Zig:19   | Slain by a bone dragon (6 damage)
138193 | Zig:19   | HP: 10/403 [bone dragon (11)]
138193 | Zig:19   | Mangled by a tainted leviathan (17 damage)
138218 | Zig:19   | Found the +7 sceptre of Torment {pain, torment}
138258 | Zig:19   | Identified the +5 demon trident "Burphiol" {venom, rElec
                  | Stlth+}
138259 | Zig:19   | Identified the ring "Cixelessi" {Wiz SInv}
138299 | Zig:19   | Identified the staff of fire "Edwiabiu" {Fragile rF+ rCorr
                  | Str+2}
138337 | Zig:19   | Got Poidal's Enchiridion on the Sixfirhy
138439 | Zig:20   | Entered Level 20 of a ziggurat
138481 | Zig:20   | Reached skill level 15 in Ranged Weapons
138513 | Zig:20   | Identified the staff of earth "Neewk" {Str+3}
138524 | Zig:20   | Identified the ring "Gaguasirch" {Ice Str+2 Int+2}
138527 | Zig:20   | Identified the +7 sling of the Solstice {speed, rPois
                  | Dex+4}
138533 | Zig:20   | Identified the staff of poison "Tiptiwe" {+Blink rElec
                  | rPois MP+9}
138544 | Zig:20   | Identified the +3 short sword "Jynis" {protect, +Blink rN+
                  | Str+3 SInv}
138645 | Zig:21   | Entered Level 21 of a ziggurat
138652 | Zig:21   | Paralysed by a wendigo for 1 turns
138655 | Zig:21   | Paralysed by a wendigo for 1 turns
138655 | Zig:21   | HP: 12/273 [??? (8)]
138655 | Zig:21   | Annihilated by a nargun (59 damage)
                  | ... while paralysed by a wendigo
138660 | Zig:21   | HP: 10/273 [Ice Fiend (1)]
138660 | Zig:21   | Annihilated by an Ice Fiend (39 damage)
138668 | Zig:21   | Slain by a nargun (18 damage)
                  | ... while petrified by a nargun
138726 | Zig:21   | Identified the ring "Kiupp" {Int+2 Slay+4 SInv}
138729 | Zig:21   | Identified the +7 demon whip of Huifir {pain, rPois Int-4
                  | Dex+4}
138730 | Zig:21   | Identified the +3 quarterstaff of Rotation {pain, Dex+2}
138754 | Zig:21   | Identified the staff of air "Bukkovog" {Fragile rElec
                  | Int+5}
138756 | Zig:21   | Identified the staff of air "Ven Ogetz" {rElec rF+ Dex+3}
138805 | Zig:22   | Entered Level 22 of a ziggurat
138820 | Zig:22   | HP: 12/265 [yellow draconian annihilator/iron shot (22)]
138820 | Zig:22   | HP: 2/265 [white draconian stormcaller/divine providence
                  | (10)]
138821 | Zig:22   | Killed from afar by a white draconian (10 damage)
                  | ... with a blast of cold
138846 | Zig:22   | Found the +16 obsidian axe {drain, demonic, Mesm Drain Fly
                  | SInv}
138851 | Zig:22   | Identified the +3 battleaxe of Vanity {heavy, Stlth+}
138857 | Zig:22   | Identified the +5 mace "Ymadeeh" {freeze, rElec rPois
                  | Dex+4}
138858 | Zig:22   | Identified the +6 glaive of Dismemberment {venom, rN+
                  | Int+4}
138869 | Zig:22   | Identified the +8 mace of Impeachment {protect, rF++ rC-
                  | rN+ Dex+3}
138870 | Zig:22   | Identified the ring "Etyclezo" {Contam rPois rCorr MP+9
                  | Slay+5}
138881 | Zig:22   | Identified the staff of conjuration "Joklus" {*Slow rCorr
                  | Str+5}
138886 | Zig:22   | Identified the staff of earth "Pecutoji" {Drain rPois SInv
                  | Stlth+}
138976 | Zig:23   | Entered Level 23 of a ziggurat
138989 | Zig:23   | Paralysed by a floating eye for 4 turns
138994 | Zig:23   | Reached skill level 10 in Maces & Flails
139021 | Zig:23   | Found the +2 Maxwell's thermic engine {flame, freeze, rev}
139130 | Zig:23   | Identified the +4 robe "Hitac" {*Slow Int+6 Dex+4}
139138 | Zig:23   | Identified the staff of air "Pecem" {rElec Dex+5}
139143 | Zig:23   | Identified the ring of Agnosticism {rElec EV+5 Dex+3}
139152 | Zig:23   | Identified the +6 falchion of Fesawuk {flame, rC- rN+ rCorr
                  | Dex+5}
139157 | Zig:23   | Identified the ring of Irchuubi {Fly MP+9 EV+5 Dex-2
                  | Stlth+}
139168 | Zig:23   | Identified the +0 scale mail of Ewoohas {rPois Regen+ Int-4
                  | Dex+4}
139220 | Zig:23   | Acquired a book of Frost
139254 | Zig:24   | Entered Level 24 of a ziggurat
139264 | Zig:24   | Noticed ragingrage's ghost (legendary OpFE)
139267 | Zig:24   | Noticed Nirchog's ghost (legendary DsIE)
139268 | Zig:24   | Noticed Zonian's ghost (legendary HOFi)
139268 | Zig:24   | Noticed Motirgh's ghost (legendary DgHW)
139268 | Zig:24   | Noticed Pohawk's ghost (adept MiGl)
139268 | Zig:24   | Noticed Xorhowon's ghost (legendary MiBe)
139269 | Zig:24   | Noticed Talannal's ghost (legendary GnHW)
139269 | Zig:24   | Noticed Kalug's ghost (legendary DrFi)
139269 | Zig:24   | Noticed Vuopse's ghost (legendary GnIE)
139270 | Zig:24   | Noticed reasonance's ghost (legendary HOMo)
139271 | Zig:24   | Noticed Likado's ghost (legendary GnSk)
139272 | Zig:24   | Noticed Manman's ghost (legendary HOGl)
139275 | Zig:24   | Noticed Totuz's ghost (legendary HOFi)
139275 | Zig:24   | Noticed Qeilemp's ghost (legendary HOFi)
139277 | Zig:24   | Killed ragingrage's ghost
139277 | Zig:24   | Noticed Ciweycke's ghost (legendary VSBr)
139277 | Zig:24   | Noticed heteroy's ghost (legendary DsHu)
139278 | Zig:24   | Noticed Amikeex's ghost (adept TrMo)
139280 | Zig:24   | Noticed Manman's ghost (legendary HOGl)
139282 | Zig:24   | Slain by reasonance's ghost (19 damage)
139284 | Zig:24   | Killed Zonian's ghost
139285 | Zig:24   | Noticed Joizeul's ghost (veteran MiBe)
139287 | Zig:24   | Noticed tigertrap's ghost (legendary DgHW)
139289 | Zig:24   | Noticed Ciweycke's ghost (legendary VSBr)
139290 | Zig:24   | HP: 9/236 [??? (4)]
139290 | Zig:24   | Noticed corvin's ghost (legendary OgWn)
139291 | Zig:24   | HP: 2/232 [eidolon/bolt of negative energy (9)]
139291 | Zig:24   | Mangled by Nirchog's ghost (8 damage)
139293 | Zig:24   | Killed Motirgh's ghost
139296 | Zig:24   | Killed Kalug's ghost
139297 | Zig:24   | HP: 5/244 [reasonance's ghost (22)]
139297 | Zig:24   | Slain by Vuopse's ghost (6 damage)
139305 | Zig:24   | Killed from afar by Nirchog's ghost (22 damage)
                  | ... with a vortex
139307 | Zig:24   | Killed Amikeex's ghost
139307 | Zig:24   | Killed Xorhowon's ghost
139309 | Zig:24   | Killed Ciweycke's ghost
139310 | Zig:24   | Killed Talannal's ghost
139311 | Zig:24   | Slain by reasonance's ghost (18 damage)
139314 | Zig:24   | Killed Ciweycke's ghost
139317 | Zig:24   | HP: 7/243 [Likado's ghost (17)]
139318 | Zig:24   | Mangled by Likado's ghost (17 damage)
139321 | Zig:24   | Killed Likado's ghost
139322 | Zig:24   | Killed Totuz's ghost
139323 | Zig:24   | Killed Nirchog's ghost
139329 | Zig:24   | HP: 8/266 [reasonance's ghost/the air (13)]
139330 | Zig:24   | Killed corvin's ghost
139330 | Zig:24   | Killed Pohawk's ghost
139331 | Zig:24   | Killed Qeilemp's ghost
139331 | Zig:24   | HP: 2/271 [reasonance's ghost/the air (5)]
139333 | Zig:24   | Demolished by Joizeul's ghost (19 damage)
139336 | Zig:24   | Killed reasonance's ghost
139336 | Zig:24   | Killed tigertrap's ghost
139336 | Zig:24   | Killed heteroy's ghost
139336 | Zig:24   | Killed Manman's ghost
139338 | Zig:24   | Killed Joizeul's ghost
139341 | Zig:24   | Killed Vuopse's ghost
139342 | Zig:24   | Reached skill level 15 in Maces & Flails
139368 | Zig:24   | Killed Manman's ghost
139392 | Zig:24   | Found the +2 pair of slick slippers {slick, slippery, EV+4}
139447 | Zig:24   | Identified the staff of poison "Plog" {rElec rPois rF+
                  | rCorr Dex+3}
139450 | Zig:24   | Identified the staff of air "Vazyomoi" {rElec rF+}
139513 | Zig:25   | Entered Level 25 of a ziggurat
139557 | Zig:25   | Found the +4 robe of Folly {Brill Will-∞ Int+8}
139577 | Zig:25   | Identified the +4 chain mail of the Parsimonious God {Drain
                  | rN+ Str+4 Int+3}
139580 | Zig:25   | Identified the +3 broad axe of Temperance {flame, rC+}
139587 | Zig:25   | Identified the ring of Ifeawe {*Corrode rPois rN+ Int+5}
139596 | Zig:25   | Identified the +7 glaive "Orrid" {flame, Will+}
139606 | Zig:25   | Identified the ring "Pipn" {MP-9 AC+4 Str+6 Int+3 SInv}
139616 | Zig:25   | Identified the amulet "Guetuh" {Spirit Dex+4}
139764 | Zig:25   | Got the Textbook on the Damned
139775 | Zig:25   | Got Sif Muna's Writings on Morbid Calling
139789 | Zig:26   | Entered Level 26 of a ziggurat
139856 | Zig:26   | Found the +6 lightning scales {swift, rElec}
139996 | Zig:26   | Identified the +3 leather armour of the Enfolding Gods {rF-
                  | Int+2 Dex+3}
140001 | Zig:26   | Identified the +0 ring mail of the Will of the Gods {rPois
                  | Str-4 Dex+3}
140014 | Zig:26   | Identified the amulet of Lady Luck {Reflect Regen+ Str-3
                  | Dex+3 SH+5}
140035 | Zig:26   | Identified the staff of conjuration "Itrych" {rElec rCorr
                  | Int-2 Dex+2}
140051 | Zig:26   | Identified the +1 robe of Stained Freedom {Regen+ rCorr
                  | Archmagi}
140121 | Zig:27   | Entered Level 27 of a ziggurat
140146 | Zig:27   | HP: 8/273 [white draconian stormcaller/blast of cold (13)]
140146 | Zig:27   | Killed from afar by a yellow draconian annihilator (12
                  | damage)
                  | ... with an iron shot
140201 | Zig:27   | Identified the staff of earth "Latozex" {rC++ rCorr}
140209 | Zig:27   | Identified the staff of death "Xisatu Beni" {rC+ rN+ Int+3}
140226 | Zig:27   | Identified the +0 scale mail "Job Elug" {+Blink Str+3}
140228 | Zig:27   | Identified the +6 ring mail of Rationality {rC- Will++
                  | rCorr Int+3}
140701 | Zig:1    | Entered Level 1 of a ziggurat
140733 | Zig:2    | Entered Level 2 of a ziggurat
140739 | Zig:2    | Paralysed by accursed screaming for 2 turns
140760 | Zig:3    | Entered Level 3 of a ziggurat
140791 | Zig:3    | Lost mutation: You are extremely strong-willed. (Will+++)
                  | [potion of mutation]
140791 | Zig:3    | Lost mutation: You occasionally shout uncontrollably at
                  | your foes. [potion of mutation]
140791 | Zig:3    | Gained mutation: You are extremely strong-willed. (Will+++)
                  | [potion of mutation]
140864 | Zig:3    | Lost mutation: Your natural rate of healing is unusually
                  | fast. [potion of mutation]
140864 | Zig:3    | Lost mutation: You are extremely strong-willed. (Will+++)
                  | [potion of mutation]
140864 | Zig:3    | Gained mutation: Your mind is acute. (Int +4, Str/Dex -1)
                  | [potion of mutation]
140869 | Zig:4    | Entered Level 4 of a ziggurat
140870 | Zig:4    | Noticed a royal mummy
140871 | Zig:4    | Noticed a royal mummy
140877 | Zig:4    | Killed a royal mummy
140881 | Zig:4    | HP: 11/253 [arc of chain lightning (16)]
140881 | Zig:4    | Killed by a mummy priest's death curse (17 damage)
140883 | Zig:4    | Killed a royal mummy
140891 | Zig:4    | Lost mutation: Your spells are easier to cast, but less
                  | powerful. [potion of mutation]
140891 | Zig:4    | Lost mutation: Your muscles are strong. (Str +4, Int/Dex
                  | -1) [potion of mutation]
140891 | Zig:4    | Gained mutation: You are partially covered in iridescent
                  | scales. (AC +2) [potion of mutation]
140891 | Zig:4    | Gained mutation: You are clumsy. (Dex -2) [potion of
                  | mutation]
140891 | Zig:4    | Gained mutation: You are covered in fur. (AC +1) [potion of
                  | mutation]
140892 | Zig:4    | Lost mutation: You passively map a small area around you.
                  | [potion of mutation]
140892 | Zig:4    | Lost mutation: You are highly strong-willed. (Will++)
                  | [potion of mutation]
140892 | Zig:4    | Lost mutation: You are clumsy. (Dex -2) [potion of
                  | mutation]
140892 | Zig:4    | Gained mutation: You have a pair of small antennae on your
                  | head. [potion of mutation]
140893 | Zig:4    | Lost mutation: Your mind is acute. (Int +4, Str/Dex -1)
                  | [potion of mutation]
140893 | Zig:4    | Lost mutation: You are strong-willed. (Will+) [potion of
                  | mutation]
140893 | Zig:4    | Lost mutation: You have supernaturally acute eyesight.
                  | (SInv) [potion of mutation]
140893 | Zig:4    | Gained mutation: You sometimes lose your temper in combat.
                  | [potion of mutation]
140893 | Zig:4    | Gained mutation: You have hidden genetic potential. [potion
                  | of mutation]
140894 | Zig:4    | Lost mutation: You are covered in fur. (AC +1) [potion of
                  | mutation]
140894 | Zig:4    | Lost mutation: Your spells are a little easier to cast, but
                  | a little less powerful. [potion of mutation]
140894 | Zig:4    | Lost mutation: You have large cloven feet. [potion of
                  | mutation]
140894 | Zig:4    | Lost mutation: You have hidden genetic potential. [potion
                  | of mutation]
140895 | Zig:4    | Lost mutation: You are partially covered in iridescent
                  | scales. (AC +2) [potion of mutation]
140895 | Zig:4    | Lost mutation: You have a pair of small antennae on your
                  | head. [potion of mutation]
140895 | Zig:4    | Lost mutation: You sometimes lose your temper in combat.
                  | [potion of mutation]
140895 | Zig:4    | Gained mutation: You are covered in fur. (AC +1) [potion of
                  | mutation]
140895 | Zig:4    | Gained mutation: Your muscles are strong. (Str +4, Int/Dex
                  | -1) [potion of mutation]
140925 | Zig:4    | Acquired a manual of Necromancy
140934 | Zig:5    | Entered Level 5 of a ziggurat
140935 | Zig:5    | Noticed a juggernaut
140943 | Zig:5    | HP: 12/265 [juggernaut (29)]
140945 | Zig:5    | Killed a juggernaut
140948 | Zig:5    | HP: 4/270 [arc of chain lightning (4)]
140970 | Zig:5    | Identified the ring of Midnight {rElec MP+9 Int-5 Dex+5}
141366 | Zig:6    | Entered Level 6 of a ziggurat
141371 | Zig:6    | Noticed an ancient lich
141372 | Zig:6    | Noticed an ancient lich
141373 | Zig:6    | Noticed an ancient lich
141374 | Zig:6    | Killed an ancient lich
141375 | Zig:6    | Killed an ancient lich
141375 | Zig:6    | Killed an ancient lich
141389 | Zig:6    | Identified the staff of poison "Huaham" {rPois rC- rN+
                  | MP+9}
141444 | Zig:7    | Entered Level 7 of a ziggurat
141526 | Zig:8    | Entered Level 8 of a ziggurat
141551 | Zig:8    | Identified the staff of death "Pezunuc" {Drain rC+ rN+
                  | Dex+5}
141667 | Zig:8    | Got the Incunabulum of Kinetic Earth
141679 | Zig:9    | Entered Level 9 of a ziggurat
141685 | Zig:9    | HP: 12/245 [nargun (20)]
141687 | Zig:9    | Killed by the air
                  | ... invoked by a titan
                  | (24 damage)
141697 | Zig:9    | Paralysed by a wendigo for 1 turns
141702 | Zig:9    | Paralysed by a wendigo for 1 turns
141908 | Zig:10   | Entered Level 10 of a ziggurat
141937 | Zig:10   | Identified the +8 shortbow of Subjectivity {heavy, rElec
                  | Will+ rCorr}
141940 | Zig:10   | Identified the +2 robe of Baldness {rF++ rCorr Archmagi}
141944 | Zig:10   | Identified the +1 sling of the Eternal Warrior {freeze, rF-
                  | rCorr Int+3 Stlth+}
141951 | Zig:10   | Identified the +2 broad axe of Anger {protect, rC+}
142184 | Zig:11   | Entered Level 11 of a ziggurat
142189 | Zig:11   | Noticed Ekkyudghas the pandemonium lord
142195 | Zig:11   | HP: 11/273 [Brimstone Fiend (13)]
142196 | Zig:11   | Killed Ekkyudghas the pandemonium lord
142198 | Zig:11   | HP: 4/273 [Hell Sentinel (5)]
142201 | Zig:11   | Killed by arc of chain lightning (10 damage)
142240 | Zig:11   | Identified the +0 pair of boots of the Eternal Void {Fly}
142253 | Zig:11   | Identified the staff of poison "Fiaro" {*Corrode rPois rF+
                  | Will+}
142543 | Zig:12   | Entered Level 12 of a ziggurat
142547 | Zig:12   | Noticed a dread lich
142556 | Zig:12   | Killed a dread lich
142559 | Zig:12   | HP: 6/273 [something (20)]
142560 | Zig:12   | HP: 2/273 [poisoned by a balrug]
142560 | Zig:12   | Killed from afar by a balrug (2 damage)
                  | ... with a fireball
142587 | Zig:12   | Got the Lectures on Enthralling Blasting
142588 | Zig:12   | Identified the +1 hand axe of Nuamuvyrch {flame, rF+ rN+
                  | Dex+2}
142595 | Zig:12   | Identified the amulet "Ceidduka" {Reflect Str+4 Dex+2 SH+5}
142604 | Zig:12   | Identified the +6 chain mail "Ciuvvat" {rF+}
142654 | Zig:13   | Entered Level 13 of a ziggurat
142670 | Zig:13   | HP: 10/273 [something/bolt of lightning (5)]
142672 | Zig:13   | HP: 1/273 [yellow draconian annihilator/bolt of lightning
                  | (11)]
142672 | Zig:13   | Killed from afar by a black draconian knight (53 damage)
                  | ... with a shard of ice
142683 | Zig:13   | Found the +10 Black Knight's barding {ponderous, rPois rN+}
142947 | Zig:13   | Got the Codex of the Salvo
142948 | Zig:13   | Identified the +8 glaive of Fykul {distort, Contam rC+
                  | Str+3 Int+3}
142949 | Zig:13   | Identified the +2 short sword of Bloodstone {antimagic,
                  | *Noise rElec SInv}
142961 | Zig:13   | Identified the +4 broad axe "Bahuf" {venom, rF+}
142966 | Zig:13   | Identified the staff of conjuration "Hioqitav" {Fragile
                  | Str+6 Dex+3}
142985 | Zig:13   | Lost mutation: Your muscles are strong. (Str +4, Int/Dex
                  | -1) [potion of mutation]
142985 | Zig:13   | Lost mutation: You are covered in fur. (AC +1) [potion of
                  | mutation]
142985 | Zig:13   | Gained mutation: You are covered in fur. (AC +1) [potion of
                  | mutation]
142985 | Zig:13   | Gained mutation: You are strong-willed. (Will+) [potion of
                  | mutation]
142985 | Zig:13   | Gained mutation: You are covered in thick fur. (AC +2)
                  | [potion of mutation]
142985 | Zig:13   | Gained mutation: You are partially covered in large bone
                  | plates. (SH +4) [potion of mutation]
142994 | Zig:14   | Entered Level 14 of a ziggurat
143002 | Zig:14   | Noticed a dread lich
143002 | Zig:14   | Noticed a dread lich
143003 | Zig:14   | Noticed a dread lich
143003 | Zig:14   | Noticed an ancient lich
143003 | Zig:14   | Noticed a dread lich
143005 | Zig:14   | Reached skill level 10 in Staves
143006 | Zig:14   | Noticed a dread lich
143006 | Zig:14   | Killed a dread lich
143006 | Zig:14   | Killed an ancient lich
143006 | Zig:14   | Killed a dread lich
143007 | Zig:14   | Noticed a dread lich
143013 | Zig:14   | Killed a dread lich
143014 | Zig:14   | Reached skill level 27 in Maces & Flails
143014 | Zig:14   | Killed a dread lich
143043 | Zig:14   | Identified the +2 buckler of Indemnity {rN++ Dex+4}
143048 | Zig:14   | Identified the +5 pearl dragon scales of the Moon {rN+
                  | Dex+4}
143069 | Zig:14   | Identified the +0 scale mail of Bowuhaemm {rC+ Str+3 Int+3}
143221 | Zig:15   | Entered Level 15 of a ziggurat
143229 | Zig:15   | Noticed Ziblimut the pandemonium lord
143229 | Zig:15   | Killed from afar by a Hell Sentinel (41 damage)
                  | ... with an iron shot
143232 | Zig:15   | Slain by a reaper
                  | ... wielding a +4 scythe of freezing
                  | (15 damage)
143234 | Zig:15   | Killed Ziblimut the pandemonium lord
143239 | Zig:15   | Slain by an Ice Fiend (58 damage)
143271 | Zig:15   | Killed from afar by a Hell Sentinel (31 damage)
                  | ... with damnation
143471 | Zig:15   | Identified the +0 plate armour of Insecurity {rPois rF+
                  | Regen+ Dex+3}
143489 | Zig:15   | Identified the +8 giant club of Zorrycw {elec, rElec}
143498 | Zig:15   | Identified the +4 sling "Minatet" {flame, Will+}
143544 | Zig:16   | Entered Level 16 of a ziggurat
143554 | Zig:16   | Reached skill level 27 in Earth Magic
143620 | Zig:16   | Identified the staff of fire "Ifevophu" {rF+ Stlth+}
143623 | Zig:16   | Identified the +3 sling of the Ageless Eyes {heavy, Will+}
143671 | Zig:16   | Lost mutation: You are covered in thick fur. (AC +2)
                  | [potion of mutation]
143671 | Zig:16   | Lost mutation: You are strong-willed. (Will+) [potion of
                  | mutation]
143671 | Zig:16   | Lost mutation: You are covered in fur. (AC +1) [potion of
                  | mutation]
143671 | Zig:16   | Gained mutation: You passively map a small area around you.
                  | [potion of mutation]
143671 | Zig:16   | Gained mutation: You have sharp toenails. [potion of
                  | mutation]
143672 | Zig:16   | Lost mutation: You passively map a small area around you.
                  | [potion of mutation]
143672 | Zig:16   | Lost mutation: You are partially covered in large bone
                  | plates. (SH +4) [potion of mutation]
143672 | Zig:16   | Lost mutation: You have sharp toenails. [potion of
                  | mutation]
143672 | Zig:16   | Gained mutation: Your magical capacity is low. (-10% MP)
                  | [potion of mutation]
143672 | Zig:16   | Gained mutation: You are agile. (Dex +4, Str/Int -1)
                  | [potion of mutation]
143672 | Zig:16   | Gained mutation: Your body sometimes deteriorates upon
                  | taking damage. [potion of mutation]
143673 | Zig:16   | Lost mutation: Your body sometimes deteriorates upon taking
                  | damage. [potion of mutation]
143673 | Zig:16   | Lost mutation: You are agile. (Dex +4, Str/Int -1) [potion
                  | of mutation]
143673 | Zig:16   | Gained mutation: You are vulnerable to heat. (rF-) [potion
                  | of mutation]
143673 | Zig:16   | Gained mutation: You have a pair of small horns on your
                  | head. [potion of mutation]
143673 | Zig:16   | Gained mutation: Your muscles are strong. (Str +4, Int/Dex
                  | -1) [potion of mutation]
143674 | Zig:16   | Lost mutation: Your muscles are strong. (Str +4, Int/Dex
                  | -1) [potion of mutation]
143674 | Zig:16   | Lost mutation: You are vulnerable to heat. (rF-) [potion of
                  | mutation]
143674 | Zig:16   | Lost mutation: You have a pair of small horns on your head.
                  | [potion of mutation]
143674 | Zig:16   | Gained mutation: You do not regenerate when monsters are
                  | visible. [potion of mutation]
143674 | Zig:16   | Gained mutation: Your spells are a little easier to cast,
                  | but a little less powerful. [potion of mutation]
143675 | Zig:16   | Lost mutation: Your spells are a little easier to cast, but
                  | a little less powerful. [potion of mutation]
143675 | Zig:16   | Lost mutation: Your magical capacity is low. (-10% MP)
                  | [potion of mutation]
143675 | Zig:16   | Lost mutation: You do not regenerate when monsters are
                  | visible. [potion of mutation]
143675 | Zig:16   | Gained mutation: You are weak. (Str -2) [potion of
                  | mutation]
143675 | Zig:16   | Gained mutation: You are very weak. (Str -4) [potion of
                  | mutation]
143675 | Zig:16   | Gained mutation: You are frail. (-10% HP) [potion of
                  | mutation]
143675 | Zig:16   | Gained mutation: You have large cloven feet. [potion of
                  | mutation]
143676 | Zig:16   | Lost mutation: You are very weak. (Str -4) [potion of
                  | mutation]
143676 | Zig:16   | Lost mutation: You are weak. (Str -2) [potion of mutation]
143676 | Zig:16   | Lost mutation: You are frail. (-10% HP) [potion of
                  | mutation]
143676 | Zig:16   | Gained mutation: Your muscles are strong. (Str +4, Int/Dex
                  | -1) [potion of mutation]
143677 | Zig:16   | Lost mutation: You have large cloven feet. [potion of
                  | mutation]
143677 | Zig:16   | Lost mutation: Your muscles are strong. (Str +4, Int/Dex
                  | -1) [potion of mutation]
143677 | Zig:16   | Gained mutation: You expend magic power (3 MP) to
                  | strengthen your wands. [potion of mutation]
143677 | Zig:16   | Gained mutation: You have large cloven feet. [potion of
                  | mutation]
143687 | Zig:17   | Entered Level 17 of a ziggurat
143707 | Zig:17   | Reached skill level 15 in Staves
143747 | Zig:17   | Identified the +6 trident "Hoawof" {drain, rF+}
143768 | Zig:17   | Identified the +7 rapier "Raisuena" {freeze, MP+9 Dex+3
                  | Stlth+}
143776 | Zig:17   | Identified the amulet of Salvation {*Corrode Regen+ Dex+5
                  | Stlth+}
143785 | Zig:17   | Identified the staff of poison "Ecratexe" {rPois rC++
                  | Stlth-}
143816 | Zig:18   | Entered Level 18 of a ziggurat
143829 | Zig:18   | Reached skill level 5 in Poison Magic
143853 | Zig:18   | HP: 5/273 [tentacled monstrosity (9)]
143853 | Zig:18   | Demolished by an alligator snapping turtle (23 damage)
143863 | Zig:18   | HP: 4/273 [tentacled monstrosity (11)]
143864 | Zig:18   | Mangled by a tentacled monstrosity (14 damage)
143868 | Zig:18   | HP: 3/273 [nagaraja/+0 club (11)]
143868 | Zig:18   | Demolished by an alligator snapping turtle (20 damage)
143873 | Zig:18   | HP: 10/273 [alligator snapping turtle (19)]
143873 | Zig:18   | Slain by a tentacled monstrosity (10 damage)
143876 | Zig:18   | HP: 1/273 [tentacled monstrosity (18)]
143876 | Zig:18   | Demolished by an alligator snapping turtle (20 damage)
143877 | Zig:18   | Demolished by a merfolk javelineer
                  | ... wielding a +5 antimagic spear
                  | (20 damage)
143879 | Zig:18   | Slain by an alligator snapping turtle (18 damage)
143880 | Zig:18   | Demolished by an alligator snapping turtle (23 damage)
143884 | Zig:18   | HP: 12/273 [arc of chain lightning (13)]
143884 | Zig:18   | Annihilated by an alligator snapping turtle (37 damage)
143901 | Zig:18   | Paralysed by a floating eye for 2 turns
143912 | Zig:18   | Paralysed by a floating eye for 2 turns
143968 | Zig:18   | Identified the staff of conjuration "Cigoogh" {rC- Str+7}
143992 | Zig:18   | Identified the ring of Royalty {rPois Will- rCorr MP+9}
144014 | Zig:19   | Entered Level 19 of a ziggurat
144014 | Zig:19   | Noticed a dread lich
144023 | Zig:19   | Killed a dread lich
144036 | Zig:19   | Killed from afar by a nagaraja (20 damage)
                  | ... with a poison arrow
144044 | Zig:19   | HP: 1/273 [alligator snapping turtle (14)]
144044 | Zig:19   | Hit by a silver javelin thrown by a merfolk javelineer (1
                  | damage)
144052 | Zig:19   | HP: 4/273 [emperor scorpion (17)]
144052 | Zig:19   | Slain by an alligator snapping turtle (6 damage)
144057 | Zig:19   | Slain by an emperor scorpion (31 damage)
144059 | Zig:19   | Annihilated by an alligator snapping turtle (45 damage)
144062 | Zig:19   | HP: 2/273 [nagaraja/+0 spear (15)]
144062 | Zig:19   | Mangled by an alligator snapping turtle (12 damage)
144066 | Zig:19   | Reached skill level 10 in Poison Magic
144066 | Zig:19   | Slain by a nagaraja
                  | ... wielding a +0 halberd
                  | (12 damage)
144069 | Zig:19   | Slain by a jorogumo (15 damage)
144073 | Zig:19   | Demolished by an alligator snapping turtle (32 damage)
144080 | Zig:19   | HP: 8/273 [alligator snapping turtle (11)]
144080 | Zig:19   | Slain by an alligator snapping turtle (13 damage)
144230 | Zig:19   | Found the +5 scythe "Finisher" {speed, execute}
144230 | Zig:19   | Found the +9 sword of Zonguldrok {reap}
144263 | Zig:19   | Got Dolar's Quarto of Phantasms
144267 | Zig:19   | Got the Codex of Transposed Frost
144276 | Zig:19   | Identified the amulet "Gigah" {Acrobat Will- rCorr Int+4
                  | Dex+3}
144308 | Zig:20   | Entered Level 20 of a ziggurat
144315 | Zig:20   | Noticed a juggernaut
144318 | Zig:20   | Noticed a juggernaut
144319 | Zig:20   | Killed a juggernaut
144326 | Zig:20   | Killed a juggernaut
144750 | Zig:20   | Identified the amulet "Xipeedec" {Acrobat Str+3}
144752 | Zig:20   | Identified the staff of fire "Wiuply" {rF+ rC+ Will+ Int-2}
144759 | Zig:20   | Identified the +6 quarterstaff of the Common Good {speed,
                  | *Slow rElec rPois Will+}
144837 | Zig:21   | Entered Level 21 of a ziggurat
144858 | Zig:21   | Noticed a dread lich
144859 | Zig:21   | Noticed an ancient lich
144859 | Zig:21   | Killed from afar by a shard shrike (44 damage)
                  | ... with a shard of ice
144860 | Zig:21   | Noticed an ancient lich
144860 | Zig:21   | Killed from afar by an Ice Fiend (42 damage)
                  | ... with a bolt of cold
144860 | Zig:21   | HP: 5/273 [Ice Fiend/bolt of cold (19)]
144861 | Zig:21   | Killed by arc of chain lightning (10 damage)
144862 | Zig:21   | Killed an ancient lich
144863 | Zig:21   | Killed from afar by an Ice Fiend (51 damage)
                  | ... with a bolt of cold
144864 | Zig:21   | Killed a dread lich
144865 | Zig:21   | HP: 12/273 [??? (8)]
144865 | Zig:21   | Killed from afar by an Ice Fiend (50 damage)
                  | ... with a bolt of cold
144868 | Zig:21   | Killed an ancient lich
144868 | Zig:21   | Killed by the air
                  | ... invoked by a blizzard demon
                  | (12 damage)
144870 | Zig:21   | Found the +8 whip "Snakebite" {venom, curare, rPois}
144897 | Zig:21   | Got the Codex of Flame
144907 | Zig:21   | Identified the +0 scale mail of Salvation {Int+3 Dex+3}
144924 | Zig:21   | Identified the staff of fire "Bapp" {rF+ Int+3}
144929 | Zig:21   | Identified the +6 scale mail of the Depths {rF+ Will+}
144974 | Zig:22   | Entered Level 22 of a ziggurat
144979 | Zig:22   | Noticed Xasorodd the pandemonium lord
144980 | Zig:22   | Noticed Waomp the pandemonium lord
144980 | Zig:22   | Noticed Leshecopp the pandemonium lord
144981 | Zig:22   | Noticed Nikhluice the pandemonium lord
144981 | Zig:22   | Noticed Ufowkotu the pandemonium lord
144981 | Zig:22   | Noticed Eckeuvej the pandemonium lord
144982 | Zig:22   | Noticed Taivvihi the pandemonium lord
144982 | Zig:22   | Noticed Ethiul the pandemonium lord
144982 | Zig:22   | Noticed Gouhoif the pandemonium lord
144983 | Zig:22   | Noticed Luthri the pandemonium lord
144983 | Zig:22   | Noticed Kuxi the pandemonium lord
144983 | Zig:22   | Noticed Nesoeme the pandemonium lord
144984 | Zig:22   | Noticed Ehisoet the pandemonium lord
144984 | Zig:22   | Killed Waomp the pandemonium lord
144984 | Zig:22   | Killed Xasorodd the pandemonium lord
144984 | Zig:22   | Killed Ufowkotu the pandemonium lord
144984 | Zig:22   | Noticed Nitzed the pandemonium lord
144985 | Zig:22   | Reached skill level 15 in Poison Magic
144985 | Zig:22   | Killed Leshecopp the pandemonium lord
144985 | Zig:22   | Killed Nikhluice the pandemonium lord
144985 | Zig:22   | Killed Eckeuvej the pandemonium lord
144985 | Zig:22   | Noticed Aratzui the pandemonium lord
144986 | Zig:22   | Killed Taivvihi the pandemonium lord
144986 | Zig:22   | Killed Luthri the pandemonium lord
144987 | Zig:22   | Noticed Posuex the pandemonium lord
144987 | Zig:22   | Killed Gouhoif the pandemonium lord
144988 | Zig:22   | Killed Ethiul the pandemonium lord
144988 | Zig:22   | Killed Ehisoet the pandemonium lord
144988 | Zig:22   | Killed Nesoeme the pandemonium lord
144989 | Zig:22   | HP: 13/273 [Aratzui the pandemonium lord (4)]
144990 | Zig:22   | Noticed Qacy the pandemonium lord
144991 | Zig:22   | Killed Aratzui the pandemonium lord
144991 | Zig:22   | Slain by an Executioner (13 damage)
144992 | Zig:22   | Killed Nitzed the pandemonium lord
144993 | Zig:22   | Killed Posuex the pandemonium lord
145000 | Zig:22   | HP: 6/273 [Executioner (10)]
145000 | Zig:22   | Mangled by a Killer Klown
                  | ... wielding a +11 club of venom
                  | (16 damage)
145001 | Zig:22   | Noticed Kinueplo the pandemonium lord
145004 | Zig:22   | Killed Kuxi the pandemonium lord
145008 | Zig:22   | Noticed Xoiwn the pandemonium lord
145013 | Zig:22   | HP: 8/273 [Killer Klown/+8 club of flaming (7)]
145014 | Zig:22   | Slain by a Killer Klown
                  | ... wielding a +9 heavy club
                  | (5 damage)
145027 | Zig:22   | Killed Qacy the pandemonium lord
145030 | Zig:22   | HP: 2/273 [Killer Klown/+11 club of venom (23)]
145030 | Zig:22   | Annihilated by Xoiwn the pandemonium lord (43 damage)
145038 | Zig:22   | Demolished by a Killer Klown
                  | ... wielding a +11 club of venom
                  | (40 damage)
145042 | Zig:22   | HP: 11/273 [Killer Klown/+11 club of venom (20)]
145042 | Zig:22   | Annihilated by Xoiwn the pandemonium lord (39 damage)
145046 | Zig:22   | Mangled by a Killer Klown
                  | ... wielding a +11 club of venom
                  | (20 damage)
145048 | Zig:22   | HP: 3/273 [Kinueplo the pandemonium lord (40)]
145048 | Zig:22   | Mangled by a golden dragon (shapeshifter) (13 damage)
145052 | Zig:22   | Succumbed to a Killer Klown's poison
145055 | Zig:22   | Killed from afar by Xoiwn the pandemonium lord (48 damage)
                  | ... with a bolt of cold
145059 | Zig:22   | Killed Xoiwn the pandemonium lord
145059 | Zig:22   | HP: 12/273 [Kinueplo the pandemonium lord (38)]
145060 | Zig:22   | HP: 3/273 [poisoned by a Killer Klown]
145060 | Zig:22   | Mangled by a Killer Klown
                  | ... wielding a +11 club of venom
                  | (13 damage)
145063 | Zig:22   | Demolished by a green death (28 damage)
145069 | Zig:22   | HP: 4/273 [poisoned by a Killer Klown]
145069 | Zig:22   | Annihilated by a Killer Klown
                  | ... wielding a +11 club of venom
                  | (27 damage)
145071 | Zig:22   | Mangled by a golden dragon (shapeshifter) (18 damage)
145073 | Zig:22   | Mangled by a fenstrider witch (shapeshifter) (13 damage)
145075 | Zig:22   | HP: 13/273 [fenstrider witch (shapeshifter) (7)]
145075 | Zig:22   | HP: 6/273 [fenstrider witch (shapeshifter) (7)]
145075 | Zig:22   | Annihilated by a Killer Klown
                  | ... wielding a +9 club
                  | (30 damage)
145080 | Zig:22   | HP: 9/262 [poisoned by a Killer Klown]
145080 | Zig:22   | Demolished by a Killer Klown
                  | ... wielding a +11 club of venom
                  | (30 damage)
145084 | Zig:22   | Killed from afar by Kinueplo the pandemonium lord (68
                  | damage)
                  | ... with a great icy blast
145086 | Zig:22   | Killed from afar by a shadow dragon (shapeshifter) (20
                  | damage)
                  | ... with a bolt of negative energy
145088 | Zig:22   | HP: 10/245 [Killer Klown/+11 club of venom (31)]
145088 | Zig:22   | Succumbed to a Killer Klown's poison
145099 | Zig:22   | HP: 5/243 [Kinueplo the pandemonium lord (13)]
145099 | Zig:22   | HP: 2/243 [shadow dragon (shapeshifter) (3)]
145099 | Zig:22   | Slain by a shadow dragon (shapeshifter) (2 damage)
145107 | Zig:22   | Engulfed by Kinueplo the pandemonium lord's freezing vapour
                  | (34 damage)
145110 | Zig:22   | HP: 10/237 [Kinueplo the pandemonium lord] (24)]
145111 | Zig:22   | Engulfed by Kinueplo the pandemonium lord's freezing vapour
                  | (12 damage)
145113 | Zig:22   | Killed Kinueplo the pandemonium lord
145156 | Zig:22   | Identified the ring "Aninkos" {+Blink rF+ AC+4 Dex+3
                  | Stlth-}
145163 | Zig:22   | Identified the +3 glaive "Spider's Death" {flame, rC+
                  | Dex+2}
145168 | Zig:22   | Identified the +1 helmet of Bitterness {Harm Rampage}
145180 | Zig:22   | Identified the ring "Beimacily" {rElec rF+ rCorr Dex+6}
145185 | Zig:22   | Identified the ring "Ofaeleik" {rPois rC+ Str+6}
145193 | Zig:22   | Got the Compendium of Planar Rallying
145245 | Zig:23   | Entered Level 23 of a ziggurat
145264 | Zig:23   | HP: 13/273 [poison (dark miasma)]
145264 | Zig:23   | HP: 5/273 [green death/bolt of poison (2)]
145265 | Zig:23   | HP: 1/273 [poisoned by a swamp dragon (blast of poison)]
145265 | Zig:23   | Slain by a golden dragon (3 damage)
145533 | Zig:23   | Identified the staff of death "Vaecugepn" {*Corrode rElec
                  | rF+++ rC++ rN+}
145542 | Zig:23   | Identified the +4 flail "Ackoqor" {drain, Fly Dex+5}
145553 | Zig:23   | Identified the +1 troll leather armour of Neguketh {Will+
                  | Regen+}
145571 | Zig:23   | Got Morr's Catalogue of the Fault and the Tempest
145580 | Zig:23   | Identified the ring of Edet {Wiz rElec rF- rCorr Str-5
                  | Stlth+}
145589 | Zig:23   | Got Anwuog's Folio of Bolts
145633 | Zig:24   | Entered Level 24 of a ziggurat
145648 | Zig:24   | HP: 8/265 [Tzitzimitl/bolt of negative energy (21)]
145648 | Zig:24   | HP: 2/265 [profane servitor/+2 whip (4)]
145649 | Zig:24   | Succumbed to poison (dark miasma)
145650 | Zig:24   | Noticed an ancient lich
145653 | Zig:24   | HP: 2/273 [poison (dark miasma)]
145653 | Zig:24   | Mangled by a profane servitor
                  | ... wielding a +3 whip
                  | (9 damage)
145654 | Zig:24   | Killed an ancient lich
145660 | Zig:24   | HP: 9/273 [profane servitor/+2 antimagic demon whip (12)]
145661 | Zig:24   | Slain by a profane servitor
                  | ... wielding a +2 antimagic demon whip
                  | (9 damage)
145827 | Zig:24   | Identified the ring of Vuta {Fire Will+ Str+4 Dex-3 Stlth+}
145855 | Zig:24   | Identified the staff of earth "Doap Wiu" {Int+2}
145863 | Zig:24   | Identified the +6 mace of Paumonam {heavy, Int+4}
145866 | Zig:24   | Identified the +2 spear of Wicvyeji {spect, +Blink Dex+2
                  | Stlth+}
145868 | Zig:24   | Identified the staff of air "Wesonaes" {rElec Dex+5}
145873 | Zig:24   | Identified the +3 rapier "Siuddaja" {pain, Dex+4}
145971 | Zig:25   | Entered Level 25 of a ziggurat
145984 | Zig:25   | HP: 12/273 [acid (5)]
145984 | Zig:25   | HP: 4/273 [acid (4)]
145984 | Zig:25   | Demolished by a caustic shrike (22 damage)
146077 | Zig:25   | Identified the staff of death "Sookurphe" {rC+ rN+ Dex+2
                  | Stlth+}
146078 | Zig:25   | Identified the +5 morningstar of Yxkoluss {antimagic,
                  | Stlth+}
146090 | Zig:25   | Identified the +5 triple sword "Obeirip" {protect, *Corrode
                  | rC+++ Int+4}
146094 | Zig:25   | Identified the +4 long sword "Sarphy" {elec, +Blink Int+4
                  | Dex+3}
146095 | Zig:25   | Identified the +5 falchion of Compulsion {vamp, Dex+4}
146099 | Zig:25   | Identified the staff of conjuration "Xoriezimn" {rF+ rC+
                  | Will-}
146107 | Zig:25   | Identified the staff of earth "Vosuxtust" {Fragile rF+ rN+}
146112 | Zig:25   | Identified the staff of fire "Xyruexza" {rF+ Str+3 Int+3
                  | Dex+3}
146115 | Zig:25   | Identified the +0 ice dragon scales of Modern Fun {+Inv rF-
                  | rC++}
146120 | Zig:25   | Identified the +1 ring mail of Forking Paths {+Inv rPois
                  | rF- SInv}
146172 | Zig:26   | Entered Level 26 of a ziggurat
146183 | Zig:26   | Noticed an ancient lich
146184 | Zig:26   | Noticed an ancient lich
146199 | Zig:26   | Killed an ancient lich
146200 | Zig:26   | Noticed an ancient lich
146200 | Zig:26   | Noticed a dread lich
146201 | Zig:26   | HP: 4/273 [stone giant (12)]
146202 | Zig:26   | Killed by arc of chain lightning (6 damage)
146202 | Zig:26   | Noticed a dread lich
146203 | Zig:26   | Killed an ancient lich
146204 | Zig:26   | Killed a dread lich
146204 | Zig:26   | Killed an ancient lich
146204 | Zig:26   | Noticed a dread lich
146204 | Zig:26   | Noticed a dread lich
146205 | Zig:26   | Noticed an ancient lich
146206 | Zig:26   | Noticed an ancient lich
146208 | Zig:26   | Killed a dread lich
146209 | Zig:26   | Killed a dread lich
146209 | Zig:26   | Killed an ancient lich
146209 | Zig:26   | Killed an ancient lich
146210 | Zig:26   | Noticed an ancient lich
146210 | Zig:26   | Noticed a dread lich
146210 | Zig:26   | Noticed an ancient lich
146210 | Zig:26   | HP: 1/273 [titan (30)]
146210 | Zig:26   | Demolished by a golden dragon (15 damage)
146217 | Zig:26   | Killed a dread lich
146218 | Zig:26   | Killed an ancient lich
146229 | Zig:26   | Killed an ancient lich
146232 | Zig:26   | Noticed an ancient lich
146236 | Zig:26   | Killed a dread lich
146249 | Zig:26   | Mangled by a titan (21 damage)
146266 | Zig:26   | HP: 10/273 [shock serpent (glowing shapeshifter)/electric
                  | aura (7)]
146266 | Zig:26   | Killed from afar by an ancient lich (15 damage)
                  | ... with a bolt of acid
146266 | Zig:26   | Noticed an ancient lich
146267 | Zig:26   | Killed an ancient lich
146291 | Zig:26   | Killed an ancient lich
146309 | Zig:26   | Found the +8 demon trident "Rift" {distort, reach+}
146560 | Zig:26   | Identified the +4 sling "Ytwowiew" {freeze, Drain Int+8
                  | SInv}
146572 | Zig:26   | Got Sif Muna's Witchery in Simple Steps
146584 | Zig:26   | Identified the amulet of Teafon {Reflect Drain +Blink Will+
                  | SH+5}
146595 | Zig:26   | Identified the ring of Asmixkeh {Fly rElec Will+ Int+2}
146682 | Zig:27   | Entered Level 27 of a ziggurat
146689 | Zig:27   | Paralysed by an air elemental for 1 turns
146702 | Zig:27   | HP: 13/273 [deep elf blademaster/+1 rapier of venom (10)]
146702 | Zig:27   | Slain by a deep elf blademaster
                  | ... wielding a +0 rapier
                  | (13 damage)
146715 | Zig:27   | Killed from afar by a deep elf annihilator (54 damage)
                  | ... with a bolt of lightning
146722 | Zig:27   | Found the +2 shield of Resistance {rF++ rC++ Will++}
146728 | Abyss:4  | Cast into level 4 of the Abyss (+4 glaive of distortion)
146747 | Zig:27   | Escaped the Abyss
147066 | Zig:27   | Identified the +3 ring mail of the Shrinking Gods {Will+}
147082 | Zig:27   | Identified the +9 great mace "Ylaz" {drain, *Slow Will+
                  | Dex+3}
147109 | Zig:27   | Identified the +8 great sword "Transmigrator" {pain, rF+
                  | Dex+2}
147111 | Zig:27   | Got the Disquisition on the Crystalline Missiles
147113 | Zig:27   | Identified the +7 spear of Tortured Valiance {antimagic,
                  | *Rage rPois rF+++ SInv}
147126 | Zig:27   | Identified the staff of earth "Hiloik" {*Slow +Blink rC++
                  | rCorr}
147127 | Zig:27   | Identified the +9 hand axe of Dullness {heavy, rCorr}
147136 | Zig:27   | Got the Meditations on the Snowflakes
147490 | D:1      | Fell from the grace of Cheibriados
147839 | Orc:2    | Bought the +2 hood of the Assassin {Detect Stab+ Stlth++}
                  | for 1920 gold pieces
147839 | Orc:2    | Found the +2 hood of the Assassin {Detect Stab+ Stlth++}
148018 | Snake:2  | Bought the +3 Elemental Staff {rElec rF+ rC+ AC+3} for 1998
                  | gold pieces
148018 | Snake:2  | Found the +3 Elemental Staff {rElec rF+ rC+ AC+3}
149137 | Zig:1    | Entered Level 1 of a ziggurat
149137 | Zig:1    | Noticed Imoymoc the pandemonium lord
149139 | Zig:1    | Killed Imoymoc the pandemonium lord
149159 | Zig:2    | Entered Level 2 of a ziggurat
149160 | Zig:2    | Noticed a royal mummy
149164 | Zig:2    | Killed a royal mummy
149170 | Zig:2    | Identified the +9 arbalest "Soes" {antimagic, rElec rN+
                  | Int+2 Dex-5}
149178 | Zig:2    | Reached skill level 5 in Summonings
149193 | Zig:3    | Entered Level 3 of a ziggurat
149194 | Zig:3    | Noticed Gioh the pandemonium lord
149206 | Zig:3    | Killed Gioh the pandemonium lord
149220 | Zig:3    | HP: 4/246 [Tzitzimitl (10)]
149221 | Zig:3    | Demolished by a Tzitzimitl (18 damage)
149233 | Zig:3    | Identified the +2 ring mail of Quunu {rF+ rC++ rCorr}
149246 | Zig:4    | Entered Level 4 of a ziggurat
149278 | Zig:5    | Entered Level 5 of a ziggurat
149330 | Zig:5    | Identified the staff of cold "Nino" {rC+ rCorr}
149353 | Zig:6    | Entered Level 6 of a ziggurat
149354 | Zig:6    | Noticed a juggernaut
149363 | Zig:6    | Killed a juggernaut
149366 | Zig:6    | Lost mutation: You have large cloven feet. [potion of
                  | mutation]
149366 | Zig:6    | Lost mutation: You expend magic power (3 MP) to strengthen
                  | your wands. [potion of mutation]
149366 | Zig:6    | Gained mutation: Potions are less effective at restoring
                  | your health. [potion of mutation]
149366 | Zig:6    | Gained mutation: Your movements are slightly less
                  | encumbered by armour. (ER -2) [potion of mutation]
149367 | Zig:6    | Lost mutation: Your movements are slightly less encumbered
                  | by armour. (ER -2) [potion of mutation]
149367 | Zig:6    | Lost mutation: Potions are less effective at restoring your
                  | health. [potion of mutation]
149367 | Zig:6    | Gained mutation: You are partially covered in iridescent
                  | scales. (AC +2) [potion of mutation]
149367 | Zig:6    | Gained mutation: You have sharp toenails. [potion of
                  | mutation]
149367 | Zig:6    | Gained mutation: Your body sometimes deteriorates upon
                  | taking damage. [potion of mutation]
149367 | Zig:6    | Gained mutation: Your system is resistant to poisons.
                  | (rPois) [potion of mutation]
149501 | Zig:6    | Identified the staff of fire "Wucwocw" {*Slow rF+ rN+
                  | Int+4}
149502 | Zig:6    | Identified the +2 chain mail of Elyvilon {*Corrode rElec
                  | rC+++ Regen+}
149511 | Zig:6    | Identified the staff of poison "Rihuf" {+Blink rPois Dex+2}
149516 | Zig:7    | Entered Level 7 of a ziggurat
149549 | Zig:7    | Identified the +1 short sword of Dried Tears {heavy, rN+}
149559 | Zig:8    | Entered Level 8 of a ziggurat
149562 | Zig:8    | Noticed a juggernaut
149566 | Zig:8    | Killed a juggernaut
149669 | Zig:9    | Entered Level 9 of a ziggurat
149677 | Zig:9    | Noticed an ancient lich
149688 | Zig:9    | HP: 10/273 [balrug/divine providence (6)]
149689 | Zig:9    | Killed by arc of chain lightning (7 damage)
149690 | Zig:9    | Killed an ancient lich
150066 | Zig:10   | Entered Level 10 of a ziggurat
150078 | Zig:10   | HP: 5/273 [balrug/divine providence (10)]
150079 | Zig:10   | HP: 2/273 [searing wretch (3)]
150079 | Zig:10   | Slain by a searing wretch (6 damage)
150441 | Zig:10   | Got the Volume of Outbursts and Wanderlust
150448 | Zig:10   | Identified the +9 dagger "Hunuekk" {venom, rN++ Dex+2}
150482 | Zig:11   | Entered Level 11 of a ziggurat
150486 | Zig:11   | Noticed a dread lich
150487 | Zig:11   | Noticed a dread lich
150487 | Zig:11   | Noticed a dread lich
150488 | Zig:11   | Noticed a dread lich
150495 | Zig:11   | Noticed a dread lich
150502 | Zig:11   | Paralysed by a dread lich for 3 turns
150506 | Zig:11   | Mangled by a white very ugly thing (21 damage)
150507 | Zig:11   | Killed a dread lich
150507 | Zig:11   | Killed a dread lich
150507 | Zig:11   | Killed a dread lich
150508 | Zig:11   | Reached skill level 27 in Staves
150508 | Zig:11   | Reached skill level 27 in Poison Magic
150508 | Zig:11   | Reached skill level 5 in Polearms
150508 | Zig:11   | Killed a dread lich
150508 | Zig:11   | Killed a dread lich
150509 | Zig:11   | Paralysed by a sphinx for 5 turns
150542 | Zig:11   | Found the -2 hat of the Alchemist {rElec rPois rF+ rC+ rN+
                  | Will+ rMut rCorr}
150830 | Zig:12   | Entered Level 12 of a ziggurat
150862 | Zig:12   | Identified the +0 cloak of Egutyep {Harm Will++ rCorr
                  | Dex-2}
150869 | Zig:12   | Got Giap's Lost Compilation of the Warlock
150875 | Zig:12   | Identified the +3 cloak "Miahoas" {Str+2}
150876 | Zig:12   | Identified the +6 chain mail of Uskayaw's Favour {rElec
                  | Will+ rCorr Dex+3}
150918 | Zig:13   | Entered Level 13 of a ziggurat
150934 | Zig:13   | Reached skill level 10 in Polearms
150940 | Zig:13   | Found the ring of the Octopus King
151192 | Zig:13   | Identified the ring "Cusyst" {+Blink rF+ rN+ EV+5 Int+3
                  | Slay-5}
151210 | Zig:13   | Identified the +8 quarterstaff of Devotion {heavy, Int+4}
151222 | Zig:13   | Identified the +0 ring mail "Ruineu" {MP+9 Int+3 Dex+3}
151225 | Zig:13   | Identified a ring of the Octopus King {Wiz HP+2 AC+2 EV+2
                  | SH+2}
151229 | Zig:13   | Identified the +3 leather armour of Card Tricks {rElec rN++
                  | rCorr Int-2}
151231 | Zig:13   | Identified the amulet "Upti" {Reflect rN+ SH+5}
151288 | Zig:14   | Entered Level 14 of a ziggurat
151294 | Zig:14   | Noticed a dread lich
151294 | Zig:14   | Paralysed by a dread lich for 5 turns
151299 | Zig:14   | Noticed an ancient lich
151299 | Zig:14   | Paralysed by a sphinx for 2 turns
151305 | Abyss:4  | Cast into level 4 of the Abyss (a deep elf sorcerer)
151339 | Abyss:4  | HP: 3/273 [tentacled starspawn (14)]
151340 | Abyss:4  | Killed by arc of chain lightning (13 damage)
151346 | Abyss:4  | Found a corrupted altar of Lugonu.
151353 | Abyss:4  | Noticed a dread lich
151386 | Abyss:4  | Killed a dread lich
151386 | Abyss:4  | Killed by arc of chain lightning (10 damage)
151399 | Abyss:4  | Paralysed by accursed screaming for 1 turns
151427 | Abyss:4  | Gained mutation: You are frail. (-10% HP) [a neqoxec]
151452 | Abyss:4  | Killed from afar by a wretched star (15 damage)
                  | ... with a lance of force
151460 | Abyss:4  | Gained mutation: You are vulnerable to cold. (rC-) [a
                  | shining eye]
151463 | Abyss:4  | Gained mutation: You are dopey. (Int -2) [a shining eye]
151464 | Abyss:4  | Gained mutation: You are very frail. (-20% HP) [a shining
                  | eye]
151477 | Abyss:4  | Lost intelligence.
151477 | Abyss:4  | HP: 10/216 [tormentor (1)]
151478 | Abyss:4  | Slain by an apocalypse crab (8 damage)
                  | ... while paralysed
151480 | Abyss:4  | Slain by an apocalypse crab (10 damage)
                  | ... while paralysed
151487 | Abyss:4  | Slain by an apocalypse crab (11 damage)
151507 | Abyss:4  | HP: 8/190 [poisoned by a cane toad]
151507 | Abyss:4  | HP: 1/190 [starcursed mass/accursed screaming (7)]
151508 | Abyss:4  | Succumbed to a cane toad's poison
151514 | Abyss:4  | Paralysed by accursed screaming for 2 turns
151550 | Abyss:5  | HP: 2/191 [large abomination (19)]
151551 | Abyss:5  | Succumbed to a death drake's dark miasma
151561 | Abyss:5  | Gained mutation: You have hidden genetic defects. [a
                  | neqoxec]
151564 | Abyss:5  | Killed from afar by a lich (66 damage)
                  | ... with a bolt of cold
151583 | Abyss:5  | Gained mutation: You are extremely frail. (-30% HP) [a
                  | cacodemon]
151589 | Abyss:5  | HP: 3/191 [disintegration (8)]
151589 | Abyss:5  | Gained mutation: Your magical capacity is low. (-10% MP) [a
                  | cacodemon]
151592 | Zig:14   | Escaped the Abyss
151592 | Zig:14   | Noticed a dread lich
151592 | Zig:14   | HP: 1/191 [dread lich (3)]
151592 | Zig:14   | Killed by the air
                  | ... invoked by a titan
                  | (26 damage)
151594 | Zig:14   | Killed a dread lich
151594 | Zig:14   | Paralysed by a dread lich for 3 turns
151595 | Zig:14   | Reached skill level 15 in Polearms
151597 | Zig:14   | Killed a dread lich
151597 | Zig:14   | Killed from afar by an ancient lich (101 damage)
                  | ... with a crystal spear
151598 | Zig:14   | Killed an ancient lich
151598 | Zig:14   | Gained mutation: You sometimes lose your temper in combat.
                  | [hidden defects]
151601 | Zig:14   | Reached skill level 27 in Hexes
151613 | Zig:14   | Gained mutation: You occasionally lose the ability to read
                  | scrolls when taking damage. [hidden defects]
151613 | Zig:14   | Lost mutation: You have hidden genetic defects. [hidden
                  | defects expressed]
152000 | Zig:14   | Lost mutation: You occasionally lose the ability to read
                  | scrolls when taking damage. [potion of mutation]
152000 | Zig:14   | Lost mutation: You are partially covered in iridescent
                  | scales. (AC +2) [potion of mutation]
152000 | Zig:14   | Gained mutation: You are partially covered in iridescent
                  | scales. (AC +2) [potion of mutation]
152001 | Zig:14   | Lost mutation: You are vulnerable to cold. (rC-) [potion of
                  | mutation]
152001 | Zig:14   | Lost mutation: Your magical capacity is low. (-10% MP)
                  | [potion of mutation]
152001 | Zig:14   | Lost mutation: You have sharp toenails. [potion of
                  | mutation]
152001 | Zig:14   | Gained mutation: Your muscles are strong. (Str +4, Int/Dex
                  | -1) [potion of mutation]
152002 | Zig:14   | Lost mutation: You are partially covered in iridescent
                  | scales. (AC +2) [potion of mutation]
152002 | Zig:14   | Lost mutation: Your system is resistant to poisons. (rPois)
                  | [potion of mutation]
152002 | Zig:14   | Gained mutation: You are clumsy. (Dex -2) [potion of
                  | mutation]
152003 | Zig:14   | Lost mutation: Your body sometimes deteriorates upon taking
                  | damage. [potion of mutation]
152003 | Zig:14   | Lost mutation: You are extremely frail. (-30% HP) [potion
                  | of mutation]
152003 | Zig:14   | Gained mutation: Armour fits poorly on your strangely
                  | shaped body. [potion of mutation]
152004 | Zig:14   | Lost mutation: You are very frail. (-20% HP) [potion of
                  | mutation]
152004 | Zig:14   | Lost mutation: You sometimes lose your temper in combat.
                  | [potion of mutation]
152004 | Zig:14   | Gained mutation: You possess an exceptional clarity of
                  | mind. [potion of mutation]
152004 | Zig:14   | Lost dexterity.
152004 | Zig:14   | Gained mutation: Your muscles are very strong. (Str +8,
                  | Int/Dex -2) [potion of mutation]
152006 | Zig:14   | Lost mutation: You are frail. (-10% HP) [potion of
                  | mutation]
152006 | Zig:14   | Lost mutation: You are clumsy. (Dex -2) [potion of
                  | mutation]
152006 | Zig:14   | Lost mutation: Armour fits poorly on your strangely shaped
                  | body. [potion of mutation]
152006 | Zig:14   | Gained mutation: You have a pair of small antennae on your
                  | head. [potion of mutation]
152007 | Zig:14   | Lost mutation: You have a pair of small antennae on your
                  | head. [potion of mutation]
152007 | Zig:14   | Lost mutation: You are dopey. (Int -2) [potion of mutation]
152007 | Zig:14   | Gained mutation: You passively map a small area around you.
                  | [potion of mutation]
152007 | Zig:14   | Gained mutation: You are partially covered in iridescent
                  | scales. (AC +2) [potion of mutation]
152007 | Zig:14   | Lost mutation: You passively map a small area around you.
                  | [potion of mutation]
152007 | Zig:14   | Gained mutation: You are mostly covered in iridescent
                  | scales. (AC +4) [potion of mutation]
152028 | Zig:14   | Identified the ring of Light {rC+++ AC+4 Str+3 Int-5}
152063 | Zig:14   | Identified the +1 ring mail "Saudaog" {Str+8 Dex+3}
152065 | Zig:14   | Identified the +11 mace of the Twisting Stork {heavy,
                  | Dex+6}
152133 | Zig:15   | Entered Level 15 of a ziggurat
152146 | Zig:15   | Found the +11 plutonium sword {Contam Stlth-}
152299 | Zig:15   | Got Sif Muna's Parchment of Jinxing
152318 | Zig:15   | Identified the +6 hand axe of Ignis's Generosity {pain,
                  | rF++ SInv}
152325 | Zig:15   | Identified the ring of Awe {Fire Str+3 Dex+2 Slay+2}
152343 | Zig:15   | Acquired a manual of Necromancy
152386 | Zig:16   | Entered Level 16 of a ziggurat
152413 | Zig:16   | HP: 11/273 [merfolk impaler/+5 demon trident (10)]
152413 | Zig:16   | Killed from afar by a merfolk aquamancer (19 damage)
                  | ... with a torrent of water
152418 | Zig:16   | Killed by the raging water
                  | ... invoked by a water nymph
                  | (27 damage)
152451 | Zig:16   | Identified the +3 scale mail of Faotet {Int+3 SInv}
152459 | Zig:16   | Identified the ring "Xyidozul" {rF+ Str+6}
152474 | Zig:16   | Got Guekk's Omnibus of the Volcano and the Wyrd
152477 | Zig:16   | Identified the +1 buckler "Toiluk" {Int+8 Dex-5}
152480 | Zig:16   | Identified the ring of Bemoys {rCorr Slay+4}
152578 | Zig:16   | Lost dexterity.
152623 | Zig:17   | Entered Level 17 of a ziggurat
152651 | Zig:17   | HP: 11/273 [caustic shrike (7)]
152652 | Zig:17   | HP: 2/273 [four-headed hydra (6)]
152652 | Zig:17   | Slain by a four-headed hydra (4 damage)
                  | ... while petrified by a catoblepas
152665 | Zig:17   | HP: 2/273 [dire elephant (20)]
152665 | Zig:17   | Splashed by a caustic shrike's acid (2 damage)
                  | ... while petrified
152700 | Zig:17   | Identified the staff of death "Hilifelae" {rN+ Stlth+}
152701 | Zig:17   | Identified the staff of poison "Axoufuen" {rPois Int+3}
152707 | Zig:17   | Got the Disquisition on Vapour and Grit
152708 | Zig:17   | Identified the staff of cold "Biastam" {rF+ rC+}
152716 | Zig:17   | Got Sif Muna's Folio of the Door and Power
152718 | Zig:17   | Identified the amulet "Riuhesm" {Spirit MP+9 Dex+2}
152723 | Zig:17   | Got the Volume of Transportation
152747 | Zig:17   | Identified the +1 robe "Zok Jear" {Contam Rampage rCorr}
152748 | Zig:17   | Identified the +1 plate armour "Heerhip" {Rampage Dex+3
                  | Stlth+}
152757 | Zig:17   | Identified the staff of cold "Keth" {rC+ Str+7 Int-4 Dex+2
                  | SInv Stlth+}
152856 | Zig:18   | Entered Level 18 of a ziggurat
152865 | Zig:18   | Noticed a dread lich
152867 | Zig:18   | Killed a dread lich
153142 | Zig:18   | Identified the staff of cold "Dohy" {rC+ rN+}
153172 | Zig:18   | Identified the +1 scale mail of the Centipede {rPois}
153173 | Zig:18   | Identified the +5 dire flail "Heesi" {flame, Int+3 Dex+3}
153176 | Zig:18   | Got Sif Muna's Quarto of Tropical Sidekicks
153185 | Zig:18   | Got the Meditations on the Polluted Wyrd
153264 | Zig:19   | Entered Level 19 of a ziggurat
153271 | Zig:19   | Noticed a dread lich
153273 | Zig:19   | Killed a dread lich
153273 | Zig:19   | Noticed an ancient lich
153275 | Zig:19   | Noticed an ancient lich
153275 | Zig:19   | Noticed a dread lich
153275 | Zig:19   | Noticed a dread lich
153275 | Zig:19   | Noticed a dread lich
153275 | Zig:19   | Noticed an ancient lich
153275 | Zig:19   | Noticed a dread lich
153275 | Zig:19   | Noticed a dread lich
153276 | Zig:19   | Killed a dread lich
153276 | Zig:19   | Noticed an ancient lich
153277 | Zig:19   | Killed an ancient lich
153277 | Zig:19   | Killed a dread lich
153277 | Zig:19   | Killed a dread lich
153277 | Zig:19   | Killed a dread lich
153277 | Zig:19   | Killed a dread lich
153279 | Zig:19   | Noticed a dread lich
153283 | Zig:19   | HP: 10/259 [profane servitor/+2 demon whip of flaming (4)]
153283 | Zig:19   | HP: 2/259 [something/bolt of acid (8)]
153284 | Zig:19   | Demolished by a profane servitor
                  | ... wielding a +2 demon whip of flaming
                  | (21 damage)
153287 | Zig:19   | Killed from afar by an ancient lich (61 damage)
                  | ... with a crystal spear
153290 | Zig:19   | HP: 8/238 [profane servitor/+2 demon whip of flaming (4)]
153290 | Zig:19   | HP: 1/238 [eidolon (4)]
153290 | Zig:19   | Slain by a shadow wraith (6 damage)
                  | ... while petrified by an ancient lich
153298 | Zig:19   | HP: 10/238 [revenant (2)]
153298 | Zig:19   | Killed from afar by an ancient lich (19 damage)
                  | ... with a crystal spear
                  | ... while petrified by an ancient lich
153299 | Zig:19   | Killed from afar by an ancient lich (53 damage)
                  | ... with a crystal spear
153303 | Zig:19   | Paralysed by something for 4 turns
153304 | Zig:19   | Slain by a vampire knight
                  | ... wielding a +0 halberd
                  | (16 damage)
                  | ... while paralysed by a vampire knight
153309 | Zig:19   | HP: 7/202 [something (6)]
153309 | Zig:19   | HP: 1/199 [something/bolt of negative energy (6)]
153310 | Zig:19   | Engulfed by a revenant's spectral mist (6 damage)
153312 | Zig:19   | Paralysed by something for 3 turns
153316 | Zig:19   | HP: 9/180 [profane servitor/+1 whip (4)]
153316 | Zig:19   | Killed from afar by an eidolon (14 damage)
                  | ... with a bolt of negative energy
153317 | Zig:19   | HP: 2/161 [something (7)]
153318 | Zig:19   | Slain by a vampire knight
                  | ... wielding a +0 long sword
                  | (1 damage)
                  | ... while petrified by an ancient lich
153324 | Zig:19   | HP: 5/161 [profane servitor/+2 whip (6)]
153324 | Zig:19   | Slain by a vampire knight
                  | ... wielding a +0 halberd
                  | (6 damage)
                  | ... while petrified by an ancient lich
153328 | Zig:19   | HP: 2/156 [revenant] (1)]
153328 | Zig:19   | Slain by an ancient lich (3 damage)
                  | ... while petrified by an ancient lich
153336 | Zig:19   | Killed from afar by an eidolon (32 damage)
                  | ... with a bolt of negative energy
153338 | Zig:19   | Killed from afar by an eidolon (10 damage)
                  | ... with a bolt of negative energy
153339 | Zig:19   | Killed from afar by an ancient lich (23 damage)
                  | ... with a crystal spear
153339 | Zig:19   | HP: 1/78 [profane servitor/+1 whip (8)]
153340 | Zig:19   | Killed from afar by an ancient lich (9 damage)
                  | ... with a bolt of acid
                  | ... while petrified by an ancient lich
153346 | Zig:19   | Slain by a profane servitor
                  | ... wielding a +1 whip
                  | (16 damage)
153347 | Zig:19   | HP: 1/55 [profane servitor/+2 whip (11)]
153347 | Zig:19   | Slain by an ancient lich (3 damage)
153349 | Zig:19   | Killed from afar by an ancient lich (15 damage)
                  | ... with a crystal spear
                  | ... while petrified by an ancient lich
153351 | Zig:19   | Slain by an ancient lich (5 damage)
                  | ... while petrified by an ancient lich
153353 | Zig:19   | Slain by an ancient lich (5 damage)
                  | ... while petrified by an ancient lich
153356 | Zig:19   | Slain by an ancient lich (6 damage)
                  | ... while petrified by an ancient lich
153357 | Zig:19   | HP: 2/51 [profane servitor/+2 whip (3)]
153358 | Zig:19   | Killed from afar by an eidolon (8 damage)
                  | ... with a bolt of negative energy
153360 | Zig:19   | Mangled by a jiangshi (18 damage)
153361 | Zig:19   | Slain by a vampire knight
                  | ... wielding a +1 war axe
                  | (7 damage)
153363 | Zig:19   | HP: 1/43 [jiangshi[a curse skull] (14)]
153363 | Zig:19   | Slain by a vampire knight
                  | ... wielding a +1 war axe
                  | (6 damage)
153364 | Zig:19   | Mangled by a jiangshi (13 damage)
                  | ... summoned by a curse skull
153367 | Zig:19   | Slain by a jiangshi (4 damage)
                  | ... summoned by a vampire mage
153368 | Zig:19   | HP: 2/40 [something (3)]
153368 | Zig:19   | Slain by a vampire knight
                  | ... wielding a +1 war axe
                  | (2 damage)
153369 | Zig:19   | Slain by a revenant (14 damage)
153371 | Zig:19   | Slain by a jiangshi (3 damage)
153373 | Zig:19   | Slain by a vampire knight
                  | ... wielding a +1 war axe
                  | (3 damage)
153377 | Zig:19   | Killed an ancient lich
153378 | Zig:19   | HP: 3/69 [??? (1)]
153378 | Zig:19   | Demolished by a vampire knight
                  | ... wielding a +1 war axe
                  | (18 damage)
153380 | Zig:19   | Killed from afar by a vampire mage (13 damage)
                  | ... with a bolt of negative energy
153382 | Zig:19   | Demolished by a vampire knight
                  | ... wielding a +0 bardiche
                  | (29 damage)
153384 | Zig:19   | Slain by a vampire knight
                  | ... wielding a +0 bardiche
                  | (17 damage)
153386 | Zig:19   | Mangled by a dread lich (13 damage)
153388 | Zig:19   | Slain by a vampire knight
                  | ... wielding a +0 bardiche
                  | (6 damage)
153390 | Zig:19   | Slain by a dread lich (5 damage)
153391 | Zig:19   | Slain by an ancient lich (9 damage)
153392 | Zig:19   | Paralysed by something for 5 turns
153392 | Zig:19   | Mangled by an eidolon (15 damage)
                  | ... while paralysed by a dread lich
153393 | Zig:19   | Mangled by a vampire knight
                  | ... wielding a +0 bardiche
                  | (8 damage)
                  | ... while paralysed by a dread lich
153394 | Zig:19   | Mangled by a profane servitor
                  | ... wielding a +1 whip
                  | (14 damage)
                  | ... while paralysed by a dread lich
153394 | Zig:19   | Slain by a revenant (10 damage)
                  | ... while paralysed by a dread lich
153394 | Zig:19   | Slain by a vampire knight
                  | ... wielding a +0 bardiche
                  | (26 damage)
                  | ... while paralysed by a dread lich
153395 | Zig:19   | Killed from afar by an ancient lich (87 damage)
                  | ... with a crystal spear
                  | ... while paralysed by a dread lich
153395 | Zig:19   | Killed from afar by a vampire mage (10 damage)
                  | ... with a bolt of negative energy
                  | ... while paralysed by a dread lich
153396 | Zig:19   | Mangled by a profane servitor
                  | ... wielding a +1 whip
                  | (18 damage)
                  | ... while paralysed by a dread lich
153396 | Zig:19   | Slain by an eidolon (8 damage)
                  | ... while paralysed by a dread lich
153396 | Zig:19   | Killed from afar by an eidolon (15 damage)
                  | ... with a bolt of negative energy
                  | ... while paralysed by a dread lich
153397 | Zig:19   | Slain by an eidolon (4 damage)
                  | ... while paralysed by a dread lich
153398 | Zig:19   | Slain by an ancient lich (8 damage)
153398 | Zig:19   | Mangled by a profane servitor
                  | ... wielding a +1 whip
                  | (13 damage)
153398 | Zig:19   | Demolished by a vampire knight
                  | ... wielding a +0 bardiche
                  | (26 damage)
153398 | Zig:19   | Killed from afar by an eidolon (27 damage)
                  | ... with a bolt of negative energy
153398 | Zig:19   | Slain by a revenant (1 damage)
153399 | Zig:19   | Slain by a profane servitor
                  | ... wielding a +1 whip
                  | (1 damage)
153399 | Zig:19   | Slain by a profane servitor
                  | ... wielding a +1 whip
                  | (4 damage)
153399 | Zig:19   | Mangled by a vampire knight
                  | ... wielding a +0 bardiche
                  | (11 damage)
153399 | Zig:19   | Slain by a dread lich (2 damage)
153399 | Zig:19   | Slain by a dread lich (1 damage)
153399 | Zig:19   | Slain by a profane servitor
                  | ... wielding a +1 whip
                  | (2 damage)
153399 | Zig:19   | Killed from afar by an ancient lich (5 damage)
                  | ... with a crystal spear
153399 | Zig:19   | Demolished by a vampire knight
                  | ... wielding a +0 bardiche
                  | (17 damage)
153400 | Zig:19   | Engulfed by a revenant's spectral mist (1 damage)
153400 | Zig:19   | Slain by a profane servitor
                  | ... wielding a +1 whip
                  | (1 damage)
153400 | Zig:19   | Killed from afar by an eidolon (25 damage)
                  | ... with a bolt of negative energy
153400 | Zig:19   | Slain by a profane servitor
                  | ... wielding a +1 whip
                  | (4 damage)
153400 | Zig:19   | Mangled by an ancient lich (8 damage)
153400 | Zig:19   | Slain by a vampire knight
                  | ... wielding a +0 bardiche
                  | (2 damage)
153400 | Zig:19   | Slain by a dread lich (6 damage)
153401 | Zig:19   | Slain by a profane servitor
                  | ... wielding a +1 whip
                  | (2 damage)
153401 | Zig:19   | Slain by a profane servitor
                  | ... wielding a +1 whip
                  | (2 damage)
153401 | Zig:19   | Killed from afar by an eidolon (21 damage)
                  | ... with a bolt of negative energy
153401 | Zig:19   | Killed from afar by an ancient lich (63 damage)
                  | ... with a crystal spear
153401 | Zig:19   | Slain by a dread lich (2 damage)
153401 | Zig:19   | Slain by a revenant (4 damage)
153401 | Zig:19   | Killed from afar by a revenant (16 damage)
                  | ... with a ghostly fireball
153401 | Zig:19   | Slain by an ancient lich (3 damage)
153402 | Zig:19   | Engulfed by a revenant's spectral mist (1 damage)
                  | ... while petrified by an ancient lich
153402 | Zig:19   | Slain by a revenant (5 damage)
                  | ... while petrified by an ancient lich
153402 | Zig:19   | Slain by a dread lich (3 damage)
                  | ... while petrified by an ancient lich
153403 | Zig:19   | Engulfed by a revenant's spectral mist (3 damage)
                  | ... while petrified by an ancient lich
153403 | Zig:19   | Mangled by an eidolon (8 damage)
                  | ... while petrified by an ancient lich
153403 | Zig:19   | Slain by a revenant (1 damage)
                  | ... while petrified by an ancient lich
153403 | Zig:19   | Slain by a revenant (6 damage)
                  | ... while petrified by an ancient lich
153404 | Zig:19   | Slain by a dread lich (2 damage)
                  | ... while petrified by an ancient lich
153404 | Zig:19   | Slain by a profane servitor
                  | ... wielding a +1 whip
                  | (3 damage)
                  | ... while petrified by an ancient lich
153404 | Zig:19   | Slain by a profane servitor
                  | ... wielding a +1 whip
                  | (1 damage)
                  | ... while petrified by an ancient lich
153404 | Zig:19   | Slain by a revenant (4 damage)
                  | ... while petrified by an ancient lich
153404 | Zig:19   | Slain by a revenant (1 damage)
                  | ... while petrified by an ancient lich
153404 | Zig:19   | Paralysed by something for 2 turns
153405 | Zig:19   | Slain by an ancient lich (5 damage)
                  | ... while paralysed by a dread lich
153405 | Zig:19   | Slain by a dread lich (4 damage)
                  | ... while paralysed by a dread lich
153405 | Zig:19   | Slain by an eidolon (4 damage)
                  | ... while paralysed by a dread lich
153406 | Zig:19   | Slain by a profane servitor
                  | ... wielding a +1 whip
                  | (6 damage)
                  | ... while petrified by an ancient lich
153406 | Zig:19   | Slain by a profane servitor
                  | ... wielding a +1 whip
                  | (3 damage)
                  | ... while petrified by an ancient lich
153407 | Zig:19   | Slain by a profane servitor
                  | ... wielding a +1 whip
                  | (3 damage)
                  | ... while petrified by an ancient lich
153407 | Zig:19   | Mangled by a profane servitor
                  | ... wielding a +1 whip
                  | (9 damage)
                  | ... while petrified by an ancient lich
153408 | Zig:19   | Slain by a profane servitor
                  | ... wielding a +1 whip
                  | (4 damage)
                  | ... while petrified by an ancient lich
153408 | Zig:19   | Slain by a profane servitor
                  | ... wielding a +1 whip
                  | (2 damage)
                  | ... while petrified by an ancient lich
153408 | Zig:19   | Slain by an eidolon (5 damage)
                  | ... while petrified by an ancient lich
153408 | Zig:19   | Slain by a revenant (1 damage)
                  | ... while petrified by an ancient lich
153409 | Zig:19   | Slain by a profane servitor
                  | ... wielding a +1 whip
                  | (4 damage)
                  | ... while petrified by an ancient lich
153409 | Zig:19   | Slain by a revenant (5 damage)
                  | ... while petrified by an ancient lich
153409 | Zig:19   | Mangled by an eidolon (8 damage)
                  | ... while petrified by an ancient lich
153409 | Zig:19   | Mangled by a revenant (7 damage)
                  | ... while petrified by an ancient lich
153409 | Zig:19   | Slain by a revenant (2 damage)
                  | ... while petrified by an ancient lich
153409 | Zig:19   | Slain by a profane servitor
                  | ... wielding a +1 whip
                  | (1 damage)
                  | ... while petrified by an ancient lich
153410 | Zig:19   | Engulfed by a revenant's spectral mist (19 damage)
153410 | Zig:19   | Slain by an ancient lich (1 damage)
153410 | Zig:19   | Mangled by a revenant (7 damage)
153410 | Zig:19   | Demolished by a revenant (15 damage)
153410 | Zig:19   | Slain by a profane servitor
                  | ... wielding a +1 whip
                  | (1 damage)
153410 | Zig:19   | Mangled by an eidolon (9 damage)
153410 | Zig:19   | Killed from afar by a revenant (23 damage)
                  | ... with a ghostly fireball
153412 | Zig:19   | Demolished by a shadow (18 damage)
                  | ... summoned by a curse skull
153414 | Zig:19   | Killed by arc of chain lightning (2 damage)
153414 | Zig:19   | Killed by vampiric draining
                  | ... invoked by a vampire knight
                  | (7 damage)
153416 | Zig:19   | Slain by an ancient lich (2 damage)
                  | ... while petrified by an ancient lich
153420 | Zig:19   | Paralysed by something for 4 turns
153422 | Zig:19   | Killed from afar by an ancient lich (29 damage)
                  | ... with a crystal spear
                  | ... while paralysed by a vampire knight
153424 | Zig:19   | Killed from afar by an ancient lich (63 damage)
                  | ... with a crystal spear
153425 | Zig:19   | Slain by a profane servitor
                  | ... wielding a +1 whip
                  | (9 damage)
153425 | Zig:19   | Paralysed by something for 5 turns
153427 | Zig:19   | Mangled by a profane servitor
                  | ... wielding a +1 whip
                  | (17 damage)
                  | ... while paralysed by a vampire knight
153428 | Zig:19   | Killed by vampiric draining
                  | ... invoked by a vampire knight
                  | (15 damage)
                  | ... while paralysed by a vampire knight
153428 | Zig:19   | Killed from afar by a Tzitzimitl (28 damage)
                  | ... with a bolt of negative energy
                  | ... summoned by a dread lich
                  | ... while paralysed by a vampire knight
153429 | Zig:19   | Killed from afar by a Tzitzimitl (27 damage)
                  | ... with a bolt of negative energy
                  | ... summoned by a dread lich
                  | ... while paralysed by a vampire knight
153429 | Zig:19   | Slain by a revenant (4 damage)
                  | ... while paralysed by a vampire knight
153429 | Zig:19   | Killed from afar by an eidolon (11 damage)
                  | ... with a bolt of negative energy
                  | ... while paralysed by a vampire knight
153430 | Zig:19   | Slain by a dread lich (2 damage)
153430 | Zig:19   | Slain by a dread lich (1 damage)
153430 | Zig:19   | Mangled by a vampire knight
                  | ... wielding a +1 war axe
                  | (8 damage)
153430 | Zig:19   | Slain by a dread lich (1 damage)
153430 | Zig:19   | Killed from afar by an eidolon (15 damage)
                  | ... with a bolt of negative energy
153430 | Zig:19   | Slain by a vampire knight
                  | ... wielding a +1 war axe
                  | (4 damage)
153431 | Zig:19   | Engulfed by a revenant's spectral mist (2 damage)
                  | ... while petrified by an ancient lich
153431 | Zig:19   | Slain by an ancient lich (2 damage)
                  | ... while petrified by an ancient lich
153431 | Zig:19   | Slain by a dread lich (6 damage)
                  | ... while petrified by an ancient lich
153431 | Zig:19   | Slain by a revenant (5 damage)
                  | ... while petrified by an ancient lich
153431 | Zig:19   | Slain by an ancient lich (1 damage)
                  | ... while petrified by an ancient lich
153432 | Zig:19   | Killed from afar by an ancient lich (13 damage)
                  | ... with a crystal spear
                  | ... while petrified by an ancient lich
153432 | Zig:19   | Slain by an ancient lich (3 damage)
                  | ... while petrified by an ancient lich
153432 | Zig:19   | Slain by a revenant (4 damage)
                  | ... while petrified by an ancient lich
153433 | Zig:19   | Engulfed by a revenant's spectral mist (1 damage)
                  | ... while petrified by an ancient lich
153433 | Zig:19   | Slain by a vampire knight
                  | ... wielding a +1 war axe
                  | (5 damage)
                  | ... while petrified by an ancient lich
153434 | Zig:19   | Slain by a vampire knight
                  | ... wielding a +1 war axe
                  | (1 damage)
                  | ... while petrified by an ancient lich
153434 | Zig:19   | Slain by a vampire knight
                  | ... wielding a +1 war axe
                  | (3 damage)
                  | ... while petrified by an ancient lich
153434 | Zig:19   | Slain by a vampire knight
                  | ... wielding a +1 war axe
                  | (3 damage)
                  | ... while petrified by an ancient lich
153435 | Zig:19   | Slain by a dread lich (3 damage)
                  | ... while petrified by an ancient lich
153435 | Zig:19   | Slain by an ancient lich (2 damage)
                  | ... while petrified by an ancient lich
153436 | Zig:19   | Slain by a dread lich (1 damage)
                  | ... while petrified by an ancient lich
153436 | Zig:19   | Slain by an ancient lich (6 damage)
                  | ... while petrified by an ancient lich
153436 | Zig:19   | Slain by a vampire knight
                  | ... wielding a +1 war axe
                  | (5 damage)
                  | ... while petrified by an ancient lich
153437 | Zig:19   | Killed a dread lich
153437 | Zig:19   | Mangled by a vampire knight
                  | ... wielding a +1 war axe
                  | (10 damage)
                  | ... while petrified by an ancient lich
153437 | Zig:19   | Mangled by a revenant (7 damage)
                  | ... while petrified by an ancient lich
153437 | Zig:19   | Slain by an ancient lich (4 damage)
                  | ... while petrified by an ancient lich
153438 | Zig:19   | Slain by an ancient lich (4 damage)
                  | ... while petrified by an ancient lich
153439 | Zig:19   | Demolished by a vampire knight
                  | ... wielding a +1 war axe
                  | (26 damage)
153439 | Zig:19   | Killed from afar by a revenant (56 damage)
                  | ... with a ghostly fireball
153439 | Zig:19   | Slain by an ancient lich (4 damage)
153440 | Zig:19   | Paralysed by a vampire knight for 4 turns
153441 | Zig:19   | Mangled by an ancient lich (12 damage)
                  | ... while paralysed by a vampire knight
153441 | Zig:19   | Mangled by a revenant (14 damage)
                  | ... while paralysed by a vampire knight
153442 | Zig:19   | Killed from afar by an eidolon (21 damage)
                  | ... with a bolt of negative energy
                  | ... while paralysed by a vampire knight
153442 | Zig:19   | Slain by a vampire knight
                  | ... wielding a +1 war axe
                  | (3 damage)
                  | ... while paralysed by a vampire knight
153443 | Zig:19   | Slain by a vampire knight
                  | ... wielding a +1 war axe
                  | (2 damage)
                  | ... while paralysed by a vampire knight
153443 | Zig:19   | Slain by a ghoul (5 damage)
                  | ... while paralysed by a vampire knight
153443 | Zig:19   | Killed from afar by an eidolon (15 damage)
                  | ... with a bolt of negative energy
                  | ... while paralysed by a vampire knight
153443 | Zig:19   | Demolished by a vampire knight
                  | ... wielding a +1 war axe
                  | (16 damage)
                  | ... while paralysed by a vampire knight
153444 | Zig:19   | Engulfed by a revenant's spectral mist (1 damage)
153444 | Zig:19   | Mangled by an ancient lich (7 damage)
153444 | Zig:19   | Slain by a revenant (4 damage)
153444 | Zig:19   | Killed from afar by an eidolon (14 damage)
                  | ... with a bolt of negative energy
153445 | Zig:19   | Slain by a revenant (5 damage)
                  | ... while petrified by an ancient lich
153445 | Zig:19   | Slain by a ghoul (4 damage)
                  | ... while petrified by an ancient lich
153446 | Zig:19   | Killed from afar by an ancient lich (14 damage)
                  | ... with a crystal spear
                  | ... while petrified by an ancient lich
153446 | Zig:19   | Slain by a ghoul (5 damage)
                  | ... while petrified by an ancient lich
153447 | Zig:19   | Slain by a revenant (5 damage)
                  | ... while petrified by an ancient lich
153447 | Zig:19   | Slain by a wraith (2 damage)
                  | ... summoned by a vampire mage
                  | ... while petrified by an ancient lich
153447 | Zig:19   | Slain by a ghoul (1 damage)
                  | ... while petrified by an ancient lich
153448 | Zig:19   | Slain by a jiangshi (3 damage)
                  | ... while petrified by an ancient lich
153448 | Zig:19   | Slain by a ghoul (5 damage)
                  | ... while petrified by an ancient lich
153448 | Zig:19   | Slain by an ancient lich (3 damage)
                  | ... while petrified by an ancient lich
153449 | Zig:19   | Slain by a jiangshi (4 damage)
                  | ... while petrified by an ancient lich
153449 | Zig:19   | Slain by a jiangshi (1 damage)
                  | ... while petrified by an ancient lich
153449 | Zig:19   | Slain by a jiangshi (2 damage)
                  | ... while petrified by an ancient lich
153450 | Zig:19   | Engulfed by a revenant's spectral mist (1 damage)
                  | ... while petrified by an ancient lich
153450 | Zig:19   | Slain by a jiangshi (2 damage)
                  | ... while petrified by an ancient lich
153450 | Zig:19   | Killed from afar by an ancient lich (33 damage)
                  | ... with a crystal spear
                  | ... while petrified by an ancient lich
153450 | Zig:19   | Slain by a ghoul (2 damage)
                  | ... while petrified by an ancient lich
153450 | Zig:19   | Killed from afar by an ancient lich (12 damage)
                  | ... with a bolt of acid
                  | ... while petrified by an ancient lich
153450 | Zig:19   | Slain by an ancient lich (4 damage)
                  | ... while petrified by an ancient lich
153451 | Zig:19   | Slain by a ghoul (4 damage)
                  | ... while petrified by an ancient lich
153451 | Zig:19   | Mangled by a jiangshi (9 damage)
                  | ... while petrified by an ancient lich
153452 | Zig:19   | Mangled by a ghoul (10 damage)
153452 | Zig:19   | Killed from afar by an ancient lich (64 damage)
                  | ... with a crystal spear
153453 | Zig:19   | Killed from afar by an ancient lich (39 damage)
                  | ... with a crystal spear
153453 | Zig:19   | Slain by a revenant (4 damage)
153454 | Zig:19   | Engulfed by a revenant's spectral mist (5 damage)
153454 | Zig:19   | Slain by a jiangshi (1 damage)
153454 | Zig:19   | Mangled by a revenant (13 damage)
153454 | Zig:19   | Mangled by a ghoul (11 damage)
153454 | Zig:19   | Slain by an ancient lich (1 damage)
153454 | Zig:19   | Slain by a jiangshi (1 damage)
153454 | Zig:19   | Mangled by a jiangshi (10 damage)
153456 | Zig:19   | Engulfed by a revenant's spectral mist (5 damage)
153456 | Zig:19   | Killed from afar by an ancient lich (82 damage)
                  | ... with a crystal spear
153456 | Zig:19   | Killed from afar by an eidolon (6 damage)
                  | ... with a bolt of negative energy
153456 | Zig:19   | Killed from afar by a vampire mage (8 damage)
                  | ... with a bolt of negative energy
153459 | Zig:19   | Killed from afar by an eidolon (12 damage)
                  | ... with a bolt of negative energy
153459 | Zig:19   | Killed from afar by an ancient lich (79 damage)
                  | ... with a crystal spear
153462 | Zig:19   | Killed from afar by an ancient lich (27 damage)
                  | ... with a bolt of acid
153462 | Zig:19   | Slain by a ghoul (7 damage)
153464 | Zig:19   | HP: 2/44 [profane servitor/+2 demon whip of flaming (10)]
153464 | Zig:19   | Killed from afar by an ancient lich (13 damage)
                  | ... with a bolt of acid
153465 | Zig:19   | Killed from afar by an ancient lich (69 damage)
                  | ... with a crystal spear
153466 | Zig:19   | Mangled by a profane servitor
                  | ... wielding a +2 demon whip of flaming
                  | (14 damage)
153467 | Zig:19   | Mangled by a ghoul (10 damage)
153468 | Zig:19   | Identified the +7 dire flail "Mirebb Qenu" {elec, Will++
                  | Str+3 Int-5 SInv}
153468 | Zig:19   | Found the ring of the Mage {Wiz Archmagi}
153487 | Zig:19   | HP: 2/42 [spectral caustic shrike[a revenant] (2)]
153488 | Zig:19   | Slain by a shadow dragon zombie (3 damage)
                  | ... summoned by a curse skull
153493 | Zig:19   | Engulfed by a revenant's spectral mist (4 damage)
153495 | Zig:19   | Slain by a jiangshi (4 damage)
                  | ... summoned by a curse skull
153496 | Zig:19   | Killed from afar by an eidolon (12 damage)
                  | ... with a bolt of negative energy
153497 | Zig:19   | Slain by a profane servitor
                  | ... wielding a +2 demon whip of flaming
                  | (12 damage)
153499 | Zig:19   | Killed from afar by a vampire mage (22 damage)
                  | ... with a bolt of negative energy
153500 | Zig:19   | Slain by a profane servitor
                  | ... wielding a +2 demon whip of flaming
                  | (21 damage)
153500 | Zig:19   | Mangled by a revenant (17 damage)
153501 | Zig:19   | Slain by a quicksilver dragon zombie (6 damage)
                  | ... summoned by a curse skull
153502 | Zig:19   | Slain by an eidolon (14 damage)
153502 | Zig:19   | Killed from afar by a revenant (38 damage)
                  | ... with a ghostly fireball
153502 | Zig:19   | Slain by a profane servitor
                  | ... wielding a +2 demon whip of flaming
                  | (12 damage)
153502 | Zig:19   | Killed from afar by a vampire mage (27 damage)
                  | ... with a bolt of negative energy
153503 | Zig:19   | Engulfed by a revenant's spectral mist (3 damage)
153503 | Zig:19   | Demolished by a profane servitor
                  | ... wielding a +2 demon whip of flaming
                  | (17 damage)
153503 | Zig:19   | Slain by a profane servitor
                  | ... wielding a +2 demon whip of flaming
                  | (1 damage)
153504 | Zig:19   | Demolished by a phantasmal warrior (21 damage)
                  | ... summoned by a curse skull
153504 | Zig:19   | Mangled by a profane servitor
                  | ... wielding a +2 demon whip of flaming
                  | (9 damage)
153504 | Zig:19   | Slain by a profane servitor
                  | ... wielding a +2 demon whip of flaming
                  | (1 damage)
153504 | Zig:19   | Slain by a profane servitor
                  | ... wielding a +2 demon whip of flaming
                  | (4 damage)
153504 | Zig:19   | Slain by a jiangshi (6 damage)
                  | ... summoned by a curse skull
153504 | Zig:19   | Mangled by a revenant (9 damage)
153504 | Zig:19   | Slain by a revenant (1 damage)
153505 | Zig:19   | Engulfed by a revenant's spectral mist (1 damage)
153505 | Zig:19   | Slain by a jiangshi (1 damage)
                  | ... summoned by a curse skull
153505 | Zig:19   | Mangled by a revenant (13 damage)
153505 | Zig:19   | Slain by an ancient lich (6 damage)
153506 | Zig:19   | Engulfed by a revenant's spectral mist (11 damage)
153506 | Zig:19   | Slain by a profane servitor
                  | ... wielding a +2 demon whip of flaming
                  | (5 damage)
153506 | Zig:19   | Slain by a profane servitor
                  | ... wielding a +2 demon whip of flaming
                  | (2 damage)
153506 | Zig:19   | Demolished by a jiangshi (16 damage)
                  | ... summoned by a curse skull
153506 | Zig:19   | Mangled by a revenant (8 damage)
153506 | Zig:19   | Slain by a profane servitor
                  | ... wielding a +2 demon whip of flaming
                  | (6 damage)
153506 | Zig:19   | Demolished by a revenant (17 damage)
153507 | Zig:19   | Engulfed by a revenant's spectral mist (13 damage)
153507 | Zig:19   | Mangled by a profane servitor
                  | ... wielding a +2 demon whip of flaming
                  | (13 damage)
153507 | Zig:19   | Slain by a jiangshi (4 damage)
                  | ... summoned by a curse skull
153508 | Zig:19   | Mangled by a jiangshi (11 damage)
                  | ... summoned by a curse skull
153508 | Zig:19   | Mangled by a profane servitor
                  | ... wielding a +2 demon whip of flaming
                  | (10 damage)
153508 | Zig:19   | Slain by a profane servitor
                  | ... wielding a +2 demon whip of flaming
                  | (4 damage)
153508 | Zig:19   | Mangled by a revenant (11 damage)
153509 | Zig:19   | Mangled by a profane servitor
                  | ... wielding a +2 demon whip of flaming
                  | (9 damage)
153509 | Zig:19   | Slain by a jiangshi (2 damage)
                  | ... summoned by a curse skull
153509 | Zig:19   | Killed from afar by an eidolon (16 damage)
                  | ... with a bolt of negative energy
153509 | Zig:19   | Slain by an ancient lich (6 damage)
153513 | Zig:19   | Slain by an ancient champion
                  | ... wielding a +0 great sword
                  | (6 damage)
                  | ... while petrified by an ancient lich
153514 | Zig:19   | Killed from afar by an ancient champion (13 damage)
                  | ... with an iron shot
                  | ... while petrified by an ancient lich
153515 | Zig:19   | Mangled by an ancient champion
                  | ... wielding a +0 great sword
                  | (9 damage)
                  | ... while petrified by an ancient lich
153515 | Zig:19   | Slain by an eidolon (1 damage)
                  | ... while petrified by an ancient lich
153516 | Zig:19   | Slain by an ancient champion
                  | ... wielding a +0 great sword
                  | (1 damage)
                  | ... while petrified by an ancient lich
153516 | Zig:19   | Slain by an ancient lich (2 damage)
                  | ... while petrified by an ancient lich
153518 | Zig:19   | Slain by an ancient champion
                  | ... wielding a +0 great sword
                  | (5 damage)
153520 | Zig:19   | Annihilated by an ancient champion
                  | ... wielding a +0 great sword
                  | (26 damage)
153521 | Zig:19   | Killed from afar by an ancient champion (37 damage)
                  | ... with an iron shot
153521 | Zig:19   | Killed from afar by an ancient lich (42 damage)
                  | ... with a crystal spear
153522 | Zig:19   | Mangled by an ancient champion
                  | ... wielding a +0 great sword
                  | (8 damage)
153522 | Zig:19   | Killed from afar by an ancient lich (23 damage)
                  | ... with a bolt of acid
153522 | Zig:19   | Slain by a profane servitor
                  | ... wielding a +1 whip
                  | (2 damage)
153522 | Zig:19   | Slain by a profane servitor
                  | ... wielding a +1 whip
                  | (6 damage)
153523 | Zig:19   | Slain by an ancient champion
                  | ... wielding a +0 great sword
                  | (2 damage)
153523 | Zig:19   | Slain by an ancient lich (1 damage)
153523 | Zig:19   | Slain by an eidolon (5 damage)
153523 | Zig:19   | Mangled by an ancient champion
                  | ... wielding a +0 great sword
                  | (10 damage)
153524 | Zig:19   | Slain by a profane servitor
                  | ... wielding a +1 whip
                  | (1 damage)
                  | ... while petrified by an ancient lich
153524 | Zig:19   | Slain by an ancient champion
                  | ... wielding a +0 great sword
                  | (2 damage)
                  | ... while petrified by an ancient lich
153524 | Zig:19   | Mangled by an eidolon (7 damage)
                  | ... while petrified by an ancient lich
153525 | Zig:19   | Slain by a spectral caustic shrike (2 damage)
                  | ... summoned by a curse skull
                  | ... while petrified by an ancient lich
153525 | Zig:19   | Slain by an ancient lich (1 damage)
                  | ... while petrified by an ancient lich
153525 | Zig:19   | Mangled by an ancient champion
                  | ... wielding a +0 great sword
                  | (8 damage)
                  | ... while petrified by an ancient lich
153525 | Zig:19   | Killed from afar by an ancient lich (27 damage)
                  | ... with a crystal spear
                  | ... while petrified by an ancient lich
153525 | Zig:19   | Slain by an eidolon (2 damage)
                  | ... while petrified by an ancient lich
153525 | Zig:19   | Slain by an ancient lich (1 damage)
                  | ... while petrified by an ancient lich
153525 | Zig:19   | Killed from afar by an ancient lich (35 damage)
                  | ... with a crystal spear
                  | ... while petrified by an ancient lich
153526 | Zig:19   | Engulfed by a revenant's spectral mist (7 damage)
                  | ... while petrified by an ancient lich
153526 | Zig:19   | Slain by a spectral caustic shrike (2 damage)
                  | ... summoned by a curse skull
                  | ... while petrified by an ancient lich
153526 | Zig:19   | Slain by an ancient lich (1 damage)
                  | ... while petrified by an ancient lich
153526 | Zig:19   | Killed from afar by an ancient lich (10 damage)
                  | ... with a bolt of acid
                  | ... while petrified by an ancient lich
153526 | Zig:19   | Slain by an eidolon (5 damage)
                  | ... while petrified by an ancient lich
153526 | Zig:19   | Slain by an eidolon (4 damage)
                  | ... while petrified by an ancient lich
153527 | Zig:19   | Mangled by a profane servitor
                  | ... wielding a +1 whip
                  | (7 damage)
                  | ... while petrified by an ancient lich
153527 | Zig:19   | Slain by an eidolon (1 damage)
                  | ... while petrified by an ancient lich
153527 | Zig:19   | Slain by an eidolon (6 damage)
                  | ... while petrified by an ancient lich
153527 | Zig:19   | Killed from afar by an ancient lich (22 damage)
                  | ... with a crystal spear
                  | ... while petrified by an ancient lich
153527 | Zig:19   | Mangled by an ancient champion
                  | ... wielding a +0 great sword
                  | (12 damage)
                  | ... while petrified by an ancient lich
153528 | Zig:19   | Slain by a caustic shrike skeleton (4 damage)
                  | ... summoned by a curse skull
                  | ... while petrified by an ancient lich
153528 | Zig:19   | Mangled by a profane servitor
                  | ... wielding a +1 whip
                  | (8 damage)
                  | ... while petrified by an ancient lich
153528 | Zig:19   | Slain by a profane servitor
                  | ... wielding a +1 whip
                  | (4 damage)
                  | ... while petrified by an ancient lich
153528 | Zig:19   | Slain by an ancient lich (4 damage)
                  | ... while petrified by an ancient lich
153528 | Zig:19   | Slain by an eidolon (6 damage)
                  | ... while petrified by an ancient lich
153528 | Zig:19   | Slain by an eidolon (1 damage)
                  | ... while petrified by an ancient lich
153528 | Zig:19   | Slain by an eidolon (6 damage)
                  | ... while petrified by an ancient lich
153528 | Zig:19   | Slain by a profane servitor
                  | ... wielding a +1 whip
                  | (2 damage)
                  | ... while petrified by an ancient lich
153528 | Zig:19   | Slain by a profane servitor
                  | ... wielding a +1 whip
                  | (2 damage)
                  | ... while petrified by an ancient lich
153529 | Zig:19   | Slain by a caustic shrike skeleton (4 damage)
                  | ... summoned by a curse skull
                  | ... while petrified by an ancient lich
153529 | Zig:19   | Killed from afar by an ancient lich (27 damage)
                  | ... with a crystal spear
                  | ... while petrified by an ancient lich
153529 | Zig:19   | Killed from afar by an ancient champion (23 damage)
                  | ... with an iron shot
                  | ... while petrified by an ancient lich
153529 | Zig:19   | Slain by a jiangshi (6 damage)
                  | ... summoned by a curse skull
                  | ... while petrified by an ancient lich
153529 | Zig:19   | Slain by a jiangshi (2 damage)
                  | ... summoned by a curse skull
                  | ... while petrified by an ancient lich
153529 | Zig:19   | Slain by a profane servitor
                  | ... wielding a +1 whip
                  | (5 damage)
                  | ... while petrified by an ancient lich
153529 | Zig:19   | Slain by an eidolon (4 damage)
                  | ... while petrified by an ancient lich
153529 | Zig:19   | Slain by an ancient lich (1 damage)
                  | ... while petrified by an ancient lich
153530 | Zig:19   | Killed from afar by an ancient champion (49 damage)
                  | ... with an iron shot
153530 | Zig:19   | Slain by a caustic shrike skeleton (1 damage)
                  | ... summoned by a curse skull
153530 | Zig:19   | Mangled by a jiangshi (12 damage)
                  | ... summoned by a curse skull
153530 | Zig:19   | Killed from afar by an ancient lich (33 damage)
                  | ... with a crystal spear
153531 | Zig:19   | Engulfed by a revenant's spectral mist (5 damage)
153531 | Zig:19   | Slain by a jiangshi (1 damage)
                  | ... summoned by a curse skull
153531 | Zig:19   | Slain by a profane servitor
                  | ... wielding a +1 whip
                  | (3 damage)
153531 | Zig:19   | Slain by a profane servitor
                  | ... wielding a +1 whip
                  | (6 damage)
153531 | Zig:19   | Slain by an eidolon (6 damage)
153531 | Zig:19   | Slain by a jiangshi (5 damage)
                  | ... summoned by a curse skull
153531 | Zig:19   | Slain by a profane servitor
                  | ... wielding a +1 whip
                  | (2 damage)
153531 | Zig:19   | Slain by a shadow wraith (1 damage)
                  | ... summoned by a curse skull
153531 | Zig:19   | Slain by an ancient champion
                  | ... wielding a +0 great sword
                  | (3 damage)
153532 | Zig:19   | Mangled by a jiangshi (8 damage)
                  | ... summoned by a curse skull
                  | ... while petrified by an ancient lich
153532 | Zig:19   | Slain by a jiangshi (1 damage)
                  | ... summoned by a curse skull
                  | ... while petrified by an ancient lich
153532 | Zig:19   | Slain by an ancient lich (1 damage)
                  | ... while petrified by an ancient lich
153532 | Zig:19   | Slain by a profane servitor
                  | ... wielding a +1 whip
                  | (1 damage)
                  | ... while petrified by an ancient lich
153532 | Zig:19   | Slain by an ancient champion
                  | ... wielding a +0 great sword
                  | (1 damage)
                  | ... while petrified by an ancient lich
153532 | Zig:19   | Slain by a jiangshi (1 damage)
                  | ... summoned by a curse skull
                  | ... while petrified by an ancient lich
153532 | Zig:19   | Slain by an ancient lich (6 damage)
                  | ... while petrified by an ancient lich
153533 | Zig:19   | Engulfed by a revenant's spectral mist (2 damage)
                  | ... while petrified by an ancient lich
153533 | Zig:19   | Slain by a profane servitor
                  | ... wielding a +1 whip
                  | (6 damage)
                  | ... while petrified by an ancient lich
153533 | Zig:19   | Mangled by an ancient champion
                  | ... wielding a +0 great sword
                  | (8 damage)
                  | ... while petrified by an ancient lich
153533 | Zig:19   | Slain by an ancient lich (2 damage)
                  | ... while petrified by an ancient lich
153533 | Zig:19   | Mangled by an eidolon (9 damage)
                  | ... while petrified by an ancient lich
153533 | Zig:19   | Slain by a profane servitor
                  | ... wielding a +1 whip
                  | (1 damage)
                  | ... while petrified by an ancient lich
153533 | Zig:19   | Slain by a shadow wraith (3 damage)
                  | ... summoned by a curse skull
                  | ... while petrified by an ancient lich
153533 | Zig:19   | Slain by an ancient lich (3 damage)
                  | ... while petrified by an ancient lich
153533 | Zig:19   | Killed from afar by an ancient champion (19 damage)
                  | ... with an iron shot
                  | ... while petrified by an ancient lich
153534 | Zig:19   | Engulfed by a revenant's spectral mist (6 damage)
                  | ... while petrified by an ancient lich
153534 | Zig:19   | Slain by an eidolon (2 damage)
                  | ... while petrified by an ancient lich
153534 | Zig:19   | Mangled by an ancient champion
                  | ... wielding a +0 great sword
                  | (9 damage)
                  | ... while petrified by an ancient lich
153534 | Zig:19   | Slain by a shadow wraith (1 damage)
                  | ... summoned by a curse skull
                  | ... while petrified by an ancient lich
153535 | Zig:19   | Engulfed by a revenant's spectral mist (1 damage)
                  | ... while petrified by an ancient lich
153535 | Zig:19   | Slain by a profane servitor
                  | ... wielding a +1 whip
                  | (4 damage)
                  | ... while petrified by an ancient lich
153535 | Zig:19   | Slain by an ancient lich (4 damage)
                  | ... while petrified by an ancient lich
153535 | Zig:19   | Slain by an ancient champion
                  | ... wielding a +0 great sword
                  | (1 damage)
                  | ... while petrified by an ancient lich
153535 | Zig:19   | Mangled by an eidolon (8 damage)
                  | ... while petrified by an ancient lich
153535 | Zig:19   | Slain by an eidolon (1 damage)
                  | ... while petrified by an ancient lich
153535 | Zig:19   | Slain by a profane servitor
                  | ... wielding a +1 whip
                  | (3 damage)
                  | ... while petrified by an ancient lich
153535 | Zig:19   | Mangled by an ancient champion
                  | ... wielding a +0 great sword
                  | (9 damage)
                  | ... while petrified by an ancient lich
153536 | Zig:19   | Engulfed by a revenant's spectral mist (2 damage)
                  | ... while petrified by an ancient lich
153536 | Zig:19   | Slain by an ancient lich (6 damage)
                  | ... while petrified by an ancient lich
153536 | Zig:19   | Mangled by a jiangshi (9 damage)
                  | ... summoned by a curse skull
                  | ... while petrified by an ancient lich
153536 | Zig:19   | Slain by a profane servitor
                  | ... wielding a +1 whip
                  | (1 damage)
                  | ... while petrified by an ancient lich
153536 | Zig:19   | Mangled by an eidolon (7 damage)
                  | ... while petrified by an ancient lich
153536 | Zig:19   | Killed from afar by an ancient champion (9 damage)
                  | ... with an iron shot
                  | ... while petrified by an ancient lich
153537 | Zig:19   | Mangled by a profane servitor
                  | ... wielding a +1 whip
                  | (7 damage)
                  | ... while petrified by an ancient lich
153537 | Zig:19   | Slain by a profane servitor
                  | ... wielding a +1 whip
                  | (1 damage)
                  | ... while petrified by an ancient lich
153537 | Zig:19   | Slain by an ancient champion
                  | ... wielding a +0 great sword
                  | (4 damage)
                  | ... while petrified by an ancient lich
153537 | Zig:19   | Slain by an ancient lich (3 damage)
                  | ... while petrified by an ancient lich
153537 | Zig:19   | Mangled by an eidolon (7 damage)
                  | ... while petrified by an ancient lich
153537 | Zig:19   | Mangled by a profane servitor
                  | ... wielding a +1 whip
                  | (7 damage)
                  | ... while petrified by an ancient lich
153537 | Zig:19   | Slain by a shadow wraith (2 damage)
                  | ... summoned by a curse skull
                  | ... while petrified by an ancient lich
153537 | Zig:19   | Mangled by a jiangshi (8 damage)
                  | ... summoned by a curse skull
                  | ... while petrified by an ancient lich
153537 | Zig:19   | Slain by a jiangshi (1 damage)
                  | ... summoned by a curse skull
                  | ... while petrified by an ancient lich
153537 | Zig:19   | Mangled by an ancient champion
                  | ... wielding a +0 great sword
                  | (7 damage)
                  | ... while petrified by an ancient lich
153538 | Zig:19   | Slain by an ancient lich (6 damage)
                  | ... while petrified by an ancient lich
153538 | Zig:19   | Mangled by a jiangshi (7 damage)
                  | ... summoned by a curse skull
                  | ... while petrified by an ancient lich
153538 | Zig:19   | Slain by an eidolon (4 damage)
                  | ... while petrified by an ancient lich
153538 | Zig:19   | Slain by an eidolon (5 damage)
                  | ... while petrified by an ancient lich
153538 | Zig:19   | Slain by an eidolon (2 damage)
                  | ... while petrified by an ancient lich
153538 | Zig:19   | Mangled by an ancient champion
                  | ... wielding a +0 great sword
                  | (8 damage)
                  | ... while petrified by an ancient lich
153539 | Zig:19   | Demolished by a jiangshi (15 damage)
                  | ... summoned by a curse skull
153539 | Zig:19   | Annihilated by an ancient champion
                  | ... wielding a +0 great sword
                  | (28 damage)
153539 | Zig:19   | Mangled by a profane servitor
                  | ... wielding a +1 whip
                  | (9 damage)
153539 | Zig:19   | Demolished by a shadow wraith (16 damage)
                  | ... summoned by a curse skull
153539 | Zig:19   | Demolished by an ancient champion
                  | ... wielding a +0 great sword
                  | (18 damage)
153539 | Zig:19   | Slain by an ancient lich (2 damage)
153540 | Zig:19   | Slain by a jiangshi (6 damage)
                  | ... summoned by a curse skull
153540 | Zig:19   | Mangled by an ancient lich (8 damage)
153540 | Zig:19   | Demolished by an ancient champion
                  | ... wielding a +0 great sword
                  | (20 damage)
153540 | Zig:19   | Slain by an ancient lich (3 damage)
153540 | Zig:19   | Slain by an ancient lich (1 damage)
153540 | Zig:19   | Slain by a jiangshi (1 damage)
                  | ... summoned by a curse skull
153540 | Zig:19   | Slain by a profane servitor
                  | ... wielding a +1 whip
                  | (6 damage)
153540 | Zig:19   | Killed from afar by a revenant (17 damage)
                  | ... with a ghostly fireball
153540 | Zig:19   | Killed from afar by a revenant (13 damage)
                  | ... with a ghostly fireball
153540 | Zig:19   | Mangled by an ancient lich (9 damage)
153540 | Zig:19   | Slain by an ancient lich (4 damage)
153540 | Zig:19   | Mangled by an ancient champion
                  | ... wielding a +0 great sword
                  | (13 damage)
153540 | Zig:19   | Mangled by a jiangshi (12 damage)
                  | ... summoned by a curse skull
153540 | Zig:19   | Mangled by a jiangshi (10 damage)
                  | ... summoned by a curse skull
153540 | Zig:19   | Killed from afar by a revenant (8 damage)
                  | ... with a ghostly fireball
153540 | Zig:19   | Killed from afar by a revenant (24 damage)
                  | ... with a ghostly fireball
153540 | Zig:19   | Mangled by a profane servitor
                  | ... wielding a +1 whip
                  | (10 damage)
153540 | Zig:19   | Killed from afar by a revenant (16 damage)
                  | ... with a ghostly fireball
153540 | Zig:19   | Slain by a shadow wraith (6 damage)
                  | ... summoned by a curse skull
153540 | Zig:19   | Mangled by an ancient champion
                  | ... wielding a +0 great sword
                  | (12 damage)
153540 | Zig:19   | Killed from afar by an ancient lich (54 damage)
                  | ... with a crystal spear
153540 | Zig:19   | Mangled by an eidolon (10 damage)
153540 | Zig:19   | Mangled by a profane servitor
                  | ... wielding a +1 whip
                  | (10 damage)
153540 | Zig:19   | Slain by a profane servitor
                  | ... wielding a +1 whip
                  | (5 damage)
153540 | Zig:19   | Slain by a profane servitor
                  | ... wielding a +1 whip
                  | (2 damage)
153541 | Zig:19   | Slain by a profane servitor
                  | ... wielding a +1 whip
                  | (6 damage)
                  | ... while petrified by an ancient lich
153541 | Zig:19   | Slain by an ancient champion
                  | ... wielding a +0 great sword
                  | (6 damage)
                  | ... while petrified by an ancient lich
153541 | Zig:19   | Mangled by an eidolon (7 damage)
                  | ... while petrified by an ancient lich
153542 | Zig:19   | Slain by an ancient lich (6 damage)
                  | ... while petrified by an ancient lich
153542 | Zig:19   | Mangled by a shadow wraith (8 damage)
                  | ... summoned by a curse skull
                  | ... while petrified by an ancient lich
153542 | Zig:19   | Mangled by an ancient champion
                  | ... wielding a +0 great sword
                  | (11 damage)
                  | ... while petrified by an ancient lich
153542 | Zig:19   | Slain by a jiangshi (6 damage)
                  | ... summoned by a curse skull
                  | ... while petrified by an ancient lich
153542 | Zig:19   | Mangled by a jiangshi (9 damage)
                  | ... summoned by a curse skull
                  | ... while petrified by an ancient lich
153542 | Zig:19   | Slain by an eidolon (4 damage)
                  | ... while petrified by an ancient lich
153542 | Zig:19   | Slain by an eidolon (5 damage)
                  | ... while petrified by an ancient lich
153543 | Zig:19   | Slain by an ancient lich (3 damage)
                  | ... while petrified by an ancient lich
153543 | Zig:19   | Slain by an ancient champion
                  | ... wielding a +0 great sword
                  | (2 damage)
                  | ... while petrified by an ancient lich
153543 | Zig:19   | Mangled by a jiangshi (8 damage)
                  | ... summoned by a curse skull
                  | ... while petrified by an ancient lich
153543 | Zig:19   | Slain by a shadow wraith (6 damage)
                  | ... summoned by a curse skull
                  | ... while petrified by an ancient lich
153543 | Zig:19   | Mangled by a profane servitor
                  | ... wielding a +1 whip
                  | (7 damage)
                  | ... while petrified by an ancient lich
153543 | Zig:19   | Slain by an ancient champion
                  | ... wielding a +0 great sword
                  | (2 damage)
                  | ... while petrified by an ancient lich
153543 | Zig:19   | Slain by an eidolon (1 damage)
                  | ... while petrified by an ancient lich
153543 | Zig:19   | Slain by an eidolon (4 damage)
                  | ... while petrified by an ancient lich
153543 | Zig:19   | Slain by an eidolon (3 damage)
                  | ... while petrified by an ancient lich
153544 | Zig:19   | Slain by a jiangshi (1 damage)
                  | ... summoned by a curse skull
                  | ... while petrified by an ancient lich
153544 | Zig:19   | Slain by a profane servitor
                  | ... wielding a +1 whip
                  | (2 damage)
                  | ... while petrified by an ancient lich
153544 | Zig:19   | Killed from afar by an ancient lich (47 damage)
                  | ... with a crystal spear
                  | ... while petrified by an ancient lich
153544 | Zig:19   | Slain by an ancient lich (4 damage)
                  | ... while petrified by an ancient lich
153544 | Zig:19   | Slain by a profane servitor
                  | ... wielding a +1 whip
                  | (4 damage)
                  | ... while petrified by an ancient lich
153544 | Zig:19   | Slain by an eidolon (4 damage)
                  | ... while petrified by an ancient lich
153545 | Zig:19   | Slain by an ancient lich (6 damage)
                  | ... while petrified by an ancient lich
153545 | Zig:19   | Slain by a jiangshi (6 damage)
                  | ... summoned by a curse skull
                  | ... while petrified by an ancient lich
153545 | Zig:19   | Slain by a jiangshi (6 damage)
                  | ... summoned by a curse skull
                  | ... while petrified by an ancient lich
153545 | Zig:19   | Mangled by a shadow wraith (7 damage)
                  | ... summoned by a curse skull
                  | ... while petrified by an ancient lich
153545 | Zig:19   | Slain by a profane servitor
                  | ... wielding a +1 whip
                  | (4 damage)
                  | ... while petrified by an ancient lich
153545 | Zig:19   | Slain by a profane servitor
                  | ... wielding a +1 whip
                  | (2 damage)
                  | ... while petrified by an ancient lich
153545 | Zig:19   | Killed from afar by an ancient lich (47 damage)
                  | ... with a crystal spear
                  | ... while petrified by an ancient lich
153545 | Zig:19   | Mangled by an ancient champion
                  | ... wielding a +0 great sword
                  | (9 damage)
                  | ... while petrified by an ancient lich
153545 | Zig:19   | Mangled by an eidolon (8 damage)
                  | ... while petrified by an ancient lich
153545 | Zig:19   | Slain by an eidolon (5 damage)
                  | ... while petrified by an ancient lich
153545 | Zig:19   | Slain by an eidolon (3 damage)
                  | ... while petrified by an ancient lich
153546 | Zig:19   | Mangled by a jiangshi (9 damage)
                  | ... summoned by a curse skull
                  | ... while petrified by an ancient lich
153546 | Zig:19   | Slain by an ancient lich (2 damage)
                  | ... while petrified by an ancient lich
153546 | Zig:19   | Slain by a profane servitor
                  | ... wielding a +1 whip
                  | (5 damage)
                  | ... while petrified by an ancient lich
153546 | Zig:19   | Slain by a profane servitor
                  | ... wielding a +1 whip
                  | (1 damage)
                  | ... while petrified by an ancient lich
153546 | Zig:19   | Slain by an ancient lich (5 damage)
                  | ... while petrified by an ancient lich
153546 | Zig:19   | Slain by a jiangshi (1 damage)
                  | ... summoned by a curse skull
                  | ... while petrified by an ancient lich
153546 | Zig:19   | Slain by a jiangshi (5 damage)
                  | ... summoned by a curse skull
                  | ... while petrified by an ancient lich
153546 | Zig:19   | Slain by an ancient lich (4 damage)
                  | ... while petrified by an ancient lich
153546 | Zig:19   | Slain by a profane servitor
                  | ... wielding a +1 whip
                  | (1 damage)
                  | ... while petrified by an ancient lich
153546 | Zig:19   | Mangled by an eidolon (8 damage)
                  | ... while petrified by an ancient lich
153546 | Zig:19   | Slain by an eidolon (5 damage)
                  | ... while petrified by an ancient lich
153547 | Zig:19   | Slain by a jiangshi (3 damage)
                  | ... summoned by a curse skull
                  | ... while petrified by an ancient lich
153547 | Zig:19   | Slain by an ancient lich (4 damage)
                  | ... while petrified by an ancient lich
153547 | Zig:19   | Mangled by a profane servitor
                  | ... wielding a +1 whip
                  | (8 damage)
                  | ... while petrified by an ancient lich
153547 | Zig:19   | Killed from afar by an ancient lich (39 damage)
                  | ... with a crystal spear
                  | ... while petrified by an ancient lich
153547 | Zig:19   | Mangled by an eidolon (8 damage)
                  | ... while petrified by an ancient lich
153550 | Zig:19   | Slain by a spectral titan (4 damage)
                  | ... summoned by a vampire mage
153551 | Zig:19   | Killed from afar by an eidolon (18 damage)
                  | ... with a bolt of negative energy
153553 | Zig:19   | Slain by an ancient lich (3 damage)
153555 | Zig:19   | Slain by a jiangshi (3 damage)
                  | ... summoned by a curse skull
153555 | Zig:19   | Slain by a jiangshi (3 damage)
                  | ... summoned by a curse skull
153555 | Zig:19   | Mangled by an ancient lich (7 damage)
153555 | Zig:19   | Mangled by a jiangshi (13 damage)
                  | ... summoned by a curse skull
153556 | Zig:19   | Slain by a jiangshi (1 damage)
                  | ... summoned by a curse skull
153556 | Zig:19   | Slain by a jiangshi (1 damage)
                  | ... summoned by a curse skull
153556 | Zig:19   | Killed from afar by an ancient lich (19 damage)
                  | ... with a bolt of acid
153557 | Zig:19   | Engulfed by a revenant's spectral mist (7 damage)
153557 | Zig:19   | Slain by a ghoul (4 damage)
153557 | Zig:19   | Mangled by a flayed ghost (8 damage)
                  | ... summoned by a curse skull
153557 | Zig:19   | Slain by an ancient lich (4 damage)
153558 | Zig:19   | Slain by an ancient lich (6 damage)
153558 | Zig:19   | Slain by an ancient lich (3 damage)
153559 | Zig:19   | Engulfed by a revenant's spectral mist (7 damage)
153559 | Zig:19   | Slain by an ancient lich (5 damage)
153560 | Zig:19   | Engulfed by a revenant's spectral mist (4 damage)
153560 | Zig:19   | Killed from afar by an ancient lich (28 damage)
                  | ... with a crystal spear
153561 | Zig:19   | Slain by a profane servitor
                  | ... wielding a +1 whip
                  | (4 damage)
153561 | Zig:19   | Slain by a profane servitor
                  | ... wielding a +1 whip
                  | (3 damage)
153561 | Zig:19   | Slain by a flayed ghost (3 damage)
                  | ... summoned by a curse skull
153562 | Zig:19   | Slain by a profane servitor
                  | ... wielding a +1 whip
                  | (2 damage)
                  | ... while petrified by an ancient lich
153563 | Zig:19   | Slain by a flayed ghost (6 damage)
                  | ... summoned by a curse skull
                  | ... while petrified by an ancient lich
153564 | Zig:19   | Slain by an ancient lich (4 damage)
                  | ... while petrified by an ancient lich
153566 | Zig:19   | Slain by a profane servitor
                  | ... wielding a +1 whip
                  | (5 damage)
                  | ... while petrified by an ancient lich
153567 | Zig:19   | Slain by a profane servitor
                  | ... wielding a +1 whip
                  | (2 damage)
                  | ... while petrified by an ancient lich
153569 | Zig:19   | Slain by a revenant (5 damage)
                  | ... while petrified by an ancient lich
153571 | Zig:19   | Engulfed by a revenant's spectral mist (2 damage)
153571 | Zig:19   | Killed from afar by a revenant (37 damage)
                  | ... with a ghostly fireball
153571 | Zig:19   | Mangled by an ancient lich (10 damage)
153571 | Zig:19   | Slain by an ancient lich (3 damage)
153572 | Zig:19   | Mangled by an ancient lich (12 damage)
153572 | Zig:19   | Killed from afar by an ancient lich (38 damage)
                  | ... with a crystal spear
153572 | Zig:19   | Mangled by a revenant (8 damage)
153572 | Zig:19   | Killed from afar by a revenant (9 damage)
                  | ... with a ghostly fireball
153572 | Zig:19   | Mangled by a profane servitor
                  | ... wielding a +1 whip
                  | (8 damage)
153573 | Zig:19   | Mangled by a profane servitor
                  | ... wielding a +1 whip
                  | (9 damage)
153573 | Zig:19   | Slain by an ancient lich (5 damage)
153573 | Zig:19   | Slain by a profane servitor
                  | ... wielding a +1 whip
                  | (6 damage)
153574 | Zig:19   | Mangled by an ancient lich (7 damage)
153574 | Zig:19   | Killed from afar by a revenant (33 damage)
                  | ... with a ghostly fireball
153574 | Zig:19   | Slain by an ancient lich (4 damage)
153575 | Zig:19   | Killed from afar by an ancient lich (28 damage)
                  | ... with a crystal spear
153575 | Zig:19   | Slain by a revenant (6 damage)
153575 | Zig:19   | Killed from afar by an ancient lich (33 damage)
                  | ... with a crystal spear
153576 | Zig:19   | Killed from afar by a revenant (8 damage)
                  | ... with a ghostly fireball
153576 | Zig:19   | Slain by a wraith (1 damage)
                  | ... summoned by a curse skull
153576 | Zig:19   | Mangled by a profane servitor
                  | ... wielding a +1 whip
                  | (7 damage)
153576 | Zig:19   | Mangled by an ancient lich (8 damage)
153577 | Zig:19   | Slain by an ancient lich (1 damage)
                  | ... while petrified by an ancient lich
153578 | Zig:19   | Slain by a revenant (1 damage)
                  | ... while petrified by an ancient lich
153578 | Zig:19   | Slain by a revenant (4 damage)
                  | ... while petrified by an ancient lich
153578 | Zig:19   | Slain by an ancient lich (1 damage)
                  | ... while petrified by an ancient lich
153579 | Zig:19   | Slain by a profane servitor
                  | ... wielding a +1 whip
                  | (1 damage)
                  | ... while petrified by an ancient lich
153579 | Zig:19   | Slain by an ancient lich (5 damage)
                  | ... while petrified by an ancient lich
153580 | Zig:19   | Slain by an ancient lich (4 damage)
                  | ... while petrified by an ancient lich
153580 | Zig:19   | Slain by a revenant (1 damage)
                  | ... while petrified by an ancient lich
153580 | Zig:19   | Mangled by a profane servitor
                  | ... wielding a +1 whip
                  | (9 damage)
                  | ... while petrified by an ancient lich
153581 | Zig:19   | Slain by a phantasmal warrior (1 damage)
                  | ... summoned by a curse skull
                  | ... while petrified by an ancient lich
153582 | Zig:19   | Slain by a profane servitor
                  | ... wielding a +1 whip
                  | (2 damage)
                  | ... while petrified by an ancient lich
153582 | Zig:19   | Slain by a profane servitor
                  | ... wielding a +1 whip
                  | (2 damage)
                  | ... while petrified by an ancient lich
153582 | Zig:19   | Slain by an ancient lich (5 damage)
                  | ... while petrified by an ancient lich
153582 | Zig:19   | Slain by an ancient lich (1 damage)
                  | ... while petrified by an ancient lich
153583 | Zig:19   | Mangled by a revenant (12 damage)
153583 | Zig:19   | Slain by an ancient lich (2 damage)
153583 | Zig:19   | Mangled by a phantasmal warrior (13 damage)
                  | ... summoned by a curse skull
153583 | Zig:19   | Killed from afar by an ancient lich (42 damage)
                  | ... with a crystal spear
153583 | Zig:19   | Slain by a profane servitor
                  | ... wielding a +1 whip
                  | (1 damage)
153583 | Zig:19   | Killed from afar by a revenant (15 damage)
                  | ... with a ghostly fireball
153584 | Zig:19   | Engulfed by a revenant's spectral mist (6 damage)
153584 | Zig:19   | Mangled by a phantasmal warrior (9 damage)
                  | ... summoned by a curse skull
153584 | Zig:19   | Slain by a profane servitor
                  | ... wielding a +1 whip
                  | (2 damage)
153584 | Zig:19   | Slain by an ancient lich (6 damage)
153585 | Zig:19   | Engulfed by a revenant's spectral mist (11 damage)
153585 | Zig:19   | Mangled by a profane servitor
                  | ... wielding a +1 whip
                  | (8 damage)
153585 | Zig:19   | Slain by a profane servitor
                  | ... wielding a +1 whip
                  | (2 damage)
153585 | Zig:19   | Killed from afar by an ancient lich (25 damage)
                  | ... with a crystal spear
153585 | Zig:19   | Slain by a revenant (6 damage)
153585 | Zig:19   | Slain by a profane servitor
                  | ... wielding a +1 whip
                  | (4 damage)
153586 | Zig:19   | Slain by a profane servitor
                  | ... wielding a +1 whip
                  | (3 damage)
153586 | Zig:19   | Slain by a revenant (5 damage)
153586 | Zig:19   | Mangled by a phantasmal warrior (12 damage)
                  | ... summoned by a curse skull
153586 | Zig:19   | Slain by an ancient lich (6 damage)
153586 | Zig:19   | Slain by an ancient lich (2 damage)
153586 | Zig:19   | Slain by a profane servitor
                  | ... wielding a +1 whip
                  | (2 damage)
153586 | Zig:19   | Slain by a profane servitor
                  | ... wielding a +1 whip
                  | (2 damage)
153587 | Zig:19   | Slain by a revenant (3 damage)
                  | ... while petrified by an ancient lich
153587 | Zig:19   | Slain by an ancient lich (2 damage)
                  | ... while petrified by an ancient lich
153587 | Zig:19   | Slain by a revenant (4 damage)
                  | ... while petrified by an ancient lich
153587 | Zig:19   | Slain by a profane servitor
                  | ... wielding a +1 whip
                  | (3 damage)
                  | ... while petrified by an ancient lich
153588 | Zig:19   | Slain by an ancient lich (3 damage)
                  | ... while petrified by an ancient lich
153588 | Zig:19   | Slain by a revenant (4 damage)
                  | ... while petrified by an ancient lich
153589 | Zig:19   | Engulfed by a revenant's spectral mist (1 damage)
                  | ... while petrified by an ancient lich
153589 | Zig:19   | Slain by a revenant (3 damage)
                  | ... while petrified by an ancient lich
153589 | Zig:19   | Mangled by a phantasmal warrior (11 damage)
                  | ... summoned by a curse skull
                  | ... while petrified by an ancient lich
153590 | Zig:19   | Slain by a profane servitor
                  | ... wielding a +1 whip
                  | (2 damage)
                  | ... while petrified by an ancient lich
153590 | Zig:19   | Mangled by a revenant (7 damage)
                  | ... while petrified by an ancient lich
153590 | Zig:19   | Slain by a revenant (4 damage)
                  | ... while petrified by an ancient lich
153590 | Zig:19   | Slain by a phantasmal warrior (5 damage)
                  | ... summoned by a curse skull
                  | ... while petrified by an ancient lich
153590 | Zig:19   | Slain by a profane servitor
                  | ... wielding a +1 whip
                  | (3 damage)
                  | ... while petrified by an ancient lich
153590 | Zig:19   | Slain by an ancient lich (5 damage)
                  | ... while petrified by an ancient lich
153592 | Zig:19   | Slain by a profane servitor
                  | ... wielding a +1 whip
                  | (2 damage)
                  | ... while petrified by an ancient lich
153592 | Zig:19   | Slain by a revenant (2 damage)
                  | ... while petrified by an ancient lich
153592 | Zig:19   | Mangled by a phantasmal warrior (9 damage)
                  | ... summoned by a curse skull
                  | ... while petrified by an ancient lich
153592 | Zig:19   | Slain by an ancient lich (1 damage)
                  | ... while petrified by an ancient lich
153594 | Zig:19   | Slain by an ancient lich (3 damage)
                  | ... while petrified by an ancient lich
153594 | Zig:19   | Slain by a revenant (1 damage)
                  | ... while petrified by an ancient lich
153594 | Zig:19   | Slain by a phantasmal warrior (5 damage)
                  | ... summoned by a curse skull
                  | ... while petrified by an ancient lich
153594 | Zig:19   | Slain by a profane servitor
                  | ... wielding a +1 whip
                  | (4 damage)
                  | ... while petrified by an ancient lich
153594 | Zig:19   | Slain by an ancient lich (6 damage)
                  | ... while petrified by an ancient lich
153595 | Zig:19   | Mangled by an ancient lich (13 damage)
153595 | Zig:19   | Mangled by a profane servitor
                  | ... wielding a +1 whip
                  | (11 damage)
153595 | Zig:19   | Killed from afar by a revenant (21 damage)
                  | ... with a ghostly fireball
153595 | Zig:19   | Slain by a phantasmal warrior (1 damage)
                  | ... summoned by a curse skull
153595 | Zig:19   | Slain by a revenant (4 damage)
153595 | Zig:19   | Killed from afar by a revenant (19 damage)
                  | ... with a ghostly fireball
153595 | Zig:19   | Killed from afar by an eidolon (34 damage)
                  | ... with a bolt of negative energy
153596 | Zig:19   | Mangled by an ancient lich (9 damage)
153596 | Zig:19   | Mangled by an ancient lich (7 damage)
153596 | Zig:19   | Slain by a profane servitor
                  | ... wielding a +1 whip
                  | (4 damage)
153596 | Zig:19   | Mangled by a revenant (9 damage)
153596 | Zig:19   | Mangled by a profane servitor
                  | ... wielding a +1 whip
                  | (11 damage)
153597 | Zig:19   | Engulfed by a revenant's spectral mist (5 damage)
153597 | Zig:19   | Slain by an ancient lich (4 damage)
153597 | Zig:19   | Mangled by a profane servitor
                  | ... wielding a +1 whip
                  | (14 damage)
153597 | Zig:19   | Killed from afar by an ancient lich (43 damage)
                  | ... with a crystal spear
153597 | Zig:19   | Mangled by a revenant (8 damage)
153597 | Zig:19   | Mangled by a profane servitor
                  | ... wielding a +1 whip
                  | (9 damage)
153598 | Zig:19   | Killed from afar by an ancient lich (23 damage)
                  | ... with a crystal spear
153598 | Zig:19   | Slain by a revenant (2 damage)
153599 | Zig:19   | Slain by a profane servitor
                  | ... wielding a +1 whip
                  | (1 damage)
                  | ... while petrified by an ancient lich
153599 | Zig:19   | Killed from afar by an ancient lich (43 damage)
                  | ... with a crystal spear
                  | ... while petrified by an ancient lich
153599 | Zig:19   | Slain by a revenant (6 damage)
                  | ... while petrified by an ancient lich
153599 | Zig:19   | Slain by a profane servitor
                  | ... wielding a +1 whip
                  | (2 damage)
                  | ... while petrified by an ancient lich
153600 | Zig:19   | Engulfed by a revenant's spectral mist (5 damage)
                  | ... while petrified by an ancient lich
153600 | Zig:19   | Slain by a profane servitor
                  | ... wielding a +1 whip
                  | (3 damage)
                  | ... while petrified by an ancient lich
153601 | Zig:19   | Slain by a profane servitor
                  | ... wielding a +1 whip
                  | (2 damage)
                  | ... while petrified by an ancient lich
153601 | Zig:19   | Slain by an ancient lich (3 damage)
                  | ... while petrified by an ancient lich
153602 | Zig:19   | Engulfed by a revenant's spectral mist (1 damage)
                  | ... while petrified by an ancient lich
153602 | Zig:19   | Slain by an ancient lich (3 damage)
                  | ... while petrified by an ancient lich
153602 | Zig:19   | Slain by a revenant (4 damage)
                  | ... while petrified by an ancient lich
153602 | Zig:19   | Slain by a revenant (2 damage)
                  | ... while petrified by an ancient lich
153602 | Zig:19   | Slain by a profane servitor
                  | ... wielding a +1 whip
                  | (6 damage)
                  | ... while petrified by an ancient lich
153602 | Zig:19   | Slain by a profane servitor
                  | ... wielding a +1 whip
                  | (1 damage)
                  | ... while petrified by an ancient lich
153603 | Zig:19   | Slain by a profane servitor
                  | ... wielding a +1 whip
                  | (5 damage)
                  | ... while petrified by an ancient lich
153603 | Zig:19   | Slain by a profane servitor
                  | ... wielding a +1 whip
                  | (1 damage)
                  | ... while petrified by an ancient lich
153603 | Zig:19   | Killed from afar by an ancient lich (17 damage)
                  | ... with a crystal spear
                  | ... while petrified by an ancient lich
153604 | Zig:19   | Slain by a revenant (5 damage)
                  | ... while petrified by an ancient lich
153604 | Zig:19   | Slain by an ancient lich (5 damage)
                  | ... while petrified by an ancient lich
153605 | Zig:19   | Slain by a profane servitor
                  | ... wielding a +1 whip
                  | (5 damage)
                  | ... while petrified by an ancient lich
153605 | Zig:19   | Mangled by a revenant (8 damage)
                  | ... while petrified by an ancient lich
153605 | Zig:19   | Slain by a profane servitor
                  | ... wielding a +1 whip
                  | (1 damage)
                  | ... while petrified by an ancient lich
153606 | Zig:19   | Mangled by a profane servitor
                  | ... wielding a +1 whip
                  | (7 damage)
153606 | Zig:19   | Slain by a profane servitor
                  | ... wielding a +1 whip
                  | (3 damage)
153606 | Zig:19   | Demolished by a revenant (15 damage)
153607 | Zig:19   | Killed from afar by an ancient lich (58 damage)
                  | ... with a crystal spear
153607 | Zig:19   | Slain by a profane servitor
                  | ... wielding a +1 whip
                  | (4 damage)
153608 | Zig:19   | Slain by an ancient lich (3 damage)
153608 | Zig:19   | Slain by a revenant (4 damage)
153608 | Zig:19   | Slain by a revenant (1 damage)
153608 | Zig:19   | Slain by a profane servitor
                  | ... wielding a +1 whip
                  | (2 damage)
153608 | Zig:19   | Slain by a profane servitor
                  | ... wielding a +1 whip
                  | (2 damage)
153608 | Zig:19   | Killed from afar by an eidolon (13 damage)
                  | ... with a bolt of negative energy
153608 | Zig:19   | Slain by a profane servitor
                  | ... wielding a +1 whip
                  | (1 damage)
153609 | Zig:19   | Engulfed by a revenant's spectral mist (3 damage)
                  | ... while petrified by an ancient lich
153609 | Zig:19   | Slain by a profane servitor
                  | ... wielding a +1 whip
                  | (1 damage)
                  | ... while petrified by an ancient lich
153609 | Zig:19   | Slain by an ancient lich (3 damage)
                  | ... while petrified by an ancient lich
153610 | Zig:19   | Slain by a revenant (1 damage)
                  | ... while petrified by an ancient lich
153610 | Zig:19   | Slain by an ancient lich (1 damage)
                  | ... while petrified by an ancient lich
153611 | Zig:19   | Slain by an ancient lich (5 damage)
                  | ... while petrified by an ancient lich
153611 | Zig:19   | Slain by a revenant (1 damage)
                  | ... while petrified by an ancient lich
153611 | Zig:19   | Slain by a flying skull (2 damage)
                  | ... summoned by a curse skull
                  | ... while petrified by an ancient lich
153613 | Zig:19   | Engulfed by a revenant's spectral mist (2 damage)
                  | ... while petrified by an ancient lich
153613 | Zig:19   | Mangled by a profane servitor
                  | ... wielding a +1 whip
                  | (8 damage)
                  | ... while petrified by an ancient lich
153613 | Zig:19   | Slain by a profane servitor
                  | ... wielding a +1 whip
                  | (3 damage)
                  | ... while petrified by an ancient lich
153613 | Zig:19   | Slain by a revenant (6 damage)
                  | ... while petrified by an ancient lich
153613 | Zig:19   | Slain by a flying skull (4 damage)
                  | ... summoned by a curse skull
                  | ... while petrified by an ancient lich
153614 | Zig:19   | Slain by a profane servitor
                  | ... wielding a +1 whip
                  | (3 damage)
                  | ... while petrified by an ancient lich
153614 | Zig:19   | Slain by a flying skull (1 damage)
                  | ... summoned by a curse skull
                  | ... while petrified by an ancient lich
153614 | Zig:19   | Slain by a revenant (3 damage)
                  | ... while petrified by an ancient lich
153615 | Zig:19   | Slain by a profane servitor
                  | ... wielding a +1 whip
                  | (1 damage)
                  | ... while petrified by an ancient lich
153615 | Zig:19   | Slain by a revenant (3 damage)
                  | ... while petrified by an ancient lich
153616 | Zig:19   | Slain by a spriggan defender simulacrum (6 damage)
                  | ... summoned by a curse skull
                  | ... while petrified by an ancient lich
153616 | Zig:19   | Demolished by a spriggan defender simulacrum (19 damage)
                  | ... summoned by a curse skull
                  | ... while petrified by an ancient lich
153617 | Zig:19   | Annihilated by a spriggan defender simulacrum (39 damage)
                  | ... summoned by a curse skull
153617 | Zig:19   | Slain by a profane servitor
                  | ... wielding a +1 whip
                  | (1 damage)
153617 | Zig:19   | Mangled by a spriggan defender simulacrum (8 damage)
                  | ... summoned by a curse skull
153617 | Zig:19   | Annihilated by a spriggan defender simulacrum (32 damage)
                  | ... summoned by a curse skull
153617 | Zig:19   | Killed from afar by a revenant (18 damage)
                  | ... with a ghostly fireball
153618 | Zig:19   | Engulfed by a revenant's spectral mist (11 damage)
153618 | Zig:19   | Mangled by an ancient lich (8 damage)
153618 | Zig:19   | Mangled by a spriggan defender simulacrum (14 damage)
                  | ... summoned by a curse skull
153618 | Zig:19   | Annihilated by a spriggan defender simulacrum (24 damage)
                  | ... summoned by a curse skull
153618 | Zig:19   | Killed from afar by a revenant (7 damage)
                  | ... with a ghostly fireball
153619 | Zig:19   | Engulfed by a revenant's spectral mist (3 damage)
153619 | Zig:19   | Killed from afar by a revenant (36 damage)
                  | ... with a ghostly fireball
153619 | Zig:19   | Slain by a revenant (5 damage)
153620 | Zig:19   | Mangled by a phantasmal warrior (11 damage)
153620 | Zig:19   | Killed from afar by an eidolon (46 damage)
                  | ... with a bolt of negative energy
153620 | Zig:19   | Killed from afar by a revenant (8 damage)
                  | ... with a ghostly fireball
153620 | Zig:19   | Mangled by a revenant (8 damage)
153620 | Zig:19   | Killed from afar by a revenant (14 damage)
                  | ... with a ghostly fireball
153620 | Zig:19   | Slain by a phantasmal warrior (6 damage)
153620 | Zig:19   | Slain by a revenant (4 damage)
153621 | Zig:19   | Slain by a revenant (5 damage)
153621 | Zig:19   | Killed from afar by a revenant (2 damage)
                  | ... with a ghostly fireball
153621 | Zig:19   | Mangled by a phantasmal warrior (8 damage)
153621 | Zig:19   | Killed from afar by a revenant (19 damage)
                  | ... with a ghostly fireball
153621 | Zig:19   | Slain by a phantasmal warrior (2 damage)
153622 | Zig:19   | Slain by a phantasmal warrior (2 damage)
                  | ... while petrified by an ancient lich
153622 | Zig:19   | Slain by a revenant (5 damage)
                  | ... while petrified by an ancient lich
153623 | Zig:19   | Slain by a revenant (2 damage)
                  | ... while petrified by an ancient lich
153624 | Zig:19   | Slain by an ancient lich (5 damage)
                  | ... while petrified by an ancient lich
153624 | Zig:19   | Killed from afar by an ancient lich (17 damage)
                  | ... with a crystal spear
                  | ... while petrified by an ancient lich
153625 | Zig:19   | Slain by a revenant (5 damage)
                  | ... while petrified by an ancient lich
153625 | Zig:19   | Slain by a phantasmal warrior (3 damage)
                  | ... while petrified by an ancient lich
153625 | Zig:19   | Slain by a revenant (1 damage)
                  | ... while petrified by an ancient lich
153625 | Zig:19   | Killed from afar by an ancient lich (9 damage)
                  | ... with a crystal spear
                  | ... while petrified by an ancient lich
153626 | Zig:19   | Engulfed by a revenant's spectral mist (3 damage)
                  | ... while petrified by an ancient lich
153626 | Zig:19   | Slain by an ancient lich (3 damage)
                  | ... while petrified by an ancient lich
153626 | Zig:19   | Killed from afar by an ancient lich (21 damage)
                  | ... with a crystal spear
                  | ... while petrified by an ancient lich
153627 | Zig:19   | Slain by a revenant (3 damage)
                  | ... while petrified by an ancient lich
153627 | Zig:19   | Slain by a phantasmal warrior (4 damage)
                  | ... while petrified by an ancient lich
153627 | Zig:19   | Slain by a revenant (4 damage)
                  | ... while petrified by an ancient lich
153628 | Zig:19   | Slain by a revenant (3 damage)
                  | ... while petrified by an ancient lich
153628 | Zig:19   | Slain by a revenant (4 damage)
                  | ... while petrified by an ancient lich
153628 | Zig:19   | Slain by a phantasmal warrior (2 damage)
                  | ... while petrified by an ancient lich
153629 | Zig:19   | Slain by an ancient lich (4 damage)
                  | ... while petrified by an ancient lich
153629 | Zig:19   | Slain by a revenant (2 damage)
                  | ... while petrified by an ancient lich
153629 | Zig:19   | Slain by an ancient lich (3 damage)
                  | ... while petrified by an ancient lich
153630 | Zig:19   | Slain by an ancient lich (1 damage)
                  | ... while petrified by an ancient lich
153630 | Zig:19   | Slain by an ancient lich (1 damage)
                  | ... while petrified by an ancient lich
153630 | Zig:19   | Slain by a revenant (4 damage)
                  | ... while petrified by an ancient lich
153630 | Zig:19   | Slain by a phantasmal warrior (1 damage)
                  | ... while petrified by an ancient lich
153631 | Zig:19   | Slain by a revenant (2 damage)
                  | ... while petrified by an ancient lich
153631 | Zig:19   | Slain by a revenant (4 damage)
                  | ... while petrified by an ancient lich
153633 | Zig:19   | Slain by an ancient lich (1 damage)
153633 | Zig:19   | Slain by a phantasmal warrior (5 damage)
153633 | Zig:19   | Killed from afar by a revenant (38 damage)
                  | ... with a ghostly fireball
153633 | Zig:19   | Killed from afar by a revenant (20 damage)
                  | ... with a ghostly fireball
153634 | Zig:19   | Mangled by an ancient lich (8 damage)
153634 | Zig:19   | Slain by an ancient lich (2 damage)
153635 | Zig:19   | Engulfed by a revenant's spectral mist (2 damage)
153635 | Zig:19   | Slain by an ancient lich (1 damage)
153635 | Zig:19   | Mangled by a phantasmal warrior (14 damage)
153635 | Zig:19   | Slain by a revenant (1 damage)
153635 | Zig:19   | Killed from afar by an ancient lich (39 damage)
                  | ... with a crystal spear
153636 | Zig:19   | Engulfed by a revenant's spectral mist (5 damage)
                  | ... while petrified by an ancient lich
153636 | Zig:19   | Slain by an ancient lich (1 damage)
                  | ... while petrified by an ancient lich
153636 | Zig:19   | Mangled by a phantasmal warrior (10 damage)
                  | ... while petrified by an ancient lich
153636 | Zig:19   | Mangled by a revenant (8 damage)
                  | ... while petrified by an ancient lich
153637 | Zig:19   | Slain by a revenant (2 damage)
                  | ... while petrified by an ancient lich
153637 | Zig:19   | Mangled by a phantasmal warrior (8 damage)
                  | ... while petrified by an ancient lich
153637 | Zig:19   | Slain by an ancient lich (3 damage)
                  | ... while petrified by an ancient lich
153637 | Zig:19   | Slain by an ancient lich (5 damage)
                  | ... while petrified by an ancient lich
153638 | Zig:19   | Engulfed by a revenant's spectral mist (3 damage)
                  | ... while petrified by an ancient lich
153638 | Zig:19   | Slain by an ancient lich (4 damage)
                  | ... while petrified by an ancient lich
153638 | Zig:19   | Slain by a phantasmal warrior (5 damage)
                  | ... while petrified by an ancient lich
153638 | Zig:19   | Slain by a revenant (4 damage)
                  | ... while petrified by an ancient lich
153639 | Zig:19   | Mangled by a revenant (7 damage)
                  | ... while petrified by an ancient lich
153639 | Zig:19   | Killed from afar by an ancient lich (21 damage)
                  | ... with a crystal spear
                  | ... while petrified by an ancient lich
153640 | Zig:19   | Slain by an ancient lich (1 damage)
                  | ... while petrified by an ancient lich
153641 | Zig:19   | Engulfed by a revenant's spectral mist (3 damage)
                  | ... while petrified by an ancient lich
153641 | Zig:19   | Slain by a phantasmal warrior (3 damage)
                  | ... while petrified by an ancient lich
153641 | Zig:19   | Slain by an ancient lich (4 damage)
                  | ... while petrified by an ancient lich
153642 | Zig:19   | Slain by an ancient lich (3 damage)
                  | ... while petrified by an ancient lich
153642 | Zig:19   | Slain by a phantasmal warrior (1 damage)
                  | ... while petrified by an ancient lich
153642 | Zig:19   | Killed from afar by an ancient lich (18 damage)
                  | ... with a crystal spear
                  | ... while petrified by an ancient lich
153642 | Zig:19   | Slain by an ancient lich (2 damage)
                  | ... while petrified by an ancient lich
153643 | Zig:19   | Slain by a phantasmal warrior (1 damage)
                  | ... while petrified by an ancient lich
153643 | Zig:19   | Slain by a revenant (6 damage)
                  | ... while petrified by an ancient lich
153643 | Zig:19   | Slain by a revenant (2 damage)
                  | ... while petrified by an ancient lich
153643 | Zig:19   | Killed from afar by an ancient lich (47 damage)
                  | ... with a crystal spear
                  | ... while petrified by an ancient lich
153643 | Zig:19   | Slain by an ancient lich (2 damage)
                  | ... while petrified by an ancient lich
153644 | Zig:19   | Slain by a revenant (4 damage)
                  | ... while petrified by an ancient lich
153644 | Zig:19   | Slain by a phantasmal warrior (6 damage)
                  | ... while petrified by an ancient lich
153644 | Zig:19   | Mangled by a revenant (8 damage)
                  | ... while petrified by an ancient lich
153644 | Zig:19   | Slain by an ancient lich (2 damage)
                  | ... while petrified by an ancient lich
153644 | Zig:19   | Slain by an ancient lich (4 damage)
                  | ... while petrified by an ancient lich
153645 | Zig:19   | Slain by a revenant (6 damage)
                  | ... while petrified by an ancient lich
153645 | Zig:19   | Slain by an ancient lich (5 damage)
                  | ... while petrified by an ancient lich
153645 | Zig:19   | Slain by an ancient lich (4 damage)
                  | ... while petrified by an ancient lich
153646 | Zig:19   | Killed from afar by an eidolon (28 damage)
                  | ... with a bolt of negative energy
153646 | Zig:19   | Killed from afar by a revenant (15 damage)
                  | ... with a ghostly fireball
153647 | Zig:19   | Engulfed by a revenant's spectral mist (1 damage)
153647 | Zig:19   | Mangled by an ancient lich (11 damage)
153647 | Zig:19   | Mangled by an ancient lich (8 damage)
153648 | Zig:19   | Engulfed by a revenant's spectral mist (7 damage)
153648 | Zig:19   | Mangled by a revenant (9 damage)
153648 | Zig:19   | Slain by an ancient lich (1 damage)
153648 | Zig:19   | Slain by an ancient lich (1 damage)
153649 | Zig:19   | Slain by an ancient lich (3 damage)
153649 | Zig:19   | Slain by an ancient lich (1 damage)
153649 | Zig:19   | Annihilated by a phantasmal warrior (24 damage)
153649 | Zig:19   | Slain by a revenant (4 damage)
153649 | Zig:19   | Demolished by a revenant (17 damage)
153650 | Zig:19   | Mangled by an ancient lich (8 damage)
153650 | Zig:19   | Slain by an ancient lich (1 damage)
153650 | Zig:19   | Mangled by an ancient lich (10 damage)
153650 | Zig:19   | Slain by an ancient lich (2 damage)
153651 | Zig:19   | Mangled by an ancient lich (7 damage)
153652 | Zig:19   | Mangled by a revenant (11 damage)
153652 | Zig:19   | Slain by an ancient lich (3 damage)
153653 | Zig:19   | Slain by an ancient lich (3 damage)
153653 | Zig:19   | Demolished by a revenant (15 damage)
153653 | Zig:19   | Mangled by an ancient lich (7 damage)
153653 | Zig:19   | Mangled by a revenant (7 damage)
153655 | Zig:19   | Slain by a revenant (3 damage)
153656 | Zig:19   | Mangled by a revenant (10 damage)
153657 | Zig:19   | Mangled by an ancient lich (9 damage)
153657 | Zig:19   | Mangled by a revenant (11 damage)
153657 | Zig:19   | Slain by an ancient lich (3 damage)
153658 | Zig:19   | Slain by a revenant (9 damage)
153658 | Zig:19   | Killed from afar by a vampire mage (21 damage)
                  | ... with a bolt of negative energy
153659 | Zig:19   | Slain by an ancient lich (5 damage)
153660 | Zig:19   | Mangled by an ancient lich (8 damage)
153660 | Zig:19   | Demolished by a revenant (15 damage)
153660 | Zig:19   | Slain by a revenant (4 damage)
153661 | Zig:19   | Killed from afar by an eidolon (46 damage)
                  | ... with a bolt of negative energy
153662 | Zig:19   | Slain by a revenant (4 damage)
153662 | Zig:19   | Mangled by a revenant (10 damage)
153662 | Zig:19   | Slain by an ancient lich (2 damage)
153663 | Zig:19   | Slain by an ancient lich (5 damage)
153663 | Zig:19   | Slain by an ancient lich (2 damage)
153664 | Zig:19   | Killed from afar by an eidolon (21 damage)
                  | ... with a bolt of negative energy
153664 | Zig:19   | Mangled by an eidolon (11 damage)
153666 | Zig:19   | Slain by an ancient lich (6 damage)
153666 | Zig:19   | Slain by a revenant (4 damage)
153667 | Zig:19   | Slain by an ancient lich (1 damage)
153667 | Zig:19   | Killed from afar by an eidolon (32 damage)
                  | ... with a bolt of negative energy
153667 | Zig:19   | Mangled by a revenant (7 damage)
153667 | Zig:19   | Slain by a phantasmal warrior (2 damage)
153668 | Zig:19   | Engulfed by a revenant's spectral mist (6 damage)
153668 | Zig:19   | Mangled by a revenant (9 damage)
153668 | Zig:19   | Slain by an eidolon (5 damage)
153669 | Zig:19   | Slain by a revenant (3 damage)
153669 | Zig:19   | Slain by a phantasmal warrior (1 damage)
153670 | Zig:19   | Killed from afar by a revenant (17 damage)
                  | ... with a ghostly fireball
153670 | Zig:19   | Mangled by an eidolon (8 damage)
153670 | Zig:19   | Slain by a revenant (1 damage)
153671 | Zig:19   | Killed from afar by an eidolon (15 damage)
                  | ... with a bolt of negative energy
153672 | Zig:19   | Killed from afar by an eidolon (17 damage)
                  | ... with a bolt of negative energy
153672 | Zig:19   | Annihilated by a phantasmal warrior (24 damage)
153672 | Zig:19   | Slain by a revenant (1 damage)
153673 | Zig:19   | Slain by a revenant (6 damage)
153673 | Zig:19   | Killed from afar by a revenant (13 damage)
                  | ... with a ghostly fireball
153674 | Zig:19   | Slain by an ancient lich (5 damage)
153674 | Zig:19   | Slain by a phantasmal warrior (5 damage)
153674 | Zig:19   | Mangled by an eidolon (8 damage)
153674 | Zig:19   | Mangled by a revenant (9 damage)
153675 | Zig:19   | Engulfed by a revenant's spectral mist (3 damage)
153675 | Zig:19   | Killed from afar by a revenant (16 damage)
                  | ... with a ghostly fireball
153675 | Zig:19   | Slain by an eidolon (1 damage)
153675 | Zig:19   | Slain by an ancient lich (2 damage)
153675 | Zig:19   | Slain by an eidolon (3 damage)
153675 | Zig:19   | Slain by an ancient lich (6 damage)
153676 | Zig:19   | Engulfed by a revenant's spectral mist (2 damage)
                  | ... while petrified by an ancient lich
153676 | Zig:19   | Slain by an ancient lich (2 damage)
                  | ... while petrified by an ancient lich
153676 | Zig:19   | Slain by an eidolon (5 damage)
                  | ... while petrified by an ancient lich
153676 | Zig:19   | Slain by a revenant (2 damage)
                  | ... while petrified by an ancient lich
153676 | Zig:19   | Killed from afar by an ancient lich (38 damage)
                  | ... with a crystal spear
                  | ... while petrified by an ancient lich
153677 | Zig:19   | Slain by a revenant (5 damage)
                  | ... while petrified by an ancient lich
153677 | Zig:19   | Slain by a revenant (1 damage)
                  | ... while petrified by an ancient lich
153677 | Zig:19   | Slain by a phantasmal warrior (3 damage)
                  | ... while petrified by an ancient lich
153678 | Zig:19   | Slain by an eidolon (3 damage)
                  | ... while petrified by an ancient lich
153678 | Zig:19   | Slain by an eidolon (2 damage)
                  | ... while petrified by an ancient lich
153678 | Zig:19   | Slain by a revenant (5 damage)
                  | ... while petrified by an ancient lich
153678 | Zig:19   | Slain by a phantasmal warrior (4 damage)
                  | ... while petrified by an ancient lich
153678 | Zig:19   | Slain by an ancient lich (2 damage)
                  | ... while petrified by an ancient lich
153679 | Zig:19   | Mangled by a revenant (8 damage)
                  | ... while petrified by an ancient lich
153679 | Zig:19   | Slain by a revenant (3 damage)
                  | ... while petrified by an ancient lich
153680 | Zig:19   | Mangled by a phantasmal warrior (10 damage)
                  | ... while petrified by an ancient lich
153681 | Zig:19   | Engulfed by a revenant's spectral mist (6 damage)
                  | ... while petrified by an ancient lich
153681 | Zig:19   | Killed from afar by an ancient lich (24 damage)
                  | ... with a crystal spear
                  | ... while petrified by an ancient lich
153681 | Zig:19   | Slain by a phantasmal warrior (5 damage)
                  | ... while petrified by an ancient lich
153681 | Zig:19   | Slain by a revenant (4 damage)
                  | ... while petrified by an ancient lich
153681 | Zig:19   | Slain by an ancient lich (3 damage)
                  | ... while petrified by an ancient lich
153682 | Zig:19   | Slain by an ancient lich (6 damage)
                  | ... while petrified by an ancient lich
153682 | Zig:19   | Slain by a revenant (1 damage)
                  | ... while petrified by an ancient lich
153682 | Zig:19   | Mangled by an eidolon (9 damage)
                  | ... while petrified by an ancient lich
153682 | Zig:19   | Mangled by a revenant (8 damage)
                  | ... while petrified by an ancient lich
153684 | Zig:19   | Killed from afar by a revenant (14 damage)
                  | ... with a ghostly fireball
153684 | Zig:19   | Slain by a phantasmal warrior (6 damage)
153685 | Zig:19   | Slain by a revenant (5 damage)
153685 | Zig:19   | Killed from afar by an eidolon (20 damage)
                  | ... with a bolt of negative energy
153685 | Zig:19   | Slain by a revenant (6 damage)
153685 | Zig:19   | Killed from afar by a revenant (19 damage)
                  | ... with a ghostly fireball
153685 | Zig:19   | Mangled by an ancient lich (9 damage)
153685 | Zig:19   | Slain by an ancient lich (6 damage)
153685 | Zig:19   | Killed from afar by an eidolon (23 damage)
                  | ... with a bolt of negative energy
153685 | Zig:19   | Killed from afar by a revenant (30 damage)
                  | ... with a ghostly fireball
153685 | Zig:19   | Killed from afar by a revenant (3 damage)
                  | ... with a ghostly fireball
153686 | Zig:19   | Engulfed by a revenant's spectral mist (1 damage)
153686 | Zig:19   | Killed from afar by a revenant (28 damage)
                  | ... with a ghostly fireball
153686 | Zig:19   | Killed from afar by a revenant (11 damage)
                  | ... with a ghostly fireball
153687 | Zig:19   | Mangled by an ancient lich (7 damage)
153687 | Zig:19   | Slain by an eidolon (6 damage)
153687 | Zig:19   | Mangled by an ancient lich (10 damage)
153688 | Zig:19   | Killed from afar by an ancient lich (87 damage)
                  | ... with a crystal spear
153688 | Zig:19   | Killed from afar by a vampire mage (20 damage)
                  | ... with a bolt of negative energy
153688 | Zig:19   | Slain by a revenant (6 damage)
153689 | Zig:19   | Slain by an eidolon (1 damage)
153690 | Zig:19   | Mangled by an ancient lich (7 damage)
153690 | Zig:19   | Mangled by a phantasmal warrior (11 damage)
153690 | Zig:19   | Killed from afar by an eidolon (27 damage)
                  | ... with a bolt of negative energy
153690 | Zig:19   | Killed from afar by a revenant (9 damage)
                  | ... with a ghostly fireball
153690 | Zig:19   | Slain by a revenant (6 damage)
153691 | Zig:19   | Slain by an eidolon (2 damage)
                  | ... while petrified by an ancient lich
153691 | Zig:19   | Mangled by a phantasmal warrior (7 damage)
                  | ... while petrified by an ancient lich
153691 | Zig:19   | Slain by a revenant (2 damage)
                  | ... while petrified by an ancient lich
153691 | Zig:19   | Slain by a revenant (2 damage)
                  | ... while petrified by an ancient lich
153691 | Zig:19   | Killed from afar by an ancient lich (15 damage)
                  | ... with a crystal spear
                  | ... while petrified by an ancient lich
153692 | Zig:19   | Slain by an ancient lich (3 damage)
                  | ... while petrified by an ancient lich
153692 | Zig:19   | Slain by a phantasmal warrior (2 damage)
                  | ... while petrified by an ancient lich
153693 | Zig:19   | Slain by an ancient lich (4 damage)
                  | ... while petrified by an ancient lich
153693 | Zig:19   | Slain by a revenant (6 damage)
                  | ... while petrified by an ancient lich
153693 | Zig:19   | Slain by a revenant (4 damage)
                  | ... while petrified by an ancient lich
153693 | Zig:19   | Killed from afar by an ancient lich (43 damage)
                  | ... with a crystal spear
                  | ... while petrified by an ancient lich
153694 | Zig:19   | Slain by a revenant (3 damage)
                  | ... while petrified by an ancient lich
153694 | Zig:19   | Slain by an eidolon (2 damage)
                  | ... while petrified by an ancient lich
153695 | Zig:19   | Engulfed by a revenant's spectral mist (3 damage)
                  | ... while petrified by an ancient lich
153695 | Zig:19   | Slain by a revenant (3 damage)
                  | ... while petrified by an ancient lich
153695 | Zig:19   | Slain by a revenant (3 damage)
                  | ... while petrified by an ancient lich
153695 | Zig:19   | Slain by a phantasmal warrior (4 damage)
                  | ... while petrified by an ancient lich
153696 | Zig:19   | Engulfed by a revenant's spectral mist (4 damage)
                  | ... while petrified by an ancient lich
153696 | Zig:19   | Slain by a revenant (3 damage)
                  | ... while petrified by an ancient lich
153696 | Zig:19   | Mangled by a phantasmal warrior (7 damage)
                  | ... while petrified by an ancient lich
153696 | Zig:19   | Slain by an ancient lich (6 damage)
                  | ... while petrified by an ancient lich
153697 | Zig:19   | Mangled by a phantasmal warrior (8 damage)
                  | ... while petrified by an ancient lich
153698 | Zig:19   | Mangled by an eidolon (7 damage)
                  | ... while petrified by an ancient lich
153698 | Zig:19   | Slain by a phantasmal warrior (6 damage)
                  | ... while petrified by an ancient lich
153698 | Zig:19   | Slain by an ancient lich (5 damage)
                  | ... while petrified by an ancient lich
153699 | Zig:19   | Slain by a phantasmal warrior (3 damage)
                  | ... while petrified by an ancient lich
153699 | Zig:19   | Slain by an ancient lich (1 damage)
                  | ... while petrified by an ancient lich
153700 | Zig:19   | Slain by a phantasmal warrior (3 damage)
                  | ... while petrified by an ancient lich
153700 | Zig:19   | Slain by an ancient lich (3 damage)
                  | ... while petrified by an ancient lich
153701 | Zig:19   | Engulfed by a revenant's spectral mist (9 damage)
153701 | Zig:19   | Killed from afar by an eidolon (25 damage)
                  | ... with a bolt of negative energy
153701 | Zig:19   | Mangled by a revenant (14 damage)
153701 | Zig:19   | Mangled by an ancient lich (12 damage)
153701 | Zig:19   | Slain by an ancient lich (1 damage)
153702 | Zig:19   | Killed from afar by a revenant (16 damage)
                  | ... with a ghostly fireball
153702 | Zig:19   | Slain by an ancient lich (2 damage)
153702 | Zig:19   | Slain by an ancient lich (1 damage)
153702 | Zig:19   | Killed from afar by a revenant (21 damage)
                  | ... with a ghostly fireball
153702 | Zig:19   | Killed from afar by a revenant (10 damage)
                  | ... with a ghostly fireball
153704 | Zig:19   | Mangled by a phantasmal warrior (12 damage)
153704 | Zig:19   | Mangled by a phantasmal warrior (8 damage)
153705 | Zig:19   | Slain by an ancient lich (6 damage)
                  | ... while petrified by an ancient lich
153705 | Zig:19   | Mangled by a phantasmal warrior (8 damage)
                  | ... while petrified by an ancient lich
153706 | Zig:19   | Engulfed by a revenant's spectral mist (1 damage)
                  | ... while petrified by an ancient lich
153706 | Zig:19   | Slain by a revenant (2 damage)
                  | ... while petrified by an ancient lich
153707 | Zig:19   | Slain by a revenant (2 damage)
                  | ... while petrified by an ancient lich
153707 | Zig:19   | Mangled by a phantasmal warrior (10 damage)
                  | ... while petrified by an ancient lich
153708 | Zig:19   | Mangled by a phantasmal warrior (11 damage)
                  | ... while petrified by an ancient lich
153709 | Zig:19   | Killed from afar by an ancient lich (46 damage)
                  | ... with a crystal spear
                  | ... while petrified by an ancient lich
153709 | Zig:19   | Slain by a revenant (6 damage)
                  | ... while petrified by an ancient lich
153709 | Zig:19   | Slain by an eidolon (1 damage)
                  | ... while petrified by an ancient lich
153710 | Zig:19   | Slain by an eidolon (3 damage)
                  | ... while petrified by an ancient lich
153710 | Zig:19   | Slain by an ancient lich (1 damage)
                  | ... while petrified by an ancient lich
153712 | Zig:19   | Slain by a revenant (1 damage)
                  | ... while petrified by an ancient lich
153713 | Zig:19   | Slain by a phantasmal warrior (6 damage)
                  | ... while petrified by an ancient lich
153714 | Zig:19   | Engulfed by a revenant's spectral mist (15 damage)
153714 | Zig:19   | Slain by an eidolon (3 damage)
153715 | Zig:19   | Engulfed by a revenant's spectral mist (10 damage)
153715 | Zig:19   | Slain by an eidolon (6 damage)
153716 | Zig:19   | Mangled by an ancient lich (11 damage)
153716 | Zig:19   | Killed from afar by a revenant (59 damage)
                  | ... with a ghostly fireball
153716 | Zig:19   | Slain by a revenant (4 damage)
153716 | Zig:19   | Slain by an ancient lich (5 damage)
153716 | Zig:19   | Killed from afar by an eidolon (17 damage)
                  | ... with a bolt of negative energy
153717 | Zig:19   | Killed from afar by an ancient lich (50 damage)
                  | ... with a crystal spear
153717 | Zig:19   | Demolished by a phantasmal warrior (15 damage)
153717 | Zig:19   | Demolished by an eidolon (16 damage)
153717 | Zig:19   | Killed from afar by an ancient lich (66 damage)
                  | ... with a crystal spear
153718 | Zig:19   | Engulfed by a revenant's spectral mist (2 damage)
153718 | Zig:19   | Slain by an ancient lich (3 damage)
153718 | Zig:19   | Slain by a revenant (6 damage)
153718 | Zig:19   | Slain by a revenant (5 damage)
153719 | Zig:19   | Engulfed by a revenant's spectral mist (6 damage)
153719 | Zig:19   | Killed from afar by an eidolon (16 damage)
                  | ... with a bolt of negative energy
153719 | Zig:19   | Demolished by a revenant (15 damage)
153719 | Zig:19   | Killed from afar by a revenant (14 damage)
                  | ... with a ghostly fireball
153719 | Zig:19   | Mangled by a revenant (12 damage)
153719 | Zig:19   | Demolished by a phantasmal warrior (15 damage)
153720 | Zig:19   | Killed from afar by a revenant (7 damage)
                  | ... with a ghostly fireball
153721 | Zig:19   | Engulfed by a revenant's spectral mist (1 damage)
153721 | Zig:19   | Slain by an ancient lich (1 damage)
153721 | Zig:19   | Killed from afar by an eidolon (27 damage)
                  | ... with a bolt of negative energy
153721 | Zig:19   | Demolished by a phantasmal warrior (15 damage)
153721 | Zig:19   | Mangled by an ancient lich (7 damage)
153721 | Zig:19   | Slain by an ancient lich (3 damage)
153721 | Zig:19   | Mangled by a revenant (7 damage)
153721 | Zig:19   | Mangled by a phantasmal warrior (8 damage)
153722 | Zig:19   | Engulfed by a revenant's spectral mist (3 damage)
                  | ... while petrified by an ancient lich
153722 | Zig:19   | Slain by a revenant (3 damage)
                  | ... while petrified by an ancient lich
153722 | Zig:19   | Slain by an eidolon (5 damage)
                  | ... while petrified by an ancient lich
153722 | Zig:19   | Mangled by a phantasmal warrior (10 damage)
                  | ... while petrified by an ancient lich
153722 | Zig:19   | Slain by a revenant (6 damage)
                  | ... while petrified by an ancient lich
153723 | Zig:19   | Slain by an ancient lich (2 damage)
                  | ... while petrified by an ancient lich
153723 | Zig:19   | Slain by a phantasmal warrior (5 damage)
                  | ... while petrified by an ancient lich
153724 | Zig:19   | Slain by an eidolon (4 damage)
                  | ... while petrified by an ancient lich
153724 | Zig:19   | Slain by an eidolon (1 damage)
                  | ... while petrified by an ancient lich
153724 | Zig:19   | Slain by a revenant (3 damage)
                  | ... while petrified by an ancient lich
153724 | Zig:19   | Slain by a phantasmal warrior (4 damage)
                  | ... while petrified by an ancient lich
153725 | Zig:19   | Engulfed by a revenant's spectral mist (3 damage)
                  | ... while petrified by an ancient lich
153725 | Zig:19   | Slain by an eidolon (2 damage)
                  | ... while petrified by an ancient lich
153725 | Zig:19   | Slain by a revenant (1 damage)
                  | ... while petrified by an ancient lich
153726 | Zig:19   | Slain by an ancient lich (6 damage)
                  | ... while petrified by an ancient lich
153726 | Zig:19   | Slain by a revenant (1 damage)
                  | ... while petrified by an ancient lich
153726 | Zig:19   | Mangled by an eidolon (7 damage)
                  | ... while petrified by an ancient lich
153726 | Zig:19   | Mangled by a phantasmal warrior (10 damage)
                  | ... while petrified by an ancient lich
153726 | Zig:19   | Killed from afar by an ancient lich (27 damage)
                  | ... with a crystal spear
                  | ... while petrified by an ancient lich
153727 | Zig:19   | Mangled by a phantasmal warrior (7 damage)
                  | ... while petrified by an ancient lich
153728 | Zig:19   | Slain by an eidolon (2 damage)
                  | ... while petrified by an ancient lich
153728 | Zig:19   | Slain by a phantasmal warrior (6 damage)
                  | ... while petrified by an ancient lich
153729 | Zig:19   | Killed from afar by an ancient lich (63 damage)
                  | ... with a crystal spear
                  | ... while petrified by an ancient lich
153729 | Zig:19   | Slain by an eidolon (1 damage)
                  | ... while petrified by an ancient lich
153729 | Zig:19   | Slain by an eidolon (2 damage)
                  | ... while petrified by an ancient lich
153729 | Zig:19   | Mangled by a revenant (7 damage)
                  | ... while petrified by an ancient lich
153730 | Zig:19   | Engulfed by a revenant's spectral mist (9 damage)
153730 | Zig:19   | Demolished by an eidolon (16 damage)
153730 | Zig:19   | Demolished by a revenant (16 damage)
153730 | Zig:19   | Mangled by a revenant (13 damage)
153730 | Zig:19   | Mangled by an ancient lich (8 damage)
153730 | Zig:19   | Slain by an ancient lich (1 damage)
153731 | Zig:19   | Mangled by a phantasmal warrior (8 damage)
153731 | Zig:19   | Mangled by a revenant (8 damage)
153732 | Zig:19   | Demolished by a phantasmal warrior (15 damage)
153732 | Zig:19   | Killed from afar by a revenant (19 damage)
                  | ... with a ghostly fireball
153733 | Zig:19   | Slain by an ancient lich (2 damage)
153733 | Zig:19   | Mangled by a revenant (11 damage)
153733 | Zig:19   | Killed from afar by a revenant (16 damage)
                  | ... with a ghostly fireball
153734 | Zig:19   | Killed an ancient lich
153734 | Zig:19   | Slain by a revenant (3 damage)
153734 | Zig:19   | Slain by a phantasmal warrior (1 damage)
153734 | Zig:19   | Demolished by a spectral alligator snapping turtle (19
                  | damage)
                  | ... called from beyond by a revenant
153735 | Zig:19   | Slain by a revenant (1 damage)
153736 | Zig:19   | HP: 1/48 [revenant (3)]
153736 | Zig:19   | Killed from afar by a revenant (12 damage)
                  | ... with a ghostly fireball
153737 | Zig:19   | Killed from afar by an ancient lich (68 damage)
                  | ... with a crystal spear
153739 | Zig:19   | Engulfed by a revenant's spectral mist (13 damage)
153739 | Zig:19   | Killed from afar by an eidolon (47 damage)
                  | ... with a bolt of negative energy
153739 | Zig:19   | Mangled by an ancient champion
                  | ... wielding a +0 great sword
                  | (24 damage)
153741 | Zig:19   | Killed from afar by a revenant (17 damage)
                  | ... with a ghostly fireball
153742 | Zig:19   | Slain by an ancient lich (5 damage)
153742 | Zig:19   | Slain by a profane servitor
                  | ... wielding a +2 demon whip of flaming
                  | (2 damage)
153742 | Zig:19   | Killed from afar by a revenant (11 damage)
                  | ... with a ghostly fireball
153743 | Zig:19   | Slain by a profane servitor
                  | ... wielding a +2 demon whip of flaming
                  | (5 damage)
153743 | Zig:19   | Mangled by an ancient champion
                  | ... wielding a +0 great sword
                  | (8 damage)
153743 | Zig:19   | Mangled by a profane servitor
                  | ... wielding a +2 demon whip of flaming
                  | (12 damage)
153743 | Zig:19   | Slain by a phantasmal warrior (2 damage)
153743 | Zig:19   | Slain by a revenant (2 damage)
153744 | Zig:19   | Slain by a profane servitor
                  | ... wielding a +2 demon whip of flaming
                  | (5 damage)
                  | ... while petrified by an ancient lich
153744 | Zig:19   | Slain by an ancient champion
                  | ... wielding a +0 great sword
                  | (6 damage)
                  | ... while petrified by an ancient lich
153745 | Zig:19   | Slain by a profane servitor
                  | ... wielding a +2 demon whip of flaming
                  | (3 damage)
                  | ... while petrified by an ancient lich
153745 | Zig:19   | Slain by a profane servitor
                  | ... wielding a +2 demon whip of flaming
                  | (4 damage)
                  | ... while petrified by an ancient lich
153745 | Zig:19   | Slain by a revenant (5 damage)
                  | ... while petrified by an ancient lich
153746 | Zig:19   | Engulfed by a revenant's spectral mist (6 damage)
                  | ... while petrified by an ancient lich
153746 | Zig:19   | Slain by a profane servitor
                  | ... wielding a +2 demon whip of flaming
                  | (5 damage)
                  | ... while petrified by an ancient lich
153746 | Zig:19   | Mangled by a phantasmal warrior (9 damage)
                  | ... while petrified by an ancient lich
153746 | Zig:19   | Slain by a profane servitor
                  | ... wielding a +2 demon whip of flaming
                  | (4 damage)
                  | ... while petrified by an ancient lich
153747 | Zig:19   | Slain by a profane servitor
                  | ... wielding a +2 demon whip of flaming
                  | (1 damage)
                  | ... while petrified by an ancient lich
153747 | Zig:19   | Slain by a profane servitor
                  | ... wielding a +2 demon whip of flaming
                  | (3 damage)
                  | ... while petrified by an ancient lich
153747 | Zig:19   | Mangled by a phantasmal warrior (11 damage)
                  | ... while petrified by an ancient lich
153748 | Zig:19   | Slain by a spectral snapping turtle (3 damage)
                  | ... called from beyond by a revenant
                  | ... while petrified by an ancient lich
153748 | Zig:19   | Slain by a profane servitor
                  | ... wielding a +2 demon whip of flaming
                  | (3 damage)
                  | ... while petrified by an ancient lich
153749 | Zig:19   | Engulfed by a revenant's spectral mist (2 damage)
                  | ... while petrified by an ancient lich
153749 | Zig:19   | Slain by an ancient champion
                  | ... wielding a +0 great sword
                  | (2 damage)
                  | ... while petrified by an ancient lich
153749 | Zig:19   | Slain by a profane servitor
                  | ... wielding a +2 demon whip of flaming
                  | (2 damage)
                  | ... while petrified by an ancient lich
153749 | Zig:19   | Slain by a revenant (2 damage)
                  | ... while petrified by an ancient lich
153749 | Zig:19   | Slain by a spectral snapping turtle (5 damage)
                  | ... called from beyond by a revenant
                  | ... while petrified by an ancient lich
153750 | Zig:19   | Mangled by a profane servitor
                  | ... wielding a +2 demon whip of flaming
                  | (9 damage)
                  | ... while petrified by an ancient lich
153750 | Zig:19   | Slain by a profane servitor
                  | ... wielding a +2 demon whip of flaming
                  | (5 damage)
                  | ... while petrified by an ancient lich
153750 | Zig:19   | Slain by a spectral snapping turtle (6 damage)
                  | ... called from beyond by a revenant
                  | ... while petrified by an ancient lich
153750 | Zig:19   | Mangled by a profane servitor
                  | ... wielding a +2 demon whip of flaming
                  | (8 damage)
                  | ... while petrified by an ancient lich
153750 | Zig:19   | Slain by an ancient lich (6 damage)
                  | ... while petrified by an ancient lich
153751 | Zig:19   | Slain by an ancient champion
                  | ... wielding a +0 great sword
                  | (7 damage)
                  | ... while petrified by an ancient lich
153751 | Zig:19   | Slain by a revenant (1 damage)
                  | ... while petrified by an ancient lich
153751 | Zig:19   | Slain by a phantasmal warrior (4 damage)
                  | ... while petrified by an ancient lich
153751 | Zig:19   | Slain by an ancient champion
                  | ... wielding a +0 great sword
                  | (5 damage)
                  | ... while petrified by an ancient lich
153752 | Zig:19   | Slain by a profane servitor
                  | ... wielding a +2 demon whip of flaming
                  | (7 damage)
                  | ... while petrified by an ancient lich
153752 | Zig:19   | Slain by a revenant (2 damage)
                  | ... while petrified by an ancient lich
153752 | Zig:19   | Slain by a phantasmal warrior (5 damage)
                  | ... while petrified by an ancient lich
153752 | Zig:19   | Killed from afar by an ancient champion (12 damage)
                  | ... with an iron shot
                  | ... while petrified by an ancient lich
153752 | Zig:19   | Slain by an ancient lich (5 damage)
                  | ... while petrified by an ancient lich
153753 | Zig:19   | Mangled by a profane servitor
                  | ... wielding a +2 demon whip of flaming
                  | (11 damage)
153753 | Zig:19   | Killed from afar by a revenant (30 damage)
                  | ... with a ghostly fireball
153753 | Zig:19   | Killed from afar by a revenant (38 damage)
                  | ... with a ghostly fireball
153753 | Zig:19   | Killed from afar by an ancient champion (53 damage)
                  | ... with an iron shot
153753 | Zig:19   | Mangled by a profane servitor
                  | ... wielding a +2 demon whip of flaming
                  | (12 damage)
153753 | Zig:19   | Mangled by an ancient lich (13 damage)
153753 | Zig:19   | Slain by an ancient lich (4 damage)
153754 | Zig:19   | Slain by an ancient lich (4 damage)
153754 | Zig:19   | Slain by an ancient lich (2 damage)
153754 | Zig:19   | Mangled by an ancient champion
                  | ... wielding a +0 great sword
                  | (7 damage)
153755 | Zig:19   | Demolished by an ancient champion
                  | ... wielding a +0 great sword
                  | (19 damage)
153755 | Zig:19   | Mangled by a profane servitor
                  | ... wielding a +2 demon whip of flaming
                  | (10 damage)
153755 | Zig:19   | Mangled by a profane servitor
                  | ... wielding a +2 demon whip of flaming
                  | (7 damage)
153755 | Zig:19   | Slain by an ancient lich (4 damage)
153755 | Zig:19   | Killed from afar by a revenant (4 damage)
                  | ... with a ghostly fireball
153755 | Zig:19   | Killed from afar by an eidolon (19 damage)
                  | ... with a bolt of negative energy
153756 | Zig:19   | Slain by a profane servitor
                  | ... wielding a +2 demon whip of flaming
                  | (6 damage)
153756 | Zig:19   | Slain by an ancient lich (2 damage)
153756 | Zig:19   | Killed from afar by a revenant (32 damage)
                  | ... with a ghostly fireball
153756 | Zig:19   | Annihilated by a phantasmal warrior (25 damage)
153756 | Zig:19   | Mangled by a revenant (7 damage)
153756 | Zig:19   | Slain by a profane servitor
                  | ... wielding a +2 demon whip of flaming
                  | (3 damage)
153757 | Zig:19   | Killed from afar by an ancient champion (3 damage)
                  | ... with an iron shot
153758 | Zig:19   | Engulfed by a revenant's spectral mist (6 damage)
153758 | Zig:19   | Mangled by a profane servitor
                  | ... wielding a +2 demon whip of flaming
                  | (14 damage)
153758 | Zig:19   | Slain by a profane servitor
                  | ... wielding a +2 demon whip of flaming
                  | (1 damage)
153758 | Zig:19   | Killed from afar by an ancient lich (49 damage)
                  | ... with a crystal spear
153758 | Zig:19   | Mangled by a profane servitor
                  | ... wielding a +2 demon whip of flaming
                  | (8 damage)
153758 | Zig:19   | Mangled by an ancient lich (13 damage)
153758 | Zig:19   | Demolished by a revenant (16 damage)
153758 | Zig:19   | Slain by a revenant (2 damage)
153759 | Zig:19   | Mangled by a phantasmal warrior (7 damage)
153759 | Zig:19   | Killed from afar by an eidolon (21 damage)
                  | ... with a bolt of negative energy
153759 | Zig:19   | Slain by an ancient lich (2 damage)
153759 | Zig:19   | Demolished by an ancient champion
                  | ... wielding a +0 great sword
                  | (20 damage)
153759 | Zig:19   | Mangled by a phantasmal warrior (13 damage)
153759 | Zig:19   | Killed from afar by a revenant (7 damage)
                  | ... with a ghostly fireball
153759 | Zig:19   | Slain by a profane servitor
                  | ... wielding a +2 demon whip of flaming
                  | (2 damage)
153760 | Zig:19   | Slain by a profane servitor
                  | ... wielding a +2 demon whip of flaming
                  | (5 damage)
153760 | Zig:19   | Slain by an ancient champion
                  | ... wielding a +0 great sword
                  | (4 damage)
153760 | Zig:19   | Slain by an ancient lich (4 damage)
153760 | Zig:19   | Mangled by a revenant (9 damage)
153760 | Zig:19   | Slain by a revenant (1 damage)
153760 | Zig:19   | Mangled by an ancient champion
                  | ... wielding a +0 great sword
                  | (10 damage)
153760 | Zig:19   | Mangled by an ancient lich (8 damage)
153761 | Zig:19   | Engulfed by a revenant's spectral mist (4 damage)
                  | ... while petrified by an ancient lich
153761 | Zig:19   | Slain by an ancient champion
                  | ... wielding a +0 great sword
                  | (3 damage)
                  | ... while petrified by an ancient lich
153761 | Zig:19   | Slain by a profane servitor
                  | ... wielding a +2 demon whip of flaming
                  | (2 damage)
                  | ... while petrified by an ancient lich
153761 | Zig:19   | Slain by a phantasmal warrior (5 damage)
                  | ... while petrified by an ancient lich
153761 | Zig:19   | Mangled by a revenant (7 damage)
                  | ... while petrified by an ancient lich
153761 | Zig:19   | Slain by a profane servitor
                  | ... wielding a +2 demon whip of flaming
                  | (3 damage)
                  | ... while petrified by an ancient lich
153761 | Zig:19   | Slain by a profane servitor
                  | ... wielding a +2 demon whip of flaming
                  | (5 damage)
                  | ... while petrified by an ancient lich
153762 | Zig:19   | Mangled by a phantasmal warrior (9 damage)
                  | ... while petrified by an ancient lich
153762 | Zig:19   | Slain by a revenant (2 damage)
                  | ... while petrified by an ancient lich
153763 | Zig:19   | Slain by an ancient lich (2 damage)
                  | ... while petrified by an ancient lich
153763 | Zig:19   | Slain by a revenant (5 damage)
                  | ... while petrified by an ancient lich
153763 | Zig:19   | Mangled by a revenant (8 damage)
                  | ... while petrified by an ancient lich
153763 | Zig:19   | Slain by a profane servitor
                  | ... wielding a +2 demon whip of flaming
                  | (2 damage)
                  | ... while petrified by an ancient lich
153764 | Zig:19   | Slain by a profane servitor
                  | ... wielding a +2 demon whip of flaming
                  | (6 damage)
                  | ... while petrified by an ancient lich
153764 | Zig:19   | Slain by a profane servitor
                  | ... wielding a +2 demon whip of flaming
                  | (4 damage)
                  | ... while petrified by an ancient lich
153764 | Zig:19   | Slain by an ancient champion
                  | ... wielding a +0 great sword
                  | (5 damage)
                  | ... while petrified by an ancient lich
153765 | Zig:19   | Slain by a profane servitor
                  | ... wielding a +2 demon whip of flaming
                  | (3 damage)
                  | ... while petrified by an ancient lich
153765 | Zig:19   | Slain by a profane servitor
                  | ... wielding a +2 demon whip of flaming
                  | (3 damage)
                  | ... while petrified by an ancient lich
153765 | Zig:19   | Slain by an ancient champion
                  | ... wielding a +0 great sword
                  | (2 damage)
                  | ... while petrified by an ancient lich
153765 | Zig:19   | Slain by a phantasmal warrior (4 damage)
                  | ... while petrified by an ancient lich
153766 | Zig:19   | Engulfed by a revenant's spectral mist (1 damage)
                  | ... while petrified by an ancient lich
153766 | Zig:19   | Slain by an ancient lich (4 damage)
                  | ... while petrified by an ancient lich
153766 | Zig:19   | Mangled by a revenant (7 damage)
                  | ... while petrified by an ancient lich
153766 | Zig:19   | Slain by a profane servitor
                  | ... wielding a +2 demon whip of flaming
                  | (2 damage)
                  | ... while petrified by an ancient lich
153766 | Zig:19   | Mangled by an ancient champion
                  | ... wielding a +0 great sword
                  | (14 damage)
                  | ... while petrified by an ancient lich
153766 | Zig:19   | Slain by an ancient lich (4 damage)
                  | ... while petrified by an ancient lich
153767 | Zig:19   | Slain by an ancient champion
                  | ... wielding a +0 great sword
                  | (6 damage)
                  | ... while petrified by an ancient lich
153767 | Zig:19   | Slain by a profane servitor
                  | ... wielding a +2 demon whip of flaming
                  | (3 damage)
                  | ... while petrified by an ancient lich
153767 | Zig:19   | Slain by a revenant (3 damage)
                  | ... while petrified by an ancient lich
153767 | Zig:19   | Mangled by a phantasmal warrior (8 damage)
                  | ... while petrified by an ancient lich
153767 | Zig:19   | Slain by a profane servitor
                  | ... wielding a +2 demon whip of flaming
                  | (1 damage)
                  | ... while petrified by an ancient lich
153767 | Zig:19   | Slain by a profane servitor
                  | ... wielding a +2 demon whip of flaming
                  | (2 damage)
                  | ... while petrified by an ancient lich
153768 | Zig:19   | Engulfed by a revenant's spectral mist (15 damage)
153768 | Zig:19   | Slain by a revenant (2 damage)
153768 | Zig:19   | Mangled by an ancient lich (9 damage)
153769 | Zig:19   | Mangled by an ancient champion
                  | ... wielding a +0 great sword
                  | (13 damage)
153769 | Zig:19   | Slain by an ancient lich (2 damage)
153769 | Zig:19   | Mangled by a revenant (13 damage)
153769 | Zig:19   | Slain by a revenant (2 damage)
153769 | Zig:19   | Slain by a revenant (1 damage)
153769 | Zig:19   | Mangled by a phantasmal warrior (14 damage)
153770 | Zig:19   | Engulfed by a revenant's spectral mist (7 damage)
153770 | Zig:19   | Mangled by an ancient lich (9 damage)
153770 | Zig:19   | Slain by a profane servitor
                  | ... wielding a +2 demon whip of flaming
                  | (6 damage)
153770 | Zig:19   | Mangled by a revenant (10 damage)
153770 | Zig:19   | Killed from afar by an eidolon (46 damage)
                  | ... with a bolt of negative energy
153770 | Zig:19   | Mangled by a revenant (7 damage)
153770 | Zig:19   | Mangled by a revenant (9 damage)
153771 | Zig:19   | Demolished by an ancient champion
                  | ... wielding a +0 great sword
                  | (19 damage)
153771 | Zig:19   | Mangled by a revenant (12 damage)
153772 | Zig:19   | Slain by a profane servitor
                  | ... wielding a +2 demon whip of flaming
                  | (6 damage)
153772 | Zig:19   | Slain by an ancient champion
                  | ... wielding a +0 great sword
                  | (1 damage)
153772 | Zig:19   | Slain by an ancient lich (2 damage)
153772 | Zig:19   | Slain by an ancient lich (1 damage)
153772 | Zig:19   | Slain by a profane servitor
                  | ... wielding a +2 demon whip of flaming
                  | (3 damage)
153773 | Zig:19   | Killed from afar by an eidolon (17 damage)
                  | ... with a bolt of negative energy
153774 | Zig:19   | Slain by a profane servitor
                  | ... wielding a +2 demon whip of flaming
                  | (5 damage)
153774 | Zig:19   | Mangled by a profane servitor
                  | ... wielding a +2 demon whip of flaming
                  | (8 damage)
153774 | Zig:19   | Slain by a profane servitor
                  | ... wielding a +2 demon whip of flaming
                  | (5 damage)
153774 | Zig:19   | Demolished by a revenant (17 damage)
153774 | Zig:19   | Slain by an ancient champion
                  | ... wielding a +0 great sword
                  | (6 damage)
153775 | Zig:19   | Mangled by a profane servitor
                  | ... wielding a +2 demon whip of flaming
                  | (11 damage)
153775 | Zig:19   | Slain by a profane servitor
                  | ... wielding a +2 demon whip of flaming
                  | (5 damage)
153775 | Zig:19   | Slain by a revenant (2 damage)
153775 | Zig:19   | Mangled by a revenant (10 damage)
153775 | Zig:19   | Mangled by a revenant (8 damage)
153775 | Zig:19   | Killed from afar by an eidolon (14 damage)
                  | ... with a bolt of negative energy
153776 | Zig:19   | Slain by a profane servitor
                  | ... wielding a +2 demon whip of flaming
                  | (2 damage)
153776 | Zig:19   | Demolished by a profane servitor
                  | ... wielding a +2 demon whip of flaming
                  | (16 damage)
153776 | Zig:19   | Mangled by a phantasmal warrior (9 damage)
153777 | Zig:19   | Demolished by a profane servitor
                  | ... wielding a +2 demon whip of flaming
                  | (15 damage)
153777 | Zig:19   | Mangled by an ancient champion
                  | ... wielding a +0 great sword
                  | (13 damage)
153777 | Zig:19   | Slain by an ancient lich (1 damage)
153777 | Zig:19   | Slain by a profane servitor
                  | ... wielding a +2 demon whip of flaming
                  | (3 damage)
153777 | Zig:19   | Mangled by a profane servitor
                  | ... wielding a +2 demon whip of flaming
                  | (8 damage)
153777 | Zig:19   | Slain by a revenant (4 damage)
153777 | Zig:19   | Mangled by an ancient champion
                  | ... wielding a +0 great sword
                  | (11 damage)
153778 | Zig:19   | Slain by a profane servitor
                  | ... wielding a +2 demon whip of flaming
                  | (2 damage)
153778 | Zig:19   | Slain by a profane servitor
                  | ... wielding a +2 demon whip of flaming
                  | (1 damage)
153778 | Zig:19   | Mangled by an ancient champion
                  | ... wielding a +0 great sword
                  | (8 damage)
153778 | Zig:19   | Killed from afar by an eidolon (26 damage)
                  | ... with a bolt of negative energy
153778 | Zig:19   | Mangled by a phantasmal warrior (9 damage)
153778 | Zig:19   | Slain by a profane servitor
                  | ... wielding a +2 demon whip of flaming
                  | (3 damage)
153779 | Zig:19   | Slain by a profane servitor
                  | ... wielding a +2 demon whip of flaming
                  | (3 damage)
153779 | Zig:19   | Slain by a profane servitor
                  | ... wielding a +2 demon whip of flaming
                  | (6 damage)
153779 | Zig:19   | Slain by a profane servitor
                  | ... wielding a +2 demon whip of flaming
                  | (1 damage)
153779 | Zig:19   | Slain by an ancient champion
                  | ... wielding a +0 great sword
                  | (5 damage)
153779 | Zig:19   | Mangled by a phantasmal warrior (13 damage)
153779 | Zig:19   | Mangled by an ancient lich (10 damage)
153779 | Zig:19   | Slain by an ancient lich (3 damage)
153779 | Zig:19   | Slain by a phantasmal warrior (5 damage)
153779 | Zig:19   | Slain by a revenant (1 damage)
153780 | Zig:19   | Slain by a profane servitor
                  | ... wielding a +2 demon whip of flaming
                  | (6 damage)
153780 | Zig:19   | Slain by a profane servitor
                  | ... wielding a +2 demon whip of flaming
                  | (3 damage)
153780 | Zig:19   | Slain by a revenant (3 damage)
153781 | Zig:19   | Mangled by a profane servitor
                  | ... wielding a +2 demon whip of flaming
                  | (7 damage)
153781 | Zig:19   | Annihilated by an ancient champion
                  | ... wielding a +0 great sword
                  | (23 damage)
153781 | Zig:19   | Demolished by a revenant (17 damage)
153781 | Zig:19   | Slain by a profane servitor
                  | ... wielding a +2 demon whip of flaming
                  | (5 damage)
153782 | Zig:19   | Annihilated by an ancient champion
                  | ... wielding a +0 great sword
                  | (24 damage)
153782 | Zig:19   | Mangled by a profane servitor
                  | ... wielding a +2 demon whip of flaming
                  | (9 damage)
153782 | Zig:19   | Slain by a revenant (1 damage)
153782 | Zig:19   | Mangled by an ancient lich (7 damage)
153782 | Zig:19   | Demolished by a phantasmal warrior (15 damage)
153782 | Zig:19   | Demolished by an ancient champion
                  | ... wielding a +0 great sword
                  | (15 damage)
153783 | Zig:19   | Slain by a profane servitor
                  | ... wielding a +2 demon whip of flaming
                  | (4 damage)
153783 | Zig:19   | Demolished by an ancient champion
                  | ... wielding a +0 great sword
                  | (22 damage)
153783 | Zig:19   | Slain by a revenant (2 damage)
153783 | Zig:19   | Slain by a revenant (4 damage)
153783 | Zig:19   | Mangled by a profane servitor
                  | ... wielding a +2 demon whip of flaming
                  | (11 damage)
153783 | Zig:19   | Slain by a profane servitor
                  | ... wielding a +2 demon whip of flaming
                  | (2 damage)
153784 | Zig:19   | Slain by an ancient champion
                  | ... wielding a +0 great sword
                  | (6 damage)
153784 | Zig:19   | Slain by a profane servitor
                  | ... wielding a +2 demon whip of flaming
                  | (6 damage)
153784 | Zig:19   | Slain by a profane servitor
                  | ... wielding a +2 demon whip of flaming
                  | (5 damage)
153784 | Zig:19   | Demolished by an ancient champion
                  | ... wielding a +0 great sword
                  | (18 damage)
153784 | Zig:19   | Slain by a revenant (4 damage)
153785 | Zig:19   | Slain by a profane servitor
                  | ... wielding a +2 demon whip of flaming
                  | (2 damage)
153785 | Zig:19   | Demolished by a phantasmal warrior (20 damage)
153786 | Zig:19   | Slain by a profane servitor
                  | ... wielding a +2 demon whip of flaming
                  | (1 damage)
153786 | Zig:19   | Killed from afar by an eidolon (3 damage)
                  | ... with a bolt of negative energy
153786 | Zig:19   | Annihilated by an ancient champion
                  | ... wielding a +0 great sword
                  | (26 damage)
153787 | Zig:19   | Mangled by an ancient lich (8 damage)
153787 | Zig:19   | Slain by an ancient lich (2 damage)
153787 | Zig:19   | Slain by an ancient champion
                  | ... wielding a +0 great sword
                  | (2 damage)
153787 | Zig:19   | Slain by a revenant (2 damage)
153788 | Zig:19   | Slain by a revenant (6 damage)
153788 | Zig:19   | Mangled by a revenant (9 damage)
153788 | Zig:19   | Mangled by a profane servitor
                  | ... wielding a +2 demon whip of flaming
                  | (9 damage)
153789 | Zig:19   | Slain by a profane servitor
                  | ... wielding a +2 demon whip of flaming
                  | (1 damage)
153789 | Zig:19   | Slain by an ancient lich (4 damage)
153789 | Zig:19   | Mangled by a phantasmal warrior (11 damage)
153789 | Zig:19   | Slain by a revenant (1 damage)
153789 | Zig:19   | Killed from afar by an eidolon (23 damage)
                  | ... with a bolt of negative energy
153790 | Zig:19   | Killed from afar by a vampire mage (21 damage)
                  | ... with a bolt of negative energy
153790 | Zig:19   | Slain by a revenant (2 damage)
153791 | Zig:19   | Engulfed by a revenant's spectral mist (7 damage)
153791 | Zig:19   | Slain by a profane servitor
                  | ... wielding a +2 demon whip of flaming
                  | (6 damage)
153791 | Zig:19   | Demolished by a revenant (16 damage)
153791 | Zig:19   | Slain by a phantasmal warrior (1 damage)
153791 | Zig:19   | Slain by a profane servitor
                  | ... wielding a +2 demon whip of flaming
                  | (6 damage)
153792 | Zig:19   | Slain by a revenant (4 damage)
153792 | Zig:19   | Mangled by a phantasmal warrior (13 damage)
153792 | Zig:19   | Slain by an ancient lich (4 damage)
153793 | Zig:19   | Mangled by a profane servitor
                  | ... wielding a +2 demon whip of flaming
                  | (7 damage)
153793 | Zig:19   | Slain by a profane servitor
                  | ... wielding a +2 demon whip of flaming
                  | (2 damage)
153793 | Zig:19   | Mangled by an ancient lich (12 damage)
153793 | Zig:19   | Mangled by a revenant (10 damage)
153793 | Zig:19   | Mangled by a revenant (13 damage)
153793 | Zig:19   | Slain by an ancient champion
                  | ... wielding a +0 great sword
                  | (4 damage)
153794 | Zig:19   | Slain by an ancient lich (2 damage)
153794 | Zig:19   | Mangled by a profane servitor
                  | ... wielding a +2 demon whip of flaming
                  | (9 damage)
153794 | Zig:19   | Mangled by an ancient lich (12 damage)
153794 | Zig:19   | Killed from afar by a vampire mage (3 damage)
                  | ... with a bolt of negative energy
153794 | Zig:19   | Mangled by a profane servitor
                  | ... wielding a +2 demon whip of flaming
                  | (14 damage)
153795 | Zig:19   | Slain by an ancient lich (2 damage)
153795 | Zig:19   | Slain by a jiangshi (3 damage)
                  | ... summoned by a curse skull
153795 | Zig:19   | Killed from afar by an ancient champion (34 damage)
                  | ... with an iron shot
153795 | Zig:19   | Killed from afar by an eidolon (14 damage)
                  | ... with a bolt of negative energy
153796 | Zig:19   | Slain by an ancient lich (1 damage)
153796 | Zig:19   | Killed from afar by an eidolon (39 damage)
                  | ... with a bolt of negative energy
153797 | Zig:19   | Slain by a revenant (14 damage)
153797 | Zig:19   | Mangled by a phantasmal warrior (16 damage)
153798 | Zig:19   | Killed from afar by a revenant (17 damage)
                  | ... with a ghostly fireball
153798 | Zig:19   | Killed from afar by a revenant (33 damage)
                  | ... with a ghostly fireball
153799 | Zig:19   | Slain by an ancient lich (4 damage)
153799 | Zig:19   | Killed from afar by an ancient lich (33 damage)
                  | ... with a crystal spear
153799 | Zig:19   | Killed from afar by a revenant (34 damage)
                  | ... with a ghostly fireball
153799 | Zig:19   | Slain by an ancient champion
                  | ... wielding a +0 great sword
                  | (6 damage)
153800 | Zig:19   | Slain by an ancient lich (2 damage)
153801 | Zig:19   | Killed from afar by a revenant (32 damage)
                  | ... with a ghostly fireball
153801 | Zig:19   | Demolished by an ancient champion
                  | ... wielding a +0 great sword
                  | (20 damage)
153801 | Zig:19   | Mangled by a phantasmal warrior (11 damage)
153801 | Zig:19   | Mangled by a phantasmal warrior (14 damage)
153801 | Zig:19   | Mangled by a revenant (8 damage)
153801 | Zig:19   | Mangled by an ancient champion
                  | ... wielding a +0 great sword
                  | (10 damage)
153802 | Zig:19   | Killed from afar by a revenant (21 damage)
                  | ... with a ghostly fireball
153803 | Zig:19   | Engulfed by a revenant's spectral mist (7 damage)
                  | ... while petrified by an ancient lich
153803 | Zig:19   | Slain by a revenant (1 damage)
                  | ... while petrified by an ancient lich
153803 | Zig:19   | Slain by an ancient champion
                  | ... wielding a +0 great sword
                  | (6 damage)
                  | ... while petrified by an ancient lich
153803 | Zig:19   | Slain by a phantasmal warrior (2 damage)
                  | ... while petrified by an ancient lich
153804 | Zig:19   | Slain by a revenant (2 damage)
                  | ... while petrified by an ancient lich
153804 | Zig:19   | Slain by an ancient champion
                  | ... wielding a +0 great sword
                  | (3 damage)
                  | ... while petrified by an ancient lich
153804 | Zig:19   | Slain by a revenant (1 damage)
                  | ... while petrified by an ancient lich
153804 | Zig:19   | Mangled by a revenant (8 damage)
                  | ... while petrified by an ancient lich
153804 | Zig:19   | Slain by a phantasmal warrior (1 damage)
                  | ... while petrified by an ancient lich
153805 | Zig:19   | Slain by a phantasmal warrior (1 damage)
                  | ... while petrified by an ancient lich
153806 | Zig:19   | Slain by a revenant (3 damage)
                  | ... while petrified by an ancient lich
153806 | Zig:19   | Slain by a revenant (6 damage)
                  | ... while petrified by an ancient lich
153807 | Zig:19   | Killed from afar by an ancient lich (26 damage)
                  | ... with a crystal spear
                  | ... while petrified by an ancient lich
153807 | Zig:19   | Mangled by a revenant (8 damage)
                  | ... while petrified by an ancient lich
153807 | Zig:19   | Mangled by a revenant (8 damage)
                  | ... while petrified by an ancient lich
153807 | Zig:19   | Slain by a revenant (6 damage)
                  | ... while petrified by an ancient lich
153807 | Zig:19   | Mangled by a phantasmal warrior (12 damage)
                  | ... while petrified by an ancient lich
153807 | Zig:19   | Mangled by a revenant (7 damage)
                  | ... while petrified by an ancient lich
153807 | Zig:19   | Slain by an ancient lich (4 damage)
                  | ... while petrified by an ancient lich
153808 | Zig:19   | Mangled by a revenant (7 damage)
                  | ... while petrified by an ancient lich
153809 | Zig:19   | Slain by an ancient champion
                  | ... wielding a +0 great sword
                  | (2 damage)
                  | ... while petrified by an ancient lich
153809 | Zig:19   | Slain by a phantasmal warrior (3 damage)
                  | ... while petrified by an ancient lich
153809 | Zig:19   | Killed from afar by an ancient champion (4 damage)
                  | ... with an iron shot
                  | ... while petrified by an ancient lich
153810 | Zig:19   | Demolished by an ancient champion
                  | ... wielding a +0 great sword
                  | (15 damage)
153810 | Zig:19   | Killed from afar by a revenant (1 damage)
                  | ... with a ghostly fireball
153810 | Zig:19   | Killed from afar by an ancient champion (26 damage)
                  | ... with an iron shot
153810 | Zig:19   | Slain by a revenant (6 damage)
153810 | Zig:19   | Mangled by a revenant (9 damage)
153811 | Zig:19   | Slain by an ancient lich (5 damage)
153812 | Zig:19   | Slain by a revenant (2 damage)
153812 | Zig:19   | Demolished by an ancient champion
                  | ... wielding a +0 great sword
                  | (20 damage)
153813 | Zig:19   | Slain by an ancient champion
                  | ... wielding a +0 great sword
                  | (6 damage)
153814 | Zig:19   | Slain by an ancient lich (5 damage)
153815 | Zig:19   | HP: 1/22 [something (2)]
153815 | Zig:19   | Slain by an ancient champion
                  | ... wielding a +0 great sword
                  | (2 damage)
153815 | Zig:19   | Killed from afar by a revenant (23 damage)
                  | ... with a ghostly fireball
153815 | Zig:19   | Killed from afar by a vampire mage (13 damage)
                  | ... with a bolt of negative energy
153818 | Zig:19   | Engulfed by a revenant's spectral mist (5 damage)
153819 | Zig:19   | Engulfed by a revenant's spectral mist (10 damage)
153819 | Zig:19   | Killed from afar by a revenant (33 damage)
                  | ... with a ghostly fireball
153820 | Zig:19   | Killed from afar by an ancient lich (28 damage)
                  | ... with a crystal spear
153820 | Zig:19   | Slain by an eidolon (3 damage)
153821 | Zig:19   | Slain by an ancient champion
                  | ... wielding a +0 great sword
                  | (13 damage)
153822 | Zig:19   | Slain by a revenant (9 damage)
153822 | Zig:19   | Mangled by an ancient champion
                  | ... wielding a +0 great sword
                  | (15 damage)
153823 | Zig:19   | Mangled by an ancient champion
                  | ... wielding a +0 great sword
                  | (15 damage)
153823 | Zig:19   | Killed from afar by an eidolon (19 damage)
                  | ... with a bolt of negative energy
153824 | Zig:19   | Killed from afar by an eidolon (35 damage)
                  | ... with a bolt of negative energy
153824 | Zig:19   | Mangled by a phantasmal warrior (11 damage)
153824 | Zig:19   | Mangled by a phantasmal warrior (11 damage)
153824 | Zig:19   | Slain by a flayed ghost (5 damage)
153826 | Zig:19   | Slain by a caustic shrike zombie (1 damage)
                  | ... summoned by a curse skull
153826 | Zig:19   | Slain by a caustic shrike skeleton (6 damage)
                  | ... summoned by a curse skull
153826 | Zig:19   | Killed from afar by a revenant (15 damage)
                  | ... with a ghostly fireball
153827 | Zig:19   | Killed from afar by an eidolon (30 damage)
                  | ... with a bolt of negative energy
153828 | Zig:19   | Killed from afar by a vampire mage (3 damage)
                  | ... with a bolt of negative energy
153829 | Zig:19   | Mangled by an ancient champion
                  | ... wielding a +0 great sword
                  | (14 damage)
153829 | Zig:19   | Mangled by an eidolon (7 damage)
153829 | Zig:19   | Slain by an eidolon (6 damage)
153830 | Zig:19   | Slain by an ancient champion
                  | ... wielding a +0 great sword
                  | (5 damage)
153831 | Zig:19   | Mangled by an ancient champion
                  | ... wielding a +0 great sword
                  | (10 damage)
153831 | Zig:19   | Slain by a flayed ghost (4 damage)
153832 | Zig:19   | Slain by an ancient champion
                  | ... wielding a +0 great sword
                  | (3 damage)
153832 | Zig:19   | Mangled by an ancient lich (8 damage)
153832 | Zig:19   | Slain by an ancient lich (2 damage)
153832 | Zig:19   | Mangled by an ancient champion
                  | ... wielding a +0 great sword
                  | (12 damage)
153833 | Zig:19   | Killed from afar by a revenant (9 damage)
                  | ... with a ghostly fireball
153834 | Zig:19   | Slain by a spectral storm dragon (6 damage)
                  | ... called from beyond by a revenant
153834 | Zig:19   | Slain by a spectral storm dragon (2 damage)
                  | ... called from beyond by a revenant
153834 | Zig:19   | Mangled by an ancient champion
                  | ... wielding a +0 great sword
                  | (8 damage)
153834 | Zig:19   | Slain by an ancient lich (6 damage)
153835 | Zig:19   | Demolished by an ancient champion
                  | ... wielding a +0 great sword
                  | (15 damage)
153835 | Zig:19   | Mangled by an ancient champion
                  | ... wielding a +0 great sword
                  | (8 damage)
153836 | Zig:19   | Engulfed by a revenant's spectral mist (2 damage)
                  | ... while petrified by an ancient lich
153836 | Zig:19   | Slain by a spectral quicksilver dragon (2 damage)
                  | ... called from beyond by a revenant
                  | ... while petrified by an ancient lich
153836 | Zig:19   | Mangled by an ancient champion
                  | ... wielding a +0 great sword
                  | (8 damage)
                  | ... while petrified by an ancient lich
153836 | Zig:19   | Slain by a necrophage (1 damage)
                  | ... summoned by a curse skull
                  | ... while petrified by an ancient lich
153837 | Zig:19   | Engulfed by a revenant's spectral mist (3 damage)
                  | ... while petrified by an ancient lich
153837 | Zig:19   | Slain by a caustic shrike zombie (3 damage)
                  | ... summoned by a curse skull
                  | ... while petrified by an ancient lich
153837 | Zig:19   | Mangled by a shadow (8 damage)
                  | ... summoned by a curse skull
                  | ... while petrified by an ancient lich
153837 | Zig:19   | Slain by a spectral quicksilver dragon (6 damage)
                  | ... called from beyond by a revenant
                  | ... while petrified by an ancient lich
153837 | Zig:19   | Mangled by a caustic shrike zombie (7 damage)
                  | ... summoned by a curse skull
                  | ... while petrified by an ancient lich
153838 | Zig:19   | Killed from afar by an ancient champion (13 damage)
                  | ... with an iron shot
                  | ... while petrified by an ancient lich
153839 | Zig:19   | Engulfed by a revenant's spectral mist (3 damage)
                  | ... while petrified by an ancient lich
153839 | Zig:19   | Mangled by a caustic shrike zombie (9 damage)
                  | ... summoned by a curse skull
                  | ... while petrified by an ancient lich
153839 | Zig:19   | Mangled by an ancient champion
                  | ... wielding a +0 great sword
                  | (9 damage)
                  | ... while petrified by an ancient lich
153839 | Zig:19   | Slain by a flayed ghost (6 damage)
                  | ... while petrified by an ancient lich
153839 | Zig:19   | Slain by a caustic shrike zombie (4 damage)
                  | ... summoned by a curse skull
                  | ... while petrified by an ancient lich
153840 | Zig:19   | Mangled by an ancient champion
                  | ... wielding a +0 great sword
                  | (13 damage)
                  | ... while petrified by an ancient lich
153840 | Zig:19   | Slain by a shadow (6 damage)
                  | ... summoned by a curse skull
                  | ... while petrified by an ancient lich
153840 | Zig:19   | Mangled by a flayed ghost (9 damage)
                  | ... while petrified by an ancient lich
153841 | Zig:19   | Slain by a caustic shrike zombie (1 damage)
                  | ... summoned by a curse skull
                  | ... while petrified by an ancient lich
153841 | Zig:19   | Mangled by an ancient champion
                  | ... wielding a +0 great sword
                  | (9 damage)
                  | ... while petrified by an ancient lich
153841 | Zig:19   | Slain by an ancient lich (6 damage)
                  | ... while petrified by an ancient lich
153842 | Zig:19   | Slain by a jiangshi (5 damage)
                  | ... summoned by a curse skull
                  | ... while petrified by an ancient lich
153842 | Zig:19   | Slain by a flayed ghost (6 damage)
                  | ... while petrified by an ancient lich
153842 | Zig:19   | Slain by an ancient lich (2 damage)
                  | ... while petrified by an ancient lich
153842 | Zig:19   | Killed from afar by an ancient champion (13 damage)
                  | ... with an iron shot
                  | ... while petrified by an ancient lich
153843 | Zig:19   | Engulfed by a revenant's spectral mist (4 damage)
153843 | Zig:19   | Mangled by a jiangshi (13 damage)
                  | ... summoned by a curse skull
153844 | Zig:19   | Mangled by an ancient champion
                  | ... wielding a +0 great sword
                  | (11 damage)
153845 | Zig:19   | Killed from afar by an ancient champion (23 damage)
                  | ... with an iron shot
153845 | Zig:19   | Slain by a flying skull (2 damage)
                  | ... summoned by a curse skull
153846 | Zig:19   | Slain by a revenant (2 damage)
153846 | Zig:19   | Mangled by a revenant (10 damage)
153846 | Zig:19   | Killed from afar by an ancient lich (8 damage)
                  | ... with a bolt of acid
153848 | Zig:19   | Mangled by an ancient champion
                  | ... wielding a +0 great sword
                  | (10 damage)
                  | ... while petrified by an ancient lich
153849 | Zig:19   | Killed from afar by an ancient champion (16 damage)
                  | ... with an iron shot
                  | ... while petrified by an ancient lich
153849 | Zig:19   | Slain by an eidolon (7 damage)
                  | ... while petrified by an ancient lich
153850 | Zig:19   | Mangled by a jiangshi (8 damage)
                  | ... summoned by a curse skull
                  | ... while petrified by an ancient lich
153850 | Zig:19   | Slain by a jiangshi (8 damage)
                  | ... summoned by a curse skull
                  | ... while petrified by an ancient lich
153850 | Zig:19   | Slain by an ancient champion
                  | ... wielding a +0 great sword
                  | (8 damage)
                  | ... while petrified by an ancient lich
153850 | Zig:19   | Slain by a phantasmal warrior (8 damage)
                  | ... summoned by a curse skull
                  | ... while petrified by an ancient lich
153850 | Zig:19   | Mangled by an eidolon (7 damage)
                  | ... while petrified by an ancient lich
153851 | Zig:19   | Killed from afar by an ancient lich (18 damage)
                  | ... with a crystal spear
                  | ... while petrified by an ancient lich
153851 | Zig:19   | Slain by an ancient champion
                  | ... wielding a +0 great sword
                  | (6 damage)
                  | ... while petrified by an ancient lich
153851 | Zig:19   | Slain by a jiangshi (7 damage)
                  | ... summoned by a curse skull
                  | ... while petrified by an ancient lich
153851 | Zig:19   | Slain by an eidolon (3 damage)
                  | ... while petrified by an ancient lich
153852 | Zig:19   | Mangled by an ancient champion
                  | ... wielding a +0 great sword
                  | (12 damage)
                  | ... while petrified by an ancient lich
153853 | Zig:19   | Slain by a jiangshi (9 damage)
                  | ... summoned by a curse skull
                  | ... while petrified by an ancient lich
153854 | Zig:19   | Slain by a jiangshi (8 damage)
                  | ... summoned by a curse skull
                  | ... while petrified by an ancient lich
153854 | Zig:19   | Slain by an ancient lich (6 damage)
                  | ... while petrified by an ancient lich
153854 | Zig:19   | Killed from afar by an ancient champion (18 damage)
                  | ... with an iron shot
                  | ... while petrified by an ancient lich
153855 | Zig:19   | Slain by an eidolon (6 damage)
                  | ... while petrified by an ancient lich
153856 | Zig:19   | Slain by an ancient lich (1 damage)
                  | ... while petrified by an ancient lich
153856 | Zig:19   | Slain by an ancient champion
                  | ... wielding a +0 great sword
                  | (7 damage)
                  | ... while petrified by an ancient lich
153856 | Zig:19   | Slain by a revenant (7 damage)
                  | ... while petrified by an ancient lich
153857 | Zig:19   | Engulfed by a revenant's spectral mist (4 damage)
153857 | Zig:19   | Mangled by a phantasmal warrior (14 damage)
                  | ... summoned by a curse skull
153857 | Zig:19   | Slain by an ancient lich (8 damage)
153857 | Zig:19   | Killed from afar by a revenant (17 damage)
                  | ... with a ghostly fireball
153857 | Zig:19   | Mangled by a phantasmal warrior (7 damage)
                  | ... summoned by a curse skull
153857 | Zig:19   | Mangled by an ancient champion
                  | ... wielding a +0 great sword
                  | (9 damage)
153858 | Zig:19   | Slain by a jiangshi (2 damage)
                  | ... summoned by a curse skull
153858 | Zig:19   | Slain by an ancient lich (3 damage)
153858 | Zig:19   | Demolished by a jiangshi (16 damage)
                  | ... summoned by a curse skull
153858 | Zig:19   | Mangled by a jiangshi (7 damage)
                  | ... summoned by a curse skull
153858 | Zig:19   | Slain by an ancient lich (2 damage)
153859 | Zig:19   | Demolished by a jiangshi (16 damage)
                  | ... summoned by a curse skull
153859 | Zig:19   | Killed from afar by an eidolon (12 damage)
                  | ... with a bolt of negative energy
153860 | Zig:19   | Demolished by a jiangshi (15 damage)
                  | ... summoned by a curse skull
153860 | Zig:19   | Mangled by a jiangshi (11 damage)
                  | ... summoned by a curse skull
153860 | Zig:19   | Killed from afar by an ancient lich (70 damage)
                  | ... with a crystal spear
153860 | Zig:19   | Mangled by a jiangshi (9 damage)
                  | ... summoned by a curse skull
153860 | Zig:19   | Mangled by a jiangshi (8 damage)
                  | ... summoned by a curse skull
153860 | Zig:19   | Mangled by an ancient champion
                  | ... wielding a +0 great sword
                  | (13 damage)
153861 | Zig:19   | Mangled by an ancient lich (8 damage)
153861 | Zig:19   | Slain by an ancient lich (3 damage)
153861 | Zig:19   | Demolished by an ancient champion
                  | ... wielding a +0 great sword
                  | (22 damage)
153861 | Zig:19   | Demolished by a jiangshi (18 damage)
                  | ... summoned by a curse skull
153861 | Zig:19   | Slain by an ancient lich (5 damage)
153861 | Zig:19   | Mangled by an eidolon (9 damage)
153861 | Zig:19   | Mangled by a revenant (13 damage)
153862 | Zig:19   | Slain by an ancient champion
                  | ... wielding a +0 great sword
                  | (2 damage)
153862 | Zig:19   | Slain by a flying skull (1 damage)
                  | ... summoned by a curse skull
153862 | Zig:19   | Slain by an ancient lich (3 damage)
153863 | Zig:19   | Slain by an ancient lich (6 damage)
153863 | Zig:19   | Demolished by an ancient champion
                  | ... wielding a +0 great sword
                  | (16 damage)
153864 | Zig:19   | Slain by a jiangshi (1 damage)
                  | ... summoned by a curse skull
153864 | Zig:19   | Slain by an eidolon (5 damage)
153864 | Zig:19   | Demolished by a jiangshi (17 damage)
                  | ... summoned by a curse skull
153864 | Zig:19   | Mangled by an ancient lich (12 damage)
153864 | Zig:19   | Slain by an ancient lich (4 damage)
153864 | Zig:19   | Mangled by a revenant (10 damage)
153865 | Zig:19   | Slain by a revenant (5 damage)
153865 | Zig:19   | Mangled by a jiangshi (7 damage)
                  | ... summoned by a curse skull
153866 | Zig:19   | Engulfed by a revenant's spectral mist (4 damage)
153866 | Zig:19   | Mangled by a jiangshi (9 damage)
                  | ... summoned by a curse skull
153866 | Zig:19   | Slain by a revenant (3 damage)
153866 | Zig:19   | Demolished by an eidolon (16 damage)
153866 | Zig:19   | Slain by an eidolon (1 damage)
153866 | Zig:19   | Slain by an ancient champion
                  | ... wielding a +0 great sword
                  | (1 damage)
153867 | Zig:19   | Mangled by a jiangshi (11 damage)
                  | ... summoned by a curse skull
153867 | Zig:19   | Slain by a jiangshi (2 damage)
                  | ... summoned by a curse skull
153867 | Zig:19   | Killed from afar by an eidolon (20 damage)
                  | ... with a bolt of negative energy
153867 | Zig:19   | Slain by an ancient lich (6 damage)
153867 | Zig:19   | Slain by an ancient lich (1 damage)
153868 | Zig:19   | Engulfed by a revenant's spectral mist (12 damage)
153868 | Zig:19   | Mangled by a shadow (9 damage)
                  | ... summoned by a curse skull
153868 | Zig:19   | Slain by a flying skull (6 damage)
                  | ... summoned by a curse skull
153868 | Zig:19   | Slain by an ancient champion
                  | ... wielding a +0 great sword
                  | (3 damage)
153868 | Zig:19   | Demolished by a revenant (16 damage)
153869 | Zig:19   | Demolished by an ancient champion
                  | ... wielding a +0 great sword
                  | (17 damage)
153869 | Zig:19   | Killed from afar by an eidolon (8 damage)
                  | ... with a bolt of negative energy
153870 | Zig:19   | Slain by a jiangshi (3 damage)
                  | ... summoned by a curse skull
153870 | Zig:19   | Mangled by an ancient champion
                  | ... wielding a +0 great sword
                  | (13 damage)
153870 | Zig:19   | Demolished by a jiangshi (18 damage)
                  | ... summoned by a curse skull
153870 | Zig:19   | Mangled by an ancient champion
                  | ... wielding a +0 great sword
                  | (12 damage)
153871 | Zig:19   | Annihilated by an ancient champion
                  | ... wielding a +0 great sword
                  | (23 damage)
153871 | Zig:19   | Killed from afar by a revenant (9 damage)
                  | ... with a ghostly fireball
153871 | Zig:19   | Killed from afar by an ancient lich (58 damage)
                  | ... with a crystal spear
153872 | Zig:19   | Slain by an eidolon (1 damage)
153873 | Zig:19   | Slain by a shadow (13 damage)
                  | ... summoned by a curse skull
153876 | Zig:19   | HP: 1/34 [something (2)]
153876 | Zig:19   | Slain by an ancient lich (5 damage)
153877 | Zig:19   | Killed from afar by an ancient lich (79 damage)
                  | ... with a crystal spear
153879 | Zig:19   | Killed an ancient lich
153880 | Zig:19   | Slain by an iron dragon zombie (6 damage)
                  | ... summoned by a curse skull
                  | ... while petrified by an ancient lich
153887 | Zig:19   | Demolished by an ancient champion
                  | ... wielding a +0 great sword
                  | (20 damage)
153891 | Zig:19   | Mangled by a jiangshi (12 damage)
                  | ... summoned by a vampire mage
153893 | Zig:19   | HP: 2/66 [ancient champion/iron shot (24)]
153895 | Zig:19   | Slain by a flying skull (1 damage)
                  | ... summoned by a vampire mage
153899 | Zig:19   | Slain by a shadow wraith (16 damage)
                  | ... summoned by a vampire mage
153903 | Zig:19   | HP: 3/74 [spectral shadow dragon[a vampire mage] (1)]
153903 | Zig:19   | Mangled by a vampire mage (9 damage)
153906 | Zig:19   | Slain by a flying skull (5 damage)
                  | ... summoned by a vampire mage
154157 | Zig:19   | Identified the amulet "Rudgh" {Faith -Tele rC++ rCorr
                  | Str+2}
154163 | Zig:19   | Identified the staff of death "Odooqig" {rN+ Str+2}
154171 | Zig:19   | Identified the amulet "Yritux" {Harm rPois Regen+ rCorr}
154174 | Zig:19   | Identified the +11 rapier of Yredelemnul's Respect {heavy,
                  | rPois Str+3 Int+3 SInv}
154238 | Zig:19   | Lost dexterity.
154239 | Zig:19   | Gained mutation: Potions are less effective at restoring
                  | your health. [mutagenic glow]
154405 | Zig:20   | Entered Level 20 of a ziggurat
154427 | Zig:20   | Mangled by a pharaoh ant (18 damage)
154432 | Zig:20   | HP: 1/80 [steelbarb worm (12)]
154433 | Zig:20   | Mangled by a ghost moth (10 damage)
154439 | Zig:20   | HP: 4/80 [entropy weaver (8)]
154441 | Zig:20   | Slain by a ghost moth (8 damage)
154447 | Zig:20   | HP: 2/80 [jumping spider (9)]
154447 | Zig:20   | Slain by an entropy weaver (2 damage)
154449 | Zig:20   | Succumbed to a redback's poison
154450 | Zig:20   | Demolished by a tarantella (19 damage)
154451 | Zig:20   | Demolished by a jumping spider (16 damage)
154452 | Zig:20   | Slain by a jumping spider (17 damage)
154453 | Zig:20   | Mangled by a steelbarb worm (14 damage)
154454 | Zig:20   | HP: 4/80 [something (2)]
154454 | Zig:20   | Slain by a ghost moth (4 damage)
154455 | Zig:20   | Mangled by a jumping spider (11 damage)
154456 | Zig:20   | Slain by a jumping spider (8 damage)
154456 | Zig:20   | HP: 1/80 [redback (10)]
154456 | Zig:20   | Slain by a ghost moth (2 damage)
154457 | Zig:20   | Succumbed to a wolf spider's poison
154457 | Zig:20   | Demolished by a redback (22 damage)
154457 | Zig:20   | Slain by a ghost moth (7 damage)
154458 | Zig:20   | Slain by a jumping spider (10 damage)
154458 | Zig:20   | Slain by a steelbarb worm (13 damage)
154459 | Zig:20   | Succumbed to a wolf spider's poison
154459 | Zig:20   | Slain by a redback (7 damage)
154459 | Zig:20   | Demolished by a steelbarb worm (20 damage)
154459 | Zig:20   | Slain by a wolf spider (9 damage)
154460 | Zig:20   | Annihilated by a sun moth (31 damage)
154461 | Zig:20   | Annihilated by a broodmother (44 damage)
154462 | Zig:20   | Mangled by a broodmother (40 damage)
154462 | Zig:20   | HP: 1/80 [something (14)]
154462 | Zig:20   | Demolished by a wolf spider (16 damage)
154463 | Zig:20   | Slain by a ghost moth (6 damage)
154464 | Zig:20   | Mangled by a wolf spider (25 damage)
                  | ... summoned by a broodmother
154464 | Zig:20   | Slain by a broodmother (18 damage)
154465 | Zig:20   | Succumbed to a wolf spider's poison
154465 | Zig:20   | Slain by a ghost moth (8 damage)
154465 | Zig:20   | Annihilated by a broodmother (55 damage)
154466 | Zig:20   | Annihilated by a broodmother (34 damage)
154466 | Zig:20   | Mangled by a wolf spider (30 damage)
                  | ... summoned by a broodmother
154467 | Zig:20   | Succumbed to a wolf spider's poison
154467 | Zig:20   | Slain by a ghost moth (15 damage)
154467 | Zig:20   | Mangled by an emperor scorpion (20 damage)
154468 | Zig:20   | Succumbed to a wolf spider's poison
154468 | Zig:20   | Slain by a wolf spider (14 damage)
                  | ... summoned by a broodmother
154468 | Zig:20   | Mangled by a wolf spider (12 damage)
154468 | Zig:20   | Mangled by a broodmother (31 damage)
154469 | Zig:20   | HP: 3/80 [poisoned by an emperor scorpion]
154469 | Zig:20   | Mangled by a ghost moth (11 damage)
154469 | Zig:20   | Lost intelligence.
154469 | Zig:20   | Slain by a ghost moth (18 damage)
                  | ... while paralysed
154469 | Zig:20   | Annihilated by a broodmother (54 damage)
                  | ... while paralysed
154469 | Zig:20   | Slain by a ghost moth (5 damage)
                  | ... while paralysed
154470 | Zig:20   | Annihilated by a broodmother (36 damage)
                  | ... while paralysed
154470 | Zig:20   | Mangled by a wolf spider (19 damage)
                  | ... summoned by a broodmother
                  | ... while paralysed
154470 | Zig:20   | Annihilated by a broodmother (51 damage)
                  | ... while paralysed
154470 | Zig:20   | Slain by a ghost moth (4 damage)
                  | ... while paralysed
154471 | Zig:20   | Succumbed to a wolf spider's poison
                  | ... while paralysed
154471 | Zig:20   | Mangled by an emperor scorpion (25 damage)
                  | ... while paralysed
154471 | Zig:20   | Demolished by a ghost moth (21 damage)
                  | ... while paralysed
154471 | Zig:20   | Slain by a broodmother (57 damage)
                  | ... while paralysed
154472 | Zig:20   | Succumbed to a wolf spider's poison
154472 | Zig:20   | Demolished by a broodmother (57 damage)
154472 | Zig:20   | Slain by a wolf spider (9 damage)
                  | ... summoned by a broodmother
154472 | Zig:20   | Mangled by a broodmother (15 damage)
154473 | Zig:20   | Annihilated by a wolf spider (33 damage)
                  | ... summoned by a broodmother
154473 | Zig:20   | Mangled by an emperor scorpion (15 damage)
154473 | Zig:20   | Slain by a ghost moth (7 damage)
154473 | Zig:20   | Slain by a wolf spider (22 damage)
                  | ... summoned by a broodmother
154473 | Zig:20   | Mangled by a broodmother (49 damage)
154473 | Zig:20   | Demolished by a ghost moth (20 damage)
154474 | Zig:20   | Succumbed to a wolf spider's poison
154474 | Zig:20   | Killed by divine providence
                  | ... invoked by a meliai
                  | (13 damage)
154474 | Zig:20   | Slain by a ghost moth (14 damage)
154474 | Zig:20   | HP: 3/120 [meliai/divine providence (12)]
154474 | Zig:20   | Annihilated by an emperor scorpion (40 damage)
154474 | Zig:20   | Slain by a ghost moth (9 damage)
154475 | Zig:20   | Mangled by a broodmother (22 damage)
154476 | Zig:20   | Mangled by a ghost moth (20 damage)
154476 | Zig:20   | Demolished by a ghost moth (21 damage)
154477 | Zig:20   | HP: 1/120 [emperor scorpion (30)]
154477 | Zig:20   | Slain by an emperor scorpion (1 damage)
154477 | Zig:20   | Lost strength.
154477 | Zig:20   | Mangled by a ghost moth (13 damage)
                  | ... while paralysed
154478 | Zig:20   | Succumbed to a wolf spider's poison
                  | ... while paralysed
154478 | Zig:20   | Mangled by a ghost moth (18 damage)
                  | ... while paralysed
154478 | Zig:20   | Demolished by a ghost moth (23 damage)
                  | ... while paralysed
154479 | Zig:20   | Slain by a wolf spider (4 damage)
                  | ... while paralysed
154479 | Zig:20   | Slain by a ghost moth (9 damage)
                  | ... while paralysed
154479 | Zig:20   | Demolished by an emperor scorpion (22 damage)
                  | ... while paralysed
154480 | Zig:20   | Mangled by a ghost moth (11 damage)
154480 | Zig:20   | Mangled by a ghost moth (11 damage)
154481 | Zig:20   | Mangled by a wolf spider (34 damage)
                  | ... summoned by a broodmother
154481 | Zig:20   | Mangled by a ghost moth (14 damage)
154482 | Zig:20   | Slain by an emperor scorpion (25 damage)
154482 | Zig:20   | Demolished by a wolf spider (23 damage)
154483 | Zig:20   | HP: 2/120 [emperor scorpion (12)]
154483 | Zig:20   | Mangled by a ghost moth (14 damage)
154484 | Zig:20   | Annihilated by a broodmother (39 damage)
154485 | Zig:20   | Succumbed to an emperor scorpion's poison
154486 | Zig:20   | Succumbed to a wolf spider's poison
154486 | Zig:20   | Slain by a ghost moth (11 damage)
154487 | Zig:20   | Slain by a ghost moth (19 damage)
154487 | Zig:20   | Slain by a wolf spider (16 damage)
                  | ... summoned by a broodmother
154488 | Zig:20   | Slain by a ghost moth (19 damage)
154489 | Zig:20   | Succumbed to a wolf spider's poison
154489 | Zig:20   | Mangled by a ghost moth (20 damage)
154490 | Zig:20   | Mangled by a wolf spider (20 damage)
154491 | Zig:20   | Mangled by a ghost moth (14 damage)
154491 | Zig:20   | HP: 6/120 [emperor scorpion (6)]
154491 | Zig:20   | Demolished by a ghost moth (20 damage)
154492 | Zig:20   | Slain by a ghost moth (7 damage)
154492 | Zig:20   | Slain by a wolf spider (11 damage)
                  | ... summoned by a broodmother
154493 | Zig:20   | Slain by a ghost moth (17 damage)
154493 | Zig:20   | Mangled by a broodmother (25 damage)
154494 | Zig:20   | HP: 1/80 [jumping spider (30)]
154494 | Zig:20   | Mangled by a jumping spider (9 damage)
154494 | Zig:20   | Mangled by a wolf spider (34 damage)
154494 | Zig:20   | Killed by divine providence
                  | ... invoked by a meliai
                  | (11 damage)
154495 | Zig:20   | Succumbed to an emperor scorpion's poison
154495 | Zig:20   | Mangled by a ghost moth (22 damage)
154495 | Zig:20   | Annihilated by a wolf spider (34 damage)
154495 | Zig:20   | Mangled by a ghost moth (22 damage)
154496 | Zig:20   | Succumbed to an emperor scorpion's poison
154496 | Zig:20   | Mangled by a jumping spider (16 damage)
154496 | Zig:20   | Slain by a wolf spider (19 damage)
154496 | Zig:20   | Annihilated by a broodmother (33 damage)
154496 | Zig:20   | Slain by an emperor scorpion (6 damage)
154497 | Zig:20   | Succumbed to an emperor scorpion's poison
154497 | Zig:20   | Annihilated by a broodmother (38 damage)
154497 | Zig:20   | Slain by a ghost moth (15 damage)
154497 | Zig:20   | Mangled by an emperor scorpion (10 damage)
154497 | Zig:20   | Slain by a ghost moth (9 damage)
154498 | Zig:20   | Slain by a wolf spider (5 damage)
154498 | Zig:20   | Slain by a ghost moth (19 damage)
154498 | Zig:20   | Mangled by a wolf spider (16 damage)
154499 | Zig:20   | Demolished by a wolf spider (33 damage)
154499 | Zig:20   | HP: 2/80 [something (13)]
154499 | Zig:20   | Mangled by a ghost moth (10 damage)
154499 | Zig:20   | Demolished by a wolf spider (33 damage)
154500 | Zig:20   | Killed by divine providence
                  | ... invoked by a meliai
                  | (16 damage)
154500 | Zig:20   | Demolished by a ghost moth (17 damage)
154500 | Zig:20   | Mangled by a ghost moth (16 damage)
154500 | Zig:20   | Mangled by an emperor scorpion (10 damage)
154501 | Zig:20   | Demolished by a ghost moth (15 damage)
154501 | Zig:20   | Mangled by a ghost moth (9 damage)
154501 | Zig:20   | Mangled by a wolf spider (27 damage)
154502 | Zig:20   | Demolished by a wolf spider (21 damage)
154502 | Zig:20   | Mangled by a wolf spider (12 damage)
                  | ... summoned by a broodmother
154502 | Zig:20   | Demolished by a ghost moth (15 damage)
154502 | Zig:20   | Slain by a broodmother (18 damage)
154502 | Zig:20   | Demolished by a ghost moth (19 damage)
154503 | Zig:20   | Mangled by a wolf spider (19 damage)
                  | ... summoned by a broodmother
154503 | Zig:20   | Mangled by a ghost moth (16 damage)
154503 | Zig:20   | Slain by a ghost moth (16 damage)
154504 | Zig:20   | Slain by a wolf spider (9 damage)
154504 | Zig:20   | Mangled by a ghost moth (24 damage)
154504 | Zig:20   | HP: 3/80 [something (2)]
154504 | Zig:20   | Demolished by a ghost moth (18 damage)
154504 | Zig:20   | HP: 1/80 [emperor scorpion (5)]
154505 | Zig:20   | Succumbed to a wolf spider's poison
154505 | Zig:20   | Demolished by a wolf spider (19 damage)
154505 | Zig:20   | Mangled by a broodmother (13 damage)
154505 | Zig:20   | Demolished by a wolf spider (21 damage)
154505 | Zig:20   | Mangled by a ghost moth (24 damage)
154505 | Zig:20   | Slain by a ghost moth (18 damage)
154506 | Zig:20   | Succumbed to a wolf spider's poison
154506 | Zig:20   | Mangled by a wolf spider (13 damage)
154506 | Zig:20   | Slain by a ghost moth (11 damage)
154506 | Zig:20   | Slain by a ghost moth (10 damage)
154506 | Zig:20   | Slain by a wolf spider (6 damage)
                  | ... summoned by a broodmother
154506 | Zig:20   | Slain by a ghost moth (17 damage)
154506 | Zig:20   | Mangled by a ghost moth (15 damage)
154507 | Zig:20   | Succumbed to a wolf spider's poison
154507 | Zig:20   | Slain by an emperor scorpion (7 damage)
154507 | Zig:20   | Mangled by a ghost moth (18 damage)
154507 | Zig:20   | Slain by a ghost moth (11 damage)
154507 | Zig:20   | Slain by a ghost moth (13 damage)
154507 | Zig:20   | Mangled by a broodmother (28 damage)
154507 | Zig:20   | Mangled by a ghost moth (15 damage)
154508 | Zig:20   | Slain by a wolf spider (5 damage)
                  | ... summoned by a broodmother
154508 | Zig:20   | Slain by a wolf spider (13 damage)
154508 | Zig:20   | Slain by a ghost moth (4 damage)
154509 | Zig:20   | Quit the game

Illustrated notes

Levels and vault maps discovered:
D:1:      minmay_arrival_split_and_join, layout_basic,
          dreamdust_ecumenical_altar_statues
D:2:      layout_basic, minmay_misc_feat_five, chequers_mini_garden,
          grunt_ministairs_1, minmay_hexomino_u4
D:3:      wander_river, layout_basic, grunt_ministairs_11
D:4:      layout_loops_ring, serial_bayou_lake_a
D:5:      wad_river_or_something, layout_loops_cross, st_stairs_11,
          hellmonk_no_cap, uniq_duvessa, uniq_eustachio
D:6:      layout_loops_ring, serial_co_window_serial, co_window_paths_b,
          co_window_corner_a, co_window_of_opportunity_a,
          co_window_of_opportunity_a, co_window_paths_a, co_window_corner_a,
          co_window_broadway_c, co_window_broadway_c, co_window_broadway_a,
          co_window_paths_e, glass_columns_c, glass_columns_a
D:7:      layout_rooms, minmay_temple_entry_crystal_x, uniq_pikel
D:8:      layout_basic, nicolae_overflow_hidden_temple, xom_confusion_cloud,
          general_overflow_altar, dpeg_oklobed_lair, serial_shops, shop,
          gammafunk_ghost_split
D:9:      minmay_blocky_corners, layout_rooms, serial_shops,
          nicolae_square_shop, serial_rivers, chequers_serial_rivers_marsh,
          chequers_serial_rivers_micro_a, chequers_serial_rivers_micro_d,
          chequers_serial_rivers_marsh, chequers_serial_rivers_small_b,
          nicolae_concentric_dashed_squares_wild
D:10:     layout_basic, david_orc_2,
          ploomutoo_gammafunk_ghost_potion_laboratory, minmay_tree_intersection,
          grunt_ministairs_15
D:11:     layout_layer_cave, uniq_lodul
D:12:     layout_loops_ring, fedhas_altar_2, uniq_nessos, uniq_jorgrun,
          uniq_azrael
D:13:     layout_cave_pools, david_vaults_4, serial_shops,
          nicolae_shop_mannequins
D:14:     layout_loops_ring, cheibriados_altar_1, zin_academy
D:15:     grunt_enter_depths_hoard, layout_cave_pools, nicolae_hexahallways,
          david_greed
Temple:   sentei_temple_godly_chess
Lair:1:   layout_chaotic_city, uniq_gastronok
Lair:2:   dreamdust_cave_troll, layout_chaotic_city, guppyfry_snake_entry_garden
Lair:3:   layout_regular_city, shoals_dummy_entry
Lair:4:   layout_loops_ring, dpeg_slime_entry_enclosed, minmay_shattered_shrine,
          infiniplex_staircase_pool
Lair:5:   hangedman_lair_in_review, layout_cave_pods,
          grunt_forest_large_clearing_hut
Shoals:1: layout_shoals, nicolae_shoals_siren_and_animal_friends
Shoals:2: layout_shoals, serial_shops, nicolae_shop_real_fake_doors,
          nicolae_shoals_kraken_party
Shoals:3: layout_shoals
Shoals:4: shoals_end_simple, layout_shoals, uniq_polyphemus
Snake:1:  layout_onion_interference, serial_shops, nicolae_shop_back_alley_shop,
          uniq_mlioglotl
Snake:2:  layout_onion_interference, portal_ice_cave_entry_horrid_things,
          grunt_ministairs_10, nicolae_snake_gridmaze_squiggle,
          chequers_hall_statues_wall_a, minmay_shoptagon, grunt_megastairs_5
Snake:3:  layout_layer_cave, nicolae_snake_salamander_fort, lemuel_fruit_tree,
          grunt_megastairs_2
Snake:4:  johnstein_snake_rune_scales, layout_cave_town
Slime:1:  layout_caves
Slime:2:  cheibrodos_slime_lost_civilization_1, layout_caves,
          cheibrodos_slime_lost_civilization_7
Slime:3:  layout_caves
Slime:4:  layout_caves
Slime:5
Orc:1:    layout_diamond_mine, basic_altar, uniq_sonja
Orc:2:    grunt_orc_gardens, layout_caves, grunt_orc_garden, grunt_orc_garden,
          grunt_orc_garden, grunt_orc_garden, serial_shops,
          nicolae_shop_just_a_little_nook, uniq_erolcha
Elf:1:    layout_loops_cross, hangedman_elven_crosses_minicolossus,
          minmay_misc_feat_rows, uniq_frances
Elf:2:    elven_hall_of_blades_hangedman_original [nicolae_blade_lattice],
          layout_loops_ring, serial_shops, bzr_entry_islet
Elf:3:    minmay_elf_hall_statues, layout_geoelf_diagonals
Vaults:1: nicolae_vaults_tetromino_L_1, nicolae_vaults_hexular_roomagon,
          v_rooms_5, nicolae_vaults_yaktaur_gun_rack, nicolae_vaults_little_ls,
          vaults_room_fours, nicolae_vaults_tetromino_Z_1, v_misc_10,
          nicolae_vaults_trapezoid_3, nicolae_vaults_offset_grid_hallway_3,
          layout_vaults_big_room
Vaults:2: st_lattice, nicolae_vaults_cornered_office,
          nicolae_vaults_closet_pinwheel_1, nicolae_vaults_network_periphery,
          serial_ice_h, nicolae_vaults_apartment_1,
          nicolae_vaults_lightning_bolt, vaults_mumra_hexcomb,
          nicolae_vaults_little_squares_3, v_misc_2, layout_vaults_omnicross
Vaults:3: ontoclasm_vaults_misaligned, nicolae_vaults_theta,
          nicolae_vaults_disappearing_quadrants, minmay_crypt_entry_necro_gods,
          nicolae_vaults_sightless_eye, v_rooms_5, nicolae_vaults_apartment_1,
          ontoclasm_vaults_pinch, nicolae_vaults_frosty_reception,
          nicolae_vaults_closet_pinwheel_5, nicolae_vaults_shelves_hall,
          v_misc_27, hangedman_vaults_capsules, ontoclasm_vaults_shuriken,
          layout_vaults_maze_bifur, serial_shops, shop, shop, shop, shop, shop
Vaults:4: nicolae_vaults_trapezoid_3, ontoclasm_vaults_twist, v_misc_29,
          vaults_mumra_chevron, ontoclasm_vaults_ring_small,
          nicolae_vaults_closet_pinwheel_1, v_pattern_3, v_rooms_3, v_misc_8,
          vaults_room_pool, vaults_room_hallway,
          nicolae_vaults_little_squares_2, nicolae_vaults_specimen_jars,
          layout_vaults_ring, serial_shops, shop, shop,
          nicolae_book_shop_shelving, shop
Vaults:5: serial_shops, uniq_jory
Crypt:1:  layout_basic, ebering_ghost_reflecting_pool, grunt_ministairs_1,
          grunt_crypt_arrival_guarded_gate
Crypt:2:  layout_basic
Crypt:3:  lightli_unholy_cathedral, layout_chaotic_city,
          nicolae_tomb_entry_unfolded_pyramid_orthogonal, uniq_xtahua
Tomb:1
Tomb:2
Tomb:3
Depths:1: layout_cave_pools, minmay_misc_feat_square, hellmouth_1,
          minmay_multi_spiral, serial_bayou_shore_b, uniq_mara
Depths:2: minmay_the_grid_square_5x5_3x3 [minmay_the_grid_square_5x5_slash,
          minmay_the_grid_square_5x5_doubleslash,
          minmay_the_grid_square_5x5_two_small,
          minmay_the_grid_square_5x5_shrine1,
          minmay_the_grid_square_5x5_megaprize_diamond,
          minmay_the_grid_square_5x5_mess, minmay_the_grid_square_5x5_n_small,
          minmay_the_grid_square_5x5_trominoes,
          minmay_the_grid_square_5x5_moneybag], layout_honeycomb,
          lightli_too_deep, grunt_pan_entry_in_and_out, chequers_big_river,
          abyss_entry, infiniplex_staircase_squiggle, uniq_josephina
Depths:3: hangedman_arrow_trap, layout_basic, enter_ziggurat_d,
          hangedman_decor_riveting, hell_entry, serial_shops,
          nicolae_shop_window_shopping, abyss_entry_crystal,
          nicolae_dithmenos_shadow_blocks, infiniplex_staircase_river
Depths:4: grunt_zot_entry_bicorn, layout_cave_pools,
          abyss_entry_small_statue_room, hell_entry,
          nicolae_elyvilon_temple_path
Hell
Dis:1:    hangedman_dis_decor_blocks_talon, layout_subdivisions
Dis:2:    layout_subdivisions, nicolae_dis_distal_crystal
Dis:3:    layout_gridville
Dis:4:    layout_gridville, nicolae_dis_emergency_hatch
Dis:5:    layout_subdivisions
Dis:6:    layout_subdivisions, serial_glass, glass_columns_a, glass_columns_b
Dis:7:    iron_city_of_dis [dis_old, dis_wall_5], layout_gridville
Geh:1:    layout_gehenna_pools_basic, hangedman_elemental_grid_stream
Geh:2:    layout_gehenna_lava_caves
Geh:3:    layout_gehenna_pools_triple, nicolae_hells_leichenhalle
Geh:4:    layout_gehenna_pools_box
Geh:5:    layout_gehenna_pools_box
Geh:6:    layout_gehenna_pools_box, lemuel_flamethrower_3
Geh:7:    geh_grunt_pentagon
Coc:1:    layout_ice_bergs
Coc:2:    layout_cocytus_water_paths
Coc:3:    layout_ice_bergs
Coc:4:    layout_cocytus_delve
Coc:5:    layout_cocytus_water_paths
Coc:6:    layout_ice_bergs
Coc:7:    coc_grunt_cove [coc_grunt_cove_antaeus, coc_grunt_cove_fiend,
          coc_grunt_cove_fiend, coc_grunt_cove_fiend, coc_grunt_cove_fiend]
Tar:1:    layout_catacombs
Tar:2:    layout_cathedral_of_symmetry
Tar:3:    layout_catacombs
Tar:4:    layout_cathedral_of_symmetry, nicolae_tar_honey_rotating
Tar:5:    nicolae_tar_entombed_in_hell, layout_cathedral_of_symmetry,
          nicolae_tar_cuneiform_two, nicolae_tar_windowcombs
Tar:6:    layout_honeycomb
Tar:7:    tar_grunt_cathedral
Zig:20

Skill      XL: |  1  2  3  4  5  6  7  8  9 10 11 12 13 14 15 16 17 18 19 20 21 22 23 24 25 26 27 |
---------------+----------------------------------------------------------------------------------+-----
Fighting       | 4 5 6 8 10 12 14 16 18 20 21 22 23 24 25 26 27 | 27.0
Dodging        | 2 |  2.0
Axes           | 5 6 7 17 18 19 21 23 25 27 | 27.0
Armour         | 3 4 6 8 11 13 15 17 19 20 21 22 23 24 25 26 27 | 27.0
Air Magic      | 4 8 12 13 27 | 27.0
Ranged Weapons | 6 16 | 16.2
Hexes          | 10 14 18 27 | 27.0
Spellcasting   | 5 8 10 27 | 27.0
Conjurations   | 27 | 27.0
Short Blades   | 27 | 27.0
Earth Magic    | 27 | 27.0
Summonings     | 5 |  5.9
Maces & Flails | 27 | 27.0
Invocations    | 11 | 11.7
Staves         | 27 | 27.0
Poison Magic   | 27 | 27.0
Necromancy     | 23 | 23.9
Polearms       | 22 | 22.1

Action                     |  1- 3 |  4- 6 |  7- 9 | 10-12 | 13-15 | 16-18 | 19-21 | 22-24 | 25-27 || total
---------------------------+-------+-------+-------+-------+-------+-------+-------+-------+-------++-------
  Melee: Hand axe          |   100 |   221 |   202 |       |       |       |       |       |  2878 ||  3401
         Punch             |     2 |     1 |     7 |    14 |    18 |     4 |       |       |       ||    46
         War axe           |       |       |    90 |   291 |       |       |       |       |       ||   381
         Broad axe         |       |       |       |   180 |   910 |    87 |       |       |   150 ||  1327
         Executioner's axe |       |       |       |       |       |   821 |   867 |   967 |  2985 ||  5640
         Staff             |       |       |       |       |       |       |       |       |   672 ||   672
         Unarmed           |       |       |       |       |       |       |       |       |   296 ||   296
         Triple sword      |       |       |       |       |       |       |       |       |   292 ||   292
         Maul              |       |       |       |       |       |       |       |       |   193 ||   193
         Eveningstar       |       |       |       |       |       |       |       |       |    31 ||    31
         Pair of quick bla |       |       |       |       |       |       |       |       |    12 ||    12
         Sacred scourge    |       |       |       |       |       |       |       |       |     5 ||     5
   Fire: Longbow           |       |       |       |       |       |       |       |    14 |       ||    14
  Throw: Dart              |       |       |       |       |       |     2 |       |       |     1 ||     3
   Cast: Airstrike         |       |       |       |       |       |       |       |    19 |   228 ||   247
         Summon Lightning  |       |       |       |       |       |       |       |     4 |     5 ||     9
         Yara's Violent Un |       |       |       |       |       |       |       |       |    25 ||    25
         Chain Lightning   |       |       |       |       |       |       |       |       |   501 ||   501
         Shatter           |       |       |       |       |       |       |       |       |   221 ||   221
         Maxwell's Capacit |       |       |       |       |       |       |       |       |   186 ||   186
         Arcjolt           |       |       |       |       |       |       |       |       |    27 ||    27
         Conjure Ball Ligh |       |       |       |       |       |       |       |       |    10 ||    10
 Invoke: Berserk           |       |     1 |       |     7 |     9 |     2 |       |       |       ||    19
         Brothers in Arms  |       |       |       |     4 |     1 |     1 |       |       |       ||     6
         Bend Time         |       |       |       |       |       |       |     1 |     1 |     1 ||     3
         Renounce Religion |       |       |       |       |       |       |       |       |     1 ||     1
  Evoke: Wand              |       |       |       |       |       |       |       |       |     6 ||     6
         Figurine of a zig |       |       |       |       |       |       |       |       |     3 ||     3
         Horn of Geryon    |       |       |       |       |       |       |       |       |     1 ||     1
    Use: Scroll            |     2 |    10 |     7 |     6 |     6 |     6 |       |       |    48 ||    85
         Potion            |       |       |     1 |     6 |       |     4 |     1 |     1 |   101 ||   114
   Stab: Petrified         |       |       |       |       |     3 |       |       |       |       ||     3
         Distracted        |       |       |       |       |       |     2 |     1 |     1 |    27 ||    31
         Petrifying        |       |       |       |       |       |       |       |       |     1 ||     1
         Confused          |       |       |       |       |       |       |       |       |     3 ||     3
 Armour: Animal skin       |    41 |    38 |       |       |       |       |       |       |       ||    79
         Scale mail        |       |    15 |   117 |   120 |       |       |       |       |       ||   252
         Plate armour      |       |       |       |    90 |   667 |   884 |   874 |   269 |       ||  2784
         Crystal plate arm |       |       |       |       |       |       |       |   821 | 14809 || 15630
         Robe              |       |       |       |       |       |       |       |       |  3797 ||  3797
  Dodge: Dodged            |    69 |   121 |   134 |   244 |   445 |   502 |   910 |  1299 | 15797 || 19521
  Block: Other             |       |       |       |       |   169 |   284 |    65 |       |       ||   518
         Reflection        |       |       |       |       |     7 |    25 |     3 |       |       ||    35
         Orb               |       |       |       |       |       |       |       |       |    20 ||    20

Table legend: (Time is in decaauts)
 A = Elapsed time spent in this place.
 B = Non-inter-level travel time spent in this place.
 C = Inter-level travel time spent in this place.
 D = Time resting spent in this place.
 E = Time spent auto-exploring this place.
 F = Levels seen in this place.
 G = Mean time per level.
                   A        B        C        D        E       F      G
               +--------+--------+--------+--------+--------+-----+--------+
         Total | 210551 | 188957 |  21594 |  11669 |  97845 | 210 | 1002.6 |
       Dungeon |  28995 |  18941 |  10054 |    561 |  11998 |  15 | 1933.0 |
        Temple |     48 |     47 |      1 |      0 |      0 |   1 |   48.0 |
          Lair |   8524 |   7213 |   1311 |      0 |   5410 |   5 | 1704.8 |
        Shoals |   8805 |   8527 |    278 |      0 |   6493 |   4 | 2201.2 |
     Snake Pit |   6387 |   6011 |    376 |      0 |   4728 |   4 | 1596.8 |
    Slime Pits |   5356 |   5096 |    260 |      0 |   4121 |   5 | 1071.2 |
  Orcish Mines |   2084 |   1638 |    446 |      0 |   1233 |   2 | 1042.0 |
   Elven Halls |   6936 |   6421 |    515 |    379 |   4208 |   3 | 2312.0 |
        Vaults |  16956 |  13432 |   3524 |   1050 |   9775 |   5 | 3391.2 |
         Crypt |   7202 |   6300 |    902 |    301 |   4205 |   3 | 2400.7 |
          Tomb |   7221 |   6864 |    357 |    114 |   2250 |   3 | 2407.0 |
        Depths |  10852 |   9227 |   1625 |    292 |   6044 |   4 | 2713.0 |
          Hell |   1748 |   1511 |    237 |      0 |    492 |   1 | 1748.0 |
           Dis |   9928 |   9677 |    251 |    717 |   7046 |   7 | 1418.3 |
       Gehenna |   8446 |   7759 |    687 |      0 |   5934 |   7 | 1206.6 |
       Cocytus |   9103 |   8765 |    338 |    394 |   6333 |   7 | 1300.4 |
      Tartarus |   9487 |   9062 |    425 |      0 |   6892 |   7 | 1355.3 |
         Abyss |   2155 |   2155 |      0 |     47 |    760 |   9 |  239.4 |
   Pandemonium |  24911 |  24911 |      0 |   1797 |   3297 |  15 | 1660.7 |
      Ziggurat |  32367 |  32367 |      0 |   5704 |   4966 | 101 |  320.5 |
        Bazaar |   1712 |   1712 |      0 |      0 |    952 |   1 | 1712.0 |
      Ice Cave |   1316 |   1316 |      0 |    311 |    703 |   1 | 1316.0 |
               +--------+--------+--------+--------+--------+-----+--------+

Top non-repeatable levels by time:
   Dis:7: 5315 daAuts
   Coc:7: 5122 daAuts
  Tomb:1: 4166 daAuts
Vaults:4: 4074 daAuts
Vaults:3: 3827 daAuts
Depths:2: 3646 daAuts
Vaults:2: 3447 daAuts
     D:1: 3412 daAuts
   Geh:7: 3373 daAuts
Vaults:5: 3289 daAuts
   Tar:7: 3099 daAuts
Depths:1: 3006 daAuts
  Zig:19: 3001 daAuts
 Crypt:3: 2861 daAuts
 Crypt:1: 2640 daAuts
